 Dungeon Crawl Stone Soup version 0.26-a0-658-gbdda728c12 (webtiles) character file.

Game seed: 4970764260715933083

1879999 simcity the Conqueror (level 27, -5/224 HPs)
             Began as an Octopode Conjurer on Sept 29, 2020.
             Was an Initiate of Gozag.
             Slain by an entropy weaver (7 damage)
             ... on level 14 of a ziggurat on Oct 4, 2020.
             The game lasted 1 day 23:43:35 (298905 turns).

simcity the Conqueror (Octopode Conjurer)     Turns: 298905, Time: 1 , 23:43:36

Health: -5/224     AC: 29    Str: 14    XL:     27
Magic:  42/81      EV: 35    Int: 59    God:    Gozag
Gold:   40551      SH: 33    Dex: 18    Spells: 0/80 levels left

rFire    + + +     SeeInvis +   a - +3 Elemental Staff {rElec rF++ rC++ MR++ AC+5, a, keep, , Throw & ?Vuln}
rCold    + + +     Faith    .   A - +8 tower shield {AC+3} {A, keep}
rNeg     + + +     Spirit   .   B - -2 hat of the Alchemist {rElec rPois rF+ rC+ rN+ MR+ rMut rCorr, B, keep}
rPois    ∞         Reflect  .   C - amulet of the Four Winds {rN+ MR+++ Clar, C, keep}
rElec    +         Harm     .   D - ring of Robustness {AC+8, D, keep}
rCorr    +         Rampage  .   E - ring of Vausutha {AC+4 Int+4, E, keep, switch with X(throw)}
rMut     +         Clarity  +   F - ring of Rore Yta {rF+ MP+9 AC+4 Str+4 Dex+2, F, keep}
MR       +++++                  G - ring "Gemuahasm" {rPois rF+ AC+4 Int+3 Dex+3, G, keep}
Stlth    +++++.....             H - ring of Huoseust {+Inv rC+ AC+4 Dex+3, H, keep}
HPRegen  0.47/turn              I - ring of Xetuiwki {+Fly rC+ MP+9 Int+8 Dex-2, I, Switch with X(throw), keep}
MPRegen  0.47/turn              J - ring of Ucioquej {MP+9 Int+8 Dex-5 Slay-4 SInv, J, Switch with Y(throw), keep}
                                Z - ring of Looffis {Int+5 Dex+6 SInv, Z, Cast, SInv, Throw, switch with W(blink), keep}

@: lich-form, corroded, gold aura, berserk cooldown, stab, contaminated, hasted
and slowed, glowing, invisible (but backlit and visible)
A: almost no armour, stealthy swim, amphibious, 8 rings, constrict 8, camouflage
1, clever 1, magic resistance 1, wild magic 1, gelatinous body 1
}: 15/15 runes: decaying, serpentine, slimy, silver, golden, iron, obsidian,
icy, bone, abyssal, demonic, glowing, magical, fiery, dark
a: End Transformation, Potion Petition, Call Merchant, Bribe Branch, Renounce
Religion, Evoke Flight


You were on level 14 of a ziggurat.
You worshipped Gozag.
Gozag was extremely pleased with you.
You were a lich.
You visited 18 branches of the dungeon, and saw 86 of its levels.
You visited Pandemonium 5 times, and saw 19 of its levels.
You visited the Abyss 4 times.
You visited 10 ziggurats (completing 8), and saw 256 of their levels.
You also visited: Ossuary, Ice Cave and Desolation.

You collected 340175 gold pieces.
You spent 30647 gold pieces at shops.
You paid 268977 gold pieces to Gozag.

Inventory:

Hand Weapons
 a - the +3 Elemental Staff (weapon) {rElec rF++ rC++ MR++ AC+5, a, keep, , Throw & ?Vuln}
   (You found it on level 3 of the Snake Pit)

   It affects your AC (+5).
   It greatly protects you from fire.
   It greatly protects you from cold.
   It insulates you from electricity.
   It affects your resistance to hostile enchantments.
 b - the +9 staff of Wucad Mu {channel, b, keep, }
   (You found it on level 9 of a ziggurat)
 S - the +3 hand crossbow of Peril {penet, MR+ Int+5}
   (You found it on level 12 of a ziggurat)

   Ammo fired by it will pass through the targets it hits, potentially hitting
   all targets in its path until it reaches maximum range.
   It affects your intelligence (+5).
   It affects your resistance to hostile enchantments.
 T - the +18 lance "Wyrmbane" {slay drac, rPois rF+ rC+ AC+3}
   (You found it on level 12 of a ziggurat)

   It affects your AC (+3).
   It protects you from fire.
   It protects you from cold.
   It protects you from poison.
Missiles
 c - 429 silver javelins {c, keep}
 d - 56 boomerangs of dispersal (quivered) {d, keep}
Armour
 A - a +8 tower shield of protection (worn) {A, keep}
 B - the -2 hat of the Alchemist (worn) {rElec rPois rF+ rC+ rN+ MR+ rMut rCorr, B, keep}
   (You found it on level 21 of a ziggurat)

   It protects you from fire.
   It protects you from cold.
   It insulates you from electricity.
   It protects you from poison.
   It protects you from negative energy.
   It affects your resistance to hostile enchantments.
   It provides partial protection from all sources of acid and corrosion.
   It protects you from mutation.
 N - the +3 hat of Pondering {ponderous, MR+ MP+10 Int+5}
   (You found it on level 9 of a ziggurat)

   It affects your intelligence (+5).
   It affects your resistance to hostile enchantments.
   It affects your magic capacity (+10).
 Q - the +0 hat of the Equator {rF- rCorr Str-2 Dex+8}
   (You found it on level 13 of a ziggurat)

   It affects your strength (-2).
   It affects your dexterity (+8).
   It makes you vulnerable to fire.
   It provides partial protection from all sources of acid and corrosion.
Jewellery
 C - the amulet of the Four Winds (around mantle) {rN+ MR+++ Clar, C, keep}
   (You found it on level 26 of a ziggurat)

   [amulet of nothing]

   It protects you from negative energy.
   It affects your resistance to hostile enchantments.
   It protects you against confusion.
 D - the ring of Robustness (left tentacle) {AC+8, D, keep}
   (You took it off a deep elf high priest on level 3 of the Elven Halls)

   [ring of protection]

   It affects your AC (+8).
 E - the ring of Vausutha (right tentacle) {AC+4 Int+4, E, keep, switch with X(throw)}
   (You found it on level 22 of a ziggurat)

   [ring of protection]

   It affects your AC (+4).
   It affects your intelligence (+4).
 F - the ring of Rore Yta (on tentacle) {rF+ MP+9 AC+4 Str+4 Dex+2, F, keep}
   (You found it on level 4 of a ziggurat)

   [ring of protection]

   It affects your AC (+4).
   It affects your strength (+4).
   It affects your dexterity (+2).
   It protects you from fire.
   It affects your magic capacity (+9).
 G - the ring "Gemuahasm" (on tentacle) {rPois rF+ AC+4 Int+3 Dex+3, G, keep}
   (You bought it in a shop on level 15 of the Dungeon)

   [ring of protection]

   It affects your AC (+4).
   It affects your intelligence (+3).
   It affects your dexterity (+3).
   It protects you from fire.
   It protects you from poison.
 H - the ring of Huoseust (on tentacle) {+Inv rC+ AC+4 Dex+3, H, keep}
   (You bought it in a shop on level 15 of the Dungeon)

   [ring of protection]

   It affects your AC (+4).
   It affects your dexterity (+3).
   It protects you from cold.
   It lets you turn invisible.
 I - the ring of Xetuiwki (on tentacle) {+Fly rC+ MP+9 Int+8 Dex-2, I, Switch with X(throw), keep}
   (You found it on level 26 of a ziggurat)

   [ring of magical power]

   It affects your intelligence (+8).
   It affects your dexterity (-2).
   It protects you from cold.
   It affects your magic capacity (+9).
   It lets you fly.
 J - the ring of Ucioquej (on tentacle) {MP+9 Int+8 Dex-5 Slay-4 SInv, J, Switch with Y(throw), keep}
   (You found it on level 20 of a ziggurat)

   [ring of magical power]

   It affects your intelligence (+8).
   It affects your dexterity (-5).
   It affects your accuracy and damage with ranged weapons and melee attacks
   (-4).
   It affects your magic capacity (+9).
   It lets you see invisible.
 K - the ring of Shadows {Umbra +Inv Stlth+, K, Switch with Z(cast/throw), W(blink), keep}
   (You found it on level 10 of a ziggurat)

   [ring of stealth]

   It lets you turn invisible.
   It makes you more stealthy.
 P - the ring "Axick" {rN+ Str+4 Stlth+, rid?}
   (You found it on level 11 of a ziggurat)

   [ring of positive energy]

   It affects your strength (+4).
   It protects you from negative energy.
   It makes you more stealthy.
 U - the ring of the Evening {rElec rF+ rC+ rN++ Int-2 Stlth+}
   (You found it on level 13 of a ziggurat)

   [ring of protection from cold]

   It affects your intelligence (-2).
   It protects you from fire.
   It protects you from cold.
   It insulates you from electricity.
   It greatly protects you from negative energy.
   It makes you more stealthy.
 V - the ring of Vuv Bau {rPois MP+9 Str+2 Int+6}
   (You found it on level 13 of a ziggurat)

   [ring of intelligence]

   It affects your strength (+2).
   It affects your intelligence (+6).
   It protects you from poison.
   It affects your magic capacity (+9).
 W - the ring of Anaexku {+Blink rPois rC+ EV+4 Str+4, W, Blink, keep}
   (You found it on level 20 of a ziggurat)

   [ring of evasion]

   It affects your evasion (+4).
   It affects your strength (+4).
   It protects you from cold.
   It protects you from poison.
   It lets you blink.
 X - the ring "Otwyocka" {Ice Int+4 Dex+8 Slay+6, X, Throwing, keep}
   (You bought it in a shop on level 1 of the Lair of Beasts)

   [ring of ice]

   It enhances your ice magic.
   It affects your intelligence (+4).
   It affects your dexterity (+8).
   It affects your accuracy and damage with ranged weapons and melee attacks
   (+6).
   It makes you vulnerable to fire.
   It protects you from cold.
 Y - the ring of Zugib {+Fly Str+4 Slay+5 Stlth+, Y, Throwing, keep}
   (You found it on level 17 of a ziggurat)

   [ring of flight]

   It affects your strength (+4).
   It affects your accuracy and damage with ranged weapons and melee attacks
   (+5).
   It lets you fly.
   It makes you more stealthy.
 Z - the ring of Looffis (on tentacle) {Int+5 Dex+6 SInv, Z, Cast, SInv, Throw, switch with W(blink), keep}
   (You bought it in a shop on level 2 of the Snake Pit)

   [ring of dexterity]

   It affects your intelligence (+5).
   It affects your dexterity (+6).
   It lets you see invisible.
Wands
 e - a wand of acid (128) {e, keep}
 v - a wand of flame (13)
Scrolls
 f - 85 scrolls of blinking {f, keep}
 g - 197 scrolls of teleportation {g, keep}
 h - 120 scrolls of fog {h, keep}
 i - 135 scrolls of remove curse {i, keep}
 n - 5 scrolls of vulnerability {n, keep}
 o - 12 scrolls of identify
 q - a scroll of fear
 s - a scroll of immolation
 u - 5 scrolls of amnesia
 y - 4 scrolls of holy word
 L - 2 scrolls of torment
Potions
 j - 48 potions of heal wounds {j, keep}
 k - 44 potions of curing {k, keep}
 l - 47 potions of magic {l, keep}
 m - 57 potions of cancellation {m, keep}
 p - 3 potions of haste
 r - 15 potions of brilliance
 t - 11 potions of mutation
Miscellaneous
 w - a box of beasts (3/3)
 x - a phial of floods
 z - a condenser vane (2/2)
 M - a lightning rod (4/4)
 O - a tin of tremorstones (3/3)
 R - a phantom mirror


   Skills:
 O Level 27 Fighting
 O Level 27 Short Blades
 O Level 27 Long Blades
 O Level 27 Axes
 O Level 27 Maces & Flails
 O Level 27 Polearms
 O Level 27 Staves
 O Level 27 Slings
 O Level 27 Bows
 O Level 27 Crossbows
 O Level 27 Throwing
 O Level 27 Dodging
 O Level 27 Stealth
 O Level 27 Shields
 O Level 27 Unarmed Combat
 O Level 27 Spellcasting
 O Level 27 Conjurations
 O Level 27 Hexes
 O Level 27 Summonings
 O Level 27 Necromancy
 O Level 27 Translocations
 O Level 27 Transmutations
 O Level 27 Fire Magic
 O Level 27 Ice Magic
 O Level 27 Air Magic
 O Level 27 Earth Magic
 O Level 27 Poison Magic
 O Level 27 Invocations
 O Level 27 Evocations


You couldn't memorise any spells.
You knew the following spells:

 Your Spells              Type           Power        Failure   Level
a - Absolute Zero         Ice            ##########   1%          9
d - Discord               Hex            #########.   1%          8
f - Fire Storm            Conj/Fire      ##########   1%          9
h - Shatter               Erth           ##########   1%          9
i - Ignition              Fire           ##########   1%          8
n - Necromutation         Tmut/Necr      ##########   1%          8
r - Ozocubu's Refrigerat  Ice            ##########   1%          6
s - Statue Form           Tmut/Erth      #########    1%          6
t - Tornado               Air            ##########   1%          9
J - Disjunction           Tloc           #########.   1%          8

Your spell library contained the following spells:

 Spells                   Type           Power        Failure   Level
 Animate Skeleton         Necr           ######       1%          1
 Apportation              Tloc           ######       1%          1
 Beastly Appendage        Tmut           ######       1%          1
 Corona                   Hex            #######      1%          1
 Foxfire                  Conj/Fire      ####         1%          1
 Freeze                   Ice            ####         1%          1
 Magic Dart               Conj           ####         1%          1
 Pain                     Necr           ####         1%          1
 Sandblast                Erth           ######       1%          1
 Shock                    Conj/Air       ####         1%          1
 Sting                    Tmut/Pois      ####         1%          1
 Summon Small Mammal      Summ           ####         1%          1
 Blink                    Tloc           N/A          1%          2
 Call Imp                 Summ           ########     1%          2
 Corpse Rot               Necr/Air       N/A          1%          2
 Ensorcelled Hibernation  Hex/Ice        ######       1%          2
 Passwall                 Tmut/Erth      ########     1%          2
 Poisonous Vapours        Pois/Air       ######       1%          2
 Searing Ray              Conj           ######       1%          2
 Slow                     Hex            ########     1%          2
 Sublimation of Blood     Necr           ##########   1%          2
 Swiftness                Air            ########     1%          2
 Wereblood                Tmut           ########     1%          2
 Call Canine Familiar     Summ           ########     1%          3
 Confusing Touch          Hex            ########     1%          3
 Conjure Flame            Conj/Fire      ########     1%          3
 Dazzling Flash           Conj/Hex       ######       1%          3
 Frozen Ramparts          Ice            ######       1%          3
 Gell's Gravitas          Tloc           #########.   1%          3
 Ignite Poison            Fire/Tmut/Pois ########     1%          3
 Inner Flame              Hex/Fire       ########     1%          3
 Lesser Beckoning         Tloc           #########.   1%          3
 Mephitic Cloud           Conj/Pois/Air  ########     1%          3
 Ozocubu's Armour         Ice            ########     1%          3
 Portal Projectile        Hex/Tloc       ######       1%          3
 Spider Form              Tmut/Pois      #########.   1%          3
 Static Discharge         Conj/Air       ########     1%          3
 Stone Arrow              Conj/Erth      ######       1%          3
 Summon Guardian Golem    Hex/Summ       ########     1%          3
 Teleport Other           Tloc           ########     1%          3
 Tukima's Dance           Hex            ########     1%          3
 Vampiric Draining        Necr           ##########   1%          3
 Airstrike                Air            ##########   1%          4
 Animate Dead             Necr           ##########   1%          4
 Cause Fear               Hex            #########.   1%          4
 Dispel Undead            Necr           ########     1%          4
 Fulminant Prism          Conj/Hex       #########.   1%          4
 Hailstorm                Conj/Ice       ########     1%          4
 Ice Form                 Ice/Tmut       ########     1%          4
 Iskenderun's Mystic Bla  Conj/Tloc      ########     1%          4
 Leda's Liquefaction      Hex/Erth       ##########   1%          4
 Olgreb's Toxic Radiance  Pois           ########     1%          4
 Passage of Golubria      Tloc           N/A          1%          4
 Petrify                  Tmut/Erth      ########     1%          4
 Sticky Flame             Conj/Fire      ########     1%          4
 Summon Ice Beast         Ice/Summ       ########     1%          4
 Summon Lightning Spire   Summ/Air       ########     1%          4
 Agony                    Necr           ########     1%          5
 Alistair's Intoxication  Tmut/Pois      #########    1%          5
 Blade Hands              Tmut           #########.   1%          5
 Bolt of Magma            Conj/Fire/Erth ##########   1%          5
 Borgnjor's Vile Clutch   Necr/Erth      ##########   1%          5
 Excruciating Wounds      Necr           ##########   1%          5
 Fireball                 Conj/Fire      ##########   1%          5
 Irradiate                Conj/Tmut      #########.   1%          5
 Iskenderun's Battlesphe  Conj           ########     1%          5
 Lee's Rapid Deconstruct  Erth           ##########   1%          5
 Lightning Bolt           Conj/Air       ##########   1%          5
 Metabolic Englaciation   Hex/Ice        ##########   1%          5
 Silence                  Hex/Air        ##########   1%          5
 Summon Demon             Summ           #########.   1%          5
 Summon Forest            Summ/Tloc      #########.   1%          5
 Summon Mana Viper        Hex/Summ       ########     1%          5
 Yara's Violent Unravell  Hex/Tmut       #########.   1%          5
 Conjure Ball Lightning   Conj/Air       ##########   1%          6
 Death Channel            Necr           ##########   1%          6
 Dispersal                Tloc           #########.   1%          6
 Eringya's Noxious Bog    Tmut/Pois      #########.   1%          6
 Freezing Cloud           Conj/Ice/Air   ##########   1%          6
 Hydra Form               Tmut           #########.   1%          6
 Invisibility             Hex            ########     1%          6
 Iron Shot                Conj/Erth      ##########   1%          6
 Shadow Creatures         Summ           N/A          1%          6
 Simulacrum               Ice/Necr       ##########   1%          6
 Starburst                Conj/Fire      ##########   1%          6
 Dragon Form              Tmut           #########.   1%          7
 Haunt                    Necr/Summ      ##########   1%          7
 Malign Gateway           Summ/Tloc      #########.   1%          7
 Monstrous Menagerie      Summ           #########.   1%          7
 Orb of Destruction       Conj           #########.   1%          7
 Spellforged Servitor     Conj/Summ      #########.   1%          7
 Summon Greater Demon     Summ           #########.   1%          7
 Summon Hydra             Summ           #########.   1%          7
 Borgnjor's Revivificati  Necr           ##########   1%          8
 Chain Lightning          Conj/Air       ##########   1%          8
 Infestation              Necr           ##########   1%          8
 Lehudib's Crystal Spear  Conj/Erth      ##########   1%          8
 Summon Horrible Things   Summ           #########.   1%          8
 Death's Door             Necr           ##########   1%          9
 Dragon's Call            Summ           #########.   1%          9


Dungeon Overview and Level Annotations

Branches:
Dungeon (15/15)            Temple (1/1) D:6            Lair (6/6) D:10
  Swamp (4/4) Lair:3        Snake (4/4) Lair:4        Slime (5/5) Lair:6
    Orc (2/2) D:11            Elf (3/3) Orc:2        Vaults (5/5) D:13
  Crypt (3/3) Vaults:2       Tomb (3/3) Crypt:3      Depths (5/5) D:15
   Hell (visited)             Dis (7/7) Hell            Geh (7/7) Hell
    Coc (7/7) Hell            Tar (7/7) Hell            Zot (1/5) Depths:5
Ossuary (visited)           IceCv (visited)         Desolation (visited)

Altars:
Ashenzari
Cheibriados
Dithmenos
Elyvilon
Fedhas
Gozag
Hepliaklqana
Kikubaaqudgha
Makhleb
Nemelex Xobeh
Okawaru
Qazlal
Ru
Sif Muna
Trog
Uskayaw
Vehumet
Wu Jian
Xom
Yredelemnul
Zin

Shops:
D:5 *   D:7 (   D:13 }   D:15 ==?**(=[?*[:=([(*==(*==!?[=[?*====(   Orc:2 }?*}
Elf:1 [?   Lair:1 :*?}:=*=*=[[   Snake:1 ?   Snake:2 =   Snake:3 [   Vaults:1 ?
Vaults:3 }   Vaults:4 =([   Vaults:5 ???!??!   Crypt:1 **   Depths:1 =:(

Portals:
Hell: Depths:1 Depths:2 Depths:3 Depths:4 Depths:5
Abyss: Depths:4
Pandemonium: Depths:2 Depths:3

Annotations:
Slime:1 1 exclusion
Slime:2 2 exclusions
Slime:3 2 exclusions
Slime:4 1 exclusion
Elf:2 exclusion: orange crystal statue
Depths:3 3 runed translucent doors


Innate Abilities, Weirdness & Mutations

You cannot wear most types of armour.
You are very stealthy in the water. (Stealth+)
You are amphibious.
You can wear up to eight rings at the same time.
You can use your tentacles to constrict eight enemies at once.
Your skin changes colour to match your surroundings (Stealth+).
Your rubbery body absorbs attacks. (AC +1, EV +1)
Your mind is acute. (Int +2)
You are resistant to hostile enchantments. (MR+)
Your spells are a little harder to cast, but a little more powerful.


Message History

Press: ? - help, Dir - move target cursor
As you read the scroll of blinking {f, keep}, it crumbles to dust.
The caustic shrike is no longer distracted by gold. x2
The caustic shrike becomes distracted by the nearby gold, dreaming of imaginary riches.
The caustic shrike claws the caustic shrike.
The caustic shrike is splashed with acid.
You block the entropy weaver's attack. x4
The iron giant throws the Hell Sentinel at you!
* * * LOW HITPOINT WARNING * * *
The iron dragon becomes distracted by the nearby gold, dreaming of imaginary riches.
The iron giant becomes distracted by the nearby gold, dreaming of imaginary riches. x2
The crystal guardian becomes distracted by the nearby gold, dreaming of imaginary riches.
The caustic shrike becomes distracted by the nearby gold, dreaming of imaginary riches.
The Hell Sentinel hits you!!
* * * LOW HITPOINT WARNING * * *
You block the Hell Sentinel's attack.
The iron golem becomes distracted by the nearby gold, dreaming of imaginary riches.
The entropy weaver hits you!
You die...
Your body crumbles into a pile of gold.

8C.$C18.......▓
1..C11D$9.$...▓
8w.C8($$$C....▓
b8.C8C8$b$D$.∩▓
.8.B918b$.$$..▓
C.D9$$C$$$..$.▓
889w8.1$...$$b▓
B9...w8C...$1B▓
C8....DC.$$$1L▓
b......▓▓▓▓▓▓▓▓
.C1.... .......


You could see 3 iron giants, 3 Hell Sentinels, 2 iron golems, 3 iron dragons, an
entropy weaver, a crystal guardian (unaware), a war gargoyle, a neutral iron
giant (fast, strong, insane, slow) and 3 neutral caustic shrikes.

Vanquished Creatures
  Cerebov (Pan)
  Antaeus (Coc:7)
  Asmodeus (Geh:7)
  the Royal Jelly (Slime:5)
  Ereshkigal (Tar:7)
  Gloorx Vloq (Pan)
  the Serpent of Hell (Coc:7)
  The ghost of felt the Infernalist, a legendary GrEE of the Shining One (Zig:9)
  The ghost of Nenig the Conqueror, a legendary GnFi of Okawaru (Zig:5)
  Lom Lobon (Pan)
  Mnoleg (Pan)
  Dispater (Dis:7)
  114 ancient liches
  Khufu (Crypt:3)
  28 orbs of fire (Zig:26)
  The ghost of Zonian the Slayer, a legendary HOFi of Beogh (Zig:5)
  407 pandemonium lords
  The ghost of Qeilemp the Conqueror, a legendary HOFi of Beogh (Zig:11)
  Mennas (Pan)
  The ghost of Psyclone the Sorcerer, a master DECj of Vehumet (Zig:5)
  46 juggernauts
  The ghost of Qupubruts the Slayer, a master HOFi of Okawaru (Zig:11)
  Sojobo (Vaults:5)
  Boris (5 times) (Tomb:1 Vaults:5 Depths:2 Depths:3 Depths:4)
  140 greater mummies
  Bai Suzhen (Swamp:3)
  176 Killer Klowns
  Frederick (Vaults:5)
  50 shard shrikes
  The ghost of howech the Severer, a veteran MiGl of the Shining One (Vaults:4)
  Margery (Crypt:2)
  2 caustic shrikes (shapeshifter)
  11 curse toes
  319 golden dragons
  65 caustic shrikes
  Geryon (Hell)
  4 golden dragons (shapeshifter)
  The ghost of Esecs the Devastator, a veteran GrEE of Lugonu (Crypt:1)
  Jory (Crypt:3)
  Nikola (Swamp:1)
  29 profane servitors
  39 doom hounds
  126 Tzitzimimeh
  66 pearl dragons
  74 iron giants
  135 bone dragons
  132 Brimstone Fiends
  An iron giant (shapeshifter) (Zig:18)
  56 electric golems
  Rupert (Lair:5)
  12 hellephants
  327 tentacled monstrosities
  144 Hell Sentinels
  95 Ice Fiends
  123 liches
  81 quicksilver dragons
  119 deep elf blademasters
  331 acid blobs
  134 titans
  13 quicksilver dragons (shapeshifter)
  93 tentacled starspawn
  5 eldritch tentacles
  109 deep elf master archers
  2 acid blobs (shapeshifter)
  74 ancient champions
  The ghost of Psyclone the Eclecticist, an adept OpVM of Gozag (Snake:3)
  125 Executioners
  A death cob (Zot:1)
  14 sphinxes (shapeshifter)
  14 shadow dragons (shapeshifter)
  The ghost of Ubraesch the Brawler, an adept TrMo of Nemelex Xobeh (Depths:3)
  24 thorn hunters
  44 sphinxes
  Kirke (D:15)
  79 storm dragons
  41 shadow dragons
  479 nagarajas
  Roxanne (Swamp:1)
  Donald (Elf:1)
  2 storm dragons (shapeshifter)
  11 azure jellies (shapeshifter)
  85 draconian monks
  63 revenants
  39 tengu reavers
  51 daevas
  39 fire giants
  3 iron dragons (shapeshifter)
  2 imperial myrmidons (Desolation)
  8 frost giants (shapeshifter)
  128 azure jellies
  120 draconian knights
  75 iron dragons
  42 vault wardens
  29 caustic shrike zombies
  7 fire giants (shapeshifter)
  33 frost giants
  84 orc warlords
  A spectral juggernaut (Depths:3)
  199 balrugs
  36 deep elf sorcerers
  85 ghost moths
  110 cacodemons
  84 draconian scorchers
  An emperor scorpion (shapeshifter) (Zig:18)
  3 ghost moths (shapeshifter)
  65 emperor scorpions
  The ghost of Bykhliel the Ninja, an adept SpEn of Wu Jian (Snake:4)
  A spectral caustic shrike (Depths:3)
  24 juggernaut zombies
  39 angels
  71 draconian shifters
  3 spriggan defenders (Depths:4)
  62 curse skulls
  90 war gargoyles
  71 warmongers
  86 draconian stormcallers
  10 deep elf elementalists
  106 draconian annihilators
  18 caustic shrike skeletons
  46 ironheart preservers
  17 ghouls
  An elemental wellspring (Coc:7)
  29 ophanim
  250 reapers
  134 stone giants
  92 blood saints
  An entropy weaver (shapeshifter) (Zig:8)
  38 apis
  121 very ugly things
  47 green draconians
  105 entropy weavers
  13 stone giants (shapeshifter)
  33 juggernaut skeletons
  67 vampire knights
  156 corrupters
  111 lorocyprocas
  44 bennus
  2 halazid warlocks (Desolation)
  3 minotaurs (shapeshifter)
  105 black suns
  45 yellow draconians
  52 black draconians
  A black draconian (shapeshifter) (Zig:24)
  104 deep elf demonologists
  36 purple draconians
  8 dire elephants
  40 white draconians
  123 deep elf annihilators
  3 spark wasps (shapeshifter)
  35 red draconians
  13 dire elephants (shapeshifter)
  65 merfolk javelineers
  73 spark wasps
  Snorg (D:13)
  49 eidola
  2 ettins (shapeshifter)
  128 mummy priests
  45 deep elf death magi
  37 death oozes
  165 blizzard demons
  8 merfolk impalers
  54 crystal guardians
  418 green deaths
  2 fire dragons (shapeshifter)
  38 ettins
  Erolcha (D:9)
  25 quicksilver dragon zombies
  28 fire dragons
  5 ragged hierophants (Desolation)
  31 jiangshi
  2 kraken zombies
  45 ogre magi
  39 rakshasas
  A boulder beetle (shapeshifter) (Zig:12)
  3 great orbs of eyes (shapeshifter)
  4 hydras (shapeshifter)
  109 deep elf high priests
  Harold (D:7)
  239 hydras
  Fannar (Lair:2)
  54 yaktaur captains
  19 quicksilver dragon skeletons
  92 great orbs of eyes
  4 servants of whispers (Desolation)
  2 boulder beetles (Zig:14)
  3 caustic shrike simulacra
  2 catoblepae (shapeshifter)
  53 hell beasts
  2 ice dragons (shapeshifter)
  317 shambling mangroves
  51 ice dragons
  2 catoblepae (Zig:5)
  28 vault guards
  20 alligator snapping turtles
  29 monstrous demonspawn
  3 juggernaut simulacra
  2 merfolk avatars
  91 naga warriors
  80 spriggan air magi
  4 peacekeepers (Desolation)
  19 death knights
  7 anacondas (shapeshifter)
  70 anacondas
  37 centaur warriors
  15 satyrs
  45 ghost crabs
  A queen ant (shapeshifter) (Zig:4)
  13 alligator snapping turtles (shapeshifter)
  A satyr (shapeshifter) (Zig:26)
  34 two-headed ogres
  2 alligators (shapeshifter)
  10 tengu warriors
  105 death scarabs
  73 vampire magi
  51 merfolk aquamancers
  4 two-headed ogres (shapeshifter)
  70 alligators
  11 deep troll earth magi
  10 shock serpents (shapeshifter)
  A death yak (shapeshifter) (Zig:18)
  121 orc high priests
  47 hell hogs
  83 thrashing horrors
  6 death yaks (Lair:5)
  59 iron golems
  4 deep troll shamans
  147 naga sharpshooters
  44 titan zombies
  A spectral storm dragon (Crypt:2)
  7 spriggan berserkers
  194 shock serpents
  138 soul eaters
  181 wretched stars
  105 deep elf knights
  102 hell knights
  133 sun demons
  21 storm dragon zombies
  A spectral spriggan (Depths:3)
  272 skeletal warriors
  32 titan skeletons
  11 iron trolls (shapeshifter)
  33 iron trolls
  28 salamander mystics
  44 golden dragon zombies
  33 spatial maelstroms
  88 sixfirhies
  2 spectral elves (Depths:3)
  11 fire crabs (Zig:26)
  11 sea snakes
  66 shadow wraiths
  53 glowing orange brains
  26 storm dragon skeletons
  6 spark wasp zombies
  8 unseen horrors
  37 deep trolls
  7 ghost moth zombies
  271 death drakes
  A quicksilver dragon simulacrum (Coc:7)
  34 cherubim
  26 infernal demonspawn
  7 sea snakes (shapeshifter)
  4 unseen horrors (shapeshifter)
  18 anaconda zombies
  9 death drakes (shapeshifter)
  8 swamp dragons (shapeshifter)
  3 deep trolls (shapeshifter)
  4 kraken simulacra
  33 wizards
  33 gelid demonspawn
  67 flayed ghosts
  143 shadow demons
  201 swamp dragons
  113 deep elf archers
  5 glowing orange brains (shapeshifter)
  21 torturous demonspawn
  60 phantasmal warriors
  4 spectral hydras (Swamp:4)
  10 obsidian statues
  9 orange crystal statues
  38 golden dragon skeletons
  66 naga ritualists
  17 sphinx zombies
  39 spriggan druids
  A spectral iron dragon (Depths:3)
  33 shadow dragon zombies
  54 ironbrand convokers
  361 large abominations
  334 deep elf magi
  37 necromancers
  A lindwurm (Zig:13)
  7 mana vipers (shapeshifter)
  8 wolf spider zombies
  Pikel (D:7)
  17 harpies
  29 tengu skeletons
  55 wolf spiders
  7 wolf spiders (shapeshifter)
  14 anaconda skeletons
  A spectral wolf spider (Crypt:3)
  6 harpies (shapeshifter)
  5 lindwurms (shapeshifter)
  23 iron dragon zombies
  75 mana vipers
  72 orc sorcerers
  77 orb spiders
  18 stone giant zombies
  3 orb spiders (shapeshifter)
  25 shadow dragon skeletons
  83 ugly things
  3 salamanders (shapeshifter)
  2 shining eyes (shapeshifter)
  110 oklob plants
  58 orc knights
  16 manticores
  4 manticores (shapeshifter)
  2 spectral ice dragons (Crypt:2)
  16 frost giant zombies
  23 sphinx skeletons
  8 fauns (shapeshifter)
  30 iron dragon skeletons
  81 shining eyes
  13 fire giant zombies
  44 salamanders
  80 moths of wrath
  3 spectral fire dragons (Crypt:2)
  10 elephants (shapeshifter)
  22 worldbinders
  10 cyclopes (shapeshifter)
  12 stone giant skeletons
  327 black mambas
  16 fauns
  6 shock serpent zombies
  6 moths of wrath (shapeshifter)
  25 cyclopes
  8 dire elephant zombies
  3 black mambas (shapeshifter)
  8 merfolk sirens
  4 elephants (Lair:4)
  14 fire giant skeletons
  2 guardian serpents (shapeshifter)
  20 ice statues
  15 molten gargoyles
  111 guardian serpents
  83 rust devils
  53 vault sentinels
  3 water nymphs (shapeshifter)
  31 water nymphs
  140 naga magi
  185 smoke demons
  6 eyes of devastation (shapeshifter)
  10 frost giant skeletons
  37 spriggan zombies
  15 titan simulacra
  27 spriggan skeletons
  A shock serpent skeleton (Tar:7)
  40 eyes of devastation
  8 dire elephant skeletons
  26 gargoyles
  90 apocalypse crabs
  A minotaur zombie (Tar:5)
  8 storm dragon simulacra
  6 emperor scorpion zombies
  2 yaktaur zombies (Hell)
  86 cane toads
  84 torpor snails
  2 catoblepas zombies (Geh:7)
  4 torpor snails (shapeshifter)
  5 cane toads (shapeshifter)
  4 komodo dragons (shapeshifter)
  109 orange demons
  91 demonic crawlers
  12 rime drakes
  3 rime drakes (shapeshifter)
  5 kobold demonologists
  81 yaktaurs
  69 hellwings
  209 hellions
  51 efreet
  131 freezing wraiths
  3 anaconda simulacra (Coc:7)
  12 komodo dragons
  A purple draconian zombie (Geh:7)
  3 yaktaurs (shapeshifter)
  69 elf zombies
  A yaktaur skeleton (Zig:3)
  A ghost moth simulacrum (Hell)
  189 tormentors
  2 golden dragon simulacra
  196 guardian mummies
  118 ice devils
  A minotaur skeleton (Coc:6)
  6 tengu conjurers
  5 jumping spiders (shapeshifter)
  67 ancient zymes
  3 trolls (shapeshifter) (Zig:9)
  122 red devils
  48 merfolk
  22 silent spectres
  2 shadow dragon simulacra
  31 hydra zombies
  7 hydra skeletons
  9 polar bears
  2 polar bears (shapeshifter)
  2 catoblepas skeletons (Pan)
  A meliai (shapeshifter) (Zig:24)
  35 trolls
  2 blink frogs (shapeshifter)
  9 merfolk (shapeshifter)
  554 hornets
  5 death drake zombies (Swamp:4)
  62 tyrant leeches
  Grinder (D:6)
  2 harpy zombies
  35 jumping spiders
  6 queen bees (shapeshifter)
  5 tengu simulacra
  2 hornets (shapeshifter) (Zig:21)
  8 harpy skeletons
  421 slime creatures
  A wolf spider simulacrum (Abyss:4)
  9 ice dragon zombies
  120 raiju
  3 raiju (shapeshifter) (Zig:21)
  2 slime creatures (shapeshifter)
  31 blink frogs
  A death drake skeleton (Swamp:4)
  6 snapping turtles (shapeshifter)
  3 iron dragon simulacra
  65 bog bodies
  14 removed hippogriffs
  6 wind drakes (shapeshifter)
  22 dream sheep
  10 alligator zombies
  12 wind drakes
  43 saltlings (Desolation)
  5 fire dragon zombies
  11 snapping turtles
  2 sphinx simulacra
  14 ettin zombies
  2 removed hippogriffs (shapeshifter)
  3 dream sheep (shapeshifter)
  2 fire giant simulacra
  4 deep troll zombies (Hell)
  2 frost giant simulacra
  12 ettin skeletons
  105 shadows
  66 redbacks
  139 ynoxinuls
  4 yaks (shapeshifter)
  210 starcursed masses
  6 ice dragon skeletons
  50 spriggans
  7 tarantellas (shapeshifter)
  61 air elementals
  396 flying skulls
  5 spriggans (shapeshifter)
  4 fire dragon skeletons
  45 tarantellas
  A wyvern (shapeshifter) (Zig:25)
  3 alligator skeletons
  60 water elementals
  7 wyverns
  129 wraiths
  5 vampires
  2 humans (shapeshifter)
  8 redbacks (shapeshifter)
  5 basilisks
  104 small abominations
  43 yaks
  4 hogs (shapeshifter)
  6 black mamba skeletons
  4 black mamba zombies
  89 ushabtiu
  10 fire bats
  65 fire elementals
  A human (Depths:1)
  A steam dragon (shapeshifter) (Zig:27)
  3 basilisks (shapeshifter)
  4 hogs (D:15)
  113 neqoxecs
  55 golden eyes
  7 steam dragons
  196 chaos spawn
  3 elf simulacra
  47 vampire mosquitoes
  Menkaure (D:7)
  2 harpy simulacra
  138 nagas
  11 spatial vortices
  48 wargs
  75 insubstantial wisps
  A merfolk zombie (Coc:7)
  A soldier ant (shapeshifter) (Vaults:3)
  17 water moccasins
  146 hell hounds
  6 swamp worms (shapeshifter)
  16 swamp worms
  8 acid dragons
  11 cane toad zombies
  24 floating eyes
  11 hydra simulacra
  6 removed porcupines
  A water moccasin (shapeshifter) (Zig:27)
  7 floating eyes (shapeshifter)
  6 cane toad skeletons
  61 swamp drakes
  210 orc warriors
  78 eyes of draining
  A fire dragon simulacrum (Crypt:3)
  7 sky beasts
  2 black mamba simulacra
  A wolf (shapeshifter) (Depths:1)
  24 ice beasts
  2 ice beasts (shapeshifter) (Zig:21)
  100 necrophages
  A black bear (shapeshifter) (Zig:25)
  2 black bears
  An ogre (shapeshifter) (Zig:26)
  7 swamp dragon zombies
  2 ettin simulacra
  3 manticore zombies
  6 snapping turtle zombies
  38 wolves
  32 centaurs
  15 boggarts
  8 manticore skeletons
  97 ogres
  19 phantoms
  15 snapping turtle skeletons
  A boggart (shapeshifter) (Vaults:5)
  A dream sheep skeleton (Crypt:2)
  2 lemures (D:7)
  A removed crocodile (shapeshifter) (Zig:25)
  14 removed crocodiles
  6 swamp dragon skeletons
  Blork the orc (D:4)
  2 salamander skeletons (Crypt:2)
  4 big kobolds
  A bullfrog (shapeshifter) (Depths:1)
  12 bullfrogs
  An octopode zombie (Crypt:2)
  A rime drake skeleton (Crypt:2)
  3 gnoll sergeants
  65 elf skeletons
  A torturous demonspawn simulacrum (Coc:7)
  3 cane toad simulacra
  A cyclops zombie (Crypt:1)
  96 earth elementals
  2 water moccasin zombies
  A glowing shapeshifter simulacrum (Zig:20)
  7 scorpions
  A troll zombie (Dis:3)
  A wyvern skeleton (D:11)
  5 killer bees (D:11)
  A warg skeleton (Crypt:1)
  A raiju skeleton (Crypt:1)
  A swamp dragon simulacrum (Hell)
  116 wights
  5 electric eels
  6 howler monkeys
  6 centaur zombies
  15 crimson imps
  A draconian simulacrum (IceCv)
  8 quasits
  7 centaur skeletons
  7 human zombies
  3 bullfrog zombies
  A gnoll shaman (Zig:13)
  5 hounds
  8 jellies
  61 orc priests
  A jelly (shapeshifter) (Zig:25)
  53 orc wizards
  79 iron imps
  3 bullfrog skeletons
  A human skeleton (Tar:7)
  2 iguanas (D:4)
  16 lightning spires
  2 troll simulacra (IceCv)
  2 worker ants (shapeshifter)
  11 worker ants
  5 spriggan simulacra
  4 killer bee zombies (D:5)
  6 centaur simulacra
  28 tengu zombies
  A big kobold zombie (Ossuary)
  An ogre zombie (Dis:5)
  2 ogre skeletons
  A removed crocodile skeleton (Crypt:2)
  3 naga skeletons
  4 hound zombies
  2 hound skeletons
  339 mummies
  10 gnolls
  2 howler monkey skeletons
  5 worker ant zombies
  An ogre simulacrum (IceCv)
  9 adders
  51 shadow imps
  76 white imps
  8 ufetubi
  4 oozes
  2 adder zombies
  2 adder skeletons
  A lava snake skeleton (Crypt:1)
  4 worms
  A worm (shapeshifter) (Zig:16)
  19 ball lightnings
  A dart slug (D:1)
  4 leopard geckos
  133 orcs
  4 ball pythons
  6 bats
  7 giant cockroaches
  2 gnoll zombies (Ossuary)
  6 goblins
  10 hobgoblins
  8 jackals
  27 kobolds
  7 quokkas
  10 frilled lizards
  A giant cockroach zombie (D:5)
  3 goblin zombies (Ossuary)
  2 jackal skeletons
  2 jackal zombies
  3 kobold zombies
  A leopard gecko skeleton (Crypt:1)
  A leopard gecko zombie (D:5)
  2 quokka skeletons
  2 quokka zombies
  5 rats
  A rat skeleton (Crypt:1)
  68 briar patches
  154 fire vortices
  30 fulminant prisms
  7 lurking horrors
  15 pillars of salt (Vaults:1)
  15 plants
  36 starspawn tentacles
  7 tentacles
26684 creatures vanquished.

Vanquished Creatures (collateral kills)
  3 greater mummies
  10 pandemonium lords
  4 Killer Klowns
  A shard shrike (Coc:7)
  8 caustic shrikes
  5 golden dragons
  A pearl dragon (Zig:11)
  3 Tzitzimimeh
  3 Brimstone Fiends
  6 iron giants
  5 Hell Sentinels
  19 tentacled monstrosities
  4 Ice Fiends
  4 liches
  A deep elf blademaster (Zig:27)
  3 titans
  2 acid blobs (Zig:5)
  A sphinx (Zig:4)
  7 Executioners
  A sphinx (shapeshifter) (Zig:14)
  A tentacled starspawn (Zig:24)
  A storm dragon (Zig:22)
  A storm dragon (shapeshifter) (Zig:21)
  A thorn hunter (Zig:8)
  A tengu reaver (Zig:4)
  A revenant (Zig:24)
  12 draconian monks
  2 azure jellies (shapeshifter)
  A daeva (Zig:6)
  18 nagarajas
  A fire giant (shapeshifter) (Zig:5)
  4 frost giants (shapeshifter)
  A deep elf sorcerer (Zig:26)
  5 iron dragons
  8 orc warlords
  3 cacodemons
  35 draconian scorchers
  17 draconian knights
  14 draconian stormcallers
  3 vault wardens
  31 draconian annihilators
  A frost giant (Coc:7)
  2 emperor scorpions (shapeshifter)
  22 draconian shifters
  5 reapers
  A warmonger (Zig:21)
  8 balrugs
  7 very ugly things
  5 corrupters
  3 ironheart preservers
  2 bennus (Zig:25)
  7 entropy weavers
  7 blood saints
  8 stone giants
  6 war gargoyles
  2 deep elf demonologists (Zig:27)
  A dire elephant (shapeshifter) (Zig:21)
  4 black suns
  7 green draconians
  A minotaur (shapeshifter) (Zig:17)
  8 purple draconians
  A lorocyproca (Zig:21)
  2 starcursed masses (Zig:24)
  13 white draconians
  9 yellow draconians
  3 deep elf annihilators
  Azrael (Elf:1)
  9 black draconians
  6 red draconians
  3 blizzard demons
  9 crystal guardians
  A spark wasp (Zig:22)
  11 green deaths
  4 merfolk javelineers
  A deep elf death mage (Zig:21)
  2 ettins
  3 deep elf high priests (Zig:27)
  2 yaktaur captains (Zig:4)
  3 great orbs of eyes
  2 merfolk impalers (Zig:17)
  A great orb of eyes (shapeshifter) (Zig:24)
  2 ice dragons (Coc:7)
  2 hell beasts
  23 hydras
  12 shambling mangroves
  5 ghost crabs
  A spriggan air mage (Zig:26)
  2 naga warriors
  An ogre mage (Zig:4)
  An infernal demonspawn (Zig:2)
  3 anacondas
  5 merfolk aquamancers
  A two-headed ogre (shapeshifter) (Zig:17)
  8 alligators
  A satyr (Zig:21)
  3 dancing weapons
  5 death drakes
  A hell hog (Zig:20)
  2 thrashing horrors (Zig:23)
  A hell knight (Zig:16)
  3 naga sharpshooters
  15 orc high priests
  3 iron golems
  4 spriggan berserkers (Elf:2)
  5 shock serpents
  8 wretched stars
  2 soul eaters
  4 deep elf knights
  3 guardian serpents (Zig:21)
  2 storm dragon skeletons
  7 sixfirhies
  A golden dragon zombie (Zig:22)
  4 spatial maelstroms
  10 swamp dragons
  2 shadow demons
  A gelid demonspawn (Zig:2)
  2 wizards (Zig:26)
  2 sea snakes (Zig:17)
  A swamp dragon (shapeshifter) (Zig:4)
  A deep troll (shapeshifter) (Zig:3)
  An unseen horror (Zig:16)
  3 iron trolls
  5 naga ritualists
  A cherub (Zig:11)
  2 spriggan druids
  3 deep elf archers
  2 obsidian statues
  4 orc knights
  An ironbrand convoker (Zig:9)
  A sphinx zombie (Zig:18)
  2 phantasmal warriors
  22 harpies
  A shadow dragon skeleton (Zig:25)
  2 necromancers
  3 orc sorcerers
  A cyclops (Zig:17)
  2 lindwurms (shapeshifter)
  A cyclops (shapeshifter) (Zig:24)
  A mana viper (Zig:18)
  10 ugly things
  11 deep elf magi
  A manticore (Zig:17)
  2 salamanders
  An iron dragon zombie (Zig:22)
  A worldbinder (Zig:23)
  A wolf spider (shapeshifter) (Zig:24)
  A salamander (shapeshifter) (Zig:27)
  3 moths of wrath
  2 wolf spiders
  2 water nymphs (shapeshifter)
  5 gargoyles
  3 merfolk sirens (Zig:17)
  14 black mambas
  3 ice statues
  6 smoke demons
  6 naga magi
  5 torpor snails
  A vault sentinel (Zig:9)
  An orange demon (Zig:2)
  8 water nymphs
  A rust devil (Zig:11)
  An elf skeleton (Zig:22)
  9 cane toads
  A torpor snail (shapeshifter) (Zig:12)
  12 large abominations
  A yaktaur (Zig:4)
  An efreet (Zig:13)
  7 apocalypse crabs
  5 hellions
  2 hellwings
  3 ice devils
  8 tormentors
  A merfolk (shapeshifter) (Zig:18)
  3 freezing wraiths
  5 red devils
  3 ancient zymes
  13 merfolk (Zig:17)
  3 trolls
  A hornet (shapeshifter) (Zig:12)
  2 slime creatures (shapeshifter)
  A wind drake (shapeshifter) (Zig:12)
  13 hornets
  5 tyrant leeches
  2 wind drakes (Zig:17)
  A dream sheep (shapeshifter) (Zig:12)
  A removed hippogriff (shapeshifter) (Zig:9)
  4 slime creatures
  6 raiju
  2 snapping turtles (Zig:17)
  5 bog bodies
  2 snapping turtles (shapeshifter)
  2 air elementals
  2 spriggans
  3 flying skulls
  A spriggan (shapeshifter) (Zig:12)
  An ushabti (Zig:25)
  2 tarantellas (Zig:21)
  2 redbacks (shapeshifter)
  5 water elementals
  6 ynoxinuls
  A wraith (Zig:19)
  2 shadows
  A fire elemental (Zig:27)
  6 neqoxecs
  A fire bat (shapeshifter) (Zig:21)
  A human (shapeshifter) (Zig:24)
  A golden eye (Zig:23)
  A steam dragon (Zig:1)
  5 vampire mosquitoes
  12 chaos spawn
  5 nagas
  3 wargs
  2 hell hounds
  8 insubstantial wisps
  2 floating eyes (shapeshifter)
  6 small abominations
  7 swamp drakes
  10 orc warriors
  An eye of draining (Zig:5)
  A necrophage (Zig:18)
  A phantom (Zig:18)
  6 ogres
  5 earth elementals
  A wight (Zig:18)
  3 orc priests (Zig:10)
  4 orc wizards
  14 mummies
  A gnoll (shapeshifter) (Zig:27)
  A shadow imp (Zig:16)
  A white imp (Zig:13)
  4 ball lightnings
  A briar patch (Zig:7)
  11 fire vortices
  A starspawn tentacle (Zig:24)
1027 creatures vanquished.

Vanquished Creatures (others)
  22 pandemonium lords
  8 Killer Klowns
  2 caustic shrikes (shapeshifter)
  7 caustic shrikes
  2 pearl dragons (Zig:11)
  4 bone dragons
  9 iron giants
  An iron giant (shapeshifter) (Zig:21)
  3 tentacled monstrosities
  An Ice Fiend (Zig:21)
  A Hell Sentinel (Zig:27)
  3 deep elf blademasters
  2 deep elf master archers (Zig:21)
  A quicksilver dragon (shapeshifter) (Zig:25)
  3 Executioners
  3 eldritch tentacles
  4 sphinxes
  2 storm dragons
  3 tentacled starspawn (Zig:24)
  A sphinx (shapeshifter) (Zig:24)
  2 shadow dragons (shapeshifter)
  2 azure jellies (shapeshifter)
  5 draconian monks
  2 nagarajas
  A deep elf sorcerer (Zig:21)
  3 draconian knights
  4 draconian scorchers
  A frost giant (shapeshifter) (Zig:21)
  An emperor scorpion (shapeshifter) (Zig:21)
  4 orc warlords
  A ghost moth (shapeshifter) (Zig:18)
  3 balrugs
  4 draconian shifters
  2 curse skulls (Zig:5)
  7 warmongers
  15 very ugly things
  7 draconian stormcallers
  8 draconian annihilators
  5 reapers
  An ironheart preserver (Zig:9)
  13 blood saints
  2 stone giants (shapeshifter)
  4 stone giants
  6 war gargoyles
  2 entropy weavers (Zig:14)
  A starcursed mass (Zig:23)
  7 deep elf demonologists
  21 corrupters
  2 green draconians (Zig:14)
  3 lorocyprocas
  3 black draconians
  11 black suns
  A dire elephant (shapeshifter) (Zig:16)
  8 deep elf annihilators
  A spark wasp (Zig:22)
  7 red draconians
  4 yellow draconians
  3 blizzard demons
  A purple draconian (Zig:14)
  An ettin (Zig:23)
  A deep elf death mage (Zig:3)
  2 merfolk javelineers (Zig:21)
  2 fire dragons
  2 green deaths
  7 deep elf high priests
  A monstrous demonspawn (Pan)
  20 hydras
  A naga warrior (Zig:18)
  6 hell beasts
  An ice dragon (Coc:7)
  2 anacondas (Zig:22)
  8 shambling mangroves
  3 alligator snapping turtles (shapeshifter)
  3 shock serpents
  2 merfolk aquamancers
  4 alligators
  A death scarab (Zig:25)
  A death yak (shapeshifter) (Zig:12)
  3 hell hogs
  4 large abominations
  9 thrashing horrors
  169 dancing weapons
  A vampire mage (Zig:23)
  3 orc high priests
  4 naga sharpshooters
  5 deep elf knights
  5 sixfirhies
  An iron troll (shapeshifter) (Zig:14)
  A death drake (shapeshifter) (Zig:18)
  A skeletal warrior (Zig:13)
  3 hell knights
  A spriggan druid (Zig:8)
  2 salamander mystics
  2 infernal demonspawn
  A deep troll (shapeshifter) (Zig:24)
  2 flayed ghosts
  A swamp dragon (shapeshifter) (Zig:12)
  2 shadow demons
  8 swamp dragons
  2 deep elf archers
  2 ironbrand convokers
  A torturous demonspawn (Zig:11)
  10 death drakes
  3 necromancers (Zig:26)
  A lindwurm (shapeshifter) (Zig:9)
  An orange crystal statue (Zig:5)
  4 harpies (Zig:17)
  3 wolf spiders
  2 orc knights (Zig:23)
  13 ugly things
  An orb spider (shapeshifter) (Zig:13)
  2 salamanders
  2 orc sorcerers
  2 shining eyes (shapeshifter)
  2 mana vipers (shapeshifter)
  3 worldbinders
  34 deep elf magi
  A cyclops (Zig:10)
  A manticore (Zig:17)
  2 moths of wrath
  A glowing shapeshifter (Zig:23)
  A salamander (shapeshifter) (Vaults:4)
  2 rust devils
  10 black mambas
  A water nymph (shapeshifter) (Zig:5)
  3 naga magi
  2 orange demons
  17 apocalypse crabs
  2 torpor snails
  9 guardian serpents
  A water nymph (Zig:17)
  2 cane toads (Zig:17)
  A torpor snail (shapeshifter) (Zig:23)
  12 smoke demons
  7 hellions
  4 efreet
  A demonic crawler (Zig:25)
  A freezing wraith (Zig:9)
  A yaktaur (Zig:4)
  A yaktaur (shapeshifter) (Zig:3)
  An ice devil (Zig:6)
  9 tormentors
  3 hellwings
  7 ancient zymes
  4 guardian mummies
  A tyrant leech (Zig:15)
  A meliai (shapeshifter) (Zig:7)
  5 red devils
  11 hornets
  A jumping spider (shapeshifter) (Zig:16)
  A jumping spider (Zig:21)
  7 merfolk
  A wind drake (Zig:17)
  A tyrant leech (shapeshifter) (Zig:14)
  4 trolls (Zig:10)
  6 raiju
  A blink frog (Zig:25)
  2 dream sheep (shapeshifter) (Zig:24)
  4 bog bodies
  2 slime creatures
  A snapping turtle (shapeshifter) (Zig:9)
  A redback (Zig:19)
  9 flying skulls
  7 shadows
  4 wraiths
  A fire elemental (Zig:9)
  A water elemental (Zig:27)
  A human (shapeshifter) (Zig:24)
  11 ynoxinuls
  A golden eye (Zig:23)
  14 chaos spawn
  5 neqoxecs
  5 vampire mosquitoes
  2 nagas
  2 wargs (Zig:10)
  2 insubstantial wisps (Swamp:4)
  5 hell hounds
  A water moccasin (shapeshifter) (Zig:21)
  4 floating eyes (shapeshifter)
  5 swamp drakes
  4 orc warriors (Zig:10)
  2 necrophages
  An ogre (Zig:13)
  A wolf (shapeshifter) (Zig:24)
  A centaur (Zig:15)
  An earth elemental (Zig:27)
  4 small abominations (Zig:23)
  4 wights
  A crimson imp (Zig:18)
  An orc wizard (Zig:10)
  An orc priest (Zig:23)
  22 mummies
  3 shadow imps (Zig:22)
  6 white imps
  An ooze (shapeshifter) (Zig:25)
  17 ball lightnings
  A kobold skeleton (Geh:4)
  4 briar patches
  70 bushes
  363 fire vortices
  825 fulminant prisms
  86 fungi
  3 lurking horrors
  267 plants
  50 starspawn tentacles
  9 tentacles
2629 creatures vanquished.

Grand Total: 30340 creatures vanquished

Notes
Turn   | Place    | Note
-------+----------+-------------------------------------------
     0 | D:1      | simcity the Octopode Conjurer began the quest for the Orb.
     0 | D:1      | Reached XP level 1. HP: 11/11 MP: 3/3
   256 | D:1      | Reached XP level 2. HP: 17/17 MP: 3/5
   260 | D:1      | Learned a level 2 spell: Searing Ray
   682 | D:1      | Reached XP level 3. HP: 21/21 MP: 3/6
  1742 | D:2      | Reached XP level 4. HP: 27/27 MP: 2/8
  2200 | D:2      | Reached skill level 5 in Conjurations
  2541 | D:2      | Learned a level 4 spell: Fulminant Prism
  2543 | D:3      | Found a faded altar of an unknown god.
  2746 | D:3      | Reached XP level 5. HP: 31/31 MP: 4/10
  3015 | D:3      | Reached skill level 1 in Hexes
  3310 | D:3      | Found a glowing silver altar of Zin.
  3691 | D:3      | Learned a level 4 spell: Iskenderun's Mystic Blast
  3743 | D:3      | Reached XP level 6. HP: 36/36 MP: 2/11
  4105 | D:4      | Noticed Blork the orc
  4660 | D:4      | Reached skill level 1 in Translocations
  5595 | D:4      | Reached XP level 7. HP: 41/41 MP: 10/13
  6240 | D:4      | Killed Blork the orc
  6304 | D:4      | Found a hide-covered altar of Uskayaw.
  6651 | D:5      | Entered Level 5 of the Dungeon
  6766 | D:5      | Reached XP level 8. HP: 41/46 MP: 7/15
  7410 | D:5      | Reached skill level 5 in Spellcasting
  7426 | D:5      | Found a shimmering altar of Xom.
  7984 | D:5      | Found a snail-covered altar of Cheibriados.
  8346 | D:5      | Found Bazaq's Assorted Antiques.
  8598 | D:6      | Found a sand-covered staircase.
  8602 | Ossuary  | Entered an ossuary
  9064 | D:6      | Noticed Grinder
  9077 | D:6      | Killed Grinder
  9314 | D:6      | Found a staircase to the Ecumenical Temple.
  9330 | Temple   | Entered the Ecumenical Temple
  9351 | Temple   | Became a worshipper of Gozag Ym Sagoz the Greedy
  9479 | D:6      | Reached skill level 5 in Hexes
  9479 | D:6      | Reached XP level 9. HP: 35/51 MP: 12/17
  9497 | D:6      | Reached skill level 5 in Translocations
 10033 | D:6      | Found a blossoming altar of Fedhas.
 10163 | D:7      | Found a stormy altar of Qazlal.
 10178 | D:7      | Noticed Harold
 10257 | D:7      | Found Ekujo's Weapon Boutique.
 10265 | D:7      | Noticed Menkaure
 10271 | D:7      | Killed Menkaure
 10622 | D:7      | Noticed Pikel
 10628 | D:7      | Killed Pikel
 10712 | D:7      | Found a hazy altar of Hepliaklqana.
 10941 | D:7      | Killed Harold
 10941 | D:7      | Reached XP level 10. HP: 56/56 MP: 10/20
 11496 | D:8      | Found a shimmering blue altar of Sif Muna.
 11496 | D:8      | Found a shadowy altar of Dithmenos.
 12134 | D:9      | You fall into a shaft and drop 3 floors!
 12134 | D:12     | Found an iron altar of Okawaru.
 12137 | D:12     | Noticed a tengu warrior
 12143 | D:12     | Noticed a two-headed ogre
 12153 | D:12     | Killed a tengu warrior
 12159 | D:12     | Killed a two-headed ogre
 12159 | D:12     | Reached XP level 11. HP: 49/61 MP: 3/23
 12168 | D:12     | Noticed a two-headed ogre
 12172 | D:12     | Noticed a six-headed hydra
 12341 | D:12     | Noticed a centaur warrior
 12349 | D:12     | Killed a centaur warrior
 12616 | D:11     | Noticed a seven-headed hydra
 12633 | D:11     | Killed a seven-headed hydra
 12653 | D:11     | Noticed a manticore
 12658 | D:11     | Reached skill level 10 in Conjurations
 12969 | D:10     | Entered Level 10 of the Dungeon
 13031 | D:10     | Found a staircase to the Lair.
 13158 | D:9      | Found an opulent altar of Gozag.
 13344 | D:9      | Noticed Erolcha
 13397 | D:9      | Killed Erolcha
 13738 | D:9      | Noticed a two-headed ogre
 13744 | D:9      | Killed a two-headed ogre
 14378 | D:9      | Found a burning altar of Makhleb.
 14915 | D:10     | Reached XP level 12. HP: 58/66 MP: 10/25
 15964 | D:11     | Got a steaming emerald amulet
 16145 | D:11     | Found a staircase to the Orcish Mines.
 16925 | D:12     | Killed a six-headed hydra
 16941 | D:12     | Killed a two-headed ogre
 16941 | D:12     | Reached skill level 10 in Spellcasting
 16941 | D:12     | Reached skill level 10 in Translocations
 17543 | D:12     | Found the +8 trident of the Octopus King {venom, rElec
                  | rPois MR+}
 17758 | D:12     | Learned a level 3 spell: Mephitic Cloud
 17761 | D:12     | Learned a level 2 spell: Blink
 18469 | D:12     | Identified the amulet "Daum" {Spirit *Drain rPois rF+ Dex+3
                  | SInv} (You found it on level 11 of the Dungeon)
 18536 | Lair:1   | Entered Level 1 of the Lair of Beasts
 18893 | Lair:1   | Noticed a six-headed hydra
 18899 | Lair:1   | Killed a six-headed hydra
 19752 | Lair:2   | Noticed Fannar
 19764 | Lair:2   | Killed Fannar
 19764 | Lair:2   | Reached skill level 1 in Shields
 19925 | Lair:2   | Reached XP level 13. HP: 71/71 MP: 19/27
 22623 | Lair:3   | Found a staircase to the Swamp.
 24804 | Lair:4   | Reached skill level 1 in Fighting
 24864 | Lair:4   | Found a staircase to the Snake Pit.
 26473 | Lair:5   | Reached XP level 14. HP: 85/85 MP: 10/30
 28217 | Lair:1   | Bought a paperback book for 345 gold pieces
 28224 | Lair:1   | Learned a level 3 spell: Ozocubu's Armour
 28333 | Lair:6   | Entered Level 6 of the Lair of Beasts
 28333 | Lair:6   | Found a staircase to the Slime Pits.
 28347 | Lair:6   | Found a frozen archway.
 28505 | IceCv    | Entered an ice cave
 28594 | IceCv    | Reached skill level 1 in Ice Magic
 30924 | Lair:5   | Noticed Rupert
 31010 | Lair:5   | Killed Rupert
 32244 | Lair:6   | Reached skill level 5 in Ice Magic
 32404 | Lair:6   | Reached skill level 5 in Fighting
 33084 | Lair:6   | Reached XP level 15. HP: 92/92 MP: 15/33
 33432 | Lair:6   | Got a warped fustibalus
 33859 | Lair:6   | Got an ichor-stained short sword
 34012 | Lair:1   | Bought a scroll of identify for 46 gold pieces
 34012 | Lair:1   | Identified the +1 fustibalus of Arostrist {flame, rF+} (You
                  | found it on level 6 of the Lair of Beasts)
 34085 | D:5      | Bought a scroll labeled MUOG KISEIVOSCH for 27 gold pieces
 34085 | D:5      | Bought a scroll of identify for 54 gold pieces
 34085 | D:5      | Bought a scroll of identify for 54 gold pieces
 34085 | D:5      | Identified the +0 short sword "Eloig" {holy, MR+ Str+8}
                  | (You found it on level 6 of the Lair of Beasts)
 34212 | Orc:1    | Entered Level 1 of the Orcish Mines
 34212 | Orc:1    | Noticed an orc warlord
 34723 | D:12     | Found an iron altar of Okawaru.
 35177 | D:11     | Killed an orc warlord
 36103 | Orc:2    | Entered Level 2 of the Orcish Mines
 37345 | Orc:2    | Found a staircase to the Elven Halls.
 39008 | Orc:2    | Found Paunirej's Gadget Emporium.
 39011 | Orc:2    | Found Notoafaj's Gadget Emporium.
 39012 | Orc:2    | Found Tygaceq's General Store.
 39013 | Orc:2    | Found Xaifygh's Magic Scroll Shoppe.
 39123 | Orc:2    | Bought a scroll of identify for 26 gold pieces
 39123 | Orc:2    | Bought a scroll of identify for 26 gold pieces
 39129 | Orc:2    | Bought a scroll of identify for 30 gold pieces
 39180 | Elf:1    | Entered Level 1 of the Elven Halls
 39820 | Orc:2    | Learned a level 4 spell: Summon Ice Beast
 40387 | Elf:1    | Noticed Azrael
 40402 | Elf:1    | Killed Azrael
 40877 | Elf:1    | Reached skill level 15 in Spellcasting
 42055 | Elf:1    | Found Femoo's Antique Armour Boutique.
 42060 | Elf:1    | Found Elesimunt's Magic Scroll Boutique.
 42067 | Elf:1    | Got a crystal battleaxe
 42069 | Elf:1    | Bought a scroll of blinking for 105 gold pieces
 42069 | Elf:1    | Bought a scroll of summoning for 133 gold pieces
 42184 | Elf:1    | Noticed Donald
 42259 | Elf:1    | Killed Donald
 42633 | Elf:1    | Reached XP level 16. HP: 105/105 MP: 21/35
 42709 | Elf:1    | Found a radiant altar of Vehumet.
 42808 | Elf:1    | Reached skill level 5 in Dodging
 43400 | Elf:1    | Found a radiant altar of Vehumet.
 44488 | Elf:1    | Found Femoo's Antique Armour Boutique.
 44493 | Elf:1    | Found Elesimunt's Magic Scroll Boutique.
 44529 | Elf:1    | Found a radiant altar of Vehumet.
 44730 | Elf:1    | Found a radiant altar of Vehumet.
 45221 | Elf:2    | Reached skill level 10 in Hexes
 45833 | Elf:2    | Identified the +10 battleaxe of Maibleon {flame, *Corrode
                  | rPois rN++ Dex+8} (You found it on level 1 of the Elven
                  | Halls)
 47131 | Elf:2    | Found a bloodstained altar of Trog.
 47153 | Elf:2    | Learned a level 6 spell: Statue Form
 47160 | Elf:2    | Learned a level 6 spell: Iron Shot
 47282 | Elf:2    | Reached skill level 1 in Transmutations
 47282 | Elf:2    | Reached skill level 1 in Earth Magic
 47387 | Elf:2    | Found a runed translucent gate.
 47387 | Elf:2    | Found a runed translucent gate.
 47387 | Elf:2    | Found a runed translucent gate.
 48192 | Swamp:1  | Entered Level 1 of the Swamp
 48495 | Swamp:1  | Identified the Reference Book on Attacks
 48555 | Swamp:1  | Noticed Nikola
 48611 | Swamp:1  | Killed Nikola
 50145 | Swamp:1  | Identified Roxanne's Volume of the Rocks
 50145 | Swamp:1  | Noticed Roxanne
 52649 | Swamp:2  | Reached skill level 5 in Transmutations
 52649 | Swamp:2  | Reached skill level 5 in Earth Magic
 52649 | Swamp:2  | Reached XP level 17. HP: 109/109 MP: 9/36
 54617 | Swamp:2  | Learned a level 6 spell: Freezing Cloud
 55614 | Lair:1   | Identified a scroll of acquirement
 55616 | Lair:1   | Acquired a +0 hat
 56656 | Swamp:4  | Entered Level 4 of the Swamp
 57840 | Swamp:4  | Noticed Bai Suzhen
 62145 | Swamp:3  | HP: 3/141 [Bai Suzhen/torrent of water (27)]
 62846 | Swamp:3  | Killed Bai Suzhen
 64572 | Swamp:4  | Reached XP level 18. HP: 110/116 MP: 4/37
 65657 | Swamp:4  | Reached skill level 10 in Earth Magic
 65720 | Swamp:4  | Reached skill level 10 in Transmutations
 65867 | Swamp:4  | Found a blossoming altar of Fedhas.
 66274 | Swamp:4  | Got a decaying rune of Zot
 66447 | Swamp:4  | Found a basalt altar of Yredelemnul.
 66664 | Lair:1   | Bought the ring "Otwyocka" {Ice Int+4 Dex+8 Slay+6} for
                  | 1153 gold pieces
 66684 | Lair:1   | Learned a level 6 spell: Ozocubu's Refrigeration
 66939 | Snake:1  | Entered Level 1 of the Snake Pit
 67583 | Snake:1  | Found a hazy altar of Hepliaklqana.
 67975 | Snake:1  | Found Ylenyer's Magic Scroll Shop.
 68231 | Snake:1  | Got a polished flail
 69571 | Snake:2  | Found Seroqior's Jewellery Shop.
 69574 | Snake:2  | Bought the ring of Teexkucveyju {rPois rF+ rC+} for 648
                  | gold pieces
 70526 | Snake:3  | Found the +3 Elemental Staff {rElec rF++ rC++ MR++ AC+5}
 70543 | Snake:3  | Reached skill level 10 in Ice Magic
 70545 | Snake:3  | Identified the cursed +2 flail "Rusin" {protect, rF+} (You
                  | found it on level 1 of the Snake Pit)
 70974 | Snake:3  | Found a snail-covered altar of Cheibriados.
 71099 | Snake:3  | Found Tocluabb's Armour Boutique.
 71233 | Snake:3  | Found a runed translucent gate.
 71233 | Snake:3  | Found a runed translucent gate.
 71233 | Snake:3  | Found a runed translucent gate.
 71235 | Snake:3  | Found an opulent altar of Gozag.
 71236 | Snake:3  | Noticed Psyclone's ghost (adept OpVM)
 72125 | Snake:2  | Bought the ring of Looffis {Int+5 Dex+6 SInv} for 1203 gold
                  | pieces
 72458 | Snake:4  | Entered Level 4 of the Snake Pit
 72783 | Snake:4  | Reached XP level 19. HP: 120/120 MP: 14/39
 73037 | Snake:4  | Got a serpentine rune of Zot
 73282 | Snake:4  | Found a large runed translucent door.
 73282 | Snake:4  | Found a large runed translucent door.
 73283 | Snake:4  | Noticed Bykhliel's ghost (adept SpEn)
 75135 | Elf:3    | Entered Level 3 of the Elven Halls
 75629 | Elf:3    | Reached XP level 20. HP: 126/126 MP: 19/42
 76362 | Elf:3    | Identified the +1 quarterstaff of Emen {flame, SInv}
 76370 | Elf:3    | Identified the cursed +3 hand axe "Missiun" {vorpal, rF+}
 76641 | Elf:3    | Identified the +3 quarterstaff "Yzipp" {speed, rElec rN+
                  | SInv}
 76761 | Elf:3    | Identified the +10 flail of the Foremost People {freeze,
                  | rElec rC+ Str+8 Dex+2}
 76916 | Elf:3    | Identified Xonighuxzu's Guide on Creation and Moulding
 76927 | Elf:3    | Identified the Papyrus of Calling and Shape Shifting
 77465 | Elf:3    | Identified the Almanac of Fiery Evil
 77821 | Lair:1   | Bought a scroll of blinking for 90 gold pieces
 77821 | Lair:1   | Bought 2 scrolls of amnesia for 84 gold pieces
 77826 | Lair:1   | Bought a scroll of amnesia for 80 gold pieces
 77827 | Lair:1   | Bought a scroll of blinking for 120 gold pieces
 77844 | Lair:1   | Bought the ring "Lamelie" {rF+ rC- rN+ Dex+4 Slay+2} for
                  | 644 gold pieces
 78445 | D:12     | Found an iron altar of Okawaru.
 78982 | D:13     | Found Bocvuy's Gadget Shoppe.
 79096 | D:13     | Found a gate to the Vaults.
 79437 | D:13     | Found the +3 warlock's mirror {reflect}
 79790 | D:13     | Noticed Snorg
 79794 | D:13     | Killed Snorg
 80024 | Vaults:1 | Entered Level 1 of the Vaults
 80099 | Vaults:1 | Found a ruined gateway.
 80118 | Desolati | Entered the Desolation of Salt
 81112 | Desolati | Got a steaming jade ring
 81115 | Desolati | Got a buzzing dire flail
 81224 | Desolati | Reached XP level 21. HP: 132/132 MP: 31/44
 81311 | Desolati | Got a twitching lead ring
 81403 | Desolati | Identified the ring "Kehah" {MR+ MP+9 Int+4 Dex+6} (You
                  | found it in the Desolation of Salt)
 81404 | Desolati | Identified the ring "Hiq Lali" {+Fly rPois} (You found it
                  | in the Desolation of Salt)
 81540 | Desolati | Got a glittering lead amulet
 81541 | Desolati | Identified the Almanac of Hurtful Ice
 81941 | Vaults:1 | Found Hasaph's Magic Scroll Emporium.
 81971 | Vaults:1 | Bought a scroll of summoning for 190 gold pieces
 81971 | Vaults:1 | Bought 3 scrolls of magic mapping for 210 gold pieces
 81971 | Vaults:1 | Identified the amulet of Rerud {Spirit Str+7} (You found it
                  | in the Desolation of Salt)
 81972 | Vaults:1 | Identified the +5 dire flail of Tumult {vorpal, *Noise rF-
                  | Str+10 Int+6} (You found it in the Desolation of Salt)
 81973 | Vaults:1 | Bought a scroll of identify for 40 gold pieces
 81973 | Vaults:1 | Bought a scroll of identify for 40 gold pieces
 81973 | Vaults:1 | Bought a scroll of fear for 70 gold pieces
 81973 | Vaults:1 | Bought a scroll of teleportation for 60 gold pieces
 82365 | Vaults:1 | Identified the +2 falchion of Opsikh {vorpal, rC+ Stlth+}
                  | (You found it on level 1 of the Vaults)
 82560 | Vaults:1 | You fall into a shaft and drop 1 floor!
 83305 | Vaults:2 | Found a staircase to the Crypt.
 83929 | Vaults:2 | Reached skill level 15 in Earth Magic
 84573 | Vaults:2 | Reached XP level 22. HP: 137/137 MP: 45/46
 86117 | Vaults:3 | Found Tiubrete's Gadget Shop.
 87037 | Vaults:4 | Found Sareun's Antique Weapon Shoppe.
 87585 | Vaults:4 | Found Ocsimar's Jewellery Shop.
 87711 | Vaults:4 | Found a runed translucent gate.
 87711 | Vaults:4 | Found a runed translucent gate.
 87711 | Vaults:4 | Found a runed translucent gate.
 87713 | Vaults:4 | Noticed howech's ghost (veteran MiGl)
 87954 | Vaults:4 | Found Werchito's Armour Boutique.
 88285 | Vaults:4 | Reached XP level 23. HP: 143/143 MP: 45/48
 88577 | Vaults:4 | Learned a level 9 spell: Shatter
 88769 | Lair:1   | Acquired a manual of Fighting
 88777 | Lair:1   | Bought an uncursed ring of wizardry for 420 gold pieces
 88801 | Lair:1   | Bought the Compendium of the Feathery Traveller for 834
                  | gold pieces
 88814 | Lair:1   | Learned a level 4 spell: Passage of Golubria
 88956 | Crypt:1  | Entered Level 1 of the Crypt
 89523 | Crypt:1  | Found a runed translucent gate.
 89532 | Crypt:1  | Found a runed translucent gate.
 89532 | Crypt:1  | Noticed Esecs's ghost (veteran GrEE)
 89533 | Crypt:1  | Found a runed translucent gate.
 89534 | Crypt:1  | Found an opulent altar of Gozag.
 89534 | Crypt:1  | Noticed an ancient lich
 89535 | Crypt:1  | Found Ilupnis's Assorted Antiques.
 89537 | Crypt:1  | Found Zihatice's Assorted Antiques.
 89545 | Crypt:1  | Killed an ancient lich
 89551 | Crypt:1  | Killed Esecs's ghost
 91755 | Crypt:2  | Identified the +2 buckler of the Sky {Harm *Corrode rPois
                  | Regen+} (You found it on level 2 of the Crypt)
 91838 | Crypt:2  | Noticed Margery
 91842 | Crypt:2  | Killed Margery
 92002 | Crypt:2  | Identified the +6 shortbow of the Sea {flame, rElec rF- rN+
                  | Int+2}
 92440 | Crypt:2  | Learned a level 9 spell: Tornado
 92638 | Crypt:3  | Entered Level 3 of the Crypt
 92795 | Crypt:3  | Reached skill level 1 in Air Magic
 92846 | Crypt:3  | Identified the cursed +0 quarterstaff of Qazlal's Supremacy
                  | {venom, rF- Int+5}
 92893 | Crypt:3  | Reached XP level 24. HP: 148/148 MP: 13/49
 93044 | Crypt:3  | Found an ancient bone altar of Kikubaaqudgha.
 93391 | Crypt:3  | Noticed Khufu
 93392 | Crypt:3  | Reached skill level 5 in Air Magic
 93392 | Crypt:3  | Noticed a greater mummy
 93396 | Crypt:3  | Killed Khufu
 93396 | Crypt:3  | Reached skill level 10 in Fighting
 93397 | Crypt:3  | Killed a greater mummy
 93573 | Crypt:3  | Noticed Jory
 93582 | Crypt:3  | Killed Jory
 93733 | Crypt:3  | Found a staircase to the Tomb.
 94567 | Tomb:1   | Entered Level 1 of the Tomb of the Ancients
 94697 | Tomb:1   | Noticed a greater mummy
 94706 | Tomb:1   | Killed a greater mummy
 94958 | Tomb:1   | Noticed a greater mummy
 94958 | Tomb:1   | Noticed a greater mummy
 94960 | Tomb:1   | Killed a greater mummy
 94962 | Tomb:1   | Killed a greater mummy
 95095 | Tomb:1   | Noticed a greater mummy
 95098 | Tomb:1   | Killed a greater mummy
 95221 | Tomb:1   | Noticed a greater mummy
 95225 | Tomb:1   | Killed a greater mummy
 95413 | Tomb:1   | Noticed Boris
 95446 | Tomb:1   | Noticed a greater mummy
 95448 | Tomb:1   | Killed a greater mummy
 95537 | Tomb:1   | Noticed a greater mummy
 95543 | Tomb:1   | Killed a greater mummy
 95544 | Tomb:1   | Noticed a greater mummy
 95821 | Tomb:1   | Killed Boris
 95821 | Tomb:1   | Reached skill level 10 in Air Magic
 95821 | Tomb:1   | Reached XP level 25. HP: 173/173 MP: 41/49
 95822 | Tomb:1   | Killed a greater mummy
 95828 | Tomb:1   | Noticed a greater mummy
 95945 | Tomb:1   | Killed a greater mummy
 96004 | Tomb:1   | Noticed a greater mummy
 96008 | Tomb:1   | Killed a greater mummy
 96088 | Tomb:1   | Noticed a greater mummy
 96091 | Tomb:1   | Killed a greater mummy
 96187 | Tomb:1   | Noticed a greater mummy
 96251 | Tomb:1   | Killed a greater mummy
 96393 | Tomb:1   | Noticed a greater mummy
 96399 | Tomb:1   | Noticed a greater mummy
 96403 | Tomb:1   | Killed a greater mummy
 96417 | Tomb:1   | Killed a greater mummy
 96868 | Crypt:3  | Learned a level 8 spell: Necromutation
 96959 | Tomb:1   | Reached skill level 1 in Necromancy
 97580 | Tomb:1   | Noticed a greater mummy
 97584 | Tomb:1   | Killed a greater mummy
 97968 | Tomb:1   | Noticed a greater mummy
 97972 | Tomb:1   | Killed a greater mummy
 97972 | Tomb:1   | Reached skill level 5 in Necromancy
 98602 | Vaults:5 | Entered Level 5 of the Vaults
 98604 | Vaults:5 | Noticed Frederick
 98606 | Vaults:5 | Killed Frederick
 98606 | Vaults:5 | Reached XP level 26. HP: 180/180 MP: 23/49
 98817 | Vaults:5 | Identified the +7 quarterstaff of Unreason {vamp, rPois rF-
                  | Str+3 Dex+8}
 98818 | Vaults:5 | Found Cablughu's Distillery.
 98896 | Vaults:5 | Reached skill level 15 in Air Magic
 98901 | Vaults:5 | Identified the ring of Rowofryc {rF+ MR- Str+6 Int+3}
 99077 | Vaults:5 | Identified the +3 leather armour "Nenkuerch" {Rampage +Fly}
 99079 | Vaults:5 | Reached skill level 10 in Necromancy
 99147 | Vaults:5 | Noticed Boris
 99150 | Vaults:5 | Killed Boris
 99512 | Vaults:5 | Found Luschacu's Magic Scroll Shoppe.
 99513 | Vaults:5 | Bought a potion of experience for 900 gold pieces
 99513 | Vaults:5 | Reached XP level 27. HP: 185/185 MP: 49/49
 99536 | Vaults:5 | Bought a potion of lignification for 54 gold pieces
 99536 | Vaults:5 | Bought a potion of haste for 180 gold pieces
 99682 | Vaults:5 | Identified the +8 shortbow of Spite {freeze, MR+ Dex+4}
 99914 | Vaults:5 | Found Qirohaw's Magic Scroll Boutique.
 99918 | Vaults:5 | Bought a scroll of fog for 22 gold pieces
 99918 | Vaults:5 | Bought a scroll of acquirement for 572 gold pieces
 99918 | Vaults:5 | Bought a scroll of immolation for 38 gold pieces
 99918 | Vaults:5 | Bought a scroll of magic mapping for 38 gold pieces
 99935 | Vaults:5 | Got a silver rune of Zot
 99947 | Vaults:5 | Bought a scroll of amnesia for 80 gold pieces
 99957 | Vaults:5 | Found Hepish's Magic Scroll Boutique.
 99983 | Vaults:5 | Bought a scroll of blinking for 105 gold pieces
 99983 | Vaults:5 | Bought a scroll of fear for 49 gold pieces
 99989 | Vaults:5 | Noticed Sojobo
 99993 | Vaults:5 | Killed Sojobo
 99994 | Vaults:5 | Identified the +8 rapier of Extremism {vorpal, Dex+3 SInv}
 99994 | Vaults:5 | Identified the cursed -7 tower shield of Demons {rElec}
100084 | Vaults:5 | Found Axuskeun's Magic Scroll Shop.
100084 | Vaults:5 | Found Anovul's Magic Scroll Emporium.
100088 | Vaults:5 | Bought 3 scrolls of amnesia for 168 gold pieces
100088 | Vaults:5 | Bought 3 scrolls of blinking for 360 gold pieces
100109 | Vaults:5 | Found Tuesijad's Distillery.
100113 | Vaults:5 | Bought a potion of heal wounds for 90 gold pieces
100113 | Vaults:5 | Bought a potion of heal wounds for 90 gold pieces
100191 | Vaults:5 | Identified the Grimoire of the Frostbite
100526 | Vaults:5 | Got a crude scimitar
100527 | Vaults:5 | Identified the +4 scimitar of Kuil {elec, +Fly} (You found
                  | it on level 5 of the Vaults)
100547 | Vaults:5 | Identified the +11 scimitar "Vusoidou" {distort, Str+3
                  | Stlth+} (You found it on level 5 of the Vaults)
100662 | Vaults:5 | Bought a potion of cancellation for 144 gold pieces
100834 | Lair:1   | Acquired 787 gold pieces
100970 | Slime:1  | Entered Level 1 of the Pits of Slime
105129 | Slime:5  | Entered Level 5 of the Pits of Slime
105429 | Slime:5  | Noticed the Royal Jelly
105434 | Slime:5  | Killed the Royal Jelly
105571 | Slime:4  | Reached skill level 15 in Ice Magic
106274 | Slime:5  | Found the +10 dark maul {vorpal}
106321 | Slime:5  | Got a fine turquoise ring
106332 | Slime:5  | Got a slimy rune of Zot
106665 | Slime:5  | Identified the ring "Lylouts" {+Inv rF++ rCorr Str-2 Int+3}
                  | (You found it on level 5 of the Pits of Slime)
106685 | Slime:5  | Got a crystal short sword
106686 | Slime:5  | Identified the +10 short sword of Defence {holy, rF+ rN+
                  | Str+4 Dex+3} (You found it on level 5 of the Pits of Slime)
106965 | Lair:1   | Learned a level 9 spell: Absolute Zero
106984 | Lair:1   | Bought a scroll of acquirement for 832 gold pieces
106988 | Lair:1   | Acquired 1216 gold pieces
107321 | Vaults:4 | Killed howech's ghost
108611 | D:15     | Entered Level 15 of the Dungeon
108913 | D:15     | Noticed Kirke
108914 | D:15     | Killed Kirke
109124 | D:15     | Found a staircase to the Depths.
110146 | Depths:1 | Entered Level 1 of the Depths
110349 | Depths:1 | Found Piufidoe's Book Emporium.
110493 | Depths:1 | Found a gateway to Hell.
110616 | Depths:1 | Found Ciget's Antique Weapon Boutique.
110750 | Depths:1 | Found Umpang's Jewellery Shop.
110765 | Depths:1 | Bought the ring of Ilocac {rN+ rCorr Str+4 Dex-5} for 465
                  | gold pieces
111480 | Depths:1 | Found a runed door.
112446 | Depths:2 | Reached skill level 1 in Evocations
112461 | Depths:2 | Noticed Boris
112590 | Depths:2 | Killed Boris
113108 | Depths:2 | Reached skill level 5 in Evocations
113121 | Depths:2 | Identified the +7 quarterstaff "Ywil" {vorpal, rPois rF+
                  | rC-}
113129 | Depths:2 | Reached skill level 15 in Fighting
113682 | Depths:2 | Found a one-way gate leading to the halls of Pandemonium.
114676 | Depths:3 | Noticed Boris
114678 | Depths:3 | Noticed Ubraesch's ghost (adept TrMo)
114681 | Depths:3 | Killed Boris
114683 | Depths:3 | Noticed an ancient lich
114685 | Depths:3 | Killed Ubraesch's ghost
114687 | Depths:3 | Killed an ancient lich
114873 | Depths:3 | Noticed an ancient lich
114875 | Depths:3 | Killed an ancient lich
114984 | Depths:3 | Found a runed translucent gate.
114984 | Depths:3 | Found a runed translucent gate.
114984 | Depths:3 | Found a runed translucent gate.
114993 | Depths:3 | Got a scintillating brass amulet
114995 | Depths:3 | Identified the amulet of the Sun {Reflect rElec SH+5
                  | Stlth+} (You found it on level 3 of the Depths)
115268 | Depths:3 | Noticed a juggernaut
115431 | Depths:3 | Got a slimy platinum ring
115475 | Depths:3 | Identified the ring "Geezxoc" {rElec rN+ SInv} (You found
                  | it on level 3 of the Depths)
116073 | Depths:4 | Found a one-way gate to the infinite horrors of the Abyss.
116093 | Depths:4 | Killed a juggernaut
116094 | Depths:4 | Reached skill level 10 in Evocations
116176 | Depths:4 | Identified the ring "Faeno" {AC+4 Int+2}
116309 | Depths:4 | Identified the cursed +1 quarterstaff of the Ageless
                  | Heavens {antimagic, rElec}
116330 | Depths:4 | Noticed Boris
116450 | Depths:4 | Killed Boris
116518 | Depths:4 | Got a jewelled hand crossbow
116519 | Depths:4 | Identified the +1 hand crossbow of the Girdle {elec, rElec
                  | rPois Str+3 Dex+2} (You found it on level 4 of the Depths)
117116 | Depths:4 | Found a gateway to a ziggurat.
117937 | D:15     | Bought a manual of Earth Magic for 2318 gold pieces
118004 | Depths:5 | Entered Level 5 of the Depths
118169 | Depths:5 | Found a gate to the Realm of Zot.
119002 | Hell     | Entered the Vestibule of Hell
119002 | Hell     | Noticed Geryon
119005 | Hell     | Killed Geryon
119431 | Hell     | Found a gateway to the freezing wastes of Cocytus.
119681 | Hell     | Found a gateway to the Iron City of Dis.
119756 | Hell     | Found a gateway to the ashen valley of Gehenna.
119805 | Hell     | Found a gateway to the decaying netherworld of Tartarus.
120053 | Coc:1    | Entered Level 1 of Cocytus
120845 | Coc:2    | Reached skill level 5 in Shields
121259 | Coc:3    | Reached skill level 15 in Necromancy
121259 | Coc:3    | Reached skill level 15 in Evocations
121856 | Coc:5    | Reached skill level 10 in Shields
122519 | Coc:7    | Entered Level 7 of Cocytus
122545 | Coc:7    | Noticed the Serpent of Hell
122557 | Coc:7    | Killed the Serpent of Hell
123323 | Coc:7    | Identified the amulet of Compulsion {Faith rF+}
123567 | Coc:7    | Identified the +7 broad axe "Meig" {freeze, rElec rPois}
123718 | Coc:7    | Noticed Antaeus
123720 | Coc:7    | Killed Antaeus
123721 | Coc:7    | Identified the Collected Works on the Doomed Traveller
123725 | Coc:7    | Reached skill level 10 in Dodging
123761 | Coc:7    | Got an icy rune of Zot
124446 | D:15     | Bought a potion of heal wounds for 65 gold pieces
124446 | D:15     | Bought a potion of heal wounds for 65 gold pieces
124446 | D:15     | Bought a potion of haste for 130 gold pieces
124446 | D:15     | Bought a potion of haste for 130 gold pieces
124446 | D:15     | Bought a potion of haste for 130 gold pieces
124536 | Dis:1    | Entered Level 1 of the Iron City of Dis
124537 | Dis:1    | Reached skill level 15 in Shields
126638 | Dis:7    | Entered Level 7 of the Iron City of Dis
126674 | Dis:7    | Found a huge runed gate.
126674 | Dis:7    | Found a huge runed gate.
126674 | Dis:7    | Found a huge runed gate.
127254 | Dis:7    | Identified the +9 short sword of Gallantry {speed, rPois
                  | rF+ rC+}
127343 | Dis:7    | Identified the +4 staff of Dispater
127343 | Dis:7    | Noticed Dispater
127346 | Dis:7    | Killed Dispater
127383 | Dis:7    | Got an iron rune of Zot
127618 | Dis:7    | Identified Niro's Disquisition on Mutagenic Execration
128851 | Lair:1   | Bought a manual of Stealth for 1876 gold pieces
129191 | Depths:1 | Noticed an ancient lich
129193 | Depths:1 | Killed an ancient lich
129490 | Depths:1 | Found Piufidoe's Book Emporium.
129519 | Depths:1 | Acquired 1106 gold pieces
129563 | Depths:1 | Found Umpang's Jewellery Shop.
129728 | Depths:1 | Found Ciget's Antique Weapon Boutique.
130018 | Tar:1    | Entered Level 1 of Tartarus
130767 | Tar:4    | Reached skill level 5 in Stealth
131306 | Tar:7    | Entered Level 7 of Tartarus
131334 | Tar:7    | Noticed an ancient lich
131334 | Tar:7    | Killed an ancient lich
131335 | Tar:7    | Killed an ancient lich
131345 | Tar:7    | Reached skill level 10 in Stealth
131366 | Tar:7    | Reached skill level 15 in Dodging
131385 | Tar:7    | Identified the +5 longbow of the Destroying Sybil {venom,
                  | Int+4 Dex+4}
131478 | Tar:7    | Identified the Incunabulum of Clay
131486 | Tar:7    | Got a shimmering marble ring
131522 | Tar:7    | Identified the ring of Ifraric {Ice SInv} (You found it on
                  | level 7 of Tartarus)
131813 | Tar:7    | Noticed Ereshkigal
131816 | Tar:7    | Killed Ereshkigal
132201 | Tar:7    | Noticed an ancient lich
132206 | Tar:7    | Killed an ancient lich
132206 | Tar:7    | Reached skill level 15 in Stealth
132531 | Tar:7    | Got a bone rune of Zot
132815 | Tar:7    | Got a shimmering amethyst amulet
133229 | Tar:7    | Got a slimy scythe
133598 | Tar:7    | Identified the amulet "Wiboanwu" {Reflect rElec rF+ rN+
                  | Int-4 SH+5} (You found it on level 7 of Tartarus)
133704 | D:15     | Identified the +9 scythe "Luchutiu" {vorpal, Stlth+} (You
                  | found it on level 7 of Tartarus)
133726 | D:15     | Learned a level 8 spell: Disjunction
133841 | Geh:1    | Entered Level 1 of Gehenna
135735 | Geh:7    | Entered Level 7 of Gehenna
136894 | Geh:7    | Identified the +7 sceptre of Asmodeus
136894 | Geh:7    | Noticed Asmodeus
136898 | Geh:7    | Killed Asmodeus
136944 | Geh:7    | Got an obsidian rune of Zot
137047 | Geh:7    | Identified the Volume of the Harmful Snowflakes
137673 | Depths:2 | t
137725 | D:15     | Learned a level 9 spell: Fire Storm
137735 | D:15     | Bought a scroll of fog for 90 gold pieces
137735 | D:15     | Bought a scroll of amnesia for 157 gold pieces
137735 | D:15     | Bought a scroll of blinking for 337 gold pieces
137739 | D:15     | Bought a scroll of fear for 63 gold pieces
137741 | D:15     | Bought a wand of acid (14) for 648 gold pieces
137857 | Pan      | Entered Pandemonium
138174 | Pan      | Reached skill level 15 in Translocations
138231 | Pan      | Reached skill level 1 in Fire Magic
138933 | Pan      | Noticed Gidocu the pandemonium lord
138935 | Pan      | Killed Gidocu the pandemonium lord
140478 | Pan      | Noticed Pitizxack the pandemonium lord
140482 | Pan      | Killed Pitizxack the pandemonium lord
140839 | Pan      | Reached skill level 5 in Fire Magic
143567 | Pan      | Noticed Dales the pandemonium lord
143569 | Pan      | Killed Dales the pandemonium lord
143793 | Pan      | Got a jewelled war axe
143894 | Pan      | Got a demonic rune of Zot
144315 | Pan      | Identified the +11 war axe of Arywnuyl {venom, +Blink rC+
                  | Str-5} (You found it in Pandemonium)
144748 | Pan      | Noticed Ytyllo the pandemonium lord
144751 | Pan      | Killed Ytyllo the pandemonium lord
146492 | Depths:2 | Escaped Pandemonium
146669 | Pan      | Entered the realm of Mnoleg.
146669 | Pan      | Entered Pandemonium
146672 | Pan      | Found an exit through the horrors of the Abyss.
147278 | Pan      | Noticed Mnoleg
147280 | Pan      | Killed Mnoleg
147490 | Pan      | Got a glowing rune of Zot
149194 | Pan      | Entered the realm of Gloorx Vloq.
149194 | Pan      | Found an exit through the horrors of the Abyss.
149475 | Pan      | Reached skill level 10 in Fire Magic
150382 | Pan      | Noticed Gloorx Vloq
150387 | Pan      | Killed Gloorx Vloq
150471 | Pan      | Got a dark rune of Zot
150738 | Pan      | Noticed Boenkesm the pandemonium lord
150745 | Pan      | Killed Boenkesm the pandemonium lord
150939 | Pan      | Found an exit through the horrors of the Abyss.
151480 | Pan      | Noticed Goyvat the pandemonium lord
151482 | Pan      | Killed Goyvat the pandemonium lord
151486 | Pan      | Noticed Mennas
151526 | Pan      | Killed Mennas
152520 | Pan      | Noticed Lappinann the pandemonium lord
152521 | Pan      | Killed Lappinann the pandemonium lord
152794 | Pan      | Found an exit through the horrors of the Abyss.
153370 | Depths:2 | Escaped Pandemonium
153579 | Pan      | Entered the realm of Cerebov.
153579 | Pan      | Entered Pandemonium
153777 | Pan      | Found an exit through the horrors of the Abyss.
155412 | Pan      | Got a brightly glowing silver ring
155444 | Pan      | Got a transparent jade ring
155510 | Pan      | Identified the +2 whip of Massacring {vorpal, rF+ rC-
                  | Str+3} (You found it in Pandemonium)
155511 | Pan      | Identified the ring of Atwotyn {rPois rCorr Int+4} (You
                  | found it in Pandemonium)
155512 | Pan      | Identified the ring of the Saviour {rElec rC+ Str+2 Int+3}
                  | (You found it in Pandemonium)
155553 | Pan      | Identified Sif Muna's Disquisition on Harmful Clay
155592 | Pan      | Identified the +6 sword of Cerebov {flame}
155592 | Pan      | Noticed Cerebov
155595 | Pan      | Killed Cerebov
155697 | Pan      | Got a fiery rune of Zot
155989 | Depths:2 | Escaped Pandemonium
156166 | Pan      | Entered the realm of Lom Lobon.
156166 | Pan      | Entered Pandemonium
156217 | Pan      | Noticed Lom Lobon
156219 | Pan      | Killed Lom Lobon
156247 | Pan      | Got a magical rune of Zot
156860 | Pan      | Found an exit through the horrors of the Abyss.
158556 | Pan      | Found an exit through the horrors of the Abyss.
158812 | Pan      | Noticed Ciekon the pandemonium lord
158813 | Pan      | Killed Ciekon the pandemonium lord
158847 | Depths:2 | Escaped Pandemonium
159074 | Vaults:5 | Bought 3 scrolls of acquirement for 3588 gold pieces
159074 | Vaults:5 | Bought a scroll of identify for 46 gold pieces
159074 | Vaults:5 | Bought a scroll of identify for 46 gold pieces
159074 | Vaults:5 | Bought a scroll of identify for 46 gold pieces
159074 | Vaults:5 | Bought 2 scrolls of identify for 92 gold pieces
159217 | D:15     | Acquired 831 gold pieces
159218 | D:15     | Acquired 751 gold pieces
159219 | D:15     | Acquired 1054 gold pieces
159384 | Vaults:5 | Bought a scroll of holy word for 120 gold pieces
159391 | Vaults:5 | Bought a scroll of holy word for 165 gold pieces
159610 | Depths:4 | Voluntarily entered the Abyss.
160885 | Abyss:2  | Found a corrupted altar of Lugonu.
160908 | Abyss:3  | Found a corrupted altar of Lugonu.
161093 | Abyss:4  | Noticed an ancient lich
161100 | Abyss:4  | Killed an ancient lich
161522 | Abyss:4  | Reached skill level 27 in Fighting
162332 | Abyss:4  | Found a corrupted altar of Lugonu.
162588 | Abyss:4  | Reached skill level 15 in Conjurations
162806 | Abyss:4  | Found a shimmering blue altar of Sif Muna.
162828 | Abyss:4  | Reached skill level 1 in Throwing
162838 | Abyss:4  | Identified the Disquisition on the Escort
162847 | Abyss:4  | Got a translucent jade amulet
162848 | Abyss:4  | Identified the Disquisition on Companions
163034 | Abyss:4  | Got an abyssal rune of Zot
163190 | Depths:4 | Escaped the Abyss
163244 | D:15     | Identified the amulet "Orhon" {RegenMP Str+3 Int+5} (You
                  | found it on level 4 of the Abyss)
163556 | Tomb:2   | Noticed a greater mummy
163563 | Tomb:2   | Killed a greater mummy
163575 | Tomb:2   | Noticed a greater mummy
163583 | Tomb:2   | Noticed a greater mummy
163585 | Tomb:2   | Reached skill level 15 in Fire Magic
163677 | Tomb:2   | Noticed a greater mummy
163685 | Tomb:2   | Killed a greater mummy
163694 | Tomb:2   | Killed a greater mummy
163697 | Tomb:2   | Killed a greater mummy
164087 | Tomb:2   | Reached skill level 5 in Throwing
164863 | Tomb:3   | Entered Level 3 of the Tomb of the Ancients
164874 | Tomb:3   | Noticed a greater mummy
164876 | Tomb:3   | Noticed a greater mummy
164876 | Tomb:3   | Noticed a greater mummy
164877 | Tomb:3   | Reached skill level 27 in Evocations
164877 | Tomb:3   | Noticed a greater mummy
164877 | Tomb:3   | Noticed a greater mummy
164877 | Tomb:3   | Killed a greater mummy
164878 | Tomb:3   | Killed a greater mummy
164878 | Tomb:3   | Killed a greater mummy
164878 | Tomb:3   | Noticed a greater mummy
164878 | Tomb:3   | Noticed a greater mummy
164879 | Tomb:3   | Killed a greater mummy
164879 | Tomb:3   | Noticed a greater mummy
164879 | Tomb:3   | Killed a greater mummy
164881 | Tomb:3   | Noticed a greater mummy
164883 | Tomb:3   | Reached skill level 27 in Spellcasting
164883 | Tomb:3   | Killed a greater mummy
164885 | Tomb:3   | Killed a greater mummy
164885 | Tomb:3   | Killed a greater mummy
164886 | Tomb:3   | Killed a greater mummy
165193 | Tomb:3   | Got a golden rune of Zot
165324 | Tomb:3   | Identified the Compendium of the Slug
165708 | Tomb:3   | Identified the Reference Book on Companions and the Glacier
165732 | Tomb:3   | Identified the Papyrus of Stones and Air
165847 | Tomb:3   | Identified the +10 arbalest "Watymaj" {penet, rElec Str-2
                  | Dex+3} (You found it on level 3 of the Tomb of the
                  | Ancients)
165860 | Tomb:3   | Identified the +9 trident "Xul Ubb" {flame, rC- rN++ Int+5}
                  | (You found it on level 3 of the Tomb of the Ancients)
165868 | Tomb:3   | Identified the cursed +1 flail of Conformity {vamp, +Inv
                  | rElec MP+9 Int-2} (You found it on level 3 of the Tomb of
                  | the Ancients)
165903 | Tomb:3   | Identified the cursed +1 scimitar of Wyrd {holy, +Blink rC+
                  | MR+ SInv} (You found it on level 3 of the Tomb of the
                  | Ancients)
166835 | Lair:1   | Bought a scroll of fog for 24 gold pieces
166843 | Lair:1   | Bought a scroll of immolation for 80 gold pieces
166844 | Lair:1   | Bought a scroll of teleportation for 48 gold pieces
166844 | Lair:1   | Bought a scroll of teleportation for 48 gold pieces
166845 | Lair:1   | Bought a wand of acid (11) for 360 gold pieces
166845 | Lair:1   | Bought a wand of acid (2) for 144 gold pieces
167436 | Snake:4  | Killed Bykhliel's ghost
167488 | Snake:3  | Killed Psyclone's ghost
167874 | Orc:2    | Bought 20 bolts for 60 gold pieces
169540 | Vaults:5 | Bought a scroll of identify for 22 gold pieces
169540 | Vaults:5 | Bought a scroll of identify for 22 gold pieces
169540 | Vaults:5 | Bought a scroll of identify for 22 gold pieces
169540 | Vaults:5 | Bought a scroll of identify for 22 gold pieces
169554 | Vaults:5 | Bought a scroll of fog for 44 gold pieces
169554 | Vaults:5 | Bought a scroll of teleportation for 66 gold pieces
169554 | Vaults:5 | Bought a scroll of identify for 44 gold pieces
169554 | Vaults:5 | Bought a scroll of amnesia for 77 gold pieces
169554 | Vaults:5 | Bought a scroll of amnesia for 77 gold pieces
169572 | Vaults:5 | Bought a scroll of identify for 28 gold pieces
169572 | Vaults:5 | Bought a scroll of identify for 28 gold pieces
169572 | Vaults:5 | Bought 2 scrolls of identify for 56 gold pieces
169572 | Vaults:5 | Bought a scroll of teleportation for 42 gold pieces
169683 | Crypt:1  | Bought a scroll of identify for 56 gold pieces
169999 | Elf:1    | Bought a scroll of identify for 28 gold pieces
169999 | Elf:1    | Bought a scroll of teleportation for 42 gold pieces
169999 | Elf:1    | Bought a scroll of teleportation for 42 gold pieces
170284 | Snake:1  | Bought a scroll of teleportation for 36 gold pieces
170284 | Snake:1  | Bought a scroll of fog for 24 gold pieces
170284 | Snake:1  | Bought a scroll of identify for 24 gold pieces
170284 | Snake:1  | Bought a scroll of identify for 24 gold pieces
170284 | Snake:1  | Bought a scroll of teleportation for 36 gold pieces
170284 | Snake:1  | Bought a scroll of identify for 24 gold pieces
170284 | Snake:1  | Bought a scroll of fog for 24 gold pieces
170284 | Snake:1  | Bought a scroll of fog for 24 gold pieces
170284 | Snake:1  | Bought a scroll of identify for 24 gold pieces
170284 | Snake:1  | Bought a scroll of identify for 24 gold pieces
170284 | Snake:1  | Bought a scroll of identify for 24 gold pieces
170761 | D:15     | Bought 29 bolts for 104 gold pieces
171422 | D:15     | Bought the ring "Cydun" {+Blink rPois Str+3 Stlth+} for 588
                  | gold pieces
171452 | D:15     | Learned a level 8 spell: Ignition
171539 | Zig:1    | Entered Level 1 of a ziggurat
171554 | Zig:2    | Entered Level 2 of a ziggurat
171589 | Zig:3    | Entered Level 3 of a ziggurat
171626 | Zig:4    | Entered Level 4 of a ziggurat
171629 | Zig:4    | Noticed Ciungyac the pandemonium lord
171630 | Zig:4    | Killed Ciungyac the pandemonium lord
171813 | Zig:5    | Entered Level 5 of a ziggurat
171872 | Zig:5    | Identified the cursed +2 rapier of Fuzzy Guilt {vorpal,
                  | rC+} (You found it on level 5 of a ziggurat)
171888 | Zig:6    | Entered Level 6 of a ziggurat
171892 | Zig:6    | Noticed Beemil the pandemonium lord
171897 | Zig:6    | Killed Beemil the pandemonium lord
171913 | Zig:6    | Got a brightly glowing steel ring
171959 | Zig:6    | Identified the +4 mace of Loene {pain, rN+ Str+4 Dex+3}
                  | (You found it on level 6 of a ziggurat)
171960 | Zig:6    | Identified the cursed ring "Nownagha" {rF+++ rC++ AC-4
                  | Int-3 Stlth+} (You found it on level 6 of a ziggurat)
171979 | Zig:7    | Entered Level 7 of a ziggurat
172051 | Zig:8    | Entered Level 8 of a ziggurat
172173 | Zig:9    | Entered Level 9 of a ziggurat
172280 | Zig:9    | Got a polished arbalest
172281 | Zig:9    | Identified the cursed +2 arbalest "Beastbane" {elec, rPois}
                  | (You found it on level 9 of a ziggurat)
172301 | Zig:10   | Entered Level 10 of a ziggurat
172312 | Zig:10   | Noticed Woxaelur the pandemonium lord
172314 | Zig:10   | Killed Woxaelur the pandemonium lord
172357 | Zig:10   | Got a fine silver amulet
172371 | Zig:10   | Identified the amulet "Guipu" {Spirit *Slow rC+ Str+2
                  | Dex+3} (You found it on level 10 of a ziggurat)
172402 | Zig:11   | Entered Level 11 of a ziggurat
172444 | Zig:11   | Got a pitted garnet amulet
172484 | Zig:11   | Identified the amulet of Cuxod {Inacc MR- Int+5} (You found
                  | it on level 11 of a ziggurat)
172489 | Zig:11   | Identified the +8 whip "Yleejec" {drain, *Rage rElec MR-
                  | Str+8} (You found it on level 11 of a ziggurat)
172491 | Zig:11   | Identified the +5 dagger of Resourcefulness {vorpal, *Noise
                  | rPois SInv} (You found it on level 11 of a ziggurat)
172493 | Zig:11   | Identified the +8 mace of Zin's Scorn {flame, rPois Str+2
                  | Int+3 Dex-2} (You found it on level 11 of a ziggurat)
172512 | Zig:12   | Entered Level 12 of a ziggurat
172522 | Zig:12   | Gained mutation: Scrolls take you a little longer to read.
                  | [a shining eye]
172559 | Zig:12   | Got a bound tin ring
172592 | Zig:13   | Entered Level 13 of a ziggurat
172605 | Zig:13   | Noticed Qemotafa the pandemonium lord
172606 | Zig:13   | Noticed Yfepruwu the pandemonium lord
172606 | Zig:13   | Noticed Siduef the pandemonium lord
172607 | Zig:13   | Noticed Arexum the pandemonium lord
172608 | Zig:13   | Found the +7 Spriggan's Knife {stab, EV+4 Stlth+}
172609 | Zig:13   | Killed Yfepruwu the pandemonium lord
172610 | Zig:13   | Killed Qemotafa the pandemonium lord
172611 | Zig:13   | Killed Siduef the pandemonium lord
172616 | Zig:13   | Killed Arexum the pandemonium lord
172769 | Zig:13   | Identified the ring of Noghofir {rF++ rN+++ rCorr Str-4
                  | SInv} (You found it on level 12 of a ziggurat)
172812 | Zig:14   | Entered Level 14 of a ziggurat
172943 | Zig:14   | Got a shimmering ruby amulet
172946 | Zig:14   | Identified the amulet of Joraw {Faith Dex+3} (You found it
                  | on level 14 of a ziggurat)
172952 | Zig:14   | Got a scintillating silver ring
172958 | Zig:14   | Identified the ring "Qinwigit" {rPois rC+ Stlth+} (You
                  | found it on level 14 of a ziggurat)
172961 | Zig:14   | Got an ancient zirconium amulet
172964 | Zig:14   | Identified the amulet "Xixkitwo" {Reflect rF+ rC+ SH+5}
                  | (You found it on level 14 of a ziggurat)
172996 | Zig:14   | Identified the +3 shortbow of Valiance {venom, rElec Dex-3
                  | SInv} (You found it on level 14 of a ziggurat)
173029 | Zig:15   | Entered Level 15 of a ziggurat
173036 | Zig:15   | Noticed a juggernaut
173045 | Zig:15   | Noticed a juggernaut
173046 | Zig:15   | Killed a juggernaut
173047 | Zig:15   | Noticed a juggernaut
173049 | Zig:15   | Killed a juggernaut
173051 | Zig:15   | Reached skill level 15 in Throwing
173051 | Zig:15   | Killed a juggernaut
173142 | Zig:15   | Identified the Guide on Hurtful Beguiling
173203 | Zig:15   | Identified the +8 rapier of Crawling {flame, Int+4} (You
                  | found it on level 15 of a ziggurat)
173207 | Zig:15   | Identified the cursed +2 flail of Goammuam {venom, Str+2}
                  | (You found it on level 15 of a ziggurat)
173242 | Zig:16   | Entered Level 16 of a ziggurat
173401 | Zig:16   | Lost mutation: Scrolls take you a little longer to read.
                  | [potion of mutation]
173401 | Zig:16   | Gained mutation: You are weak. (Str -2) [potion of
                  | mutation]
173401 | Zig:16   | Gained mutation: You are clumsy. (Dex -2) [potion of
                  | mutation]
173401 | Zig:16   | Gained mutation: You are somewhat resistant to further
                  | mutation. [potion of mutation]
173402 | Zig:16   | Lost mutation: You are clumsy. (Dex -2) [potion of
                  | mutation]
173402 | Zig:16   | Lost mutation: You are somewhat resistant to further
                  | mutation. [potion of mutation]
173402 | Zig:16   | Lost mutation: You are weak. (Str -2) [potion of mutation]
173402 | Zig:16   | Gained mutation: Your flesh is heat resistant. (rF+)
                  | [potion of mutation]
173402 | Zig:16   | Gained mutation: You are resistant to hostile enchantments.
                  | (MR+) [potion of mutation]
173412 | Zig:16   | Identified the Incunabulum of Ice and Envenoming
173422 | Zig:16   | Identified the +6 hand crossbow of the Equinox {freeze,
                  | rElec rPois rF- rN+++} (You found it on level 16 of a
                  | ziggurat)
173433 | Zig:16   | Identified the +10 morningstar of the Original Sin {holy,
                  | rC+ rN+ Int+2} (You found it on level 16 of a ziggurat)
173435 | Zig:16   | Identified the +6 broad axe of Vimapy {vorpal, rN++} (You
                  | found it on level 16 of a ziggurat)
173530 | Zig:17   | Entered Level 17 of a ziggurat
173717 | Zig:17   | Identified Further Steps in Rites and Rhymes
173727 | Zig:17   | Identified the Handbook of the Congealing Birds
173860 | Zig:18   | Entered Level 18 of a ziggurat
174098 | Zig:18   | Identified the +2 war axe of Compound Interest {antimagic,
                  | rC+} (You found it on level 18 of a ziggurat)
174136 | Zig:19   | Entered Level 19 of a ziggurat
174147 | Zig:19   | Noticed a greater mummy
174147 | Zig:19   | Noticed a greater mummy
174150 | Zig:19   | Noticed a greater mummy
174151 | Zig:19   | Noticed a greater mummy
174152 | Zig:19   | Noticed a greater mummy
174155 | Zig:19   | Killed a greater mummy
174155 | Zig:19   | Killed a greater mummy
174155 | Zig:19   | Killed a greater mummy
174155 | Zig:19   | Killed a greater mummy
174155 | Zig:19   | Noticed a greater mummy
174155 | Zig:19   | Noticed a greater mummy
174157 | Zig:19   | Noticed a greater mummy
174161 | Zig:19   | Killed a greater mummy
174161 | Zig:19   | Killed a greater mummy
174162 | Zig:19   | Killed a greater mummy
174163 | Zig:19   | Killed a greater mummy
174299 | Zig:19   | Identified the Tome of Weightlessness
174354 | Zig:19   | Identified the Disquisition on Darkness and the Traveller
174375 | Zig:19   | Identified the amulet of Puciuna {Faith *Slow rN++} (You
                  | found it on level 19 of a ziggurat)
174408 | Zig:20   | Entered Level 20 of a ziggurat
174663 | Zig:21   | Entered Level 21 of a ziggurat
174674 | Zig:21   | Noticed Etemoe the pandemonium lord
174679 | Zig:21   | Noticed Zenoroto the pandemonium lord
174681 | Zig:21   | Noticed Iraisch the pandemonium lord
174683 | Zig:21   | Noticed Esaplys the pandemonium lord
174684 | Zig:21   | Noticed Cuwkaqun the pandemonium lord
174684 | Zig:21   | Noticed Ycvunoid the pandemonium lord
174688 | Zig:21   | Noticed Memn the pandemonium lord
174691 | Zig:21   | Noticed Fank the pandemonium lord
174692 | Zig:21   | Noticed Noddoy the pandemonium lord
174693 | Zig:21   | Noticed Fuacufryupt the pandemonium lord
174694 | Zig:21   | Killed Esaplys the pandemonium lord
174694 | Zig:21   | Noticed Liferr the pandemonium lord
174695 | Zig:21   | Killed Ycvunoid the pandemonium lord
174699 | Zig:21   | Killed Memn the pandemonium lord
174700 | Zig:21   | Killed Cuwkaqun the pandemonium lord
174702 | Zig:21   | Killed Noddoy the pandemonium lord
174704 | Zig:21   | Noticed Roagecig the pandemonium lord
174709 | Zig:21   | Killed Fuacufryupt the pandemonium lord
174720 | Zig:21   | Killed Iraisch the pandemonium lord
174720 | Zig:21   | Killed Etemoe the pandemonium lord
174721 | Zig:21   | Killed Fank the pandemonium lord
174723 | Zig:21   | Killed Liferr the pandemonium lord
174725 | Zig:21   | Killed Zenoroto the pandemonium lord
174728 | Zig:21   | Killed Roagecig the pandemonium lord
174937 | Zig:21   | Found the +6 Majin-Bo {vamp, MP+6 Int+6}
175006 | Zig:21   | Identified the Compendium of the Shifting Traveller
175036 | Zig:21   | Identified the +9 arbalest "Paqap" {venom, *Contam +Blink
                  | rPois SInv} (You found it on level 21 of a ziggurat)
175040 | Zig:21   | Identified the +2 hat of the Carpenter {rCorr} (You found
                  | it on level 21 of a ziggurat)
175045 | Zig:21   | Reached skill level 10 in Staves
175064 | Zig:21   | Identified the +4 shortbow "Akkefo" {freeze, +Blink} (You
                  | found it on level 21 of a ziggurat)
175111 | Zig:22   | Entered Level 22 of a ziggurat
175140 | Zig:22   | Found the +2 shield of Resistance {rF++ rC++ MR++}
175383 | Zig:22   | Identified the +7 hand axe of Calculation {flame, +Blink
                  | rPois rC+} (You found it on level 22 of a ziggurat)
175447 | Zig:23   | Entered Level 23 of a ziggurat
175462 | Zig:23   | Noticed a greater mummy
175463 | Zig:23   | Noticed a greater mummy
175464 | Zig:23   | Noticed a greater mummy
175464 | Zig:23   | Noticed a greater mummy
175467 | Zig:23   | Noticed a greater mummy
175468 | Zig:23   | Reached skill level 1 in Unarmed Combat
175469 | Zig:23   | Noticed a greater mummy
175470 | Zig:23   | Noticed a greater mummy
175470 | Zig:23   | Noticed a greater mummy
175471 | Zig:23   | Killed a greater mummy
175471 | Zig:23   | Reached skill level 5 in Unarmed Combat
175471 | Zig:23   | Killed a greater mummy
175471 | Zig:23   | Killed a greater mummy
175472 | Zig:23   | Noticed a greater mummy
175473 | Zig:23   | Noticed a greater mummy
175475 | Zig:23   | Killed a greater mummy
175475 | Zig:23   | Reached skill level 10 in Unarmed Combat
175475 | Zig:23   | Killed a greater mummy
175475 | Zig:23   | Killed a greater mummy
175475 | Zig:23   | Killed a greater mummy
175478 | Zig:23   | Killed a greater mummy
175478 | Zig:23   | Killed a greater mummy
175480 | Zig:23   | Killed a greater mummy
175725 | Zig:23   | Identified the +9 hunting sling "Gaibu" {vorpal, Dex+3}
                  | (You found it on level 23 of a ziggurat)
175730 | Zig:23   | Identified the +6 hunting sling "Paomn" {flame, rC++ Int+4}
                  | (You found it on level 23 of a ziggurat)
175734 | Zig:23   | Identified the cursed +1 spear of Fury {freeze, rN+ Str+2}
                  | (You found it on level 23 of a ziggurat)
175783 | Zig:24   | Entered Level 24 of a ziggurat
175801 | Zig:24   | Noticed a juggernaut
175807 | Zig:24   | Noticed a juggernaut
175808 | Zig:24   | Noticed a juggernaut
175808 | Zig:24   | Noticed a juggernaut
175808 | Zig:24   | Noticed a juggernaut
175810 | Zig:24   | Noticed a juggernaut
175810 | Zig:24   | Noticed a juggernaut
175811 | Zig:24   | Noticed a juggernaut
175812 | Zig:24   | Noticed a juggernaut
175813 | Zig:24   | Noticed a juggernaut
175814 | Zig:24   | Noticed a juggernaut
175814 | Zig:24   | Killed a juggernaut
175815 | Zig:24   | Killed a juggernaut
175815 | Zig:24   | Killed a juggernaut
175815 | Zig:24   | Killed a juggernaut
175815 | Zig:24   | Noticed a juggernaut
175816 | Zig:24   | Killed a juggernaut
175816 | Zig:24   | Killed a juggernaut
175816 | Zig:24   | Killed a juggernaut
175816 | Zig:24   | Killed a juggernaut
175816 | Zig:24   | Killed a juggernaut
175816 | Zig:24   | Killed a juggernaut
175816 | Zig:24   | Noticed a juggernaut
175817 | Zig:24   | Noticed a juggernaut
175820 | Zig:24   | Killed a juggernaut
175820 | Zig:24   | Killed a juggernaut
175829 | Zig:24   | Killed a juggernaut
175832 | Zig:24   | Killed a juggernaut
176338 | Zig:24   | Got a heavily runed lead ring
176339 | Zig:24   | Identified the ring of Kyegoti {Wiz Str+6} (You found it on
                  | level 24 of a ziggurat)
176342 | Zig:24   | Got a brightly glowing gossamer ring
176343 | Zig:24   | Identified the ring "Sitrarus" {rElec rPois Str+5 Dex-5
                  | SInv} (You found it on level 24 of a ziggurat)
176361 | Zig:24   | Identified the cursed +3 falchion "Tormentor" {speed,
                  | +Blink rN+} (You found it on level 24 of a ziggurat)
176364 | Zig:24   | Identified the +12 spear "Aho Zejuol" {vorpal, Str+4} (You
                  | found it on level 24 of a ziggurat)
176372 | Zig:24   | Identified the +11 dagger of the Howling Butterfly
                  | {protect, rC+} (You found it on level 24 of a ziggurat)
176375 | Zig:24   | Identified the +4 war axe "Zuobekam" {flame, +Blink +Fly
                  | MP+9 Str-3} (You found it on level 24 of a ziggurat)
176477 | Zig:25   | Entered Level 25 of a ziggurat
176496 | Zig:25   | Reached skill level 1 in Bows
176499 | Zig:25   | Reached skill level 5 in Bows
176504 | Zig:25   | Reached skill level 10 in Bows
176730 | Zig:25   | Identified the Guide on Evil
176792 | Zig:25   | Identified the +10 great sword "Ratoij" {protect, rElec rN+
                  | Str-5 Stlth+} (You found it on level 25 of a ziggurat)
176799 | Zig:25   | Identified the +6 flail of the Grave {protect, rElec MR+
                  | Str-3} (You found it on level 25 of a ziggurat)
176806 | Zig:25   | Identified the +5 hand axe of Pain and Death {vorpal, rN+}
                  | (You found it on level 25 of a ziggurat)
176836 | Zig:26   | Entered Level 26 of a ziggurat
176860 | Zig:26   | Noticed Ityrynac the pandemonium lord
176861 | Zig:26   | Noticed Kumm the pandemonium lord
176861 | Zig:26   | Noticed Jayd the pandemonium lord
176862 | Zig:26   | Noticed Had Nus the pandemonium lord
176863 | Zig:26   | Noticed Juuluit the pandemonium lord
176865 | Zig:26   | Noticed Jeczec the pandemonium lord
176866 | Zig:26   | Noticed Sulaas the pandemonium lord
176866 | Zig:26   | Noticed Heroho the pandemonium lord
176866 | Zig:26   | Noticed Jujegofo the pandemonium lord
176866 | Zig:26   | Noticed Quotosun the pandemonium lord
176867 | Zig:26   | Noticed Bogriy the pandemonium lord
176867 | Zig:26   | Noticed Afawuan the pandemonium lord
176867 | Zig:26   | Noticed Ydedicid the pandemonium lord
176868 | Zig:26   | Noticed Byfeyf the pandemonium lord
176868 | Zig:26   | Noticed Xuxiwyr the pandemonium lord
176868 | Zig:26   | Paralysed by a floating eye for 2 turns
176869 | Zig:26   | Noticed Jehaimn the pandemonium lord
176874 | Zig:26   | Killed Jeczec the pandemonium lord
176874 | Zig:26   | Killed Kumm the pandemonium lord
176877 | Zig:26   | Killed Jayd the pandemonium lord
176883 | Zig:26   | Killed Sulaas the pandemonium lord
176884 | Zig:26   | Noticed Qyit Luf the pandemonium lord
176884 | Zig:26   | Killed Bogriy the pandemonium lord
176884 | Zig:26   | Killed Ityrynac the pandemonium lord
176889 | Zig:26   | Killed Xuxiwyr the pandemonium lord
176891 | Zig:26   | Killed Juuluit the pandemonium lord
176892 | Zig:26   | Killed Afawuan the pandemonium lord
176894 | Zig:26   | Identified the Reference Book on Dusty Battle Magic
176899 | Zig:26   | Killed Byfeyf the pandemonium lord
176901 | Zig:26   | Killed Qyit Luf the pandemonium lord
176903 | Zig:26   | Killed Ydedicid the pandemonium lord
176905 | Zig:26   | Killed Quotosun the pandemonium lord
176907 | Zig:26   | Killed Heroho the pandemonium lord
176910 | Zig:26   | Killed Jehaimn the pandemonium lord
176912 | Zig:26   | Killed Had Nus the pandemonium lord
176914 | Zig:26   | Killed Jujegofo the pandemonium lord
177133 | Zig:26   | Got a crude granite ring
177134 | Zig:26   | Identified the ring "Howarr Peul" {rF++ Str+6} (You found
                  | it on level 26 of a ziggurat)
177137 | Zig:26   | Got a translucent lapis lazuli ring
177138 | Zig:26   | Identified the ring "Caohi" {rPois Str+5 Int+6} (You found
                  | it on level 26 of a ziggurat)
177167 | Zig:26   | Identified the +2 war axe of Kismet {drain, rPois rF+} (You
                  | found it on level 26 of a ziggurat)
177170 | Zig:26   | Identified the cursed +2 great sword of Xoesapp {vorpal,
                  | +Inv} (You found it on level 26 of a ziggurat)
177393 | Pan      | Entered Pandemonium
177745 | Pan      | Noticed Asefucs the pandemonium lord
177748 | Pan      | Killed Asefucs the pandemonium lord
178078 | Pan      | Found an exit through the horrors of the Abyss.
179354 | Pan      | Noticed Yzxutigi the pandemonium lord
179357 | Pan      | Killed Yzxutigi the pandemonium lord
180245 | Pan      | Found an exit through the horrors of the Abyss.
180729 | Pan      | Noticed Jowadghaa the pandemonium lord
180731 | Pan      | Killed Jowadghaa the pandemonium lord
181534 | Pan      | Found an exit through the horrors of the Abyss.
182684 | Pan      | Noticed Sifudic the pandemonium lord
182690 | Pan      | Killed Sifudic the pandemonium lord
183606 | Pan      | Found an exit through the horrors of the Abyss.
185137 | Pan      | Noticed Daiwnec the pandemonium lord
185139 | Pan      | Killed Daiwnec the pandemonium lord
186315 | Pan      | Noticed Avys the pandemonium lord
186510 | Pan      | Killed Avys the pandemonium lord
186951 | Pan      | Identified the cursed +1 plate armour "Peresk" {*Contam
                  | Regen+ Str+4 Int+6}
188429 | Pan      | Identified the +9 scale mail "Weliov" {Rampage rC- Str+4}
188985 | Pan      | Noticed Hack the pandemonium lord
188988 | Pan      | Killed Hack the pandemonium lord
190130 | Pan      | Found an exit through the horrors of the Abyss.
190899 | Depths:2 | Escaped Pandemonium
191088 | Depths:4 | Voluntarily entered the Abyss.
191088 | Abyss:1  | Found a corrupted altar of Lugonu.
191143 | Depths:4 | Escaped the Abyss
191222 | Depths:4 | Voluntarily entered the Abyss.
191222 | Abyss:1  | Found a corrupted altar of Lugonu.
191282 | Abyss:1  | Found a corrupted altar of Lugonu.
191369 | Abyss:1  | Found a corrupted altar of Lugonu.
191436 | Depths:4 | Escaped the Abyss
191507 | Depths:4 | Voluntarily entered the Abyss.
191542 | Abyss:2  | Found a corrupted altar of Lugonu.
191872 | Abyss:2  | Found a glowing golden altar of the Shining One.
191872 | Abyss:2  | Found a burning altar of Makhleb.
191872 | Abyss:2  | Found a white marble altar of Elyvilon.
191872 | Abyss:2  | Found a hazy altar of Hepliaklqana.
191872 | Abyss:2  | Found an opulent altar of Gozag.
191872 | Abyss:2  | Found a bloodstained altar of Trog.
191872 | Abyss:2  | Found a sparkling altar of Nemelex Xobeh.
191872 | Abyss:2  | Found a shadowy altar of Dithmenos.
191872 | Abyss:2  | Found a glowing golden altar of the Shining One.
191872 | Abyss:2  | Found a shimmering altar of Xom.
191873 | Abyss:2  | Found a radiant altar of Vehumet.
191873 | Abyss:2  | Found an iron altar of Okawaru.
191873 | Abyss:2  | Found a blossoming altar of Fedhas.
191873 | Abyss:2  | Found a basalt altar of Yredelemnul.
191873 | Abyss:2  | Found a glowing silver altar of Zin.
191873 | Abyss:2  | Found an ancient bone altar of Kikubaaqudgha.
191873 | Abyss:2  | Found a hide-covered altar of Uskayaw.
191873 | Abyss:2  | Found an ornate altar of the Wu Jian Council.
191888 | Abyss:2  | Found a basalt altar of Yredelemnul.
191890 | Abyss:2  | Found a snail-covered altar of Cheibriados.
191890 | Abyss:2  | Found a broken altar of Ashenzari.
191890 | Abyss:2  | Found a shimmering blue altar of Sif Muna.
192312 | Abyss:3  | Found a corrupted altar of Lugonu.
192469 | Abyss:4  | Found a corrupted altar of Lugonu.
192614 | Depths:4 | Escaped the Abyss
192801 | Zig:1    | Entered Level 1 of a ziggurat
192845 | Zig:2    | Entered Level 2 of a ziggurat
192860 | Zig:3    | Entered Level 3 of a ziggurat
192860 | Zig:3    | Noticed a greater mummy
192862 | Zig:3    | Killed a greater mummy
192915 | Zig:4    | Entered Level 4 of a ziggurat
192926 | Zig:4    | Got a transparent lead ring
192967 | Zig:5    | Entered Level 5 of a ziggurat
192991 | Zig:5    | Got a pitted bone amulet
193041 | Zig:5    | Identified the ring of Rore Yta {rF+ MP+9 AC+4 Str+4 Dex+2}
                  | (You found it on level 4 of a ziggurat)
193042 | Zig:5    | Identified the amulet "Camifaje" {RegenMP rC+ Slay+3} (You
                  | found it on level 5 of a ziggurat)
193084 | Zig:6    | Entered Level 6 of a ziggurat
193203 | Zig:6    | Got a pitted glass ring
193215 | Zig:6    | Got a translucent tower shield
193229 | Zig:6    | Identified the ring "Aqeovehi" {rC+ SInv} (You found it on
                  | level 6 of a ziggurat)
193230 | Zig:6    | Identified the +8 tower shield "Forget-Me-Not" {rElec rC+
                  | Int+4} (You found it on level 6 of a ziggurat)
193255 | Zig:7    | Entered Level 7 of a ziggurat
193385 | Zig:8    | Entered Level 8 of a ziggurat
193393 | Zig:8    | Found the +7 great mace "Firestarter" {inner flame, rF++}
193485 | Zig:9    | Entered Level 9 of a ziggurat
193493 | Zig:9    | Noticed felt's ghost (legendary GrEE)
193495 | Zig:9    | Reached skill level 1 in Crossbows
193496 | Zig:9    | Reached skill level 5 in Crossbows
193498 | Zig:9    | Killed felt's ghost
193571 | Zig:9    | Identified the +3 shortbow "Gibbah" {flame, *Contam rElec
                  | Int+4 Stlth+} (You found it on level 9 of a ziggurat)
193643 | Zig:10   | Entered Level 10 of a ziggurat
193655 | Zig:10   | Noticed an ancient lich
193656 | Zig:10   | Reached skill level 10 in Crossbows
193656 | Zig:10   | Killed an ancient lich
193672 | Zig:10   | Identified Sif Muna's Papyrus of the Birds
193718 | Zig:10   | Got a pitted brass ring
193722 | Zig:10   | Identified the ring "Nizax" {+Fly rElec Dex+4} (You found
                  | it on level 10 of a ziggurat)
193788 | Zig:11   | Entered Level 11 of a ziggurat
193853 | Zig:11   | Got a sparkling glass ring
193856 | Zig:11   | Identified the Volume of Confrontation and Transmutation
193874 | Zig:11   | Identified the ring "Ubiceit" {Ice Int+3 Dex+2} (You found
                  | it on level 11 of a ziggurat)
193953 | Zig:12   | Entered Level 12 of a ziggurat
194161 | Zig:12   | Identified the +8 hand axe "Giantslayer" {flame, Dex+5}
                  | (You found it on level 12 of a ziggurat)
194164 | Zig:12   | Identified the +2 trident "Mickigi" {speed, +Rage} (You
                  | found it on level 12 of a ziggurat)
194193 | Zig:13   | Entered Level 13 of a ziggurat
194207 | Zig:13   | Noticed a juggernaut
194211 | Zig:13   | Killed a juggernaut
194316 | Zig:13   | Identified the ring "Jeibin" {MR++ EV+4 Stlth+} (You found
                  | it on level 13 of a ziggurat)
194358 | Zig:14   | Entered Level 14 of a ziggurat
194499 | Zig:14   | Got a clouded bronze ring
194500 | Zig:14   | Identified the ring of Wadwewen {rElec rC+ Dex+5} (You
                  | found it on level 14 of a ziggurat)
194537 | Zig:15   | Entered Level 15 of a ziggurat
194554 | Zig:15   | Noticed Woech the pandemonium lord
194556 | Zig:15   | Killed Woech the pandemonium lord
194635 | Zig:15   | Got a crude marble ring
194646 | Zig:15   | Identified the ring "Fius" {rPois Str+4 Int-5 Dex+6} (You
                  | found it on level 15 of a ziggurat)
194678 | Zig:16   | Entered Level 16 of a ziggurat
194699 | Zig:16   | Noticed a juggernaut
194703 | Zig:16   | Killed a juggernaut
195101 | Zig:17   | Entered Level 17 of a ziggurat
195377 | Zig:18   | Entered Level 18 of a ziggurat
195393 | Zig:18   | Noticed a greater mummy
195400 | Zig:18   | Noticed a greater mummy
195401 | Zig:18   | Noticed a greater mummy
195402 | Zig:18   | Noticed a greater mummy
195404 | Zig:18   | Killed a greater mummy
195404 | Zig:18   | Killed a greater mummy
195404 | Zig:18   | Noticed a greater mummy
195407 | Zig:18   | Killed a greater mummy
195407 | Zig:18   | Killed a greater mummy
195411 | Zig:18   | Killed a greater mummy
195535 | Zig:18   | Identified the Almanac of Shape Shifting
195632 | Zig:18   | Identified the ring of Zunket {+Blink rElec rC+ MP+9 Int-2}
                  | (You found it on level 18 of a ziggurat)
195643 | Zig:18   | Identified the ring "Uso Qafos" {Str+4 Int+2 SInv} (You
                  | found it on level 18 of a ziggurat)
195694 | Zig:19   | Entered Level 19 of a ziggurat
195716 | Zig:19   | Reached skill level 27 in Dodging
195723 | Zig:19   | Reached skill level 27 in Throwing
195728 | Zig:19   | Found the +8 mithril axe "Arga" {speed, MR+}
196099 | Zig:20   | Entered Level 20 of a ziggurat
196339 | Zig:20   | Identified the ring "Kicuudwu" {rPois Str+4 Stlth+} (You
                  | found it on level 20 of a ziggurat)
196370 | Zig:20   | Identified the +7 scimitar of Psychosis {vorpal, rC+ rN+
                  | Dex+6} (You found it on level 20 of a ziggurat)
196410 | Zig:21   | Entered Level 21 of a ziggurat
196424 | Zig:21   | Noticed an ancient lich
196429 | Zig:21   | Killed an ancient lich
196654 | Zig:21   | Identified Sif Muna's Guide on the Arsonist
196704 | Zig:21   | Identified Efod's Disquisition on Malediction and Clay
196730 | Zig:21   | Got a flickering bone ring
196731 | Zig:21   | Identified the ring of Xaedgh Cuhao {MR+ Dex+4} (You found
                  | it on level 21 of a ziggurat)
196740 | Zig:21   | Identified the +8 long sword of Sulphur {flame, +Blink
                  | +Rage} (You found it on level 21 of a ziggurat)
196771 | Zig:22   | Entered Level 22 of a ziggurat
197066 | Zig:22   | Identified First Steps in Wizardry
197072 | Zig:22   | Identified Urehuz's Witchery Continued
197191 | Zig:23   | Entered Level 23 of a ziggurat
197211 | Zig:23   | Noticed an ancient lich
197211 | Zig:23   | Noticed an ancient lich
197212 | Zig:23   | Noticed an ancient lich
197213 | Zig:23   | Noticed an ancient lich
197214 | Zig:23   | Noticed an ancient lich
197214 | Zig:23   | Noticed an ancient lich
197214 | Zig:23   | Noticed an ancient lich
197214 | Zig:23   | Noticed an ancient lich
197217 | Zig:23   | Killed an ancient lich
197217 | Zig:23   | Killed an ancient lich
197217 | Zig:23   | Killed an ancient lich
197217 | Zig:23   | Killed an ancient lich
197217 | Zig:23   | Killed an ancient lich
197217 | Zig:23   | Killed an ancient lich
197218 | Zig:23   | Killed an ancient lich
197218 | Zig:23   | Killed an ancient lich
197223 | Zig:23   | Found the +11 plutonium sword {*Contam Stlth-}
197419 | Zig:23   | Found the +4 dagger "Morg" {pain, MR+ Int+5}
197517 | Zig:23   | Identified the Catalogue of Contamination and Bewitchment
197567 | Zig:23   | Identified the Compendium of Frigorific Attacks
197609 | Zig:23   | Identified the amulet of the Raven {Fragile Regen+ Str+3
                  | SInv} (You found it on level 23 of a ziggurat)
197614 | Zig:23   | Identified the amulet "Plog" {Faith rElec rF++ Str+5} (You
                  | found it on level 23 of a ziggurat)
197618 | Zig:23   | Identified the ring "Koalip" {MR+ SInv} (You found it on
                  | level 23 of a ziggurat)
197622 | Zig:23   | Identified the ring "Okhlomeu" {Wiz rElec rPois Str+9} (You
                  | found it on level 23 of a ziggurat)
197625 | Zig:23   | Identified the ring of Ceteggi {rElec Dex+6} (You found it
                  | on level 23 of a ziggurat)
197634 | Zig:23   | Reached skill level 27 in Stealth
197793 | Zig:23   | Identified the +3 short sword of Mastery {flame, *Noise
                  | rPois Dex+6} (You found it on level 23 of a ziggurat)
198112 | Zig:24   | Entered Level 24 of a ziggurat
198144 | Zig:24   | Reached skill level 15 in Staves
198386 | Zig:24   | Identified the Grimoire of the Burning Snowflakes
198526 | Zig:24   | Identified the ring of Bico {Fire rElec rPois} (You found
                  | it on level 24 of a ziggurat)
198530 | Zig:24   | Identified the ring of Xom's Scorn {*Tele rC+ MR+ Int+2}
                  | (You found it on level 24 of a ziggurat)
198552 | Zig:24   | Identified the cursed +0 dagger "Globulus" {protect, Int-4
                  | Dex+6 SInv Stlth+} (You found it on level 24 of a ziggurat)
198637 | Zig:25   | Entered Level 25 of a ziggurat
198649 | Zig:25   | Noticed Vypp the pandemonium lord
198649 | Zig:25   | Noticed Weastok the pandemonium lord
198663 | Zig:25   | Noticed Saaffaz the pandemonium lord
198664 | Zig:25   | Noticed Loinoits the pandemonium lord
198665 | Zig:25   | Noticed Viuseot the pandemonium lord
198665 | Zig:25   | Noticed Uxziryuj the pandemonium lord
198668 | Zig:25   | Noticed Hunyost the pandemonium lord
198668 | Zig:25   | Noticed Vueri the pandemonium lord
198668 | Zig:25   | Noticed Umoawk the pandemonium lord
198668 | Zig:25   | Noticed Futatikh the pandemonium lord
198669 | Zig:25   | Noticed Ceocwa the pandemonium lord
198669 | Zig:25   | Noticed Iselotua the pandemonium lord
198669 | Zig:25   | Noticed Qeosm the pandemonium lord
198671 | Zig:25   | Killed Saaffaz the pandemonium lord
198671 | Zig:25   | Noticed Feist the pandemonium lord
198674 | Zig:25   | Noticed Tukytigg the pandemonium lord
198676 | Zig:25   | Killed Qeosm the pandemonium lord
198676 | Zig:25   | Killed Iselotua the pandemonium lord
198677 | Zig:25   | Noticed Areomahu the pandemonium lord
198677 | Zig:25   | Noticed Siodgheycw the pandemonium lord
198684 | Zig:25   | Killed Vueri the pandemonium lord
198684 | Zig:25   | Killed Weastok the pandemonium lord
198684 | Zig:25   | Killed Futatikh the pandemonium lord
198684 | Zig:25   | Killed Tukytigg the pandemonium lord
198684 | Zig:25   | Killed Umoawk the pandemonium lord
198685 | Zig:25   | Killed Siodgheycw the pandemonium lord
198686 | Zig:25   | Killed Vypp the pandemonium lord
198693 | Zig:25   | Killed Viuseot the pandemonium lord
198694 | Zig:25   | Killed Hunyost the pandemonium lord
198695 | Zig:25   | Killed Loinoits the pandemonium lord
198697 | Zig:25   | Killed Uxziryuj the pandemonium lord
198699 | Zig:25   | Killed Feist the pandemonium lord
198700 | Zig:25   | Killed Areomahu the pandemonium lord
198705 | Zig:25   | Killed Ceocwa the pandemonium lord
198834 | Zig:25   | Identified the Almanac of Fiery Ice
198880 | Zig:25   | Identified the amulet of the Fortune-Teller {RegenMP *Slow
                  | rElec rF+ Dex+7} (You found it on level 25 of a ziggurat)
198882 | Zig:25   | Identified the amulet "Diwuohei" {Inacc +Blink Str+4 Int+3
                  | Dex-3} (You found it on level 25 of a ziggurat)
198905 | Zig:25   | Identified the +4 flail of Pain and Death {vamp, +Rage rF-
                  | MP+9 Dex+7} (You found it on level 25 of a ziggurat)
198965 | Zig:26   | Entered Level 26 of a ziggurat
198995 | Zig:26   | Paralysed by accursed screaming for 1 turns
198999 | Zig:26   | Noticed an ancient lich
199000 | Zig:26   | Reached skill level 27 in Shields
199001 | Zig:26   | Killed an ancient lich
199181 | Zig:26   | Found the amulet of the Four Winds {rN+ MR+++ Clar}
199230 | Zig:26   | Found the +8 demon trident "Rift" {distort, reach+}
199405 | Zig:26   | Identified Cigotuvi's Incunabulum of Shifting Evil Magic
199434 | Zig:26   | Identified the amulet of Jyiv {RegenMP Int+4 Dex+4} (You
                  | found it on level 26 of a ziggurat)
199463 | Zig:26   | Identified the ring "Muijus" {rF+ MP+9 Str+5 Int-5} (You
                  | found it on level 26 of a ziggurat)
199474 | Zig:26   | Identified the +6 morningstar "Rol Qump" {speed, rF+ rN+
                  | Str+2 Int-4} (You found it on level 26 of a ziggurat)
199483 | Zig:26   | Identified the +7 short sword "Vausioff" {vamp, rPois rF-
                  | rN+} (You found it on level 26 of a ziggurat)
199590 | Zig:27   | Entered Level 27 of a ziggurat
199633 | Zig:27   | Found the +8 storm bow {elec, penet}
199917 | Zig:27   | Got a clouded golden ring
200124 | Zig:27   | Reached skill level 10 in Polearms
200134 | Zig:27   | Identified the cursed +1 double sword of Xuyq {venom, rPois
                  | Int+2} (You found it on level 27 of a ziggurat)
200135 | Zig:27   | Identified the ring of Soett {rElec rC- rN+ AC+4} (You
                  | found it on level 27 of a ziggurat)
200139 | Zig:27   | Identified the +5 dagger "Qeonluosch" {elec, rPois rN++
                  | Dex+3} (You found it on level 27 of a ziggurat)
200143 | Zig:27   | Identified the +3 falchion of Wounding {protect, rElec
                  | Str+2 SInv} (You found it on level 27 of a ziggurat)
200283 | D:15     | Acquired the +9 staff of Olgreb {rPois∞}
200284 | D:15     | Found the +9 staff of Olgreb {rPois∞}
200292 | D:15     | Bought a scroll of fear for 77 gold pieces
200294 | D:15     | Bought a scroll of identify for 92 gold pieces
200737 | D:15     | Bought the ring of Huoseust {+Inv rC+ AC+4 Dex+3} for 886
                  | gold pieces
201573 | Swamp:1  | Killed Roxanne
201990 | Zig:1    | Entered Level 1 of a ziggurat
202105 | Zig:2    | Entered Level 2 of a ziggurat
202219 | Zig:3    | Entered Level 3 of a ziggurat
202343 | Zig:3    | Got a crude morningstar
202345 | Zig:3    | Identified the +8 morningstar "Alinayh" {vorpal, *Rage
                  | Str+8 Stlth+} (You found it on level 3 of a ziggurat)
202385 | Zig:4    | Entered Level 4 of a ziggurat
202389 | Zig:4    | Found the +18 shield of the Gong {rElec rN+ MR+ EV-5}
202555 | Zig:5    | Entered Level 5 of a ziggurat
202714 | Zig:6    | Entered Level 6 of a ziggurat
202817 | Zig:7    | Entered Level 7 of a ziggurat
202915 | Zig:7    | Got a shimmering falchion
202954 | Zig:7    | Identified the cursed +2 falchion of Jilan {drain, Dex+2}
                  | (You found it on level 7 of a ziggurat)
202963 | Zig:7    | Got a buzzing spear
202964 | Zig:7    | Identified the cursed +1 spear of the Middle {flame, +Blink
                  | rElec rC+++ Str-3} (You found it on level 7 of a ziggurat)
203048 | Zig:8    | Entered Level 8 of a ziggurat
203072 | Zig:8    | Got a heavily runed pewter ring
203158 | Zig:8    | Got a smoking war axe
203159 | Zig:8    | Identified the cursed +1 war axe "Zyferi" {venom, rPois
                  | Str+3} (You found it on level 8 of a ziggurat)
203226 | Zig:9    | Entered Level 9 of a ziggurat
203279 | Zig:9    | Got a slimy bone ring
203284 | Zig:9    | Identified the Handbook of Creative Fire
203286 | Zig:9    | Identified the Compendium of Evil Secrets and the Rocks
203371 | Zig:10   | Entered Level 10 of a ziggurat
203559 | Zig:10   | Identified the Catalogue of Stones
203573 | Zig:10   | Got a faintly glowing morningstar
203643 | Zig:10   | Identified the cursed +0 morningstar of Reason {vorpal,
                  | +Blink rN+} (You found it on level 10 of a ziggurat)
203729 | Zig:11   | Entered Level 11 of a ziggurat
203741 | Zig:11   | Noticed Qupubruts's ghost (master HOFi)
203743 | Zig:11   | Noticed Qeilemp's ghost (legendary HOFi)
203746 | Zig:11   | Killed Qupubruts's ghost
203751 | Zig:11   | Killed Qeilemp's ghost
204010 | Zig:11   | Identified the ring of Qyll {MR+ Dex+2} (You found it on
                  | level 8 of a ziggurat)
204013 | Zig:11   | Identified the ring "Togaebbo" {rElec rF++ rN+ MR+} (You
                  | found it on level 9 of a ziggurat)
204061 | Zig:12   | Entered Level 12 of a ziggurat
204076 | Zig:12   | Found the +12 glaive of Prune {vorpal}
204264 | Zig:12   | Got an iridescent glaive
204276 | Zig:12   | Identified the cursed +1 glaive "Zuumanlieko" {drain, rF+
                  | Int+3 Dex+5} (You found it on level 12 of a ziggurat)
204367 | Zig:13   | Entered Level 13 of a ziggurat
204383 | Zig:13   | Found the +5 robe of Misfortune {*Contam Harm *Corrode
                  | *Drain *Slow EV+5}
204573 | Zig:13   | Got a crystal flail
204611 | Zig:13   | Identified the cursed +1 flail of Interdependent Arising
                  | {antimagic, Int+2} (You found it on level 13 of a ziggurat)
204901 | Zig:14   | Entered Level 14 of a ziggurat
204913 | Zig:14   | Noticed a greater mummy
204914 | Zig:14   | Noticed a greater mummy
204915 | Zig:14   | Noticed a greater mummy
204917 | Zig:14   | Noticed a greater mummy
204917 | Zig:14   | Noticed a greater mummy
204917 | Zig:14   | Noticed a greater mummy
204918 | Zig:14   | Noticed a greater mummy
204920 | Zig:14   | Killed a greater mummy
204920 | Zig:14   | Killed a greater mummy
204920 | Zig:14   | Killed a greater mummy
204921 | Zig:14   | Killed a greater mummy
204921 | Zig:14   | Killed a greater mummy
204921 | Zig:14   | Killed a greater mummy
204922 | Zig:14   | Killed a greater mummy
205038 | Zig:14   | Identified the Papyrus of Evil
205057 | Zig:14   | Got a slimy silver ring
205062 | Zig:14   | Identified the Almanac of Ensnaring Clay
205129 | Zig:14   | Got a jewelled hunting sling
205167 | Zig:14   | Identified the +9 hunting sling of the Beginning {vorpal,
                  | Int-5 Dex+8} (You found it on level 14 of a ziggurat)
205173 | Zig:14   | Identified the ring "Gebah" {*Corrode +Fly rPois rF+ Int-3}
                  | (You found it on level 14 of a ziggurat)
205219 | Zig:15   | Entered Level 15 of a ziggurat
205331 | Zig:15   | Got a heavily runed steel ring
205383 | Zig:16   | Entered Level 16 of a ziggurat
205407 | Zig:16   | Found the +7 sceptre of Torment {pain, torment}
205610 | Zig:16   | Identified the Tome of Twisted Intoxication
205617 | Zig:16   | Identified Kuczouroc's Grimoire of Feathery Dislocation
205657 | Zig:16   | Got an iridescent dagger
205658 | Zig:16   | Identified the +7 dagger of Guilt {speed, rPois Dex+2} (You
                  | found it on level 16 of a ziggurat)
205662 | Zig:16   | Identified the ring "Kuesuyren" {*Slow rPois MR+ Str+7
                  | Stlth+} (You found it on level 15 of a ziggurat)
205704 | Zig:17   | Entered Level 17 of a ziggurat
205723 | Zig:17   | Noticed a juggernaut
205727 | Zig:17   | Found the +8 Wrath of Trog {antimagic, *Rage}
205728 | Zig:17   | Killed a juggernaut
205880 | Zig:17   | Got a fine golden ring
205889 | Zig:17   | Got an ancient golden ring
205998 | Zig:17   | Got a bloodstained fustibalus
206036 | Zig:17   | Identified the +5 fustibalus of Tenacity {venom, rPois
                  | Int+4 Dex+5 SInv} (You found it on level 17 of a ziggurat)
206077 | Zig:18   | Entered Level 18 of a ziggurat
206101 | Zig:18   | Found the +10 tower shield of Ignorance {rN+ Int-4}
206354 | Zig:18   | Identified Lee's Guide on Clay
206370 | Zig:18   | Identified the Grimoire of Blows and Bruises and Calling
206453 | Zig:18   | Identified the ring "Omakkass" {*Slow rPois rN+ Int+6
                  | Dex+8} (You found it on level 17 of a ziggurat)
206457 | Zig:18   | Identified the ring of Zugib {+Fly Str+4 Slay+5 Stlth+}
                  | (You found it on level 17 of a ziggurat)
206467 | Zig:18   | Got a translucent diamond amulet
206478 | Zig:18   | Identified the amulet "Asiezas" {Faith rC+ Int+3} (You
                  | found it on level 18 of a ziggurat)
206493 | Zig:18   | Got a scorched emerald amulet
206504 | Zig:18   | Identified the amulet "Sidgheklu" {Inacc rN+ MR+ MP+9
                  | Str-2} (You found it on level 18 of a ziggurat)
206524 | Zig:18   | Got a fine lajatang
206525 | Zig:18   | Identified the +8 lajatang of Zuryedd {elec, rC+ Dex+4}
                  | (You found it on level 18 of a ziggurat)
206691 | Zig:19   | Entered Level 19 of a ziggurat
206885 | Zig:19   | Got a fine steel amulet
206906 | Zig:19   | Identified the Almanac of Execration
207045 | Zig:19   | Identified the amulet of the Falcon {RegenMP Int+2} (You
                  | found it on level 19 of a ziggurat)
207064 | Zig:19   | Got a fine spear
207065 | Zig:19   | Identified the +6 spear "Nuesil" {vamp, rPois MR+ Str-5
                  | Dex+3} (You found it on level 19 of a ziggurat)
207071 | Zig:19   | Got a scorched quarterstaff
207077 | Zig:19   | Identified the +7 quarterstaff of Helal {drain, *Corrode
                  | rPois MR+++ Stlth-} (You found it on level 19 of a
                  | ziggurat)
207272 | Zig:20   | Entered Level 20 of a ziggurat
207690 | Zig:20   | Got a smoking iron ring
207697 | Zig:20   | Identified Qaafog's Handbook of Combat Magic
207803 | Zig:20   | Identified the ring "Zadont" {EV+4 Int+3} (You found it on
                  | level 20 of a ziggurat)
207808 | Zig:20   | Got a scintillating bronze ring
207810 | Zig:20   | Identified the cursed ring "Voqezofe" {+Inv rElec rF++
                  | Str-4 Stlth-} (You found it on level 20 of a ziggurat)
207968 | Zig:21   | Entered Level 21 of a ziggurat
208320 | Zig:21   | Identified the Tome of Ice
208340 | Zig:21   | Identified the Papyrus of the Spatial Arsonist
208376 | Zig:21   | Got an ancient brass ring
208378 | Zig:21   | Identified the ring of Doors {rPois rF++ Str-2 Int+3
                  | Slay+4} (You found it on level 21 of a ziggurat)
208399 | Zig:21   | Got a crude long sword
208400 | Zig:21   | Identified the +9 long sword of Iluiru {vorpal, rC+ MR+
                  | Str+2 Dex+3} (You found it on level 21 of a ziggurat)
208404 | Zig:21   | Got a fine spear
208405 | Zig:21   | Identified the +11 spear "Zicicel" {venom, rF+ rC+ MR+}
                  | (You found it on level 21 of a ziggurat)
208502 | Zig:22   | Entered Level 22 of a ziggurat
208523 | Zig:22   | Noticed an ancient lich
208525 | Zig:22   | Noticed an ancient lich
208526 | Zig:22   | Killed an ancient lich
208527 | Zig:22   | Killed an ancient lich
208527 | Zig:22   | Reached skill level 27 in Staves
208528 | Zig:22   | Noticed an ancient lich
208530 | Zig:22   | Killed an ancient lich
208811 | Zig:22   | Identified Aneqic Siray's Guide on Mutagenic Flight
208845 | Zig:22   | Got a pitted bone ring
208848 | Zig:22   | Identified the ring "Kefibus" {rElec rF- Str+3 Stlth+} (You
                  | found it on level 22 of a ziggurat)
208866 | Zig:22   | Got an encrusted hand axe
208867 | Zig:22   | Identified the cursed +3 hand axe of Dyh Jeac {protect,
                  | rF++ Str-5} (You found it on level 22 of a ziggurat)
208876 | Zig:22   | Got a slimy falchion
208877 | Zig:22   | Identified the cursed +1 falchion of Precise Incision
                  | {vorpal, *Rage rElec Str+4 Int+4} (You found it on level 22
                  | of a ziggurat)
208883 | Zig:22   | Got a transparent shortbow
208889 | Zig:22   | Got a pitted long sword
208890 | Zig:22   | Identified the +6 long sword of Ancient Evil {vorpal,
                  | rElec} (You found it on level 22 of a ziggurat)
209007 | Zig:23   | Entered Level 23 of a ziggurat
209364 | Zig:23   | Got a shimmering bone ring
209366 | Zig:23   | Identified the ring of Codwogg {rN+ Str+5 Dex+6} (You found
                  | it on level 23 of a ziggurat)
209377 | Zig:23   | Got a jewelled war axe
209378 | Zig:23   | Identified the +9 war axe of Patterns {flame, +Inv rElec
                  | rF++ rC+ Stlth-} (You found it on level 23 of a ziggurat)
209514 | Zig:24   | Entered Level 24 of a ziggurat
209537 | Zig:24   | Reached skill level 15 in Transmutations
209859 | Zig:24   | Got a faintly glowing steel ring
209861 | Zig:24   | Identified the ring of Trepidation {AC+4 Dex+4} (You found
                  | it on level 24 of a ziggurat)
209890 | Zig:24   | Got a pitted long sword
209891 | Zig:24   | Identified the +8 long sword "Newtbane" {drain, rF+ rC++
                  | Int-4 Stlth+} (You found it on level 24 of a ziggurat)
209897 | Zig:24   | Got an ebony falchion
209898 | Zig:24   | Identified the +7 falchion "Juluq" {vorpal, +Blink rElec
                  | rF+ Str+4} (You found it on level 24 of a ziggurat)
209903 | Zig:24   | Got a translucent hunting sling
209904 | Zig:24   | Identified the +9 hunting sling "Qosojig" {vorpal, Str+2}
                  | (You found it on level 24 of a ziggurat)
210001 | Zig:25   | Entered Level 25 of a ziggurat
210377 | Zig:25   | Identified the Compendium of Cold
210386 | Zig:25   | Got a translucent golden ring
210404 | Zig:25   | Identified the cursed ring of Ziops {rPois Str-4} (You
                  | found it on level 25 of a ziggurat)
210415 | Zig:25   | Got a smoking arbalest
210425 | Zig:25   | Identified the cursed +3 arbalest of Aguts {elec, rN+} (You
                  | found it on level 25 of a ziggurat)
210434 | Zig:25   | Got a faintly glowing mace
210445 | Zig:25   | Identified the +4 mace of Cocytus {drain, rElec} (You found
                  | it on level 25 of a ziggurat)
210573 | Zig:26   | Entered Level 26 of a ziggurat
210900 | Zig:26   | Got a sparkling jade ring
210916 | Zig:26   | Identified the Collected Works on the Blaze
210919 | Zig:26   | Identified Hurowolu's Handbook of Poisonous Companions
210928 | Zig:26   | Identified the Compendium of Snow and Contamination
210931 | Zig:26   | Identified Uliujism's Incunabulum of Frigorific Envenoming
210986 | Zig:26   | Identified the ring "Zogooc" {*Drain +Blink rF+ rN+ Stlth+}
                  | (You found it on level 26 of a ziggurat)
211108 | Zig:27   | Entered Level 27 of a ziggurat
211124 | Zig:27   | Noticed an ancient lich
211130 | Zig:27   | Killed an ancient lich
211138 | Zig:27   | Noticed an ancient lich
211138 | Zig:27   | Noticed an ancient lich
211138 | Zig:27   | Noticed an ancient lich
211140 | Zig:27   | Killed an ancient lich
211141 | Zig:27   | Noticed an ancient lich
211141 | Zig:27   | Noticed an ancient lich
211141 | Zig:27   | Killed an ancient lich
211141 | Zig:27   | Killed an ancient lich
211143 | Zig:27   | Killed an ancient lich
211143 | Zig:27   | Killed an ancient lich
211143 | Zig:27   | Noticed an ancient lich
211147 | Zig:27   | Noticed an ancient lich
211149 | Zig:27   | Killed an ancient lich
211153 | Zig:27   | Killed an ancient lich
211403 | Zig:27   | Identified Vifaj's Collected Works on the Displaced Blaze
211424 | Zig:27   | Identified the Guide on Creation
211580 | D:15     | Acquired the +7 lajatang of Order {silver, rMut}
211581 | D:15     | Found the +7 lajatang of Order {silver, rMut}
211581 | D:15     | Acquired the -1 hat "Xotap" {*Contam rF++ Regen+ Int+3}
211582 | D:15     | Acquired 1008 gold pieces
211606 | D:15     | Bought a crystal rapier for 477 gold pieces
211606 | D:15     | Identified the +9 rapier of Extremism {vorpal, Fragile +Fly
                  | Str+8} (You bought it in a shop on level 15 of the Dungeon)
211628 | D:15     | Bought a scroll of fog for 24 gold pieces
211628 | D:15     | Bought a scroll of teleportation for 36 gold pieces
211628 | D:15     | Bought a scroll of teleportation for 36 gold pieces
211628 | D:15     | Bought a scroll of fog for 24 gold pieces
211628 | D:15     | Bought a scroll of teleportation for 36 gold pieces
211639 | D:15     | Upgraded the game from 0.26-a0-651-gb41185065b to
                  | 0.26-a0-652-gafc20e3620
211671 | D:15     | Learned a level 3 spell: Portal Projectile
211675 | D:15     | Learned a level 2 spell: Sublimation of Blood
211736 | Zig:1    | Entered Level 1 of a ziggurat
211761 | Zig:2    | Entered Level 2 of a ziggurat
211815 | Zig:3    | Entered Level 3 of a ziggurat
211858 | Zig:4    | Entered Level 4 of a ziggurat
211860 | Zig:4    | Found the amulet of Vitality {Regen+ HP+15}
212077 | Zig:4    | Got a fine long sword
212078 | Zig:4    | Identified the +10 long sword "Pyjon" {vorpal, *Drain rElec
                  | rPois Int+4} (You found it on level 4 of a ziggurat)
212118 | Zig:5    | Entered Level 5 of a ziggurat
212224 | Zig:6    | Entered Level 6 of a ziggurat
212267 | Zig:6    | Identified the Volume of the Escort and the Birds
212335 | Zig:7    | Entered Level 7 of a ziggurat
212507 | Zig:8    | Entered Level 8 of a ziggurat
212798 | Zig:8    | Got a fine copper amulet
212829 | Zig:8    | Got a scorched short sword
212830 | Zig:8    | Identified the +10 short sword of Zoskil {drain, Fragile
                  | +Rage rC+ rN++} (You found it on level 8 of a ziggurat)
212855 | Zig:8    | Identified the amulet of Nemelex Xobeh's Envy {Faith rC+}
                  | (You found it on level 8 of a ziggurat)
212887 | Zig:9    | Entered Level 9 of a ziggurat
212890 | Zig:9    | Noticed a greater mummy
212891 | Zig:9    | Noticed a greater mummy
212893 | Zig:9    | Noticed a greater mummy
212894 | Zig:9    | Noticed a greater mummy
212894 | Zig:9    | Noticed a greater mummy
212895 | Zig:9    | Killed a greater mummy
212895 | Zig:9    | Killed a greater mummy
212895 | Zig:9    | Killed a greater mummy
212899 | Zig:9    | Killed a greater mummy
212899 | Zig:9    | Killed a greater mummy
213042 | Zig:9    | Got a twisted arbalest
213044 | Zig:9    | Got an ivory lajatang
213053 | Zig:9    | Identified the +4 arbalest of Tugeineq {flame, +Fly rN+
                  | Int+4} (You found it on level 9 of a ziggurat)
213055 | Zig:9    | Identified the +3 lajatang of Cawo {vorpal, Dex+5} (You
                  | found it on level 9 of a ziggurat)
213096 | Zig:10   | Entered Level 10 of a ziggurat
213104 | Zig:10   | Noticed Pogurph the pandemonium lord
213104 | Zig:10   | Noticed Hierpholu the pandemonium lord
213104 | Zig:10   | Noticed Vyuduin the pandemonium lord
213104 | Zig:10   | Noticed Piheecvo the pandemonium lord
213104 | Zig:10   | Noticed Jyuggutt the pandemonium lord
213105 | Zig:10   | Noticed Kippagosh the pandemonium lord
213106 | Zig:10   | Killed Vyuduin the pandemonium lord
213106 | Zig:10   | Noticed Ruskoz the pandemonium lord
213109 | Zig:10   | Killed Pogurph the pandemonium lord
213112 | Zig:10   | Killed Piheecvo the pandemonium lord
213113 | Zig:10   | Killed Jyuggutt the pandemonium lord
213115 | Zig:10   | Killed Ruskoz the pandemonium lord
213117 | Zig:10   | Killed Hierpholu the pandemonium lord
213123 | Zig:10   | Killed Kippagosh the pandemonium lord
213296 | Zig:10   | Found the ring of Shadows {Umbra +Inv Stlth+}
213367 | Zig:10   | Got a pitted dagger
213368 | Zig:10   | Identified the cursed +0 dagger "Ojoama" {pain, Str+5} (You
                  | found it on level 10 of a ziggurat)
213376 | Zig:10   | Got a steaming great sword
213386 | Zig:10   | Identified the +5 great sword of Untimely Demise {spect,
                  | rC+ Stlth+} (You found it on level 10 of a ziggurat)
213417 | Zig:11   | Entered Level 11 of a ziggurat
213510 | Zig:11   | Identified the Guide on Feathery Displacement
213518 | Zig:11   | Identified Vafuwatina's Advanced Steps in Sorcery
213573 | Zig:11   | Got a dazzling mace
213574 | Zig:11   | Identified the +7 mace "Zoagyph" {protect, Fragile rPois
                  | Str+5 Stlth+} (You found it on level 11 of a ziggurat)
213596 | Zig:12   | Entered Level 12 of a ziggurat
213602 | Zig:12   | Noticed an ancient lich
213602 | Zig:12   | Noticed an ancient lich
213606 | Zig:12   | Killed an ancient lich
213606 | Zig:12   | Killed an ancient lich
213609 | Zig:12   | Found the amulet of the Air {Inacc +Fly rElec EV+5 RMsl}
213729 | Zig:12   | Identified the Grimoire of the Unseen Realm
213798 | Zig:13   | Entered Level 13 of a ziggurat
213814 | Zig:13   | Found the +3 giant club "Skullcrusher" {speed, Str+7}
213953 | Zig:13   | Got a crude amber ring
214029 | Zig:13   | Identified the ring of Law {rC+ MP+9 Slay+2} (You found it
                  | on level 13 of a ziggurat)
214080 | Zig:14   | Entered Level 14 of a ziggurat
214093 | Zig:14   | Noticed an ancient lich
214095 | Zig:14   | Noticed an ancient lich
214096 | Zig:14   | Noticed an ancient lich
214099 | Zig:14   | Killed an ancient lich
214099 | Zig:14   | Killed an ancient lich
214100 | Zig:14   | Killed an ancient lich
214363 | Zig:14   | Got an encrusted long sword
214367 | Zig:14   | Identified the +2 long sword "Todasubb" {vorpal, Int+3}
                  | (You found it on level 14 of a ziggurat)
214395 | Zig:15   | Entered Level 15 of a ziggurat
214490 | Zig:15   | Identified the Disquisition on Poisonous Dislocation
214530 | Zig:15   | Identified Obaps's Tome of Evil Arts
214666 | Zig:16   | Entered Level 16 of a ziggurat
214942 | Zig:16   | Got a shimmering falchion
214943 | Zig:16   | Identified the +1 falchion "Yqit" {vorpal, rF+ Str+4 Int-2}
                  | (You found it on level 16 of a ziggurat)
214948 | Zig:16   | Got a crystal scimitar
214949 | Zig:16   | Identified the +5 scimitar of Uskayaw's Reproof {venom,
                  | rN++ MR+ Str+2} (You found it on level 16 of a ziggurat)
214953 | Zig:16   | Got a bloodstained morningstar
214954 | Zig:16   | Identified the +9 morningstar of an ossuary {vorpal, *Noise
                  | +Inv Int+3 Dex+4} (You found it on level 16 of a ziggurat)
214958 | Zig:16   | Got a jewelled great mace
214964 | Zig:16   | Identified the +5 great mace "Hellblazer" {speed, Dex+2
                  | SInv} (You found it on level 16 of a ziggurat)
214967 | Zig:16   | Got a polished battleaxe
214968 | Zig:16   | Identified the +3 battleaxe of the Blue Skies {drain,
                  | +Blink Str+2 Int-5} (You found it on level 16 of a
                  | ziggurat)
215004 | Zig:17   | Entered Level 17 of a ziggurat
215018 | Zig:17   | Noticed an ancient lich
215026 | Zig:17   | Reached skill level 27 in Translocations
215028 | Zig:17   | Killed an ancient lich
215068 | Zig:17   | Found the ring of the Mage {Wiz MR++ Int+3}
215332 | Zig:17   | Got a steaming rapier
215333 | Zig:17   | Identified the +6 rapier "Tuwaer" {freeze, +Fly rPois Str+7
                  | Int+3} (You found it on level 17 of a ziggurat)
215339 | Zig:17   | Got a warped flail
215340 | Zig:17   | Identified the +7 flail of Noumig {vorpal, +Fly rElec
                  | Str-2} (You found it on level 17 of a ziggurat)
215369 | Zig:18   | Entered Level 18 of a ziggurat
215386 | Zig:18   | Noticed an ancient lich
215386 | Zig:18   | Noticed an ancient lich
215388 | Zig:18   | Noticed an ancient lich
215389 | Zig:18   | Noticed an ancient lich
215389 | Zig:18   | Noticed an ancient lich
215389 | Zig:18   | Noticed an ancient lich
215391 | Zig:18   | Reached skill level 1 in Axes
215391 | Zig:18   | Reached skill level 5 in Axes
215391 | Zig:18   | Reached skill level 10 in Axes
215392 | Zig:18   | Killed an ancient lich
215392 | Zig:18   | Killed an ancient lich
215392 | Zig:18   | Killed an ancient lich
215392 | Zig:18   | Killed an ancient lich
215392 | Zig:18   | Reached skill level 15 in Axes
215392 | Zig:18   | Killed an ancient lich
215392 | Zig:18   | Killed an ancient lich
215522 | Zig:18   | Identified the Disquisition on Bewitchment and Changing
215644 | Zig:18   | Got a faintly humming kite shield
215655 | Zig:18   | Identified the +0 kite shield of Repulsion {rN+ Dex+4} (You
                  | found it on level 18 of a ziggurat)
215669 | Zig:18   | Got a polished glaive
215679 | Zig:18   | Identified the +5 glaive of Wicvosm {elec, +Inv} (You found
                  | it on level 18 of a ziggurat)
215714 | Zig:19   | Entered Level 19 of a ziggurat
215778 | Zig:19   | Found the ring of the Octopus King
215885 | Zig:19   | Identified the Papyrus of the Mountains and Darkness
215947 | Zig:19   | Got a bound silver amulet
215952 | Zig:19   | Got a ring of the Octopus King
216044 | Zig:19   | Identified a ring of the Octopus King {rN+ AC+1 EV+1 Str+1
                  | Int+1 Dex+1} (You found it on level 19 of a ziggurat)
216057 | Zig:19   | Identified the amulet of the Skies Above {Reflect rN+ MR+
                  | Int-4 SH+5 SInv} (You found it on level 19 of a ziggurat)
216081 | Zig:19   | Got a crystal hand crossbow
216082 | Zig:19   | Identified the +3 hand crossbow of Cobwebs {elec, rF- rC+
                  | rN+++ Dex-3} (You found it on level 19 of a ziggurat)
216089 | Zig:19   | Got a translucent arbalest
216096 | Zig:19   | Identified the +4 arbalest "Beast's Funeral" {vorpal, rPois
                  | Str-2 Dex+5} (You found it on level 19 of a ziggurat)
216100 | Zig:19   | Got a dazzling spear
216101 | Zig:19   | Identified the +9 spear of Past Mistakes {vorpal, rN++
                  | Int+7 Dex+4} (You found it on level 19 of a ziggurat)
216122 | Zig:19   | Got a buzzing longbow
216123 | Zig:19   | Identified the +9 longbow "Wic Ehe" {venom, rC+} (You found
                  | it on level 19 of a ziggurat)
216127 | Zig:19   | Got a masterwork scimitar
216128 | Zig:19   | Identified the cursed +0 scimitar "Geovousi" {vorpal, +Fly
                  | rElec Str-5 SInv} (You found it on level 19 of a ziggurat)
216216 | Zig:20   | Entered Level 20 of a ziggurat
216236 | Zig:20   | Identified the cursed +0 tower shield of Kaibe {Int+5}
216242 | Zig:20   | Reached skill level 27 in Necromancy
216245 | Zig:20   | Identified the +7 tower shield "Cuewk" {rC+++ Regen+ Str-5
                  | Stlth+}
216883 | Zig:20   | Got a scorched glass ring
216945 | Zig:20   | Identified the Incunabulum of Venomous Earth
217058 | Zig:20   | Got a steaming lead ring
217060 | Zig:20   | Identified the ring of Xom's Malicious Joy {Wiz rPois} (You
                  | found it on level 20 of a ziggurat)
217119 | Zig:20   | Identified the ring "Deraumal" {Wiz Dex+2} (You found it on
                  | level 20 of a ziggurat)
217180 | Zig:21   | Entered Level 21 of a ziggurat
217193 | Zig:21   | Noticed an ancient lich
217200 | Zig:21   | Reached skill level 27 in Transmutations
217207 | Zig:21   | Killed an ancient lich
217211 | Zig:21   | Found the -2 hat of the Alchemist {rElec rPois rF+ rC+ rN+
                  | MR+ rMut rCorr}
217332 | Zig:21   | Found the cursed necklace of Bloodlust {*Rage +Rage MR++
                  | Int-3 Slay+6 *Curse}
217455 | Zig:21   | Got a crude copper ring
217507 | Zig:21   | Identified the ring "Ruuruj" {rElec MR+ Int-5 SInv Stlth+}
                  | (You found it on level 21 of a ziggurat)
217517 | Zig:21   | Got a flickering ivory ring
217523 | Zig:21   | Identified the ring "Temeas" {rPois rF+ Int+2 Stlth+} (You
                  | found it on level 21 of a ziggurat)
217535 | Zig:21   | Got a vibrating ivory ring
217536 | Zig:21   | Identified the ring "Tanes" {rElec rF+ MR- SInv Stlth+}
                  | (You found it on level 21 of a ziggurat)
217601 | Zig:21   | Got a pitted hand axe
217602 | Zig:21   | Identified the +8 hand axe of Radicalism {venom, rF+ Str+3}
                  | (You found it on level 21 of a ziggurat)
217627 | Zig:22   | Entered Level 22 of a ziggurat
217655 | Zig:22   | Found the +12 Vampire's Tooth {vamp}
218071 | Zig:22   | Identified Further Steps in Spellcraft
218087 | Zig:22   | Identified the Incunabulum of Enchantment
218276 | Zig:23   | Entered Level 23 of a ziggurat
218292 | Zig:23   | Noticed Guamug the pandemonium lord
218296 | Zig:23   | Reached skill level 27 in Conjurations
218296 | Zig:23   | Reached skill level 27 in Fire Magic
218299 | Zig:23   | Killed Guamug the pandemonium lord
218389 | Zig:23   | Found the brooch of Shielding {Spirit SH+8}
218704 | Zig:23   | Identified Ripircheo's Collected Works on Destructive
                  | Moulding
218736 | Zig:23   | Got a brightly glowing brass ring
218741 | Zig:23   | Identified the ring of Fonet {rPois rN+ AC+4 Dex-4 Slay+2}
                  | (You found it on level 23 of a ziggurat)
218757 | Zig:23   | Got a wavering tin ring
218761 | Zig:23   | Identified the ring of Springtime {Wiz rN+ Str+5 SInv} (You
                  | found it on level 23 of a ziggurat)
218779 | Zig:23   | Got a coiled ruby amulet
218793 | Zig:23   | Identified the amulet of Conflict {Reflect Str+5 SH+5} (You
                  | found it on level 23 of a ziggurat)
218813 | Zig:23   | Got a brightly glowing broad axe
218814 | Zig:23   | Identified the +8 broad axe of Profit {elec, *Noise rElec
                  | rPois Dex+2} (You found it on level 23 of a ziggurat)
218921 | Zig:24   | Entered Level 24 of a ziggurat
218945 | Zig:24   | Reached skill level 27 in Ice Magic
218955 | Zig:24   | Reached skill level 27 in Earth Magic
219354 | Zig:24   | Got a serpentine bone ring
219356 | Zig:24   | Identified the ring "Rigaubij" {Fire rElec} (You found it
                  | on level 24 of a ziggurat)
219368 | Zig:24   | Got an ichor-stained dagger
219369 | Zig:24   | Identified the +8 dagger "Izuod" {freeze, MR+ Dex+3 SInv}
                  | (You found it on level 24 of a ziggurat)
219465 | Zig:25   | Entered Level 25 of a ziggurat
219486 | Zig:25   | Reached skill level 1 in Short Blades
219486 | Zig:25   | Reached skill level 5 in Short Blades
219489 | Zig:25   | Noticed Pihapp the pandemonium lord
219491 | Zig:25   | Reached skill level 10 in Short Blades
219491 | Zig:25   | Killed Pihapp the pandemonium lord
219498 | Zig:25   | Reached skill level 15 in Short Blades
219791 | Zig:25   | Got a slimy wooden ring
219795 | Zig:25   | Identified the Catalogue of Shifting Ignition
219971 | Zig:25   | Reached skill level 27 in Air Magic
219977 | Zig:25   | Identified the ring of Accord {rCorr Str+3} (You found it
                  | on level 25 of a ziggurat)
220014 | Zig:25   | Got a shimmering glaive
220015 | Zig:25   | Identified the +9 glaive of Lepimit {flame, rPois} (You
                  | found it on level 25 of a ziggurat)
220178 | Zig:26   | Entered Level 26 of a ziggurat
220196 | Zig:26   | Noticed an ancient lich
220197 | Zig:26   | Noticed an ancient lich
220197 | Zig:26   | Noticed an ancient lich
220197 | Zig:26   | Noticed an ancient lich
220197 | Zig:26   | Noticed an ancient lich
220198 | Zig:26   | Noticed an ancient lich
220198 | Zig:26   | Noticed an ancient lich
220199 | Zig:26   | Noticed an ancient lich
220199 | Zig:26   | Noticed an ancient lich
220199 | Zig:26   | Noticed an ancient lich
220199 | Zig:26   | Noticed an ancient lich
220199 | Zig:26   | Noticed an ancient lich
220199 | Zig:26   | Noticed an ancient lich
220200 | Zig:26   | Killed an ancient lich
220200 | Zig:26   | Killed an ancient lich
220200 | Zig:26   | Noticed an ancient lich
220200 | Zig:26   | Noticed an ancient lich
220201 | Zig:26   | Killed an ancient lich
220201 | Zig:26   | Killed an ancient lich
220201 | Zig:26   | Killed an ancient lich
220201 | Zig:26   | Killed an ancient lich
220201 | Zig:26   | Killed an ancient lich
220201 | Zig:26   | Reached skill level 15 in Hexes
220201 | Zig:26   | Killed an ancient lich
220201 | Zig:26   | Killed an ancient lich
220201 | Zig:26   | Killed an ancient lich
220201 | Zig:26   | Killed an ancient lich
220201 | Zig:26   | Killed an ancient lich
220201 | Zig:26   | Killed an ancient lich
220201 | Zig:26   | Killed an ancient lich
220203 | Zig:26   | Noticed an ancient lich
220203 | Zig:26   | Noticed an ancient lich
220207 | Zig:26   | Killed an ancient lich
220207 | Zig:26   | Killed an ancient lich
220209 | Zig:26   | Killed an ancient lich
220745 | Zig:26   | Got an ivory hand crossbow
220746 | Zig:26   | Identified the +6 hand crossbow "Fusety" {penet, +Inv MR-
                  | Int+4} (You found it on level 26 of a ziggurat)
220775 | Zig:26   | Got a smouldering mace
220776 | Zig:26   | Identified the +4 mace "Dioheump" {vorpal, +Blink rF++
                  | Str+4 Stlth+} (You found it on level 26 of a ziggurat)
220784 | Zig:26   | Got a brightly glowing trident
220786 | Zig:26   | Identified the +11 trident "Vueroc" {freeze, rPois rF+ rN+
                  | MR+++} (You found it on level 26 of a ziggurat)
220862 | Zig:27   | Entered Level 27 of a ziggurat
221363 | Zig:27   | Got a warped platinum ring
221372 | Zig:27   | Got a coiled diamond amulet
221477 | D:15     | Identified the ring of Zurghouda {rPois rF- rC+ EV+4} (You
                  | found it on level 27 of a ziggurat)
221498 | D:15     | Identified the amulet "Bosm" {Reflect SH+5 SInv} (You found
                  | it on level 27 of a ziggurat)
221620 | D:15     | Acquired 785 gold pieces
221624 | D:15     | Acquired 938 gold pieces
221628 | D:15     | Acquired the +2 hat of the Dwarven Hall {MP+9 Str+4}
221665 | D:15     | Acquired 1121 gold pieces
221669 | D:15     | Acquired 505 gold pieces
221673 | D:15     | Acquired 986 gold pieces
221698 | D:15     | Bought a scroll of amnesia for 91 gold pieces
221700 | D:15     | Bought the ring of Generosity {+Blink +Inv rCorr} for 533
                  | gold pieces
221723 | D:15     | Bought the ring "Gemuahasm" {rPois rF+ AC+4 Int+3 Dex+3}
                  | for 1202 gold pieces
221801 | Zig:1    | Entered Level 1 of a ziggurat
221909 | Zig:2    | Entered Level 2 of a ziggurat
221933 | Zig:2    | Got a faintly glowing platinum ring
221946 | Zig:2    | Identified the ring "Haexial" {Fire +Inv rN+ Int-3 Dex+6}
                  | (You found it on level 2 of a ziggurat)
222033 | Zig:3    | Entered Level 3 of a ziggurat
222033 | Zig:3    | Noticed an ancient lich
222033 | Zig:3    | Noticed an ancient lich
222035 | Zig:3    | Killed an ancient lich
222035 | Zig:3    | Killed an ancient lich
222158 | Zig:4    | Entered Level 4 of a ziggurat
222158 | Zig:4    | Found the +10 zealot's sword {holy, *Rage rN+ EV+3}
222201 | Zig:4    | Identified the Incunabulum of the Snowflakes and
                  | Dislocation
222973 | Zig:5    | Entered Level 5 of a ziggurat
222976 | Zig:5    | Noticed Vapnen the pandemonium lord
222981 | Zig:5    | Killed Vapnen the pandemonium lord
223039 | Zig:5    | Got a bloodstained trident
223041 | Zig:5    | Got a polished rapier
223042 | Zig:5    | Identified the +5 trident of Winer {freeze, *Corrode rPois
                  | Str+4 Stlth+} (You found it on level 5 of a ziggurat)
223043 | Zig:5    | Identified the +12 rapier of Isi Hoot {flame, +Rage +Inv
                  | Str+2} (You found it on level 5 of a ziggurat)
223107 | Zig:6    | Entered Level 6 of a ziggurat
223110 | Zig:6    | Noticed Buko the pandemonium lord
223111 | Zig:6    | Noticed Lyepp the pandemonium lord
223114 | Zig:6    | Killed Buko the pandemonium lord
223115 | Zig:6    | Killed Lyepp the pandemonium lord
223151 | Zig:6    | Got a pitted diamond amulet
223163 | Zig:6    | Got a vibrating pewter amulet
223794 | Zig:7    | Entered Level 7 of a ziggurat
224044 | Zig:8    | Entered Level 8 of a ziggurat
224047 | Zig:8    | Noticed Nuffuuho the pandemonium lord
224047 | Zig:8    | Noticed Zeohoaj the pandemonium lord
224048 | Zig:8    | Found the +7 great mace "Undeadhunter" {disrupt, rN+}
224048 | Zig:8    | Noticed Etellei the pandemonium lord
224048 | Zig:8    | Noticed Reabberch the pandemonium lord
224048 | Zig:8    | Noticed Rineh the pandemonium lord
224049 | Zig:8    | Killed Zeohoaj the pandemonium lord
224049 | Zig:8    | Killed Nuffuuho the pandemonium lord
224049 | Zig:8    | Noticed Paom the pandemonium lord
224050 | Zig:8    | Killed Etellei the pandemonium lord
224050 | Zig:8    | Reached skill level 27 in Hexes
224050 | Zig:8    | Noticed Yfoick the pandemonium lord
224051 | Zig:8    | Killed Reabberch the pandemonium lord
224051 | Zig:8    | Reached skill level 15 in Unarmed Combat
224051 | Zig:8    | Noticed Ytoev the pandemonium lord
224053 | Zig:8    | Killed Yfoick the pandemonium lord
224055 | Zig:8    | Killed Paom the pandemonium lord
224055 | Zig:8    | Paralysed by a floating eye for 2 turns
224060 | Zig:8    | Killed Rineh the pandemonium lord
224061 | Zig:8    | Killed Ytoev the pandemonium lord
224208 | Zig:8    | Identified the Volume of Creative Stones
224241 | Zig:8    | Identified the amulet "Xiplyas" {Spirit rN+ MR- Slay+2}
                  | (You found it on level 6 of a ziggurat)
224252 | Zig:8    | Identified the amulet "Uneraxej" {Inacc Str+3} (You found
                  | it on level 6 of a ziggurat)
224316 | Zig:9    | Entered Level 9 of a ziggurat
224320 | Zig:9    | Noticed a juggernaut
224322 | Zig:9    | Noticed a juggernaut
224324 | Zig:9    | Killed a juggernaut
224325 | Zig:9    | Killed a juggernaut
224451 | Zig:9    | Got a wavering amber ring
224541 | Zig:9    | Identified the ring "Zegi" {rN+ Str+4 Int+6} (You found it
                  | on level 9 of a ziggurat)
224597 | Zig:10   | Entered Level 10 of a ziggurat
224829 | Zig:11   | Entered Level 11 of a ziggurat
224834 | Zig:11   | Noticed an ancient lich
224840 | Zig:11   | Killed an ancient lich
225029 | Zig:11   | Got a smoking halberd
225036 | Zig:11   | Identified the +9 halberd of Toluo {flame, rElec rC+ Str+4}
                  | (You found it on level 11 of a ziggurat)
225150 | Zig:12   | Entered Level 12 of a ziggurat
225161 | Zig:12   | Noticed a juggernaut
225162 | Zig:12   | Noticed a juggernaut
225166 | Zig:12   | Killed a juggernaut
225166 | Zig:12   | Killed a juggernaut
225233 | Zig:12   | Identified the Almanac of Dusty Shape Shifting
225256 | Zig:12   | Got a twitching bone amulet
225318 | Zig:12   | Got a glittering pewter ring
225417 | Zig:12   | Got a brightly glowing dagger
225418 | Zig:12   | Identified the cursed +0 dagger of Lonwebaem {freeze, +Fly
                  | rPois} (You found it on level 12 of a ziggurat)
225434 | Zig:12   | Identified the amulet of Surprise {RegenMP Str+2} (You
                  | found it on level 12 of a ziggurat)
225446 | Zig:12   | Identified the ring "Leizaev" {rCorr Str+2 Dex+2} (You
                  | found it on level 12 of a ziggurat)
225556 | Zig:13   | Entered Level 13 of a ziggurat
225638 | Zig:13   | Identified Isetaum's Papyrus of the Eagle
225646 | Zig:13   | Identified Sif Muna's Tome of Gliding Poisoning
225787 | Zig:13   | Got a fading mace
225796 | Zig:13   | Identified the cursed +3 mace of Amorality {protect, Int+8}
                  | (You found it on level 13 of a ziggurat)
225855 | Zig:14   | Entered Level 14 of a ziggurat
225999 | Zig:14   | Got a slimy marble ring
226079 | Zig:14   | Got a vibrating tin ring
226170 | Zig:14   | Got a crystal morningstar
226179 | Zig:14   | Identified the +9 morningstar of Poprel Nodu {vorpal, rPois
                  | rC+} (You found it on level 14 of a ziggurat)
226184 | Zig:14   | Got a polished halberd
226188 | Zig:14   | Got a twisted quarterstaff
226198 | Zig:14   | Identified the ring of Checkmate {rPois Str+7 Stlth-} (You
                  | found it on level 14 of a ziggurat)
226200 | Zig:14   | Identified the ring of Curiosity {+Inv Dex-3 Slay+4 Stlth+}
                  | (You found it on level 14 of a ziggurat)
226208 | Zig:14   | Identified the cursed +0 halberd "Boliofry" {venom, Fragile
                  | rElec Str+3 Int+4} (You found it on level 14 of a ziggurat)
226210 | Zig:14   | Identified the cursed +0 quarterstaff "Suhoisud" {flame,
                  | rElec} (You found it on level 14 of a ziggurat)
226275 | Zig:15   | Entered Level 15 of a ziggurat
226404 | Zig:15   | Got a flickering amber ring
226413 | Zig:15   | Got a crude lapis lazuli ring
226562 | Zig:15   | Got a bloodstained battleaxe
226564 | Zig:15   | Got a faintly glowing morningstar
226568 | Zig:15   | Identified the ring "Luodwam" {+Fly rF+ rN++ MR+ SInv} (You
                  | found it on level 15 of a ziggurat)
226570 | Zig:15   | Identified the ring "Tedgh" {*Tele rF+} (You found it on
                  | level 15 of a ziggurat)
226574 | Zig:15   | Identified the cursed +2 morningstar of Misery {freeze,
                  | rElec Str+3} (You found it on level 15 of a ziggurat)
226583 | Zig:15   | Identified the +0 battleaxe "Ywufex" {flame, +Blink} (You
                  | found it on level 15 of a ziggurat)
226656 | Zig:16   | Entered Level 16 of a ziggurat
226688 | Zig:16   | Found the cursed +13 scythe of Curses {drain, *Curse}
226830 | Zig:16   | Identified the Grimoire of Spatial Companions
226898 | Zig:16   | Got a fine bronze ring
227004 | Zig:16   | Identified the ring "Isarets" {Str+4 Dex+2 SInv} (You found
                  | it on level 16 of a ziggurat)
227061 | Zig:17   | Entered Level 17 of a ziggurat
227183 | Zig:17   | Got a wavering copper ring
227233 | Zig:17   | Identified the Collected Works on Evil Shape Shifting
227392 | Zig:17   | Identified the ring "Deenyth" {rPois Int+4 Dex-2 Stlth+}
                  | (You found it on level 17 of a ziggurat)
227400 | Zig:17   | Got a clouded glass ring
227402 | Zig:17   | Identified the ring "Foohim" {+Blink Dex+6} (You found it
                  | on level 17 of a ziggurat)
227416 | Zig:17   | Got a jewelled war axe
227417 | Zig:17   | Identified the cursed +0 war axe "Veyvui" {speed, rPois rF+
                  | MR-} (You found it on level 17 of a ziggurat)
227424 | Zig:17   | Got a dazzling dagger
227425 | Zig:17   | Identified the +6 dagger of a wizard's laboratory {vamp,
                  | rF+ Int+3} (You found it on level 17 of a ziggurat)
227503 | Zig:18   | Entered Level 18 of a ziggurat
227513 | Zig:18   | Noticed Qeits the pandemonium lord
227514 | Zig:18   | Noticed Oganuw the pandemonium lord
227515 | Zig:18   | Noticed Omiv the pandemonium lord
227516 | Zig:18   | Noticed Seix the pandemonium lord
227517 | Zig:18   | Killed Qeits the pandemonium lord
227517 | Zig:18   | Noticed Kahayll the pandemonium lord
227518 | Zig:18   | Killed Oganuw the pandemonium lord
227519 | Zig:18   | Noticed Docaylec the pandemonium lord
227519 | Zig:18   | Noticed Qumavum the pandemonium lord
227520 | Zig:18   | Noticed Ynuluh the pandemonium lord
227520 | Zig:18   | Noticed Uwyty the pandemonium lord
227520 | Zig:18   | Noticed Luzit the pandemonium lord
227521 | Zig:18   | Killed Seix the pandemonium lord
227522 | Zig:18   | Noticed Risa the pandemonium lord
227522 | Zig:18   | Noticed Qyquu the pandemonium lord
227524 | Zig:18   | Noticed Nymegixa the pandemonium lord
227524 | Zig:18   | Killed Kahayll the pandemonium lord
227524 | Zig:18   | Killed Omiv the pandemonium lord
227525 | Zig:18   | Noticed Joskaum the pandemonium lord
227525 | Zig:18   | Killed Qumavum the pandemonium lord
227525 | Zig:18   | Noticed Nerecin the pandemonium lord
227525 | Zig:18   | Noticed Cogh the pandemonium lord
227525 | Zig:18   | Noticed Atomisch the pandemonium lord
227526 | Zig:18   | Killed Luzit the pandemonium lord
227526 | Zig:18   | Noticed Qacuq the pandemonium lord
227527 | Zig:18   | Noticed Hypnuedugo the pandemonium lord
227528 | Zig:18   | Killed Docaylec the pandemonium lord
227530 | Zig:18   | Killed Risa the pandemonium lord
227533 | Zig:18   | Killed Uwyty the pandemonium lord
227535 | Zig:18   | Killed Hypnuedugo the pandemonium lord
227536 | Zig:18   | Killed Ynuluh the pandemonium lord
227537 | Zig:18   | Killed Cogh the pandemonium lord
227537 | Zig:18   | Killed Nymegixa the pandemonium lord
227537 | Zig:18   | Killed Qyquu the pandemonium lord
227546 | Zig:18   | Killed Nerecin the pandemonium lord
227547 | Zig:18   | Killed Atomisch the pandemonium lord
227549 | Zig:18   | Killed Qacuq the pandemonium lord
227551 | Zig:18   | Killed Joskaum the pandemonium lord
227556 | Zig:18   | Found the +5 robe of Night {Dark MR+ SInv}
228042 | Zig:19   | Entered Level 19 of a ziggurat
228063 | Zig:19   | Reached skill level 27 in Short Blades
228063 | Zig:19   | Reached skill level 1 in Long Blades
228063 | Zig:19   | Reached skill level 5 in Long Blades
228063 | Zig:19   | Reached skill level 10 in Long Blades
228333 | Zig:19   | Got a bone fustibalus
228334 | Zig:19   | Identified the +11 fustibalus of the Hidden Vale {freeze,
                  | rElec Str-4 Dex+5 SInv} (You found it on level 19 of a
                  | ziggurat)
228339 | Zig:19   | Got a polished rapier
228340 | Zig:19   | Identified the +6 rapier of Harmony {flame, rElec Int+5}
                  | (You found it on level 19 of a ziggurat)
228344 | Zig:19   | Got an ancient quarterstaff
228354 | Zig:19   | Identified the +7 quarterstaff "Gopaepp" {freeze, +Blink
                  | rF+ rN+} (You found it on level 19 of a ziggurat)
228426 | Zig:20   | Entered Level 20 of a ziggurat
228448 | Zig:20   | Found the +0 staff of Battle
228451 | Zig:20   | Reached skill level 15 in Long Blades
228703 | Zig:20   | Identified Sif Muna's Grimoire of the Cankerous Arsonist
228837 | Zig:20   | Got a heavily runed silver ring
228842 | Zig:20   | Identified the ring of Veqaimec {Str+6 Dex+2} (You found it
                  | on level 20 of a ziggurat)
228856 | Zig:20   | Got a scintillating marble ring
228865 | Zig:20   | Identified the ring of Anaexku {+Blink rPois rC+ EV+4
                  | Str+4} (You found it on level 20 of a ziggurat)
229014 | Zig:21   | Entered Level 21 of a ziggurat
229030 | Zig:21   | Noticed Lufomm the pandemonium lord
229031 | Zig:21   | Killed Lufomm the pandemonium lord
229094 | Zig:21   | Found the +8 longbow "Zephyr" {speed, Dex+3 SInv}
229451 | Zig:21   | Identified the Tome of the Toxic Escort
229473 | Zig:21   | Got a brightly glowing copper ring
229475 | Zig:21   | Identified the ring of the Raven {Ice Int+3} (You found it
                  | on level 21 of a ziggurat)
229513 | Zig:21   | Got a glimmering falchion
229517 | Zig:21   | Identified the +5 falchion of the Valley {flame, MR+ Dex+3}
                  | (You found it on level 21 of a ziggurat)
229632 | Zig:22   | Entered Level 22 of a ziggurat
229652 | Zig:22   | Reached skill level 15 in Crossbows
230017 | Zig:22   | Identified Duascho's Papyrus of Lightness and Blows and
                  | Bruises
230044 | Zig:22   | Got a scintillating platinum ring
230049 | Zig:22   | Identified the ring of Vausutha {AC+4 Int+4} (You found it
                  | on level 22 of a ziggurat)
230062 | Zig:22   | Got a wavering marble ring
230071 | Zig:22   | Identified the cursed ring "Wypurerhe" {+Inv Str-4} (You
                  | found it on level 22 of a ziggurat)
230089 | Zig:22   | Got a scintillating tin amulet
230114 | Zig:22   | Identified the amulet "Roschyg" {rElec MR- Regen+ Str-4
                  | Dex+9} (You found it on level 22 of a ziggurat)
230149 | Zig:22   | Got a bloodstained scimitar
230150 | Zig:22   | Identified the +5 scimitar of Vyrojas {elec, Dex+9} (You
                  | found it on level 22 of a ziggurat)
230173 | Zig:22   | Got a pitted long sword
230174 | Zig:22   | Identified the +10 long sword "Koanlell" {vorpal, rF++}
                  | (You found it on level 22 of a ziggurat)
230306 | Zig:23   | Entered Level 23 of a ziggurat
230336 | Zig:23   | Found the +8 whip "Snakebite" {curare, rPois}
230681 | Zig:23   | Identified Sif Muna's Tome of Calling
230938 | Zig:23   | Got a twisted kite shield
230949 | Zig:23   | Identified the +2 kite shield "Sobausomui" {Dex+5} (You
                  | found it on level 23 of a ziggurat)
230997 | Zig:23   | Got a clouded glass ring
230999 | Zig:23   | Got a heavily runed lead ring
231010 | Zig:23   | Identified the ring of the Scavenger {*Contam rPois rC+
                  | Dex+6} (You found it on level 23 of a ziggurat)
231246 | Zig:23   | Identified the ring "Musuam" {+Fly rF- MR+ SInv Stlth+}
                  | (You found it on level 23 of a ziggurat)
231256 | Zig:23   | Got a smoking zirconium amulet
231268 | Zig:23   | Identified the amulet "Fiox" {Reflect rC+ rN+ SH+5} (You
                  | found it on level 23 of a ziggurat)
231292 | Zig:23   | Got an iridescent scimitar
231293 | Zig:23   | Identified the cursed +3 scimitar "Sarcophage" {vorpal,
                  | *Noise +Blink MP+9 Stlth+} (You found it on level 23 of a
                  | ziggurat)
231416 | Zig:24   | Entered Level 24 of a ziggurat
231448 | Zig:24   | Reached skill level 27 in Long Blades
231448 | Zig:24   | Reached skill level 1 in Maces & Flails
231448 | Zig:24   | Reached skill level 5 in Maces & Flails
231453 | Zig:24   | Reached skill level 10 in Maces & Flails
231829 | Zig:24   | Identified the Handbook of Frigorific Intoxication
231884 | Zig:24   | Got a brightly glowing granite ring
231980 | Zig:24   | Identified the ring of Moderation {rF+ rC+ Int+3 Dex+4
                  | Stlth+} (You found it on level 24 of a ziggurat)
232146 | Zig:25   | Entered Level 25 of a ziggurat
232176 | Zig:25   | Reached skill level 15 in Maces & Flails
232180 | Zig:25   | Found the ring of the Octopus King
232448 | Zig:25   | Identified the Collected Works on Dislocated Cold
232677 | Zig:25   | Got a shimmering ivory ring
232685 | Zig:25   | Identified the ring "Naih" {rF++ rC+ Str-5 Int+6 Dex+5}
                  | (You found it on level 25 of a ziggurat)
232703 | Zig:25   | Got a ring of the Octopus King
232715 | Zig:25   | Identified a ring of the Octopus King {MP+9 AC+1 EV+1 Str+1
                  | Int+1 Dex+1} (You found it on level 25 of a ziggurat)
232745 | Zig:25   | Identified the +8 whip "Fotu" {elec, *Rage +Rage rElec
                  | rPois} (You found it on level 25 of a ziggurat)
232854 | Zig:26   | Entered Level 26 of a ziggurat
232873 | Zig:26   | Noticed an orb of fire
232873 | Zig:26   | Noticed an orb of fire
232874 | Zig:26   | Noticed an orb of fire
232874 | Zig:26   | Noticed an orb of fire
232874 | Zig:26   | Noticed an orb of fire
232874 | Zig:26   | Noticed an orb of fire
232874 | Zig:26   | Noticed an orb of fire
232875 | Zig:26   | Noticed an orb of fire
232875 | Zig:26   | Noticed an orb of fire
232875 | Zig:26   | Noticed an orb of fire
232875 | Zig:26   | Noticed an orb of fire
232876 | Zig:26   | Noticed an orb of fire
232877 | Zig:26   | Noticed an orb of fire
232877 | Zig:26   | Noticed an orb of fire
232878 | Zig:26   | Noticed an orb of fire
232878 | Zig:26   | Noticed an orb of fire
232879 | Zig:26   | Noticed an orb of fire
232879 | Zig:26   | Noticed an orb of fire
232879 | Zig:26   | Noticed an orb of fire
232881 | Zig:26   | Noticed an orb of fire
232881 | Zig:26   | Noticed an orb of fire
232881 | Zig:26   | Noticed an orb of fire
232882 | Zig:26   | Killed an orb of fire
232882 | Zig:26   | Killed an orb of fire
232882 | Zig:26   | Killed an orb of fire
232882 | Zig:26   | Killed an orb of fire
232882 | Zig:26   | Killed an orb of fire
232882 | Zig:26   | Killed an orb of fire
232883 | Zig:26   | Killed an orb of fire
232883 | Zig:26   | Killed an orb of fire
232883 | Zig:26   | Killed an orb of fire
232883 | Zig:26   | Killed an orb of fire
232883 | Zig:26   | Noticed an orb of fire
232883 | Zig:26   | Noticed an orb of fire
232883 | Zig:26   | Noticed an orb of fire
232884 | Zig:26   | Killed an orb of fire
232884 | Zig:26   | Killed an orb of fire
232884 | Zig:26   | Killed an orb of fire
232884 | Zig:26   | Killed an orb of fire
232884 | Zig:26   | Noticed an orb of fire
232884 | Zig:26   | Noticed an orb of fire
232885 | Zig:26   | Killed an orb of fire
232885 | Zig:26   | Killed an orb of fire
232885 | Zig:26   | Killed an orb of fire
232885 | Zig:26   | Killed an orb of fire
232885 | Zig:26   | Killed an orb of fire
232885 | Zig:26   | Noticed an orb of fire
232889 | Zig:26   | Killed an orb of fire
232890 | Zig:26   | Killed an orb of fire
232891 | Zig:26   | Killed an orb of fire
232892 | Zig:26   | Killed an orb of fire
232892 | Zig:26   | Killed an orb of fire
232893 | Zig:26   | Killed an orb of fire
232893 | Zig:26   | Killed an orb of fire
232895 | Zig:26   | Killed an orb of fire
232903 | Zig:26   | Killed an orb of fire
233111 | Zig:26   | Found the +8 glaive of the Guard {elec, +Rage AC+5 SInv}
233136 | Zig:26   | Found the +9 scales of the Dragon King {rPois rF+ rC+ MR+}
233239 | Zig:26   | Got a faintly glowing ivory ring
233247 | Zig:26   | Identified the ring of Suymud {rPois rN+++ MR++ Int+6
                  | Slay-6} (You found it on level 26 of a ziggurat)
233261 | Zig:26   | Identified the amulet "Qoforota" {rC+ Regen+ Dex+3} (You
                  | found it on level 26 of a ziggurat)
233279 | Zig:26   | Got a bloodstained short sword
233280 | Zig:26   | Identified the +6 short sword "Zam Niju" {holy, Str+2
                  | Dex+6} (You found it on level 26 of a ziggurat)
233353 | Zig:27   | Entered Level 27 of a ziggurat
233371 | Zig:27   | Noticed an ancient lich
233372 | Zig:27   | Noticed an ancient lich
233373 | Zig:27   | Noticed an ancient lich
233375 | Zig:27   | Killed an ancient lich
233376 | Zig:27   | Noticed an ancient lich
233377 | Zig:27   | Killed an ancient lich
233377 | Zig:27   | Killed an ancient lich
233377 | Zig:27   | Killed an ancient lich
233377 | Zig:27   | Noticed an ancient lich
233382 | Zig:27   | Noticed an ancient lich
233382 | Zig:27   | Noticed an ancient lich
233384 | Zig:27   | Reached skill level 27 in Maces & Flails
233385 | Zig:27   | Killed an ancient lich
233385 | Zig:27   | Killed an ancient lich
233389 | Zig:27   | Killed an ancient lich
233876 | Zig:27   | Got a faintly glowing bone ring
233884 | Zig:27   | Identified the Collected Works on Dusty Intoxication
233979 | Zig:27   | Reached skill level 15 in Polearms
233993 | Zig:27   | Got a warped dagger
234019 | D:15     | Identified the +5 dagger of Watchfulness {freeze, rC+
                  | Int+3} (You found it on level 27 of a ziggurat)
234029 | D:15     | Identified the ring "Lumiph" {Str+6 Dex+4} (You found it on
                  | level 27 of a ziggurat)
234086 | D:15     | Acquired 1094 gold pieces
234087 | D:15     | Acquired 333 gold pieces
234417 | D:15     | Bought a scroll of amnesia for 42 gold pieces
234417 | D:15     | Bought a scroll of amnesia for 42 gold pieces
234437 | D:15     | Learned a level 8 spell: Discord
234548 | Zig:1    | Entered Level 1 of a ziggurat
234718 | Zig:2    | Entered Level 2 of a ziggurat
234721 | Zig:2    | Noticed Adozeas the pandemonium lord
234744 | Zig:2    | Killed Adozeas the pandemonium lord
234936 | Zig:3    | Entered Level 3 of a ziggurat
235202 | Zig:4    | Entered Level 4 of a ziggurat
235406 | Zig:5    | Entered Level 5 of a ziggurat
235407 | Zig:5    | Noticed Tialel Ehuzu the pandemonium lord
235408 | Zig:5    | Noticed Ylacog the pandemonium lord
235412 | Zig:5    | Killed Tialel Ehuzu the pandemonium lord
235416 | Zig:5    | Killed Ylacog the pandemonium lord
235479 | Zig:5    | Identified the Disquisition on Envenoming and Flight
235650 | Zig:6    | Entered Level 6 of a ziggurat
235786 | Zig:6    | Got a warped quarterstaff
235793 | Zig:6    | Identified the cursed +1 quarterstaff of Jafiereva {pain,
                  | *Corrode +Inv rElec} (You found it on level 6 of a
                  | ziggurat)
235858 | Zig:7    | Entered Level 7 of a ziggurat
236100 | Zig:7    | Got a faintly glowing wooden ring
236130 | Zig:7    | Identified the ring of Kalu Qoff {rC+ rN+ Int+3 Dex+6
                  | Slay+3} (You found it on level 7 of a ziggurat)
236186 | Zig:8    | Entered Level 8 of a ziggurat
236188 | Zig:8    | Noticed a greater mummy
236191 | Zig:8    | Noticed a greater mummy
236196 | Zig:8    | Killed a greater mummy
236196 | Zig:8    | Killed a greater mummy
236196 | Zig:8    | Reached skill level 27 in Unarmed Combat
236196 | Zig:8    | Noticed a greater mummy
236198 | Zig:8    | Killed a greater mummy
236199 | Zig:8    | Noticed a greater mummy
236204 | Zig:8    | Killed a greater mummy
236363 | Zig:8    | Identified Sif Muna's Tome of Gliding Changing
236372 | Zig:8    | Got a transparent platinum ring
236388 | Zig:8    | Got a shimmering spear
236389 | Zig:8    | Identified the cursed +0 spear of Indignation {vorpal,
                  | +Blink rPois rC+ Str+3} (You found it on level 8 of a
                  | ziggurat)
236396 | Zig:8    | Got a transparent shortbow
236403 | Zig:8    | Identified the +6 shortbow "Lymu" {flame, rPois rF+ MR+
                  | Dex+2} (You found it on level 8 of a ziggurat)
236466 | Zig:9    | Entered Level 9 of a ziggurat
236481 | Zig:9    | Found the +9 staff of Wucad Mu {channel}
236685 | Zig:9    | Identified the ring of Etefat {Wiz +Fly Stlth+} (You found
                  | it on level 8 of a ziggurat)
236750 | Zig:10   | Entered Level 10 of a ziggurat
236886 | Zig:10   | Identified the Reference Book on Feathery Heat
236939 | Zig:10   | Got a slimy ruby amulet
236958 | Zig:10   | Got a coiled sapphire amulet
236975 | Zig:10   | Got a crude broad axe
236976 | Zig:10   | Identified the +7 broad axe of the Countless Runes {drain,
                  | Int+3} (You found it on level 10 of a ziggurat)
236981 | Zig:10   | Got a jewelled hunting sling
236982 | Zig:10   | Identified the +8 hunting sling "Nienamac" {flame, rN+ MP+9
                  | Dex-5} (You found it on level 10 of a ziggurat)
237106 | Zig:11   | Entered Level 11 of a ziggurat
237117 | Zig:11   | Identified the +8 tower shield "Dostafir" {-Cast rF+ Regen+
                  | Dex+4}
237243 | Zig:11   | Identified Sif Muna's Compendium of Malediction
237247 | Zig:11   | Identified the Incunabulum of Freezing Dislocation
237443 | Zig:12   | Entered Level 12 of a ziggurat
237450 | Zig:12   | Noticed an ancient lich
237452 | Zig:12   | Noticed an ancient lich
237455 | Zig:12   | Noticed an ancient lich
237455 | Zig:12   | Killed an ancient lich
237455 | Zig:12   | Killed an ancient lich
237456 | Zig:12   | Killed an ancient lich
237625 | Zig:12   | Identified the amulet of Solelaf {Reflect rN+++ Str-2 Dex+2
                  | Slay-4 SH+5} (You found it on level 10 of a ziggurat)
237636 | Zig:12   | Identified the amulet "Hoeq" {Spirit *Corrode rF+ Int+8
                  | Dex-5} (You found it on level 10 of a ziggurat)
237711 | Zig:13   | Entered Level 13 of a ziggurat
237876 | Zig:13   | Identified the Incunabulum of Flying Arcane Weapons
237881 | Zig:13   | Got a pitted marble ring
237968 | Zig:13   | Identified the ring of the Scavenger {Ice *Contam MR+++
                  | Str+6 Int-2} (You found it on level 13 of a ziggurat)
238246 | Zig:14   | Entered Level 14 of a ziggurat
238251 | Zig:14   | Noticed Wugumouf the pandemonium lord
238251 | Zig:14   | Noticed Ydghyrh Kytann the pandemonium lord
238252 | Zig:14   | Noticed Mohugh the pandemonium lord
238253 | Zig:14   | Noticed Xoukk the pandemonium lord
238253 | Zig:14   | Noticed Zeopen the pandemonium lord
238253 | Zig:14   | Noticed Natrorho the pandemonium lord
238253 | Zig:14   | Noticed Duaby the pandemonium lord
238253 | Zig:14   | Noticed Netogh the pandemonium lord
238254 | Zig:14   | Noticed Hibbim the pandemonium lord
238254 | Zig:14   | Noticed Uhase the pandemonium lord
238258 | Zig:14   | Noticed Baeg the pandemonium lord
238263 | Zig:14   | Killed Netogh the pandemonium lord
238263 | Zig:14   | Killed Wugumouf the pandemonium lord
238266 | Zig:14   | Killed Duaby the pandemonium lord
238266 | Zig:14   | Killed Natrorho the pandemonium lord
238266 | Zig:14   | Killed Mohugh the pandemonium lord
238267 | Zig:14   | Killed Hibbim the pandemonium lord
238267 | Zig:14   | Noticed Ahaoroph the pandemonium lord
238267 | Zig:14   | Killed Ydghyrh Kytann the pandemonium lord
238269 | Zig:14   | Noticed Aheiss the pandemonium lord
238270 | Zig:14   | Killed Uhase the pandemonium lord
238273 | Zig:14   | Noticed Osuoreh the pandemonium lord
238275 | Zig:14   | Killed Zeopen the pandemonium lord
238275 | Zig:14   | Killed Xoukk the pandemonium lord
238278 | Zig:14   | Noticed Veimun the pandemonium lord
238280 | Zig:14   | Killed Aheiss the pandemonium lord
238280 | Zig:14   | Killed Osuoreh the pandemonium lord
238280 | Zig:14   | Killed Veimun the pandemonium lord
238281 | Zig:14   | Killed Ahaoroph the pandemonium lord
238281 | Zig:14   | Noticed Jorus the pandemonium lord
238282 | Zig:14   | Killed Baeg the pandemonium lord
238301 | Zig:14   | Killed Jorus the pandemonium lord
238460 | Zig:14   | Identified the Compendium of Shifting Sinister Secrets
238485 | Zig:14   | Got an ebony double sword
238489 | Zig:14   | Identified the cursed +0 double sword of Fixation {freeze,
                  | +Blink rC+++ Str-2 Int+4} (You found it on level 14 of a
                  | ziggurat)
238600 | Zig:15   | Entered Level 15 of a ziggurat
238874 | Zig:15   | Identified Sif Muna's Collected Works on Shape Shifting
238881 | Zig:15   | Got an ivory scythe
238884 | Zig:15   | Got an iridescent shortbow
238887 | Zig:15   | Got an iridescent falchion
238891 | Zig:15   | Identified the cursed +1 falchion of Maul Hoo {venom, MR-
                  | Str+4 Int+2} (You found it on level 15 of a ziggurat)
238899 | Zig:15   | Identified the +1 scythe of Delicate Conscience {drain,
                  | *Noise rElec rPois Dex-2} (You found it on level 15 of a
                  | ziggurat)
238901 | Zig:15   | Identified the +7 shortbow "Dinlopn" {freeze, Int+6} (You
                  | found it on level 15 of a ziggurat)
238970 | Zig:16   | Entered Level 16 of a ziggurat
239254 | Zig:16   | Identified the Handbook of the Quantum Frostbite
239302 | Zig:16   | Got a crystal hunting sling
239303 | Zig:16   | Identified the +5 hunting sling of Wyrd {venom, rC- Dex+7
                  | Stlth+} (You found it on level 16 of a ziggurat)
239362 | Zig:17   | Entered Level 17 of a ziggurat
239382 | Zig:17   | Found the ring of the Octopus King
239384 | Zig:17   | Reached skill level 27 in Axes
239525 | Zig:17   | Got a ring of the Octopus King
239530 | Zig:17   | Got a bound amber ring
239795 | Zig:17   | Identified the Collected Works on Sinister Magic and
                  | Creation
239810 | Zig:17   | Got a pitted hand crossbow
239811 | Zig:17   | Identified the +6 hand crossbow "Grim Tooth" {speed, rN+
                  | MR- Str+4} (You found it on level 17 of a ziggurat)
239819 | Zig:17   | Got a crystal battleaxe
239828 | Zig:17   | Identified the +0 battleaxe of Monytud {holy, Dex+4 SInv}
                  | (You found it on level 17 of a ziggurat)
239858 | Zig:17   | Identified the ring "Ceuts" {rCorr Str+3 Dex+4} (You found
                  | it on level 17 of a ziggurat)
239862 | Zig:17   | Identified a ring of the Octopus King {AC+1 EV+1 Str+1
                  | Int+1 Dex+1 Stlth+} (You found it on level 17 of a
                  | ziggurat)
239917 | Zig:18   | Entered Level 18 of a ziggurat
240250 | Zig:18   | Identified the Tome of Mutagenic Contamination
240287 | Zig:18   | Got a buzzing arbalest
240293 | Zig:18   | Got a masterwork mace
240296 | Zig:18   | Got an ivory dagger
240300 | Zig:18   | Identified the +8 mace of Hepliaklqana {vorpal, Fragile rF+
                  | rC+ Dex+5} (You found it on level 18 of a ziggurat)
240301 | Zig:18   | Identified the +3 dagger of the Blessed Realm {flame, rF+
                  | rN+ Str-3} (You found it on level 18 of a ziggurat)
240308 | Zig:18   | Identified the +5 arbalest "Lifebane" {penet, rPois MR+}
                  | (You found it on level 18 of a ziggurat)
240427 | Zig:19   | Entered Level 19 of a ziggurat
240446 | Zig:19   | Found the +9 sword of Zonguldrok {reap}
240640 | Zig:19   | Got a heavily runed platinum ring
240680 | Zig:19   | Identified the Papyrus of the Toxic Arsonist
240815 | Zig:19   | Identified the ring of Lugonu's Benevolence {rF- rC+ rN+
                  | MR+ Dex+6} (You found it on level 19 of a ziggurat)
240821 | Zig:19   | Got an ancient falchion
240823 | Zig:19   | Identified the +8 falchion of the Shimmering Whale {pain,
                  | rElec rN+ Str+3 Int+3} (You found it on level 19 of a
                  | ziggurat)
240833 | Zig:19   | Got an iridescent quarterstaff
240841 | Zig:19   | Identified the +8 quarterstaff of the Crawling Thing
                  | {vorpal, *Slow rElec rPois} (You found it on level 19 of a
                  | ziggurat)
240954 | Zig:20   | Entered Level 20 of a ziggurat
241319 | Zig:20   | Got a pitted brass ring
241382 | Zig:20   | Got an ichor-stained dagger
241384 | Zig:20   | Identified the +9 dagger "Qurch" {freeze, Dex+7} (You found
                  | it on level 20 of a ziggurat)
241391 | Zig:20   | Got a scorched falchion
241392 | Zig:20   | Identified the +3 falchion "Venigaxe" {vorpal, Str+5} (You
                  | found it on level 20 of a ziggurat)
241410 | Zig:20   | Identified the ring of Ucioquej {MP+9 Int+8 Dex-5 Slay-4
                  | SInv} (You found it on level 20 of a ziggurat)
241589 | Zig:21   | Entered Level 21 of a ziggurat
241805 | Zig:21   | Found the +7 mace of Variability {chain chaos}
241850 | Zig:21   | Identified the Grimoire of Calling and Clay
241854 | Zig:21   | Identified the Catalogue of Dusty Flames
241879 | Zig:21   | Identified the Grimoire of Attacks
242012 | Zig:21   | Got a fine lead amulet
242030 | Zig:21   | Got a transparent arbalest
242042 | Zig:21   | Got an ichor-stained hand crossbow
242043 | Zig:21   | Identified the cursed +1 hand crossbow of the Endless March
                  | {vorpal, +Fly Str-4 Int+9 Dex+4} (You found it on level 21
                  | of a ziggurat)
242048 | Zig:21   | Got a twisted hand crossbow
242049 | Zig:21   | Identified the cursed +1 hand crossbow of Intuition {elec,
                  | Str+8 Int-3 Dex+4 Stlth+} (You found it on level 21 of a
                  | ziggurat)
242065 | Zig:21   | Identified the +10 arbalest of Reason {penet, *Corrode
                  | rElec rC++ Int+3} (You found it on level 21 of a ziggurat)
242080 | Zig:21   | Identified the amulet of the Oligarchy {rF+ Regen+} (You
                  | found it on level 21 of a ziggurat)
242095 | Zig:21   | Got a steaming war axe
242096 | Zig:21   | Identified the +7 war axe of the Shrike {vorpal, rC+} (You
                  | found it on level 21 of a ziggurat)
242158 | Zig:22   | Entered Level 22 of a ziggurat
242176 | Zig:22   | Reached skill level 27 in Crossbows
242180 | Zig:22   | Noticed Xolotar the pandemonium lord
242185 | Zig:22   | Killed Xolotar the pandemonium lord
242497 | Zig:22   | Identified Dipol's Tome of Bewitching Flight
242667 | Zig:22   | Got a transparent lead ring
242669 | Zig:22   | Identified the ring of Past Mistakes {rPois rN+ Dex+4
                  | Stlth-} (You found it on level 22 of a ziggurat)
242676 | Zig:22   | Got a fine ivory ring
242679 | Zig:22   | Identified the ring of Fiol {rPois MR- Dex+6} (You found it
                  | on level 22 of a ziggurat)
242741 | Zig:23   | Entered Level 23 of a ziggurat
242751 | Zig:23   | Noticed an ancient lich
242753 | Zig:23   | Noticed an ancient lich
242753 | Zig:23   | Noticed an ancient lich
242753 | Zig:23   | Noticed an ancient lich
242754 | Zig:23   | Noticed an ancient lich
242754 | Zig:23   | Noticed an ancient lich
242754 | Zig:23   | Noticed an ancient lich
242754 | Zig:23   | Noticed an ancient lich
242755 | Zig:23   | Noticed an ancient lich
242755 | Zig:23   | Noticed an ancient lich
242756 | Zig:23   | Noticed an ancient lich
242756 | Zig:23   | Reached skill level 1 in Slings
242757 | Zig:23   | Reached skill level 5 in Slings
242757 | Zig:23   | Reached skill level 10 in Slings
242757 | Zig:23   | Killed an ancient lich
242757 | Zig:23   | Killed an ancient lich
242757 | Zig:23   | Killed an ancient lich
242757 | Zig:23   | Killed an ancient lich
242757 | Zig:23   | Noticed an ancient lich
242758 | Zig:23   | Killed an ancient lich
242758 | Zig:23   | Killed an ancient lich
242758 | Zig:23   | Killed an ancient lich
242758 | Zig:23   | Killed an ancient lich
242758 | Zig:23   | Killed an ancient lich
242758 | Zig:23   | Killed an ancient lich
242758 | Zig:23   | Reached skill level 27 in Polearms
242758 | Zig:23   | Killed an ancient lich
242759 | Zig:23   | Killed an ancient lich
242761 | Zig:23   | Noticed an ancient lich
242762 | Zig:23   | Noticed an ancient lich
242762 | Zig:23   | Noticed an ancient lich
242763 | Zig:23   | Killed an ancient lich
242763 | Zig:23   | Killed an ancient lich
242767 | Zig:23   | Killed an ancient lich
242958 | Zig:23   | Got a steaming lapis lazuli ring
243151 | Zig:23   | Got a smoking turquoise ring
243153 | Zig:23   | Identified the ring of Bixyx {Fire rPois Str+5 SInv Stlth+}
                  | (You found it on level 23 of a ziggurat)
243161 | Zig:23   | Identified the ring "Deihaeje" {rPois rF+ Str-5 Slay+2
                  | Stlth+} (You found it on level 23 of a ziggurat)
243166 | Zig:23   | Got a clouded silver ring
243168 | Zig:23   | Identified the ring "Moj Runit" {rPois Stlth-} (You found
                  | it on level 23 of a ziggurat)
243180 | Zig:23   | Got a steaming hand axe
243181 | Zig:23   | Identified the cursed +0 hand axe "Beme" {freeze, rC-
                  | Dex+6} (You found it on level 23 of a ziggurat)
243255 | Zig:24   | Entered Level 24 of a ziggurat
243263 | Zig:24   | Paralysed by accursed screaming for 2 turns
243840 | Zig:24   | Got a brightly glowing steel ring
243842 | Zig:24   | Identified the ring "Loullec" {*Corrode +Fly rPois Slay+3
                  | SInv} (You found it on level 24 of a ziggurat)
243849 | Zig:24   | Got a crystal morningstar
243850 | Zig:24   | Identified the +6 morningstar of Nimil {flame, *Slow rN+
                  | Dex+8} (You found it on level 24 of a ziggurat)
243919 | Zig:25   | Entered Level 25 of a ziggurat
244339 | Zig:25   | Got a fine copper amulet
244363 | Zig:25   | Identified the Compendium of Conjuration and Stones
244440 | Zig:25   | Identified the amulet of the Middle {Spirit Int+2} (You
                  | found it on level 25 of a ziggurat)
244449 | Zig:25   | Got a flickering ruby amulet
244455 | Zig:25   | Identified the amulet "Ytod Ela" {Inacc rN+} (You found it
                  | on level 25 of a ziggurat)
244470 | Zig:25   | Got a jewelled great sword
244476 | Zig:25   | Identified the cursed +2 great sword of Plunder {drain,
                  | +Blink rElec Str+7 Dex-2} (You found it on level 25 of a
                  | ziggurat)
244486 | Zig:25   | Got a bloodstained dagger
244487 | Zig:25   | Identified the cursed +1 dagger of Maijej {venom, *Corrode
                  | rElec rF- rN+++ Str+6} (You found it on level 25 of a
                  | ziggurat)
244660 | Zig:26   | Entered Level 26 of a ziggurat
244693 | Zig:26   | Noticed Zamoup the pandemonium lord
244696 | Zig:26   | Killed Zamoup the pandemonium lord
244779 | Zig:26   | Found the +6 arbalest "Damnation" {damnation}
245049 | Zig:26   | Found the +5 scythe "Finisher" {speed, eviscerate}
245070 | Zig:26   | Got a bound lead ring
245072 | Zig:26   | Identified the Almanac of the Volcanoes and Curses
245078 | Zig:26   | Identified the Grimoire of Captivating Battle Magic
245081 | Zig:26   | Identified the Papyrus of the Arsonist
245085 | Zig:26   | Identified the Catalogue of the Creative Traveller
245107 | Zig:26   | Identified the Collected Works on Hurtful Cold
245123 | Zig:26   | Identified the ring "Commo Reviz" {+Blink rF+++ rC- Dex-3
                  | Stlth-} (You found it on level 26 of a ziggurat)
245130 | Zig:26   | Got a faintly glowing turquoise ring
245135 | Zig:26   | Identified the ring of Xetuiwki {+Fly rC+ MP+9 Int+8 Dex-2}
                  | (You found it on level 26 of a ziggurat)
245145 | Zig:26   | Identified the amulet of Honesty {Inacc rElec rN+} (You
                  | found it on level 26 of a ziggurat)
245150 | Zig:26   | Identified the +3 scimitar "Macletru" {protect, *Noise
                  | Str+6 Dex-3} (You found it on level 26 of a ziggurat)
245152 | Zig:26   | Identified the +9 spear of Ymeotad {freeze, Int+4} (You
                  | found it on level 26 of a ziggurat)
245154 | Zig:26   | Identified the cursed +2 spear of the Magic Mushroom
                  | {vorpal, rElec Str+4 Int+3} (You found it on level 26 of a
                  | ziggurat)
245156 | Zig:26   | Identified the +5 trident of Ashenzari {holy, rPois rC+
                  | Stlth+} (You found it on level 26 of a ziggurat)
245163 | Zig:26   | Identified the cursed +1 falchion of Truncation {pain,
                  | rElec MP+9 Stlth+} (You found it on level 26 of a ziggurat)
245357 | Zig:27   | Entered Level 27 of a ziggurat
245657 | Zig:27   | Identified the Volume of the Voyage and Enchantment
245700 | Zig:27   | Identified the Incunabulum of Spatial Bewitchment
245933 | Zig:27   | Got a smoking bone ring
245947 | Zig:27   | Got a dazzling hand crossbow
245948 | Zig:27   | Identified the +6 hand crossbow "Gaig" {freeze, MR+ Str+4
                  | Dex+4} (You found it on level 27 of a ziggurat)
245951 | Zig:27   | Got a faintly glowing spear
245952 | Zig:27   | Identified the +9 spear of Conformity {venom, rN+} (You
                  | found it on level 27 of a ziggurat)
245957 | Zig:27   | Reached skill level 27 in Bows
245994 | D:15     | Identified the ring of Xom's Reproof {rElec MR+ Str+6 Dex+3
                  | SInv} (You found it on level 27 of a ziggurat)
246550 | D:15     | Bought a +4 ring of slaying for 1014 gold pieces
246868 | Zig:1    | Entered Level 1 of a ziggurat
246958 | Zig:2    | Entered Level 2 of a ziggurat
247073 | Zig:3    | Entered Level 3 of a ziggurat
247073 | Zig:3    | Noticed a greater mummy
247076 | Zig:3    | Killed a greater mummy
247229 | Zig:4    | Entered Level 4 of a ziggurat
249088 | Zig:5    | Entered Level 5 of a ziggurat
249093 | Zig:5    | Noticed Nenig's ghost (legendary GnFi)
249094 | Zig:5    | Noticed Psyclone's ghost (master DECj)
249094 | Zig:5    | Noticed Zonian's ghost (legendary HOFi)
249103 | Zig:5    | Killed Nenig's ghost
249105 | Zig:5    | Killed Zonian's ghost
249107 | Zig:5    | Killed Psyclone's ghost
249193 | Zig:5    | Got a twisted flail
249194 | Zig:5    | Identified the cursed +3 flail of Pomix {vorpal, +Fly rN+
                  | Str-5} (You found it on level 5 of a ziggurat)
249294 | Zig:6    | Entered Level 6 of a ziggurat
249443 | Zig:6    | Got a steaming hand axe
249444 | Zig:6    | Identified the cursed +1 hand axe of Akhles {venom, rPois
                  | rF- rC+ Str+2} (You found it on level 6 of a ziggurat)
249500 | Zig:7    | Entered Level 7 of a ziggurat
249508 | Zig:7    | Found the +7 pair of quick blades "Gyre" and "Gimble"
                  | {protect}
249509 | Zig:7    | Found the macabre finger necklace {rN+}
249718 | Zig:7    | Got an ancient flail
249725 | Zig:7    | Identified the +8 flail "Ireech" {freeze, rC+} (You found
                  | it on level 7 of a ziggurat)
249842 | Zig:8    | Entered Level 8 of a ziggurat
250068 | Zig:8    | Identified the Guide on Moulding and Summoning
250158 | Zig:9    | Entered Level 9 of a ziggurat
250309 | Zig:9    | Got a crude copper ring
250372 | Zig:9    | Reached skill level 27 in Invocations
250418 | Zig:10   | Entered Level 10 of a ziggurat
250665 | Zig:10   | Identified the ring of Equzutoy {rPois Str+3 SInv} (You
                  | found it on level 9 of a ziggurat)
250718 | Zig:11   | Entered Level 11 of a ziggurat
250732 | Zig:11   | Noticed Goizaa the pandemonium lord
250737 | Zig:11   | Killed Goizaa the pandemonium lord
250945 | Zig:11   | Identified Vozxozu's Grimoire of Floating Conjuration
250948 | Zig:11   | Got a heavily runed golden ring
251066 | Zig:11   | Got an ancient dagger
251067 | Zig:11   | Identified the +3 dagger of the Orcish Mines {vorpal,
                  | +Blink rElec} (You found it on level 11 of a ziggurat)
251073 | Zig:11   | Identified the ring "Zeamun" {+Inv +Fly rN+ Str+3 Int+4}
                  | (You found it on level 11 of a ziggurat)
251166 | Zig:12   | Entered Level 12 of a ziggurat
251185 | Zig:12   | Found the cursed +14 obsidian axe {vorpal, +Fly SInv
                  | *Curse}
251378 | Zig:12   | Identified the Incunabulum of the Glacier and the Compass
251411 | Zig:12   | Got a faintly glowing buckler
251429 | Zig:12   | Identified the cursed -3 buckler "Miuhiug" {rElec rN+} (You
                  | found it on level 12 of a ziggurat)
251501 | Zig:13   | Entered Level 13 of a ziggurat
251518 | Zig:13   | Found the ring of the Octopus King
251647 | Zig:13   | Got a ring of the Octopus King
251653 | Zig:13   | Got a wavering silver amulet
251754 | Zig:13   | Got a warped copper ring
251759 | Zig:13   | Got a crystal dire flail
251762 | Zig:13   | Got a smoking flail
251765 | Zig:13   | Identified the +5 flail of the Apocalypse {holy, Dex+6}
                  | (You found it on level 13 of a ziggurat)
251782 | Zig:13   | Identified the cursed +1 dire flail of the Wraith {flame,
                  | rElec Str-5 Dex+3} (You found it on level 13 of a ziggurat)
251795 | Zig:13   | Identified the amulet of the Clam {*Contam rElec rN+ Regen+
                  | Str+8} (You found it on level 13 of a ziggurat)
251848 | Zig:13   | Identified the ring "Onir" {+Fly Int+3} (You found it on
                  | level 13 of a ziggurat)
251961 | Zig:13   | Identified a ring of the Octopus King {rF+ AC+1 EV+1 Str+1
                  | Int+1 Dex+1} (You found it on level 13 of a ziggurat)
252016 | Zig:14   | Entered Level 14 of a ziggurat
252026 | Zig:14   | Noticed an ancient lich
252035 | Zig:14   | Found the +6 shillelagh "Devastator" {shatter}
252045 | Zig:14   | Killed an ancient lich
252352 | Zig:14   | Identified Hulocs's Tome of the Icy Escort
252416 | Zig:14   | Got a shimmering longbow
252426 | Zig:14   | Identified the cursed +1 longbow of Drought {freeze, rF+
                  | Int+4 Dex+5} (You found it on level 14 of a ziggurat)
252486 | Zig:15   | Entered Level 15 of a ziggurat
252634 | Zig:15   | Identified the Guide on Ensnaring Dark Secrets
252786 | Zig:15   | Got a crude mace
252787 | Zig:15   | Identified the +2 mace of Dishonesty {vorpal, MP+9} (You
                  | found it on level 15 of a ziggurat)
252816 | Zig:15   | Got a bloodstained shortbow
252827 | Zig:15   | Identified the +3 shortbow of Debt {freeze, rC+ rN+ Int+3
                  | Stlth+} (You found it on level 15 of a ziggurat)
252888 | Zig:15   | Reached skill level 27 in Poison Magic
252937 | Zig:16   | Entered Level 16 of a ziggurat
253259 | Zig:16   | Got a brightly glowing morningstar
253260 | Zig:16   | Identified the +4 morningstar "Xeppu" {elec, rF- rN+ Dex+4}
                  | (You found it on level 16 of a ziggurat)
253311 | Zig:17   | Entered Level 17 of a ziggurat
253442 | Zig:17   | Identified Sif Muna's Compendium of the Dusty Birds
253478 | Zig:17   | Identified the Handbook of Scorching Stolen Souls
253630 | Zig:17   | Got a warped morningstar
253630 | Zig:17   | Identified the +8 morningstar "Uwoa" {pain, Str+4} (You
                  | found it on level 17 of a ziggurat)
253637 | Zig:17   | Got a bloodstained war axe
253637 | Zig:17   | Identified the +7 war axe "Mitusm" {freeze, Str+3 Dex+4}
                  | (You found it on level 17 of a ziggurat)
253641 | Zig:17   | Got a steaming rapier
253641 | Zig:17   | Identified the +6 rapier of Bankruptcy {speed, Str+3} (You
                  | found it on level 17 of a ziggurat)
253647 | Zig:17   | Got a polished halberd
253647 | Zig:17   | Identified the +4 halberd of Vopuakhi {vorpal, Int+7 Dex+4}
                  | (You found it on level 17 of a ziggurat)
253650 | Zig:17   | Got a crystal short sword
253650 | Zig:17   | Identified the +11 short sword of Calamity {vorpal, *Rage
                  | rC+ Str+2 Int+2} (You found it on level 17 of a ziggurat)
253707 | Zig:18   | Entered Level 18 of a ziggurat
253719 | Zig:18   | Noticed Xytsac the pandemonium lord
253720 | Zig:18   | Noticed Nezec the pandemonium lord
253720 | Zig:18   | Noticed Jiptourch the pandemonium lord
253720 | Zig:18   | Noticed Ororr the pandemonium lord
253720 | Zig:18   | Noticed Votam the pandemonium lord
253723 | Zig:18   | Killed Xytsac the pandemonium lord
253723 | Zig:18   | Noticed Jeadgha the pandemonium lord
253723 | Zig:18   | Noticed Dalaumoj the pandemonium lord
253723 | Zig:18   | Noticed Veyph the pandemonium lord
253724 | Zig:18   | Noticed Sibeunt the pandemonium lord
253726 | Zig:18   | Killed Jiptourch the pandemonium lord
253726 | Zig:18   | Killed Nezec the pandemonium lord
253727 | Zig:18   | Noticed Leicum the pandemonium lord
253728 | Zig:18   | Noticed Boruasud the pandemonium lord
253728 | Zig:18   | Killed Ororr the pandemonium lord
253728 | Zig:18   | Killed Dalaumoj the pandemonium lord
253730 | Zig:18   | Killed Boruasud the pandemonium lord
253730 | Zig:18   | Noticed Diosmemp the pandemonium lord
253732 | Zig:18   | Noticed Nistruem the pandemonium lord
253733 | Zig:18   | Noticed Sontuigan the pandemonium lord
253733 | Zig:18   | Noticed Enauton the pandemonium lord
253735 | Zig:18   | Noticed Iqijigur the pandemonium lord
253735 | Zig:18   | Noticed Ciomn the pandemonium lord
253736 | Zig:18   | Noticed Ewablif the pandemonium lord
253736 | Zig:18   | Killed Jeadgha the pandemonium lord
253737 | Zig:18   | Killed Veyph the pandemonium lord
253737 | Zig:18   | Killed Sibeunt the pandemonium lord
253740 | Zig:18   | Killed Leicum the pandemonium lord
253742 | Zig:18   | Noticed Ciunaru the pandemonium lord
253742 | Zig:18   | Noticed Elluosips the pandemonium lord
253742 | Zig:18   | Noticed Cyonilat the pandemonium lord
253743 | Zig:18   | Killed Nistruem the pandemonium lord
253743 | Zig:18   | Killed Votam the pandemonium lord
253744 | Zig:18   | Noticed Kioto the pandemonium lord
253747 | Zig:18   | Killed Iqijigur the pandemonium lord
253749 | Zig:18   | Killed Cyonilat the pandemonium lord
253749 | Zig:18   | Noticed Asakhleikk the pandemonium lord
253751 | Zig:18   | Killed Ciunaru the pandemonium lord
253751 | Zig:18   | Killed Asakhleikk the pandemonium lord
253751 | Zig:18   | Noticed Bul Gaet the pandemonium lord
253752 | Zig:18   | Killed Ciomn the pandemonium lord
253752 | Zig:18   | Noticed Navaveag the pandemonium lord
253752 | Zig:18   | Noticed Vuax the pandemonium lord
253754 | Zig:18   | Killed Enauton the pandemonium lord
253754 | Zig:18   | Noticed Jatuoth the pandemonium lord
253756 | Zig:18   | Noticed Himos the pandemonium lord
253756 | Zig:18   | Noticed Cefigh the pandemonium lord
253757 | Zig:18   | Noticed Guesoig the pandemonium lord
253759 | Zig:18   | Killed Kioto the pandemonium lord
253759 | Zig:18   | Killed Ewablif the pandemonium lord
253761 | Zig:18   | Noticed Xuimpa the pandemonium lord
253762 | Zig:18   | Killed Diosmemp the pandemonium lord
253763 | Zig:18   | Killed Vuax the pandemonium lord
253764 | Zig:18   | Killed Navaveag the pandemonium lord
253764 | Zig:18   | Killed Elluosips the pandemonium lord
253764 | Zig:18   | Killed Bul Gaet the pandemonium lord
253766 | Zig:18   | Killed Himos the pandemonium lord
253766 | Zig:18   | Killed Jatuoth the pandemonium lord
253767 | Zig:18   | Killed Sontuigan the pandemonium lord
253768 | Zig:18   | Killed Guesoig the pandemonium lord
253769 | Zig:18   | Found the +0 sword of Power
253769 | Zig:18   | Killed Xuimpa the pandemonium lord
253769 | Zig:18   | Killed Cefigh the pandemonium lord
254149 | Zig:18   | Got a faintly glowing silver ring
254155 | Zig:18   | Identified Zeaproiq's Tome of Confrontation
254236 | Zig:18   | Identified the ring "Vueb Vaeto" {Fire rN+ Stlth+} (You
                  | found it on level 18 of a ziggurat)
254286 | Zig:19   | Entered Level 19 of a ziggurat
254883 | Zig:19   | Got a faintly glowing mace
254883 | Zig:19   | Identified the cursed +0 mace of Zilao {holy, Fragile rElec
                  | MP+9 Str-3} (You found it on level 19 of a ziggurat)
254894 | Zig:19   | Got a fading rapier
254894 | Zig:19   | Identified the cursed +1 rapier "Kioh" {antimagic, Str+7
                  | Int-2} (You found it on level 19 of a ziggurat)
254898 | Zig:19   | Got a crude hunting sling
254899 | Zig:19   | Identified the +7 hunting sling of the Special Dreams
                  | {venom, *Corrode Str+4 Dex+5} (You found it on level 19 of
                  | a ziggurat)
254903 | Zig:19   | Got a crystal flail
254903 | Zig:19   | Identified the +6 flail of Light {vorpal, Dex+3} (You found
                  | it on level 19 of a ziggurat)
254922 | Zig:19   | Got a dazzling arbalest
254922 | Zig:19   | Identified the +6 arbalest "Roustrea" {elec, Str+2} (You
                  | found it on level 19 of a ziggurat)
254932 | Zig:19   | Got a slimy kite shield
254937 | Zig:19   | Identified the cursed +0 kite shield of Grot {Dex+3} (You
                  | found it on level 19 of a ziggurat)
255139 | Zig:20   | Entered Level 20 of a ziggurat
255148 | Zig:20   | Noticed a greater mummy
255149 | Zig:20   | Noticed a greater mummy
255150 | Zig:20   | Noticed a greater mummy
255151 | Zig:20   | Noticed a greater mummy
255152 | Zig:20   | Noticed a greater mummy
255153 | Zig:20   | Noticed a greater mummy
255153 | Zig:20   | Noticed a greater mummy
255154 | Zig:20   | Noticed a greater mummy
255154 | Zig:20   | Noticed a greater mummy
255155 | Zig:20   | Noticed a greater mummy
255156 | Zig:20   | Noticed a greater mummy
255157 | Zig:20   | Noticed a greater mummy
255157 | Zig:20   | Noticed a greater mummy
255158 | Zig:20   | Noticed a greater mummy
255158 | Zig:20   | Noticed a greater mummy
255160 | Zig:20   | Killed a greater mummy
255160 | Zig:20   | Killed a greater mummy
255160 | Zig:20   | Killed a greater mummy
255160 | Zig:20   | Killed a greater mummy
255160 | Zig:20   | Killed a greater mummy
255160 | Zig:20   | Killed a greater mummy
255160 | Zig:20   | Noticed a greater mummy
255161 | Zig:20   | Noticed a greater mummy
255161 | Zig:20   | Noticed a greater mummy
255161 | Zig:20   | Noticed a greater mummy
255163 | Zig:20   | Killed a greater mummy
255163 | Zig:20   | Killed a greater mummy
255163 | Zig:20   | Killed a greater mummy
255163 | Zig:20   | Reached skill level 27 in Slings
255163 | Zig:20   | Killed a greater mummy
255163 | Zig:20   | Killed a greater mummy
255164 | Zig:20   | Killed a greater mummy
255164 | Zig:20   | Killed a greater mummy
255164 | Zig:20   | Killed a greater mummy
255164 | Zig:20   | Killed a greater mummy
255164 | Zig:20   | Killed a greater mummy
255164 | Zig:20   | Noticed a greater mummy
255165 | Zig:20   | Noticed a greater mummy
255166 | Zig:20   | Noticed a greater mummy
255167 | Zig:20   | Found the +5 demon whip "Spellbinder" {antimagic, MR+}
255167 | Zig:20   | Noticed a greater mummy
255167 | Zig:20   | Noticed a greater mummy
255168 | Zig:20   | Noticed a greater mummy
255168 | Zig:20   | Noticed a greater mummy
255169 | Zig:20   | Killed a greater mummy
255169 | Zig:20   | Killed a greater mummy
255169 | Zig:20   | Killed a greater mummy
255169 | Zig:20   | Killed a greater mummy
255169 | Zig:20   | Killed a greater mummy
255170 | Zig:20   | Killed a greater mummy
255170 | Zig:20   | Killed a greater mummy
255172 | Zig:20   | Killed a greater mummy
255173 | Zig:20   | Killed a greater mummy
255174 | Zig:20   | Killed a greater mummy
255568 | Zig:20   | Identified the Grimoire of Supportive Curses
255711 | Zig:20   | Identified Desuz's Almanac of Translocation and Creation
255714 | Zig:20   | Identified the Almanac of Envenoming and the Mountains
255717 | Zig:20   | Identified the Papyrus of Transformation and Beguiling
255765 | Zig:20   | Got a faintly glowing bone amulet
255776 | Zig:20   | Identified the amulet of Fiugagev {Reflect *Slow +Fly rPois
                  | MP+9 SH+5} (You found it on level 20 of a ziggurat)
255789 | Zig:20   | Got a scorched triple sword
255797 | Zig:20   | Identified the +6 triple sword of Syarphime {vorpal, +Blink
                  | rElec rPois rF-} (You found it on level 20 of a ziggurat)
255801 | Zig:20   | Got an ichor-stained great sword
255802 | Zig:20   | Identified the +7 great sword of the Evening {flame, rPois
                  | Dex+9} (You found it on level 20 of a ziggurat)
255808 | Zig:20   | Got a twisted short sword
255809 | Zig:20   | Identified the +7 short sword of Dudyekk {vorpal, rPois
                  | Dex+4} (You found it on level 20 of a ziggurat)
256024 | Zig:21   | Entered Level 21 of a ziggurat
256046 | Zig:21   | Noticed Misen the pandemonium lord
256069 | Zig:21   | Killed Misen the pandemonium lord
256077 | Zig:21   | Got a slimy graven amulet
256409 | Zig:21   | Got a glittering brass ring
256515 | Zig:21   | Identified the Disquisition on Feathery Conjuration
256530 | Zig:21   | Identified the ring of Deomemis {rF- rC+ rN+ MR+ SInv} (You
                  | found it on level 21 of a ziggurat)
256546 | Zig:21   | Identified the amulet of Affan {Reflect +Inv rF+++ Int-2
                  | Dex+5 SH+5} (You found it on level 21 of a ziggurat)
256563 | Zig:21   | Got a translucent ruby amulet
256576 | Zig:21   | Identified the amulet of the Burgomaster {Inacc rPois rC+
                  | Str+4 Int+4} (You found it on level 21 of a ziggurat)
256594 | Zig:21   | Got a coiled glass ring
256599 | Zig:21   | Identified the ring "Voruc" {+Fly rElec rPois Str+6 Stlth-}
                  | (You found it on level 21 of a ziggurat)
256610 | Zig:21   | Got a twitching glass ring
256611 | Zig:21   | Identified the ring "West" {rC+ Str+6} (You found it on
                  | level 21 of a ziggurat)
256616 | Zig:21   | Got a steaming silver amulet
256627 | Zig:21   | Identified the amulet "Piwuttig" {Spirit +Fly rElec Int+2
                  | Dex+4} (You found it on level 21 of a ziggurat)
256648 | Zig:21   | Got a dazzling shortbow
256654 | Zig:21   | Identified the cursed +0 shortbow "Bim Waus" {flame, rC++
                  | rN+ Str-2} (You found it on level 21 of a ziggurat)
256872 | Zig:22   | Entered Level 22 of a ziggurat
256873 | Zig:22   | Reached skill level 27 in Summonings
256908 | Zig:22   | Found the ring of the Octopus King
257266 | Zig:22   | Identified the Compendium of Conjuration and Changing
257378 | Zig:22   | Got a wavering turquoise ring
257386 | Zig:22   | Identified the ring "Zish" {rPois rN+ Int+3 Dex+6} (You
                  | found it on level 22 of a ziggurat)
257400 | Zig:22   | Got a clouded turquoise ring
257412 | Zig:22   | Identified the ring of Res Nullius {+Inv Str+2 Int-5 Dex+6}
                  | (You found it on level 22 of a ziggurat)
257427 | Zig:22   | Got a ring of the Octopus King
257428 | Zig:22   | Identified a ring of the Octopus King {AC+1 EV+1 Str+1
                  | Int+1 Dex+1 SInv} (You found it on level 22 of a ziggurat)
257451 | Zig:22   | Got a shimmering war axe
257451 | Zig:22   | Identified the cursed +0 war axe "Gyggych" {venom, Fragile
                  | rF+ Int+2} (You found it on level 22 of a ziggurat)
257460 | Zig:22   | Identified Pacveum's Volume of Flames and Stones
257464 | Zig:22   | Got a transparent dagger
257464 | Zig:22   | Identified the +2 dagger "Jellyslayer" {elec, Str+2} (You
                  | found it on level 22 of a ziggurat)
257468 | Zig:22   | Got a fine shortbow
257468 | Zig:22   | Identified the +6 shortbow of Wrongful Imprisonment {speed,
                  | Dex+4} (You found it on level 22 of a ziggurat)
257471 | Zig:22   | Got a bloodstained rapier
257471 | Zig:22   | Identified the +1 rapier "Huinuana" {antimagic, MR+ Str+5}
                  | (You found it on level 22 of a ziggurat)
257474 | Zig:22   | Got a crude glaive
257474 | Zig:22   | Identified the cursed +3 glaive "Conservator" {vorpal,
                  | rPois rC+ Int+4} (You found it on level 22 of a ziggurat)
257478 | Zig:22   | Got an encrusted hunting sling
257478 | Zig:22   | Identified the +2 hunting sling of Reilur {flame, *Contam
                  | rF+ Stlth+} (You found it on level 22 of a ziggurat)
257910 | Zig:23   | Entered Level 23 of a ziggurat
258069 | Zig:23   | Killed a starcursed mass
258457 | Zig:23   | Found the +6 lightning scales {run, rElec}
258524 | Zig:23   | Identified the ring "Akuuk" {*Drain rElec rF+++ SInv
                  | Stlth+} (You found it on level 23 of a ziggurat)
258529 | Zig:23   | Identified the ring of the Firefly {*Corrode +Inv rN+ MP+9}
                  | (You found it on level 23 of a ziggurat)
258530 | Zig:23   | Identified the Incunabulum of the Floating Oath
258598 | Zig:23   | Got a twisted double sword
258598 | Zig:23   | Identified the +8 double sword of the Madman {vorpal, MR+
                  | Int+4 Stlth+} (You found it on level 23 of a ziggurat)
258632 | Zig:23   | Got a bloodstained shortbow
258638 | Zig:23   | Identified the +8 shortbow of the Priest {venom, rElec rN++
                  | MP+9} (You found it on level 23 of a ziggurat)
258907 | Zig:24   | Entered Level 24 of a ziggurat
259861 | Zig:24   | Identified the ring of Obsession {Wiz rF+ Dex+6} (You found
                  | it on level 24 of a ziggurat)
259896 | Zig:24   | Identified the +3 whip "Dragon's Death Toll" {freeze, +Rage
                  | rC+ Dex+2} (You found it on level 24 of a ziggurat)
259905 | Zig:24   | Identified the cursed +1 flail of the Endless March
                  | {freeze, *Drain rC+ rN++ MR+} (You found it on level 24 of
                  | a ziggurat)
259967 | Zig:25   | Entered Level 25 of a ziggurat
259975 | Zig:25   | Noticed a greater mummy
259975 | Zig:25   | Noticed a greater mummy
259976 | Zig:25   | Noticed a greater mummy
259976 | Zig:25   | Noticed a greater mummy
259977 | Zig:25   | Noticed a greater mummy
259980 | Zig:25   | Noticed a greater mummy
259980 | Zig:25   | Noticed a greater mummy
259982 | Zig:25   | Noticed a greater mummy
259982 | Zig:25   | Noticed a greater mummy
259982 | Zig:25   | Noticed a greater mummy
259984 | Zig:25   | Noticed a greater mummy
259985 | Zig:25   | Noticed a greater mummy
259985 | Zig:25   | Noticed a greater mummy
259986 | Zig:25   | Noticed a greater mummy
259987 | Zig:25   | Noticed a greater mummy
259987 | Zig:25   | Noticed a greater mummy
259987 | Zig:25   | Noticed a greater mummy
259988 | Zig:25   | Noticed a greater mummy
259988 | Zig:25   | Noticed a greater mummy
259988 | Zig:25   | Noticed a greater mummy
259989 | Zig:25   | Noticed a greater mummy
259989 | Zig:25   | Noticed a greater mummy
259989 | Zig:25   | Noticed a greater mummy
259989 | Zig:25   | Noticed a greater mummy
259990 | Zig:25   | Noticed a greater mummy
259991 | Zig:25   | Noticed a greater mummy
259992 | Zig:25   | Noticed a greater mummy
259992 | Zig:25   | Noticed a greater mummy
259992 | Zig:25   | Noticed a greater mummy
259992 | Zig:25   | Noticed a greater mummy
259994 | Zig:25   | Killed a greater mummy
259994 | Zig:25   | Killed a greater mummy
259994 | Zig:25   | Killed a greater mummy
259994 | Zig:25   | Killed a greater mummy
259994 | Zig:25   | Killed a greater mummy
259994 | Zig:25   | Killed a greater mummy
259994 | Zig:25   | Killed a greater mummy
259994 | Zig:25   | Killed a greater mummy
259994 | Zig:25   | Killed a greater mummy
259994 | Zig:25   | Killed a greater mummy
259995 | Zig:25   | Noticed a greater mummy
259995 | Zig:25   | Noticed a greater mummy
259995 | Zig:25   | Noticed a greater mummy
259997 | Zig:25   | Killed a greater mummy
259999 | Zig:25   | Noticed a greater mummy
260000 | Zig:25   | Noticed a greater mummy
260001 | Zig:25   | Killed a greater mummy
260001 | Zig:25   | Killed a greater mummy
260001 | Zig:25   | Killed a greater mummy
260001 | Zig:25   | Killed a greater mummy
260001 | Zig:25   | Killed a greater mummy
260001 | Zig:25   | Killed a greater mummy
260001 | Zig:25   | Killed a greater mummy
260001 | Zig:25   | Killed a greater mummy
260001 | Zig:25   | Killed a greater mummy
260001 | Zig:25   | Killed a greater mummy
260001 | Zig:25   | Killed a greater mummy
260001 | Zig:25   | Noticed a greater mummy
260002 | Zig:25   | Noticed a greater mummy
260002 | Zig:25   | Noticed a greater mummy
260003 | Zig:25   | Noticed a greater mummy
260003 | Zig:25   | Noticed a greater mummy
260003 | Zig:25   | Noticed a greater mummy
260004 | Zig:25   | Killed a greater mummy
260004 | Zig:25   | Noticed a greater mummy
260005 | Zig:25   | Killed a greater mummy
260005 | Zig:25   | Killed a greater mummy
260005 | Zig:25   | Killed a greater mummy
260005 | Zig:25   | Killed a greater mummy
260005 | Zig:25   | Killed a greater mummy
260005 | Zig:25   | Killed a greater mummy
260005 | Zig:25   | Noticed a greater mummy
260005 | Zig:25   | Killed a greater mummy
260005 | Zig:25   | Noticed a greater mummy
260006 | Zig:25   | Noticed a greater mummy
260007 | Zig:25   | Noticed a greater mummy
260010 | Zig:25   | Killed a greater mummy
260010 | Zig:25   | Killed a greater mummy
260010 | Zig:25   | Killed a greater mummy
260010 | Zig:25   | Killed a greater mummy
260010 | Zig:25   | Killed a greater mummy
260010 | Zig:25   | Killed a greater mummy
260012 | Zig:25   | Killed a greater mummy
260012 | Zig:25   | Killed a greater mummy
260012 | Zig:25   | Killed a greater mummy
260012 | Zig:25   | Killed a greater mummy
260012 | Zig:25   | Killed a greater mummy
260016 | Zig:25   | Killed a greater mummy
260018 | Zig:25   | Killed a greater mummy
260018 | Zig:25   | Killed a greater mummy
260019 | Zig:25   | Killed a greater mummy
260019 | Zig:25   | Killed a greater mummy
261661 | Zig:25   | Identified the Disquisition on Flying Earth
261948 | Zig:25   | Identified Alued's Compendium of Curses
261973 | Zig:25   | Identified Vehumet's Guide on Conjuration
262063 | Zig:25   | Identified the Handbook of Ghastly Glamour
262767 | Zig:25   | Got a pitted wooden ring
262770 | Zig:25   | Identified the ring of Liberty {Fire rElec} (You found it
                  | on level 25 of a ziggurat)
262775 | Zig:25   | Got a scintillating amber ring
262776 | Zig:25   | Identified the ring "Quzeji Teon" {rN+ AC+4 Int+3} (You
                  | found it on level 25 of a ziggurat)
262781 | Zig:25   | Identified the ring "Ynicafoa" {EV+4 Str+2 Int+3} (You
                  | found it on level 25 of a ziggurat)
262786 | Zig:25   | Identified the ring of the Will of the Gods {*Contam +Fly
                  | rC++} (You found it on level 25 of a ziggurat)
262790 | Zig:25   | Identified the ring of Juvuwk {rC+ Stlth+} (You found it on
                  | level 25 of a ziggurat)
262800 | Zig:25   | Got a bone scimitar
262801 | Zig:25   | Identified the +12 scimitar "Nasef" {drain, rN+} (You found
                  | it on level 25 of a ziggurat)
263013 | Zig:26   | Entered Level 26 of a ziggurat
263524 | Zig:26   | Identified the Catalogue of Feathery Attacks
263549 | Zig:26   | Identified the +7 long sword of the Bruised Princes {speed,
                  | rElec rN+ Stlth+} (You found it on level 26 of a ziggurat)
263552 | Zig:26   | Identified the +7 morningstar of Corruption {freeze, rN++
                  | Str+2} (You found it on level 26 of a ziggurat)
263606 | Zig:27   | Entered Level 27 of a ziggurat
264205 | Zig:27   | Identified the +4 scimitar of Yredelemnul's Scorn {elec,
                  | Str+2 Dex+2} (You found it on level 27 of a ziggurat)
264208 | Zig:27   | Identified the +3 hunting sling of Nont {freeze, Fragile
                  | rElec rPois Int+6} (You found it on level 27 of a ziggurat)
264210 | Zig:27   | Identified the +8 mace of Pain and Death {vorpal, Str+3}
                  | (You found it on level 27 of a ziggurat)
264217 | Zig:27   | Identified the +10 great sword of Fate {speed, *Noise rN+
                  | SInv Stlth+} (You found it on level 27 of a ziggurat)
264222 | Zig:27   | Identified the +6 morningstar of Pandemonium {vorpal,
                  | +Blink Str-4 Int+5 SInv} (You found it on level 27 of a
                  | ziggurat)
264445 | D:15     | Bought a warped broad axe for 342 gold pieces
264446 | D:15     | Identified the +5 broad axe of Dissolution {vorpal, rPois}
                  | (You bought it in a shop on level 15 of the Dungeon)
264456 | D:15     | Bought a scroll of acquirement for 1040 gold pieces
264456 | D:15     | Bought a scroll of acquirement for 1040 gold pieces
264467 | D:15     | Acquired 1276 gold pieces
264468 | D:15     | Acquired 1222 gold pieces
264469 | D:15     | Acquired 933 gold pieces
264470 | D:15     | Acquired 1234 gold pieces
264471 | D:15     | Acquired 661 gold pieces
264545 | Zig:1    | Entered Level 1 of a ziggurat
264627 | Zig:2    | Entered Level 2 of a ziggurat
264716 | Zig:3    | Entered Level 3 of a ziggurat
264716 | Zig:3    | Noticed Mudghaub the pandemonium lord
264716 | Zig:3    | Noticed Luraizett the pandemonium lord
264716 | Zig:3    | Noticed Aghusasu the pandemonium lord
264722 | Zig:3    | Killed Luraizett the pandemonium lord
264723 | Zig:3    | Killed Mudghaub the pandemonium lord
264726 | Zig:3    | Killed Aghusasu the pandemonium lord
265075 | Zig:4    | Entered Level 4 of a ziggurat
265080 | Zig:4    | Noticed Ocud the pandemonium lord
265086 | Zig:4    | Killed Ocud the pandemonium lord
265222 | Zig:5    | Entered Level 5 of a ziggurat
265312 | Zig:5    | Got a pitted hunting sling
265313 | Zig:5    | Identified the cursed +1 hunting sling of Massacring
                  | {venom, rN+ Int-4 Stlth+} (You found it on level 5 of a
                  | ziggurat)
265362 | Zig:6    | Entered Level 6 of a ziggurat
265367 | Zig:6    | Noticed Neyrhach the pandemonium lord
265378 | Zig:6    | Killed Neyrhach the pandemonium lord
265413 | Zig:6    | Identified Sif Muna's Volume of Blistering Unholy Secrets
265587 | Zig:7    | Entered Level 7 of a ziggurat
265696 | Zig:7    | Got a twitching crystal amulet
265740 | Zig:7    | Got an ancient iron ring
265846 | Zig:8    | Entered Level 8 of a ziggurat
266067 | Zig:9    | Entered Level 9 of a ziggurat
266224 | Zig:9    | Identified the +8 battleaxe of Kismet {drain, +Rage Stlth+}
                  | (You found it on level 9 of a ziggurat)
266225 | Zig:9    | Identified the amulet "Aggyppeicw" {Reflect Str-2 Int+4
                  | SH+5} (You found it on level 7 of a ziggurat)
266226 | Zig:9    | Identified the ring of Sloth {MP+9 Dex+3} (You found it on
                  | level 7 of a ziggurat)
266233 | Zig:9    | Got a smoking spear
266234 | Zig:9    | Identified the +6 spear "Onneg" {vamp, *Rage +Inv MR-
                  | Str+8} (You found it on level 9 of a ziggurat)
266239 | Zig:9    | Got an ancient long sword
266239 | Zig:9    | Identified the +2 long sword "Joidan" {vamp, Fragile rElec
                  | rPois} (You found it on level 9 of a ziggurat)
266288 | Zig:10   | Entered Level 10 of a ziggurat
266294 | Zig:10   | Noticed a juggernaut
266296 | Zig:10   | Noticed a juggernaut
266298 | Zig:10   | Noticed a juggernaut
266299 | Zig:10   | Noticed a juggernaut
266305 | Zig:10   | Found the +8 frozen axe "Frostbite" {freezing cloud, *Noise
                  | +Fly rC+}
266306 | Zig:10   | Killed a juggernaut
266311 | Zig:10   | Killed a juggernaut
266311 | Zig:10   | Killed a juggernaut
266316 | Zig:10   | Killed a juggernaut
266693 | Zig:11   | Entered Level 11 of a ziggurat
266793 | Zig:11   | Got a shimmering platinum amulet
266913 | Zig:11   | Identified the amulet "Toocuf" {rF+ rC- Regen+ Str+6} (You
                  | found it on level 11 of a ziggurat)
266960 | Zig:12   | Entered Level 12 of a ziggurat
267204 | Zig:12   | Identified the +4 lajatang "Axaf" {vorpal, +Rage Int+4}
                  | (You found it on level 12 of a ziggurat)
267250 | Zig:13   | Entered Level 13 of a ziggurat
267607 | Zig:13   | Identified the Almanac of Congealing Moulding
267623 | Zig:13   | Identified the +7 morningstar "Raeres" {venom, rN+} (You
                  | found it on level 13 of a ziggurat)
267625 | Zig:13   | Identified the +3 falchion of the Dozen Blessings {drain,
                  | Stlth+} (You found it on level 13 of a ziggurat)
267627 | Zig:13   | Identified the +4 spear "Grim Tooth" {drain, rElec rN+}
                  | (You found it on level 13 of a ziggurat)
267631 | Zig:13   | Identified the cursed +2 dire flail of Modiw {protect,
                  | rElec Dex+3} (You found it on level 13 of a ziggurat)
267730 | Zig:14   | Entered Level 14 of a ziggurat
267762 | Zig:14   | Found the +9 heavy crossbow "Sniper" {vorpal, Acc+∞ SInv}
268160 | Zig:14   | Identified the +8 falchion of Defence by Offence {freeze,
                  | rElec Str+2 SInv} (You found it on level 14 of a ziggurat)
268208 | Zig:15   | Entered Level 15 of a ziggurat
268325 | Zig:15   | Identified Masou's Grimoire of Fiery Execration
268330 | Zig:15   | Got a twitching iron amulet
268528 | Zig:15   | Identified the amulet of Gluttony {RegenMP +Blink} (You
                  | found it on level 15 of a ziggurat)
268529 | Zig:15   | Got a crystal mace
268530 | Zig:15   | Identified the +4 mace of Imminent Death {freeze, rC- Str+2
                  | SInv} (You found it on level 15 of a ziggurat)
268581 | Zig:16   | Entered Level 16 of a ziggurat
269005 | Zig:16   | Got a warped pewter ring
269016 | Zig:16   | Identified the Reference Book on Dislocation and the Oath
269020 | Zig:16   | Got a translucent pewter ring
269097 | Zig:16   | Got a transparent buckler
269099 | Zig:16   | Identified the cursed +0 buckler "Tuw Fiem" {rC- Str+5
                  | Int+6} (You found it on level 16 of a ziggurat)
269100 | Zig:16   | Identified the ring "Buwk" {*Tele +Inv MP+9 Str+3 Slay+2}
                  | (You found it on level 16 of a ziggurat)
269101 | Zig:16   | Identified the ring "Imont" {rF- AC+4 Int+2 Dex+6} (You
                  | found it on level 16 of a ziggurat)
269199 | Zig:17   | Entered Level 17 of a ziggurat
269227 | Zig:17   | Found the +7 Singing Sword {vorpal, sonic wave}
269655 | Zig:17   | Identified the +5 dagger "Quej" {protect, Int+3 Dex+3
                  | Stlth+} (You found it on level 17 of a ziggurat)
269660 | Zig:17   | Identified the +7 short sword "Xaeromir" {antimagic, rPois
                  | rF++ Str+5} (You found it on level 17 of a ziggurat)
269663 | Zig:17   | Identified the +3 short sword of the Singing Messenger
                  | {elec, rElec rPois Dex-5} (You found it on level 17 of a
                  | ziggurat)
269715 | Zig:18   | Entered Level 18 of a ziggurat
269723 | Zig:18   | Noticed Ibiyki the pandemonium lord
269726 | Zig:18   | Noticed Acio the pandemonium lord
269729 | Zig:18   | Killed Acio the pandemonium lord
269730 | Zig:18   | Noticed Zurriud the pandemonium lord
269733 | Zig:18   | Noticed Edu Fiaf the pandemonium lord
269733 | Zig:18   | Noticed Qodusiu the pandemonium lord
269733 | Zig:18   | Noticed Ekucleng the pandemonium lord
269733 | Zig:18   | Noticed Fuviahun the pandemonium lord
269734 | Zig:18   | Noticed Bijedoi the pandemonium lord
269734 | Zig:18   | Killed Zurriud the pandemonium lord
269735 | Zig:18   | Noticed Ogiot the pandemonium lord
269736 | Zig:18   | Noticed Assyff the pandemonium lord
269738 | Zig:18   | Killed Ekucleng the pandemonium lord
269738 | Zig:18   | Killed Edu Fiaf the pandemonium lord
269740 | Zig:18   | Noticed Qiexko the pandemonium lord
269740 | Zig:18   | Killed Bijedoi the pandemonium lord
269740 | Zig:18   | Noticed Caschoro the pandemonium lord
269743 | Zig:18   | Killed Fuviahun the pandemonium lord
269743 | Zig:18   | Noticed Pepharomni the pandemonium lord
269743 | Zig:18   | Noticed Pylet the pandemonium lord
269744 | Zig:18   | Noticed Oblaeli the pandemonium lord
269744 | Zig:18   | Noticed Ysetosch the pandemonium lord
269744 | Zig:18   | Killed Qodusiu the pandemonium lord
269745 | Zig:18   | Noticed Foeshruj the pandemonium lord
269746 | Zig:18   | Noticed Somuhen the pandemonium lord
269747 | Zig:18   | Killed Ogiot the pandemonium lord
269747 | Zig:18   | Noticed Gupniam the pandemonium lord
269747 | Zig:18   | Noticed Warroeg the pandemonium lord
269747 | Zig:18   | Noticed Bamol Rash the pandemonium lord
269748 | Zig:18   | Noticed Imaeff the pandemonium lord
269748 | Zig:18   | Killed Oblaeli the pandemonium lord
269749 | Zig:18   | Killed Bamol Rash the pandemonium lord
269749 | Zig:18   | Noticed Dungy the pandemonium lord
269751 | Zig:18   | Killed Pylet the pandemonium lord
269751 | Zig:18   | Killed Imaeff the pandemonium lord
269754 | Zig:18   | Killed Assyff the pandemonium lord
269754 | Zig:18   | Killed Ysetosch the pandemonium lord
269754 | Zig:18   | Killed Pepharomni the pandemonium lord
269754 | Zig:18   | Noticed Ofiezof the pandemonium lord
269754 | Zig:18   | Noticed Feblohi the pandemonium lord
269756 | Zig:18   | Noticed Datozyn the pandemonium lord
269756 | Zig:18   | Noticed Nenut the pandemonium lord
269757 | Zig:18   | Killed Ofiezof the pandemonium lord
269757 | Zig:18   | Killed Foeshruj the pandemonium lord
269758 | Zig:18   | Killed Caschoro the pandemonium lord
269759 | Zig:18   | Noticed Ritoaqu the pandemonium lord
269760 | Zig:18   | Noticed Puun the pandemonium lord
269761 | Zig:18   | Killed Datozyn the pandemonium lord
269761 | Zig:18   | Killed Gupniam the pandemonium lord
269761 | Zig:18   | Noticed Irienexi the pandemonium lord
269763 | Zig:18   | Noticed Attuvoit the pandemonium lord
269763 | Zig:18   | Noticed Ofeukluu the pandemonium lord
269764 | Zig:18   | Noticed Bepymy Wewu the pandemonium lord
269765 | Zig:18   | Killed Warroeg the pandemonium lord
269765 | Zig:18   | Noticed Alouh the pandemonium lord
269766 | Zig:18   | Killed Ibiyki the pandemonium lord
269767 | Zig:18   | Noticed Taadag the pandemonium lord
269768 | Zig:18   | Killed Feblohi the pandemonium lord
269768 | Zig:18   | Killed Somuhen the pandemonium lord
269768 | Zig:18   | Killed Taadag the pandemonium lord
269769 | Zig:18   | Killed Nenut the pandemonium lord
269769 | Zig:18   | Noticed Xunees the pandemonium lord
269770 | Zig:18   | Killed Qiexko the pandemonium lord
269770 | Zig:18   | Noticed Ypukk the pandemonium lord
269772 | Zig:18   | Noticed Mebbaico the pandemonium lord
269774 | Zig:18   | Noticed Pirauc the pandemonium lord
269774 | Zig:18   | Noticed Leqosou the pandemonium lord
269774 | Zig:18   | Noticed Wouceir the pandemonium lord
269776 | Zig:18   | Killed Alouh the pandemonium lord
269777 | Zig:18   | Killed Xunees the pandemonium lord
269777 | Zig:18   | Killed Irienexi the pandemonium lord
269781 | Zig:18   | Killed Ypukk the pandemonium lord
269781 | Zig:18   | Killed Bepymy Wewu the pandemonium lord
269785 | Zig:18   | Killed Dungy the pandemonium lord
269788 | Zig:18   | Killed Leqosou the pandemonium lord
269788 | Zig:18   | Killed Pirauc the pandemonium lord
269789 | Zig:18   | Killed Attuvoit the pandemonium lord
269791 | Zig:18   | Killed Ritoaqu the pandemonium lord
269793 | Zig:18   | Killed Wouceir the pandemonium lord
269796 | Zig:18   | Killed Mebbaico the pandemonium lord
269805 | Zig:18   | Killed Ofeukluu the pandemonium lord
269808 | Zig:18   | Killed Puun the pandemonium lord
270120 | Zig:18   | Identified Cawk's Almanac of Hexes
270244 | Zig:18   | Identified the cursed +0 hat of Ygaiv {rC+} (You found it
                  | on level 18 of a ziggurat)
270247 | Zig:18   | Identified the +6 great sword "Plog" {vorpal, +Rage Str+2
                  | Dex-4} (You found it on level 18 of a ziggurat)
270251 | Zig:18   | Identified the cursed +0 buckler of Infinity {+Blink} (You
                  | found it on level 18 of a ziggurat)
270255 | Zig:18   | Got a jewelled flail
270256 | Zig:18   | Identified the +9 flail of the Distant Future {venom, rF+
                  | Dex+5} (You found it on level 18 of a ziggurat)
270261 | Zig:18   | Got a translucent short sword
270262 | Zig:18   | Identified the +1 short sword "Tuifaraz" {drain, rElec
                  | rPois rN+} (You found it on level 18 of a ziggurat)
270357 | Zig:19   | Entered Level 19 of a ziggurat
270383 | Zig:19   | Noticed Enugousk the pandemonium lord
270390 | Zig:19   | Killed Enugousk the pandemonium lord
270582 | Zig:19   | Got a clouded graven amulet
270729 | Zig:19   | Identified the Grimoire of Unholy Magic and Clay
270748 | Zig:19   | Identified the amulet "Pyij" {*Slow rF+ Regen+ Dex+4} (You
                  | found it on level 19 of a ziggurat)
270767 | Zig:19   | Got a smoking falchion
270768 | Zig:19   | Identified the +8 falchion "Fokhli Gahink" {vamp, rPois
                  | MP+9} (You found it on level 19 of a ziggurat)
270817 | Zig:20   | Entered Level 20 of a ziggurat
270841 | Zig:20   | Noticed Vusatown the pandemonium lord
270846 | Zig:20   | Killed Vusatown the pandemonium lord
271359 | Zig:20   | Got an ancient diamond amulet
271530 | Zig:20   | Got a vibrating tin ring
271532 | Zig:20   | Got a shimmering lead ring
271539 | Zig:20   | Identified the Disquisition on Snow and Heat
271613 | Zig:20   | Identified the +1 scimitar of Strategic Superiority {drain,
                  | rElec MR+ Int+2 Dex+3} (You found it on level 20 of a
                  | ziggurat)
271625 | Zig:20   | Identified the amulet "Onkeegg" {Reflect +Fly Str+2 Int+2
                  | SH+5} (You found it on level 20 of a ziggurat)
271636 | Zig:20   | Identified the ring "Xeusoruc" {rPois Dex+6} (You found it
                  | on level 20 of a ziggurat)
271638 | Zig:20   | Identified the ring "Weushreg" {rC+ rN+ Str+4 Stlth-} (You
                  | found it on level 20 of a ziggurat)
271648 | Zig:20   | Got a shimmering longbow
271654 | Zig:20   | Identified the +4 longbow "Quoran" {flame, +Inv rC- MP+9
                  | SInv} (You found it on level 20 of a ziggurat)
271754 | Zig:21   | Entered Level 21 of a ziggurat
271764 | Zig:21   | Noticed Xonod the pandemonium lord
271769 | Zig:21   | Noticed Gosomoz the pandemonium lord
271769 | Zig:21   | Noticed Dagguf the pandemonium lord
271769 | Zig:21   | Noticed Engam the pandemonium lord
271769 | Zig:21   | Noticed Keatutas the pandemonium lord
271769 | Zig:21   | Noticed Votyem the pandemonium lord
271769 | Zig:21   | Noticed Subeorac the pandemonium lord
271770 | Zig:21   | Noticed Komedwazul the pandemonium lord
271770 | Zig:21   | Noticed Riap the pandemonium lord
271771 | Zig:21   | Noticed Enyt Wikk the pandemonium lord
271773 | Zig:21   | Noticed Oczoad the pandemonium lord
271776 | Zig:21   | Killed Xonod the pandemonium lord
271776 | Zig:21   | Killed Votyem the pandemonium lord
271776 | Zig:21   | Noticed Fosu the pandemonium lord
271780 | Zig:21   | Killed Fosu the pandemonium lord
271780 | Zig:21   | Killed Oczoad the pandemonium lord
271780 | Zig:21   | Noticed Diysk the pandemonium lord
271780 | Zig:21   | Noticed Pireor the pandemonium lord
271781 | Zig:21   | Killed Riap the pandemonium lord
271782 | Zig:21   | Noticed Buuf the pandemonium lord
271784 | Zig:21   | Noticed Latonec the pandemonium lord
271787 | Zig:21   | Killed Subeorac the pandemonium lord
271787 | Zig:21   | Killed Komedwazul the pandemonium lord
271789 | Zig:21   | Killed Pireor the pandemonium lord
271790 | Zig:21   | Killed Diysk the pandemonium lord
271790 | Zig:21   | Noticed Hyunli the pandemonium lord
271791 | Zig:21   | Noticed Obbuh the pandemonium lord
271792 | Zig:21   | Killed Keatutas the pandemonium lord
271792 | Zig:21   | Noticed Qonox Tovem the pandemonium lord
271794 | Zig:21   | Noticed Sukh the pandemonium lord
271795 | Zig:21   | Killed Obbuh the pandemonium lord
271795 | Zig:21   | Noticed Muopustrapn the pandemonium lord
271795 | Zig:21   | Noticed Cobloakh the pandemonium lord
271796 | Zig:21   | Noticed Pilesah the pandemonium lord
271797 | Zig:21   | Killed Qonox Tovem the pandemonium lord
271797 | Zig:21   | Killed Buuf the pandemonium lord
271797 | Zig:21   | Killed Engam the pandemonium lord
271800 | Zig:21   | Noticed Uro Bow the pandemonium lord
271803 | Zig:21   | Killed Muopustrapn the pandemonium lord
271805 | Zig:21   | Killed Sukh the pandemonium lord
271805 | Zig:21   | Killed Gosomoz the pandemonium lord
271805 | Zig:21   | Killed Latonec the pandemonium lord
271805 | Zig:21   | Killed Uro Bow the pandemonium lord
271807 | Zig:21   | Noticed Yhopheil the pandemonium lord
271808 | Zig:21   | Noticed Hiepnid the pandemonium lord
271810 | Zig:21   | Noticed Linal the pandemonium lord
271811 | Zig:21   | Killed Enyt Wikk the pandemonium lord
271811 | Zig:21   | Killed Pilesah the pandemonium lord
271814 | Zig:21   | Noticed Jaef the pandemonium lord
271814 | Zig:21   | Noticed Vezouhen the pandemonium lord
271814 | Zig:21   | Noticed Jeuph the pandemonium lord
271815 | Zig:21   | Noticed Diudoops the pandemonium lord
271815 | Zig:21   | Noticed Pauriol the pandemonium lord
271818 | Zig:21   | Killed Hiepnid the pandemonium lord
271819 | Zig:21   | Noticed Seiciseq the pandemonium lord
271819 | Zig:21   | Noticed Roasis the pandemonium lord
271820 | Zig:21   | Killed Seiciseq the pandemonium lord
271820 | Zig:21   | Killed Cobloakh the pandemonium lord
271821 | Zig:21   | Noticed Nifaf the pandemonium lord
271822 | Zig:21   | Noticed Jammex the pandemonium lord
271824 | Zig:21   | Killed Jeuph the pandemonium lord
271824 | Zig:21   | Killed Diudoops the pandemonium lord
271825 | Zig:21   | Noticed Ytoa the pandemonium lord
271826 | Zig:21   | Killed Jammex the pandemonium lord
271826 | Zig:21   | Killed Roasis the pandemonium lord
271826 | Zig:21   | Killed Vezouhen the pandemonium lord
271826 | Zig:21   | Noticed Loes the pandemonium lord
271829 | Zig:21   | Killed Dagguf the pandemonium lord
271829 | Zig:21   | Noticed Loamafi the pandemonium lord
271830 | Zig:21   | Killed Loamafi the pandemonium lord
271830 | Zig:21   | Killed Loes the pandemonium lord
271831 | Zig:21   | Killed Linal the pandemonium lord
271832 | Zig:21   | Noticed Hir Unishrono the pandemonium lord
271837 | Zig:21   | Noticed Silar the pandemonium lord
271837 | Zig:21   | Noticed Dunniwna the pandemonium lord
271837 | Zig:21   | Killed Hyunli the pandemonium lord
271838 | Zig:21   | Killed Nifaf the pandemonium lord
271839 | Zig:21   | Killed Jaef the pandemonium lord
271839 | Zig:21   | Killed Pauriol the pandemonium lord
271840 | Zig:21   | Killed Dunniwna the pandemonium lord
271840 | Zig:21   | Killed Ytoa the pandemonium lord
271840 | Zig:21   | Killed Hir Unishrono the pandemonium lord
271840 | Zig:21   | Killed Yhopheil the pandemonium lord
271840 | Zig:21   | Noticed Kuimir the pandemonium lord
271845 | Zig:21   | Killed Kuimir the pandemonium lord
271846 | Zig:21   | Killed Silar the pandemonium lord
272190 | Zig:21   | Found the +4 robe of Augmentation {Str+4 Int+4 Dex+4}
272196 | Zig:21   | Identified the Handbook of Confrontation and the Compass
272211 | Zig:21   | Identified the Reference Book on Blistering Orientation
272216 | Zig:21   | Got a shimmering platinum ring
272221 | Zig:21   | Got a flickering emerald amulet
272323 | Zig:21   | Identified the ring of Ataetem {rF+ rC+ MR++ Str-2 Stlth+}
                  | (You found it on level 21 of a ziggurat)
272334 | Zig:21   | Identified the amulet of Hilae {Spirit Int+3 SInv} (You
                  | found it on level 21 of a ziggurat)
272345 | Zig:21   | Got an encrusted short sword
272346 | Zig:21   | Identified the +8 short sword of Sin {flame, rC++ Str-2
                  | Dex+3 Stlth+} (You found it on level 21 of a ziggurat)
272356 | Zig:21   | Got a transparent lajatang
272357 | Zig:21   | Identified the +3 lajatang "Wyps" {freeze, rPois rF+ Str-5
                  | Int+2} (You found it on level 21 of a ziggurat)
272456 | Zig:22   | Entered Level 22 of a ziggurat
272954 | Zig:22   | Got a sparkling golden ring
272989 | Zig:22   | Got a warped copper amulet
272992 | Zig:22   | Identified Wezezulab's Grimoire of the Rocks and Poisoning
272995 | Zig:22   | Identified the Collected Works on Translocation
272997 | Zig:22   | Identified Laumemoth's Disquisition on Gliding Orientation
273110 | Zig:22   | Identified the +4 tower shield of Adwio {rN+} (You found it
                  | on level 22 of a ziggurat)
273128 | Zig:22   | Identified the amulet "Wareobuge" {Spirit *Drain rElec MP+9
                  | Str+9} (You found it on level 22 of a ziggurat)
273140 | Zig:22   | Identified the ring "Teemary" {rC+ Dex+3} (You found it on
                  | level 22 of a ziggurat)
273161 | Zig:22   | Got a polished halberd
273163 | Zig:22   | Got a scorched morningstar
273179 | Zig:22   | Identified the cursed +0 morningstar of Pain and Death
                  | {freeze, MR++ Str-5 Int+6} (You found it on level 22 of a
                  | ziggurat)
273187 | Zig:22   | Got a crystal falchion
273188 | Zig:22   | Identified the +5 falchion "Vocecw" {vorpal, rF- Dex+4}
                  | (You found it on level 22 of a ziggurat)
273238 | Zig:23   | Entered Level 23 of a ziggurat
273261 | Zig:23   | Noticed a juggernaut
273265 | Zig:23   | Killed a juggernaut
273265 | Zig:23   | Noticed a juggernaut
273266 | Zig:23   | Noticed a juggernaut
273266 | Zig:23   | Noticed a juggernaut
273266 | Zig:23   | Noticed a juggernaut
273267 | Zig:23   | Noticed a juggernaut
273267 | Zig:23   | Noticed a juggernaut
273268 | Zig:23   | Noticed a juggernaut
273268 | Zig:23   | Noticed a juggernaut
273268 | Zig:23   | Noticed a juggernaut
273268 | Zig:23   | Noticed a juggernaut
273269 | Zig:23   | Killed a juggernaut
273269 | Zig:23   | Killed a juggernaut
273269 | Zig:23   | Killed a juggernaut
273269 | Zig:23   | Noticed a juggernaut
273269 | Zig:23   | Noticed a juggernaut
273271 | Zig:23   | Noticed a juggernaut
273272 | Zig:23   | Noticed a juggernaut
273272 | Zig:23   | Noticed a juggernaut
273272 | Zig:23   | Noticed a juggernaut
273275 | Zig:23   | Killed a juggernaut
273275 | Zig:23   | Killed a juggernaut
273275 | Zig:23   | Killed a juggernaut
273275 | Zig:23   | Killed a juggernaut
273275 | Zig:23   | Killed a juggernaut
273275 | Zig:23   | Killed a juggernaut
273275 | Zig:23   | Killed a juggernaut
273275 | Zig:23   | Killed a juggernaut
273276 | Zig:23   | Killed a juggernaut
273276 | Zig:23   | Killed a juggernaut
273276 | Zig:23   | Killed a juggernaut
273276 | Zig:23   | Killed a juggernaut
273279 | Zig:23   | Killed a juggernaut
273422 | Zig:23   | Identified the Volume of Doomed Dislocation
273646 | Zig:23   | Got a faintly glowing sapphire amulet
273697 | Zig:23   | Identified the amulet "Fevvesof" {RegenMP MR+ Int-3 Stlth+}
                  | (You found it on level 23 of a ziggurat)
273698 | Zig:23   | Got a smoking dagger
273698 | Zig:23   | Identified the cursed +3 dagger of Disarray {vorpal, *Drain
                  | MR+ Str+3} (You found it on level 23 of a ziggurat)
273705 | Zig:23   | Got a fine double sword
273706 | Zig:23   | Identified the +6 double sword "Zoma" {drain, *Slow +Blink
                  | rF+ Str+4} (You found it on level 23 of a ziggurat)
273709 | Zig:23   | Got a steaming hand axe
273710 | Zig:23   | Identified the +8 hand axe of Evolution {drain, rF++ Str+2}
                  | (You found it on level 23 of a ziggurat)
273717 | Zig:23   | Got a crude scythe
273723 | Zig:23   | Identified the +1 scythe "Tazoosuph" {vorpal, Str+6} (You
                  | found it on level 23 of a ziggurat)
273729 | Zig:23   | Got an ichor-stained quarterstaff
273730 | Zig:23   | Identified the +6 quarterstaff of the Wizarding Eel {elec,
                  | Dex+4} (You found it on level 23 of a ziggurat)
273864 | Zig:24   | Entered Level 24 of a ziggurat
273880 | Zig:24   | Noticed Goaq the pandemonium lord
273881 | Zig:24   | Noticed Vioskekk the pandemonium lord
273881 | Zig:24   | Noticed Iqebluca the pandemonium lord
273882 | Zig:24   | Noticed Hefoz the pandemonium lord
273882 | Zig:24   | Noticed Sirob the pandemonium lord
273882 | Zig:24   | Noticed Kedefith the pandemonium lord
273882 | Zig:24   | Noticed Fusal the pandemonium lord
273884 | Zig:24   | Killed Goaq the pandemonium lord
273884 | Zig:24   | Noticed Uneakhoa the pandemonium lord
273884 | Zig:24   | Noticed Ishyzuig the pandemonium lord
273884 | Zig:24   | Noticed Waah the pandemonium lord
273887 | Zig:24   | Noticed Seemueposm the pandemonium lord
273887 | Zig:24   | Noticed Mujuilelu the pandemonium lord
273887 | Zig:24   | Noticed Rijocy Wyif the pandemonium lord
273888 | Zig:24   | Noticed Dice the pandemonium lord
273888 | Zig:24   | Noticed Taduduo the pandemonium lord
273888 | Zig:24   | Noticed Zigaj the pandemonium lord
273888 | Zig:24   | Noticed Kuefick the pandemonium lord
273889 | Zig:24   | Killed Hefoz the pandemonium lord
273889 | Zig:24   | Noticed Moelol the pandemonium lord
273890 | Zig:24   | Noticed Dymetoumach the pandemonium lord
273890 | Zig:24   | Noticed Nuynt the pandemonium lord
273891 | Zig:24   | Noticed Viub the pandemonium lord
273891 | Zig:24   | Noticed Muuzxonn the pandemonium lord
273891 | Zig:24   | Noticed Putig the pandemonium lord
273891 | Zig:24   | Noticed Rasa the pandemonium lord
273891 | Zig:24   | Noticed Wocal the pandemonium lord
273891 | Zig:24   | Noticed Suoq the pandemonium lord
273891 | Zig:24   | Noticed Gussos the pandemonium lord
273892 | Zig:24   | Noticed Limalus the pandemonium lord
273892 | Zig:24   | Noticed Zymine the pandemonium lord
273893 | Zig:24   | Noticed Mapizaf the pandemonium lord
273893 | Zig:24   | Killed Kuefick the pandemonium lord
273893 | Zig:24   | Killed Iqebluca the pandemonium lord
273893 | Zig:24   | Killed Taduduo the pandemonium lord
273893 | Zig:24   | Killed Sirob the pandemonium lord
273893 | Zig:24   | Noticed Dameucun the pandemonium lord
273893 | Zig:24   | Killed Rijocy Wyif the pandemonium lord
273893 | Zig:24   | Noticed Qyennumump the pandemonium lord
273893 | Zig:24   | Noticed Matt the pandemonium lord
273894 | Zig:24   | Noticed Kyarur the pandemonium lord
273895 | Zig:24   | Noticed Qonerrig the pandemonium lord
273895 | Zig:24   | Noticed Xuamoigu the pandemonium lord
273896 | Zig:24   | Noticed Buacac the pandemonium lord
273896 | Zig:24   | Noticed Ceink the pandemonium lord
273896 | Zig:24   | Killed Ishyzuig the pandemonium lord
273896 | Zig:24   | Noticed Valuejet the pandemonium lord
273897 | Zig:24   | Killed Moelol the pandemonium lord
273897 | Zig:24   | Killed Wocal the pandemonium lord
273897 | Zig:24   | Noticed Cuedagha the pandemonium lord
273897 | Zig:24   | Noticed Dexus the pandemonium lord
273898 | Zig:24   | Killed Gussos the pandemonium lord
273898 | Zig:24   | Noticed Qufuxa the pandemonium lord
273898 | Zig:24   | Noticed Wistast the pandemonium lord
273898 | Zig:24   | Noticed Waawoe the pandemonium lord
273898 | Zig:24   | Noticed Monefoq the pandemonium lord
273898 | Zig:24   | Noticed Gyinirel the pandemonium lord
273898 | Zig:24   | Noticed Genyor the pandemonium lord
273899 | Zig:24   | Killed Buacac the pandemonium lord
273899 | Zig:24   | Killed Dice the pandemonium lord
273899 | Zig:24   | Killed Rasa the pandemonium lord
273899 | Zig:24   | Noticed Zyhubrig the pandemonium lord
273899 | Zig:24   | Noticed Luat the pandemonium lord
273899 | Zig:24   | Killed Seemueposm the pandemonium lord
273900 | Zig:24   | Noticed Penuul the pandemonium lord
273900 | Zig:24   | Killed Suoq the pandemonium lord
273900 | Zig:24   | Killed Fusal the pandemonium lord
273900 | Zig:24   | Killed Muuzxonn the pandemonium lord
273900 | Zig:24   | Killed Xoowk the pandemonium lord
273900 | Zig:24   | Killed Monefoq the pandemonium lord
273900 | Zig:24   | Killed Dexus the pandemonium lord
273901 | Zig:24   | Killed Matt the pandemonium lord
273901 | Zig:24   | Killed Waawoe the pandemonium lord
273901 | Zig:24   | Noticed Iwnolami the pandemonium lord
273902 | Zig:24   | Noticed Aratem the pandemonium lord
273902 | Zig:24   | Noticed Baenaukk the pandemonium lord
273903 | Zig:24   | Noticed Zigeacwam the pandemonium lord
273903 | Zig:24   | Noticed Adegh the pandemonium lord
273904 | Zig:24   | Noticed Jufac the pandemonium lord
273904 | Zig:24   | Noticed Ossateap the pandemonium lord
273905 | Zig:24   | Killed Putig the pandemonium lord
273905 | Zig:24   | Killed Dameucun the pandemonium lord
273906 | Zig:24   | Killed Mapizaf the pandemonium lord
273906 | Zig:24   | Killed Qyennumump the pandemonium lord
273906 | Zig:24   | Killed Qonerrig the pandemonium lord
273906 | Zig:24   | Killed Valuejet the pandemonium lord
273906 | Zig:24   | Killed Uneakhoa the pandemonium lord
273906 | Zig:24   | Killed Nuynt the pandemonium lord
273906 | Zig:24   | Killed Ceink the pandemonium lord
273906 | Zig:24   | Killed Dymetoumach the pandemonium lord
273908 | Zig:24   | Noticed Feusoer the pandemonium lord
273908 | Zig:24   | Noticed Jyrarek the pandemonium lord
273908 | Zig:24   | Killed Waah the pandemonium lord
273908 | Zig:24   | Killed Mujuilelu the pandemonium lord
273908 | Zig:24   | Killed Kyarur the pandemonium lord
273908 | Zig:24   | Killed Wistast the pandemonium lord
273908 | Zig:24   | Noticed Ragorogh the pandemonium lord
273909 | Zig:24   | Killed Zyhubrig the pandemonium lord
273909 | Zig:24   | Killed Ossateap the pandemonium lord
273909 | Zig:24   | Killed Limalus the pandemonium lord
273909 | Zig:24   | Killed Zigeacwam the pandemonium lord
273910 | Zig:24   | Noticed Xuhulef the pandemonium lord
273910 | Zig:24   | Noticed Jean the pandemonium lord
273910 | Zig:24   | Noticed Eplipt the pandemonium lord
273910 | Zig:24   | Killed Luat the pandemonium lord
273910 | Zig:24   | Killed Penuul the pandemonium lord
273910 | Zig:24   | Killed Genyor the pandemonium lord
273910 | Zig:24   | Noticed Zehatogh the pandemonium lord
273912 | Zig:24   | Noticed Paeps the pandemonium lord
273914 | Zig:24   | Killed Jyrarek the pandemonium lord
273914 | Zig:24   | Noticed Furchaaf the pandemonium lord
273915 | Zig:24   | Killed Viub the pandemonium lord
273915 | Zig:24   | Killed Paeps the pandemonium lord
273915 | Zig:24   | Killed Cuedagha the pandemonium lord
273915 | Zig:24   | Killed Gyinirel the pandemonium lord
273915 | Zig:24   | Killed Zymine the pandemonium lord
273915 | Zig:24   | Noticed Kiamn the pandemonium lord
273917 | Zig:24   | Killed Jufac the pandemonium lord
273918 | Zig:24   | Noticed Honin the pandemonium lord
273918 | Zig:24   | Noticed Qostruh the pandemonium lord
273919 | Zig:24   | Killed Aratem the pandemonium lord
273919 | Zig:24   | Killed Xuhulef the pandemonium lord
273920 | Zig:24   | Killed Zigaj the pandemonium lord
273920 | Zig:24   | Killed Qufuxa the pandemonium lord
273921 | Zig:24   | Killed Ragorogh the pandemonium lord
273921 | Zig:24   | Killed Feusoer the pandemonium lord
273921 | Zig:24   | Killed Vioskekk the pandemonium lord
273926 | Zig:24   | Noticed Marra the pandemonium lord
273928 | Zig:24   | Killed Zehatogh the pandemonium lord
273930 | Zig:24   | Killed Jean the pandemonium lord
273930 | Zig:24   | Killed Marra the pandemonium lord
273930 | Zig:24   | Banished Qostruh the pandemonium lord
273934 | Zig:24   | Killed Iwnolami the pandemonium lord
273935 | Zig:24   | Killed Eplipt the pandemonium lord
273937 | Zig:24   | Killed Adegh the pandemonium lord
273937 | Zig:24   | Killed Xuamoigu the pandemonium lord
273937 | Zig:24   | Killed Kiamn the pandemonium lord
273937 | Zig:24   | Killed Baenaukk the pandemonium lord
273937 | Zig:24   | Noticed Faunk the pandemonium lord
273943 | Zig:24   | Killed Honin the pandemonium lord
274065 | Zig:24   | Killed Kedefith the pandemonium lord
274105 | Zig:24   | Killed Furchaaf the pandemonium lord
274172 | Zig:24   | Killed Faunk the pandemonium lord
274228 | Zig:24   | Noticed Tonoexka the pandemonium lord
274231 | Zig:24   | Killed Tonoexka the pandemonium lord
274252 | Zig:24   | Found the +8 autumn katana {vorpal, Clar}
274578 | Zig:24   | Got an ichor-stained quick blade
274579 | Zig:24   | Identified the +6 quick blade "Riusaut" {venom, Int+4} (You
                  | found it on level 24 of a ziggurat)
274588 | Zig:24   | Got a bound lead ring
274639 | Zig:24   | Identified the cursed ring of Xerruwni {rN+ Dex-4 Stlth+}
                  | (You found it on level 24 of a ziggurat)
274645 | Zig:24   | Got a fine glass ring
274646 | Zig:24   | Identified the ring of Uwkal {rCorr Int+7} (You found it on
                  | level 24 of a ziggurat)
274676 | Zig:24   | Got a bloodstained morningstar
274677 | Zig:24   | Identified the +5 morningstar of Dismemberment {flame,
                  | rElec rC+ MP+9 Int+4} (You found it on level 24 of a
                  | ziggurat)
274690 | Zig:24   | Got a scorched halberd
274691 | Zig:24   | Identified the +5 halberd "Vuekkaop" {freeze, rN+ Stlth+}
                  | (You found it on level 24 of a ziggurat)
274744 | Zig:25   | Entered Level 25 of a ziggurat
275367 | Zig:25   | Got a slimy morningstar
275367 | Zig:25   | Identified the cursed +1 morningstar "Fuinig" {vorpal,
                  | *Drain +Inv Dex+2} (You found it on level 25 of a ziggurat)
275478 | Zig:26   | Entered Level 26 of a ziggurat
275496 | Zig:26   | Noticed an ancient lich
275500 | Zig:26   | Killed an ancient lich
275502 | Zig:26   | Noticed an ancient lich
275502 | Zig:26   | Noticed an ancient lich
275503 | Zig:26   | Noticed an ancient lich
275506 | Zig:26   | Killed an ancient lich
275506 | Zig:26   | Killed an ancient lich
275507 | Zig:26   | Noticed an ancient lich
275507 | Zig:26   | Noticed an ancient lich
275509 | Zig:26   | Noticed an ancient lich
275510 | Zig:26   | Noticed an ancient lich
275511 | Zig:26   | Noticed an ancient lich
275511 | Zig:26   | Noticed an ancient lich
275516 | Zig:26   | Killed an ancient lich
275516 | Zig:26   | Killed an ancient lich
275517 | Zig:26   | Killed an ancient lich
275517 | Zig:26   | Killed an ancient lich
275517 | Zig:26   | Killed an ancient lich
275521 | Zig:26   | Killed an ancient lich
275521 | Zig:26   | Killed an ancient lich
276029 | Zig:26   | Got a glittering marble ring
276043 | Zig:26   | Identified the ring of Agnosticism {rN+ MP+9 Stlth-} (You
                  | found it on level 26 of a ziggurat)
276054 | Zig:26   | Got a flickering ivory amulet
276055 | Zig:26   | Identified the amulet "Gealipn" {Faith rN++ Str+8 Slay-6}
                  | (You found it on level 26 of a ziggurat)
276062 | Zig:26   | Got a fine garnet amulet
276063 | Zig:26   | Identified the amulet of Yrurhiuq {Faith +Fly rPois rN+
                  | Dex-3} (You found it on level 26 of a ziggurat)
276069 | Zig:26   | Identified the +6 mace "Goblin's Regret" {antimagic, rPois
                  | Int-5 Dex+8} (You found it on level 26 of a ziggurat)
276074 | Zig:26   | Got a transparent falchion
276075 | Zig:26   | Identified the +9 falchion "Killer Bee's Bane" {speed, rC+
                  | Str+4 Int-5 Dex+4} (You found it on level 26 of a ziggurat)
276080 | Zig:26   | Got a bloodstained war axe
276081 | Zig:26   | Identified the +7 war axe "Ydduj" {venom, rC++ MR+ Str+4
                  | Int-2} (You found it on level 26 of a ziggurat)
276133 | Zig:27   | Entered Level 27 of a ziggurat
276397 | Zig:27   | Got a slimy golden ring
276737 | Zig:27   | Identified the Volume of the Sinister Snowflakes
276740 | Zig:27   | Got a vibrating granite ring
276862 | Zig:27   | Got a dazzling shortbow
276865 | Zig:27   | Got a faintly glowing scimitar
276872 | Zig:27   | Got a slimy morningstar
276873 | Zig:27   | Identified the +6 scimitar of the Glimmering Hawk {protect,
                  | rElec} (You found it on level 27 of a ziggurat)
276874 | Zig:27   | Identified the +6 morningstar "Lalacar" {flame, rElec Str+2
                  | Int+2} (You found it on level 27 of a ziggurat)
276910 | D:15     | Identified the +6 shortbow of Mourning {vorpal, +Inv rF+
                  | rN++ Int+3} (You found it on level 27 of a ziggurat)
276924 | D:15     | Identified the ring "Hunner" {rN+ MR- Str+3} (You found it
                  | on level 27 of a ziggurat)
276931 | D:15     | Identified the ring "Moas Ton" {rC+ Dex+3} (You found it on
                  | level 27 of a ziggurat)
276939 | D:15     | Acquired 774 gold pieces
276940 | D:15     | Acquired 985 gold pieces
276941 | D:15     | Acquired the +0 mask of the Dragon {MR+ Slay+3 SInv}
276942 | D:15     | Found the +0 mask of the Dragon {MR+ Slay+3 SInv}
277064 | Zig:1    | Entered Level 1 of a ziggurat
277167 | Zig:2    | Entered Level 2 of a ziggurat
277325 | Zig:3    | Entered Level 3 of a ziggurat
277460 | Zig:4    | Entered Level 4 of a ziggurat
277664 | Zig:4    | Got a dazzling broad axe
277665 | Zig:4    | Identified the cursed +0 broad axe of Ressi {drain, rF+}
                  | (You found it on level 4 of a ziggurat)
277714 | Zig:5    | Entered Level 5 of a ziggurat
277819 | Zig:5    | Got a heavily runed lapis lazuli ring
277898 | Zig:5    | Got a crude rapier
277899 | Zig:5    | Identified the +5 rapier "Eshidd" {elec, MR++ Str-3} (You
                  | found it on level 5 of a ziggurat)
277951 | Zig:5    | Identified the ring of Dacoutig {rF+ MR+ Slay+2} (You found
                  | it on level 5 of a ziggurat)
277999 | Zig:6    | Entered Level 6 of a ziggurat
278011 | Zig:6    | Paralysed by accursed screaming for 1 turns
278280 | Zig:7    | Entered Level 7 of a ziggurat
278475 | Zig:7    | Got an ancient war axe
278475 | Zig:7    | Identified the +10 war axe of the Kidney {vorpal, *Rage
                  | +Rage rPois Str-2} (You found it on level 7 of a ziggurat)
278482 | Zig:7    | Got a crystal flail
278482 | Zig:7    | Identified the +5 flail of Meomen {freeze, *Slow Int+4
                  | Stlth+} (You found it on level 7 of a ziggurat)
278535 | Zig:8    | Entered Level 8 of a ziggurat
278535 | Zig:8    | Noticed an ancient lich
278541 | Zig:8    | Killed an ancient lich
278542 | Zig:8    | Noticed an ancient lich
278547 | Zig:8    | Killed an ancient lich
278832 | Zig:8    | Got a smoking spear
278832 | Zig:8    | Identified the +10 spear "Grim Tooth" {antimagic, rPois}
                  | (You found it on level 8 of a ziggurat)
279031 | Zig:9    | Entered Level 9 of a ziggurat
279031 | Zig:9    | Noticed an ancient lich
279040 | Zig:9    | Killed an ancient lich
279426 | Zig:9    | Got a heavily runed pewter ring
279439 | Zig:9    | Identified Biwiwus's Tome of Hairiness
279448 | Zig:9    | Got a shimmering war axe
279448 | Zig:9    | Identified the +2 war axe of Gallantry {antimagic, rF+++
                  | Dex+7} (You found it on level 9 of a ziggurat)
279647 | Zig:10   | Entered Level 10 of a ziggurat
279670 | Zig:10   | Found the +2 cloak of the Thief {*Fog Slay-2 SInv Stlth+}
279916 | Zig:10   | Got a pitted golden ring
279930 | Zig:10   | Got a slimy great sword
279930 | Zig:10   | Identified the cursed +1 great sword "Raisin" {holy, rF+
                  | rN+} (You found it on level 10 of a ziggurat)
279935 | Zig:10   | Got an encrusted halberd
279935 | Zig:10   | Identified the +1 halberd "Duzekhli" {flame, Int+4 Dex+6}
                  | (You found it on level 10 of a ziggurat)
280035 | Zig:11   | Entered Level 11 of a ziggurat
280101 | Zig:11   | Got a wavering granite ring
280116 | Zig:11   | Identified the Handbook of Flamy Companions
280120 | Zig:11   | Identified the Papyrus of Aerial Moulding
280247 | Zig:11   | Got a transparent flail
280247 | Zig:11   | Identified the +3 flail of simcity's Bloody Death {drain,
                  | +Fly rElec rN+ Dex+4} (You found it on level 11 of a
                  | ziggurat)
280252 | Zig:11   | Got a smoking scimitar
280252 | Zig:11   | Identified the +9 scimitar of Trauma {distort, +Blink rF+
                  | Str-4} (You found it on level 11 of a ziggurat)
280320 | Zig:12   | Entered Level 12 of a ziggurat
280331 | Zig:12   | Found the +8 lance "Wyrmbane" {slay drac, rPois rF+ rC+
                  | AC+3}
280626 | Zig:12   | Got a masterwork mace
280626 | Zig:12   | Identified the cursed +1 mace of Gin and Tonic {freeze,
                  | rF+} (You found it on level 12 of a ziggurat)
280630 | Zig:12   | Got a slimy mace
280631 | Zig:12   | Identified the cursed +0 mace of Hacking and Slashing
                  | {vorpal, Fragile +Blink rC++ Dex+4} (You found it on level
                  | 12 of a ziggurat)
280637 | Zig:12   | Got a pitted great sword
280643 | Zig:12   | Identified the +11 great sword "Larooz" {vorpal, Fragile
                  | rF+ rN+ Dex+4} (You found it on level 12 of a ziggurat)
280706 | Zig:13   | Entered Level 13 of a ziggurat
280708 | Zig:13   | Noticed an ancient lich
280708 | Zig:13   | Noticed an ancient lich
280708 | Zig:13   | Noticed an ancient lich
280712 | Zig:13   | Noticed an ancient lich
280712 | Zig:13   | Noticed an ancient lich
280713 | Zig:13   | Noticed an ancient lich
280713 | Zig:13   | Noticed an ancient lich
280714 | Zig:13   | Noticed an ancient lich
280714 | Zig:13   | Noticed an ancient lich
280715 | Zig:13   | Killed an ancient lich
280715 | Zig:13   | Killed an ancient lich
280715 | Zig:13   | Killed an ancient lich
280715 | Zig:13   | Killed an ancient lich
280715 | Zig:13   | Killed an ancient lich
280715 | Zig:13   | Killed an ancient lich
280715 | Zig:13   | Killed an ancient lich
280715 | Zig:13   | Noticed an ancient lich
280717 | Zig:13   | Noticed an ancient lich
280717 | Zig:13   | Noticed an ancient lich
280719 | Zig:13   | Killed an ancient lich
280720 | Zig:13   | Killed an ancient lich
280720 | Zig:13   | Killed an ancient lich
280720 | Zig:13   | Killed an ancient lich
280720 | Zig:13   | Killed an ancient lich
281019 | Zig:13   | Got a glittering copper ring
281028 | Zig:13   | Got a dazzling dagger
281028 | Zig:13   | Identified the +3 dagger "Veixaena" {vorpal, +Blink rC-
                  | Dex+4 SInv} (You found it on level 13 of a ziggurat)
281075 | Zig:14   | Entered Level 14 of a ziggurat
281330 | Zig:14   | Identified Maonihiu's Compendium of Creative Changing
281332 | Zig:14   | Identified Vutib's Handbook of Shape Shifting and Ignition
281398 | Zig:14   | Got a brightly glowing flail
281398 | Zig:14   | Identified the +5 flail of Sin {vorpal, *Drain rN+++ Dex+8}
                  | (You found it on level 14 of a ziggurat)
281425 | Zig:14   | Got a polished hunting sling
281425 | Zig:14   | Identified the +5 hunting sling of Tension {flame, *Drain
                  | +Inv rPois rF++} (You found it on level 14 of a ziggurat)
281526 | Zig:15   | Entered Level 15 of a ziggurat
282028 | Zig:15   | Identified the ring of the Moon {rCorr Str+5 Int-5} (You
                  | found it on level 9 of a ziggurat)
282031 | Zig:15   | Identified the ring "Esyosah" {EV+4 Int+2} (You found it on
                  | level 10 of a ziggurat)
282034 | Zig:15   | Identified the ring of Cienla {*Tele Dex+2} (You found it
                  | on level 11 of a ziggurat)
282037 | Zig:15   | Identified the ring "Poc Unill" {*Contam rN+++ Int+6 Dex+4
                  | SInv} (You found it on level 13 of a ziggurat)
282259 | Zig:15   | Got a bound golden ring
282261 | Zig:15   | Identified the ring of Conformity {rN+ MR- Str+3 Dex+3
                  | Stlth+} (You found it on level 15 of a ziggurat)
282267 | Zig:15   | Got a clouded platinum ring
282268 | Zig:15   | Identified the ring of the Gastropod {Str+2 Stlth-} (You
                  | found it on level 15 of a ziggurat)
282273 | Zig:15   | Got a transparent broad axe
282273 | Zig:15   | Identified the +6 broad axe of Watchfulness {elec, rElec
                  | rN+ Str-3} (You found it on level 15 of a ziggurat)
282279 | Zig:15   | Got a faintly glowing long sword
282279 | Zig:15   | Identified the +9 long sword of the Final Decision {drain,
                  | +Fly rC+} (You found it on level 15 of a ziggurat)
282284 | Zig:15   | Got a translucent scimitar
282284 | Zig:15   | Identified the +11 scimitar of Tenacity {freeze, Dex+9}
                  | (You found it on level 15 of a ziggurat)
282338 | Zig:16   | Entered Level 16 of a ziggurat
282342 | Zig:16   | Noticed Belloc the pandemonium lord
282342 | Zig:16   | Noticed Peuqison the pandemonium lord
282342 | Zig:16   | Noticed Wyismijemm the pandemonium lord
282343 | Zig:16   | Noticed Velogautu the pandemonium lord
282343 | Zig:16   | Noticed Olet the pandemonium lord
282343 | Zig:16   | Noticed Zaiqarr the pandemonium lord
282347 | Zig:16   | Noticed Alaphuolam the pandemonium lord
282348 | Zig:16   | Noticed Wezerph the pandemonium lord
282348 | Zig:16   | Noticed Aquamai the pandemonium lord
282349 | Zig:16   | Noticed Wopn the pandemonium lord
282350 | Zig:16   | Noticed Pymoin the pandemonium lord
282350 | Zig:16   | Noticed Soluepam the pandemonium lord
282350 | Zig:16   | Noticed Yvymp the pandemonium lord
282351 | Zig:16   | Noticed Vituyliu the pandemonium lord
282351 | Zig:16   | Noticed Luowai the pandemonium lord
282351 | Zig:16   | Killed Olet the pandemonium lord
282351 | Zig:16   | Killed Wyismijemm the pandemonium lord
282351 | Zig:16   | Noticed Essen the pandemonium lord
282351 | Zig:16   | Noticed Foamacho the pandemonium lord
282352 | Zig:16   | Noticed Restrosa the pandemonium lord
282352 | Zig:16   | Noticed Eposm the pandemonium lord
282352 | Zig:16   | Noticed Ixicejic the pandemonium lord
282352 | Zig:16   | Killed Wezerph the pandemonium lord
282352 | Zig:16   | Killed Zaiqarr the pandemonium lord
282352 | Zig:16   | Killed Belloc the pandemonium lord
282352 | Zig:16   | Noticed Paxofiru the pandemonium lord
282352 | Zig:16   | Noticed Etsass the pandemonium lord
282352 | Zig:16   | Noticed Loupsis the pandemonium lord
282353 | Zig:16   | Killed Foamacho the pandemonium lord
282353 | Zig:16   | Killed Aquamai the pandemonium lord
282353 | Zig:16   | Killed Pymoin the pandemonium lord
282353 | Zig:16   | Killed Ixicejic the pandemonium lord
282353 | Zig:16   | Killed Vituyliu the pandemonium lord
282353 | Zig:16   | Noticed Sisauf the pandemonium lord
282354 | Zig:16   | Noticed Gedeps the pandemonium lord
282356 | Zig:16   | Noticed Qamasaang the pandemonium lord
282356 | Zig:16   | Noticed Doxt the pandemonium lord
282356 | Zig:16   | Noticed Sath the pandemonium lord
282356 | Zig:16   | Noticed Wufybloypn the pandemonium lord
282357 | Zig:16   | Noticed Huoruah the pandemonium lord
282358 | Zig:16   | Killed Wopn the pandemonium lord
282358 | Zig:16   | Killed Restrosa the pandemonium lord
282358 | Zig:16   | Noticed Qiniog the pandemonium lord
282359 | Zig:16   | Killed Luowai the pandemonium lord
282359 | Zig:16   | Killed Velogautu the pandemonium lord
282359 | Zig:16   | Killed Paxofiru the pandemonium lord
282359 | Zig:16   | Noticed Qakop the pandemonium lord
282361 | Zig:16   | Noticed Vioh the pandemonium lord
282362 | Zig:16   | Killed Soluepam the pandemonium lord
282363 | Zig:16   | Killed Wufybloypn the pandemonium lord
282363 | Zig:16   | Killed Qamasaang the pandemonium lord
282363 | Zig:16   | Noticed Putuafit the pandemonium lord
282366 | Zig:16   | Killed Peuqison the pandemonium lord
282366 | Zig:16   | Killed Wupi the pandemonium lord
282366 | Zig:16   | Noticed Irouphet the pandemonium lord
282367 | Zig:16   | Noticed Uwnuvol the pandemonium lord
282367 | Zig:16   | Killed Gedeps the pandemonium lord
282368 | Zig:16   | Noticed Suedayb the pandemonium lord
282369 | Zig:16   | Killed Loupsis the pandemonium lord
282370 | Zig:16   | Killed Huoruah the pandemonium lord
282370 | Zig:16   | Killed Alaphuolam the pandemonium lord
282370 | Zig:16   | Killed Sisauf the pandemonium lord
282372 | Zig:16   | Killed Essen the pandemonium lord
282372 | Zig:16   | Killed Putuafit the pandemonium lord
282372 | Zig:16   | Killed Etsass the pandemonium lord
282372 | Zig:16   | Killed Eposm the pandemonium lord
282373 | Zig:16   | Killed Irouphet the pandemonium lord
282373 | Zig:16   | Killed Vioh the pandemonium lord
282373 | Zig:16   | Killed Doxt the pandemonium lord
282373 | Zig:16   | Killed Sath the pandemonium lord
282382 | Zig:16   | Killed Uwnuvol the pandemonium lord
282382 | Zig:16   | Killed Suedayb the pandemonium lord
282385 | Zig:16   | Killed Qiniog the pandemonium lord
282387 | Zig:16   | Found the +3 sling "Punk" {acid, rCorr}
282389 | Zig:16   | Killed Qakop the pandemonium lord
282389 | Zig:16   | Killed Yvymp the pandemonium lord
282859 | Zig:16   | Identified The Catalogue of Greatest Risks and Utility
282870 | Zig:16   | Got a bound pewter ring
282923 | Zig:16   | Identified the ring "Niawilud" {Fire SInv} (You found it on
                  | level 16 of a ziggurat)
282929 | Zig:16   | Got a glimmering hand crossbow
282930 | Zig:16   | Identified the +7 hand crossbow of Poverty {flame, rN++}
                  | (You found it on level 16 of a ziggurat)
282936 | Zig:16   | Got a warped dagger
282936 | Zig:16   | Identified the cursed +1 dagger of the Equinox {vorpal, MR+
                  | Int+3} (You found it on level 16 of a ziggurat)
282940 | Zig:16   | Got a warped short sword
282941 | Zig:16   | Identified the +11 short sword "Milicw" {vamp, rElec} (You
                  | found it on level 16 of a ziggurat)
282952 | Zig:16   | Got an ebony battleaxe
282952 | Zig:16   | Identified the +9 battleaxe "Giantbane" {vorpal, rElec rF+
                  | rC- Stlth+} (You found it on level 16 of a ziggurat)
283096 | Zig:17   | Entered Level 17 of a ziggurat
283100 | Zig:17   | Noticed Axol the pandemonium lord
283100 | Zig:17   | Noticed Taneysaw the pandemonium lord
283100 | Zig:17   | Noticed Guewol the pandemonium lord
283100 | Zig:17   | Noticed Rudav the pandemonium lord
283105 | Zig:17   | Noticed Wiatz the pandemonium lord
283105 | Zig:17   | Noticed Odiah the pandemonium lord
283107 | Zig:17   | Noticed Ippionixke the pandemonium lord
283107 | Zig:17   | Noticed Waorphaote the pandemonium lord
283109 | Zig:17   | Noticed Plog the pandemonium lord
283109 | Zig:17   | Noticed Jefoch the pandemonium lord
283109 | Zig:17   | Noticed Giarurph the pandemonium lord
283110 | Zig:17   | Noticed Kobeal the pandemonium lord
283110 | Zig:17   | Noticed Nostivosa the pandemonium lord
283110 | Zig:17   | Noticed Belisaow the pandemonium lord
283110 | Zig:17   | Noticed Guhomyka the pandemonium lord
283110 | Zig:17   | Noticed Askyof the pandemonium lord
283111 | Zig:17   | Noticed Xeff the pandemonium lord
283111 | Zig:17   | Noticed Tekuckix the pandemonium lord
283111 | Zig:17   | Noticed Zako the pandemonium lord
283111 | Zig:17   | Noticed Apupnoqe the pandemonium lord
283111 | Zig:17   | Noticed Setiggy the pandemonium lord
283111 | Zig:17   | Noticed Alaequl the pandemonium lord
283112 | Zig:17   | Noticed Qidghako the pandemonium lord
283113 | Zig:17   | Killed Guewol the pandemonium lord
283113 | Zig:17   | Killed Taneysaw the pandemonium lord
283113 | Zig:17   | Killed Askyof the pandemonium lord
283113 | Zig:17   | Killed Nostivosa the pandemonium lord
283113 | Zig:17   | Noticed Lounn the pandemonium lord
283115 | Zig:17   | Noticed Inaocodd the pandemonium lord
283116 | Zig:17   | Noticed Ricsob the pandemonium lord
283119 | Zig:17   | Noticed Viupp the pandemonium lord
283119 | Zig:17   | Noticed Unnuuceg the pandemonium lord
283124 | Zig:17   | Killed Zako the pandemonium lord
283126 | Zig:17   | Killed Apupnoqe the pandemonium lord
283126 | Zig:17   | Noticed Biplodd the pandemonium lord
283127 | Zig:17   | Killed Giarurph the pandemonium lord
283128 | Zig:17   | Killed Belisaow the pandemonium lord
283129 | Zig:17   | Noticed Tyddang the pandemonium lord
283130 | Zig:17   | Noticed Enwit the pandemonium lord
283131 | Zig:17   | Killed Ippionixke the pandemonium lord
283131 | Zig:17   | Killed Mepo the pandemonium lord
283131 | Zig:17   | Killed Xeff the pandemonium lord
283131 | Zig:17   | Killed Unnuuceg the pandemonium lord
283131 | Zig:17   | Killed Plog the pandemonium lord
283132 | Zig:17   | Killed Setiggy the pandemonium lord
283132 | Zig:17   | Noticed Taonle the pandemonium lord
283133 | Zig:17   | Killed Biplodd the pandemonium lord
283133 | Zig:17   | Killed Ricsob the pandemonium lord
283133 | Zig:17   | Killed Tekuckix the pandemonium lord
283133 | Zig:17   | Killed Jefoch the pandemonium lord
283133 | Zig:17   | Killed Wiatz the pandemonium lord
283133 | Zig:17   | Killed Enwit the pandemonium lord
283133 | Zig:17   | Killed Viupp the pandemonium lord
283134 | Zig:17   | Killed Axol the pandemonium lord
283135 | Zig:17   | Killed Waorphaote the pandemonium lord
283138 | Zig:17   | Noticed Musm the pandemonium lord
283138 | Zig:17   | Killed Tyddang the pandemonium lord
283140 | Zig:17   | Killed Lounn the pandemonium lord
283141 | Zig:17   | Noticed Reugopny the pandemonium lord
283146 | Zig:17   | Killed Taonle the pandemonium lord
283146 | Zig:17   | Killed Odiah the pandemonium lord
283147 | Zig:17   | Killed Kobeal the pandemonium lord
283148 | Zig:17   | Noticed Siwuxac the pandemonium lord
283148 | Zig:17   | Noticed Nizoics the pandemonium lord
283149 | Zig:17   | Killed Musm the pandemonium lord
283149 | Zig:17   | Killed Inaocodd the pandemonium lord
283149 | Zig:17   | Killed Nizoics the pandemonium lord
283150 | Zig:17   | Killed Reugopny the pandemonium lord
283150 | Zig:17   | Killed Alaequl the pandemonium lord
283150 | Zig:17   | Noticed Weaxzoeq the pandemonium lord
283151 | Zig:17   | Noticed Iraax the pandemonium lord
283155 | Zig:17   | Killed Weaxzoeq the pandemonium lord
283155 | Zig:17   | Killed Rudav the pandemonium lord
283155 | Zig:17   | Noticed Umask the pandemonium lord
283157 | Zig:17   | Killed Qidghako the pandemonium lord
283158 | Zig:17   | Killed Iraax the pandemonium lord
283162 | Zig:17   | Killed Guhomyka the pandemonium lord
283162 | Zig:17   | Noticed Meamet the pandemonium lord
283163 | Zig:17   | Killed Umask the pandemonium lord
283163 | Zig:17   | Killed Siwuxac the pandemonium lord
283165 | Zig:17   | Noticed Reuwuddo the pandemonium lord
283166 | Zig:17   | Noticed Dixeyps the pandemonium lord
283171 | Zig:17   | Killed Meamet the pandemonium lord
283171 | Zig:17   | Killed Dixeyps the pandemonium lord
283175 | Zig:17   | Killed Reuwuddo the pandemonium lord
283542 | Zig:17   | Identified Boatut's Guide on Snow
283548 | Zig:17   | Identified the Papyrus of Shifting Beguiling
283593 | Zig:17   | Got a glimmering scimitar
283593 | Zig:17   | Identified the +3 scimitar of the Pits of Slime {venom,
                  | *Noise +Rage Int+10 SInv} (You found it on level 17 of a
                  | ziggurat)
283603 | Zig:17   | Got a brightly glowing quarterstaff
283609 | Zig:17   | Identified the +1 quarterstaff "Lifebane" {chaos, Stlth+}
                  | (You found it on level 17 of a ziggurat)
283666 | Zig:18   | Entered Level 18 of a ziggurat
283990 | Zig:18   | Identified the Handbook of the Invisible Tables
283994 | Zig:18   | Identified Ziracagg's Compendium of the Entourage and
                  | Transmutation
284165 | Zig:18   | Got a bound bronze ring
284188 | Zig:18   | Identified the ring "Kupesko" {+Inv rPois rC+ Stlth+} (You
                  | found it on level 18 of a ziggurat)
284196 | Zig:18   | Got a clouded bronze ring
284197 | Zig:18   | Identified the ring of Fedhas's Supremacy {*Corrode Dex+5
                  | Stlth+} (You found it on level 18 of a ziggurat)
284209 | Zig:18   | Got a bloodstained demon trident
284209 | Zig:18   | Identified the cursed +1 demon trident "Fova" {pain, rElec
                  | MR+ Str+3 Int-5} (You found it on level 18 of a ziggurat)
284214 | Zig:18   | Got an ichor-stained flail
284215 | Zig:18   | Identified the +4 flail of Honour {vorpal, *Drain MR+ Str+4
                  | Int+2} (You found it on level 18 of a ziggurat)
284221 | Zig:18   | Got a slimy shortbow
284227 | Zig:18   | Identified the +11 shortbow "Akhletreu" {flame, *Drain
                  | rElec Dex+4} (You found it on level 18 of a ziggurat)
284383 | Zig:19   | Entered Level 19 of a ziggurat
284646 | Zig:19   | Identified the Incunabulum of Virous Sinister Rites
284692 | Zig:19   | Got a bound ivory ring
284875 | Zig:19   | Identified the ring "Wipimam" {Ice MR+ Str+4 Dex+2} (You
                  | found it on level 19 of a ziggurat)
284891 | Zig:19   | Got a shimmering morningstar
284891 | Zig:19   | Identified the +6 morningstar "Qeph" {freeze, rN++ Str+2}
                  | (You found it on level 19 of a ziggurat)
284895 | Zig:19   | Got a pitted triple crossbow
284901 | Zig:19   | Identified the +11 triple crossbow of Xom {flame, rF- rN+
                  | MR++} (You found it on level 19 of a ziggurat)
285058 | Zig:20   | Entered Level 20 of a ziggurat
285575 | Zig:20   | Identified Ciko's Compendium of Dislocated Feathers
285580 | Zig:20   | Identified the Grimoire of Fetching Cold
285638 | Zig:20   | Identified the ring "Yveiluop" {+Inv Stlth+} (You found it
                  | on level 20 of a ziggurat)
285644 | Zig:20   | Identified the ring "Ocioc" {rPois MR+ rCorr} (You found it
                  | on level 20 of a ziggurat)
285656 | Zig:20   | Identified the +7 morningstar of Bish {antimagic, rElec
                  | Int+4} (You found it on level 20 of a ziggurat)
285659 | Zig:20   | Identified the +8 spear of Paggapt {vamp, *Noise rPois rF+}
                  | (You found it on level 20 of a ziggurat)
285662 | Zig:20   | Identified the +10 double sword "Zusamp" {vorpal, *Noise
                  | *Drain Str+6 Int+2} (You found it on level 20 of a
                  | ziggurat)
285665 | Zig:20   | Identified the +7 quarterstaff "Saamastryi" {drain, rElec
                  | rPois} (You found it on level 20 of a ziggurat)
285670 | Zig:20   | Identified the +12 hand axe "Grim" {vamp, rElec} (You found
                  | it on level 20 of a ziggurat)
285674 | Zig:20   | Identified the +3 scimitar of War {drain, rPois rC++} (You
                  | found it on level 20 of a ziggurat)
285678 | Zig:20   | Identified the +9 war axe "Transmigrator" {vorpal, +Rage
                  | rF+ Dex+6} (You found it on level 20 of a ziggurat)
285731 | Zig:21   | Entered Level 21 of a ziggurat
286034 | Zig:21   | Got a steaming golden ring
286337 | Zig:21   | Identified the ring "Duerremu" {+Fly rC+ MR+ Str+3} (You
                  | found it on level 21 of a ziggurat)
286344 | Zig:21   | Got a steaming hand axe
286344 | Zig:21   | Identified the +4 hand axe "Eloerghykh" {elec, rPois} (You
                  | found it on level 21 of a ziggurat)
286352 | Zig:21   | Got a fading whip
286352 | Zig:21   | Identified the +3 whip "Qebups" {freeze, MP+9} (You found
                  | it on level 21 of a ziggurat)
286364 | Zig:21   | Got a faintly glowing glaive
286364 | Zig:21   | Identified the +1 glaive of the Grave {venom, rPois rF+
                  | MP-9 Str+4} (You found it on level 21 of a ziggurat)
286566 | Zig:22   | Entered Level 22 of a ziggurat
286607 | Zig:22   | Found the +4 Cigotuvi's embrace {rRot *Drain rN+}
287020 | Zig:22   | Identified The Testament of Boris
287060 | Zig:22   | Identified the Guide on Blistering Changing
287062 | Zig:22   | Identified the Almanac of Creation and Orientation
287065 | Zig:22   | Identified the Disquisition on the Oath and the Traveller
287068 | Zig:22   | Identified the Guide on Supportive Poison
287192 | Zig:22   | Identified the +4 eveningstar "Fogh" {vorpal, *Rage rPois
                  | rF+ Int+3} (You found it on level 22 of a ziggurat)
287194 | Zig:22   | Got a warped iron ring
287196 | Zig:22   | Identified the ring "Lizoll" {Fire Stlth+} (You found it on
                  | level 22 of a ziggurat)
287202 | Zig:22   | Got a dazzling whip
287202 | Zig:22   | Identified the +6 whip of Fuaruhuh {vamp, Int-5 Dex+6} (You
                  | found it on level 22 of a ziggurat)
287205 | Zig:22   | Got a bloodstained long sword
287205 | Zig:22   | Identified the cursed +1 long sword of the Forgotten Beds
                  | {vorpal, *Rage rElec Int+3} (You found it on level 22 of a
                  | ziggurat)
287209 | Zig:22   | Got an ebony scimitar
287209 | Zig:22   | Identified the +2 scimitar "Cumata" {antimagic, Str-2
                  | Dex+8} (You found it on level 22 of a ziggurat)
287215 | Zig:22   | Got a jewelled short sword
287215 | Zig:22   | Identified the +7 short sword of Adaeth {drain, rC+ Int+2
                  | Dex+2} (You found it on level 22 of a ziggurat)
287227 | Zig:22   | Got an ebony mace
287227 | Zig:22   | Identified the +2 mace "Aphoc" {distort, rElec} (You found
                  | it on level 22 of a ziggurat)
287533 | Zig:23   | Entered Level 23 of a ziggurat
287780 | Zig:23   | Identified The Foundations of Spellcraft
287802 | Zig:23   | Identified the Almanac of Hurtful Heat
288158 | Zig:23   | Identified the ring "Tiwaot" {MP+9 SInv} (You found it on
                  | level 23 of a ziggurat)
288163 | Zig:23   | Got a slimy jade ring
288166 | Zig:23   | Identified the ring "Wainif" {rN++ Str+5 Int-5 Stlth+} (You
                  | found it on level 23 of a ziggurat)
288183 | Zig:23   | Got a jewelled broad axe
288183 | Zig:23   | Identified the +4 broad axe "Ninwonau" {freeze, rN+++ MR++
                  | Stlth-} (You found it on level 23 of a ziggurat)
288192 | Zig:23   | Got a sapphire war axe
288192 | Zig:23   | Identified the cursed +0 war axe "Ycittatt" {vorpal,
                  | *Contam rElec Dex+2 Stlth+} (You found it on level 23 of a
                  | ziggurat)
288305 | Zig:23   | Got an ichor-stained war axe
288305 | Zig:23   | Identified the +6 war axe "Syzoa" {freeze, +Inv rElec} (You
                  | found it on level 23 of a ziggurat)
288398 | Zig:24   | Entered Level 24 of a ziggurat
288445 | Zig:24   | Paralysed by accursed screaming for 2 turns
288864 | Zig:24   | Got a clouded granite ring
289085 | Zig:24   | Identified the ring of Linearity {Fire Int+3} (You found it
                  | on level 24 of a ziggurat)
289115 | Zig:24   | Identified the cursed ring of Xom's Flight of Fancy
                  | {*Corrode rC++ Dex-4} (You found it on level 24 of a
                  | ziggurat)
289119 | Zig:24   | Identified the ring "Ischele" {+Blink rElec rN+} (You found
                  | it on level 24 of a ziggurat)
289124 | Zig:24   | Identified the +7 mace of Etoiph {vorpal, Dex+2} (You found
                  | it on level 24 of a ziggurat)
289143 | Zig:24   | Got a crystal battleaxe
289149 | Zig:24   | Identified the cursed +1 battleaxe of Laceration {vorpal,
                  | *Contam Str+6} (You found it on level 24 of a ziggurat)
289307 | Zig:25   | Entered Level 25 of a ziggurat
289539 | Zig:25   | Identified the Tome of Shifting Intoxication
289970 | Zig:25   | Identified the ring "Ytusmoy" {Ice +Inv Dex+3} (You found
                  | it on level 25 of a ziggurat)
289974 | Zig:25   | Identified the ring "Saimer" {rC- rN+++ MR+ Int-4 Dex+6}
                  | (You found it on level 25 of a ziggurat)
289992 | Zig:25   | Identified the +9 double sword of Compound Interest {vamp,
                  | rC+ rN+ Dex+2} (You found it on level 25 of a ziggurat)
289994 | Zig:25   | Got a translucent scimitar
289994 | Zig:25   | Identified the +5 scimitar of the Equinox {pain, MR- Int+2
                  | Dex+2 SInv} (You found it on level 25 of a ziggurat)
290001 | Zig:25   | Got a transparent mace
290001 | Zig:25   | Identified the +7 mace "Jesse" {freeze, *Rage rElec rF+}
                  | (You found it on level 25 of a ziggurat)
290007 | Zig:25   | Got a polished morningstar
290007 | Zig:25   | Identified the cursed +1 morningstar "Viod" {venom, +Fly
                  | rElec MP+9 Dex-4} (You found it on level 25 of a ziggurat)
290013 | Zig:25   | Got a scorched flail
290013 | Zig:25   | Identified the cursed +1 flail of Pyisix {vorpal, rElec
                  | Int+4} (You found it on level 25 of a ziggurat)
290028 | Zig:25   | Got a steaming quarterstaff
290028 | Zig:25   | Identified the cursed +2 quarterstaff "Impslayer" {freeze,
                  | Int+4 Dex+6} (You found it on level 25 of a ziggurat)
290135 | Zig:26   | Entered Level 26 of a ziggurat
290543 | Zig:26   | Identified the Disquisition on Mutagenic Curses
290612 | Zig:26   | Identified Sif Muna's Compendium of the Frostbite and
                  | Transmigration
290833 | Zig:26   | Identified the ring of the Sky {*Corrode +Fly rPois Str+4}
                  | (You found it on level 26 of a ziggurat)
290840 | Zig:26   | Identified the ring "Zetar" {rF+ rC+ MR+} (You found it on
                  | level 26 of a ziggurat)
290892 | Zig:26   | Got a brightly glowing silver ring
290894 | Zig:26   | Identified the ring of Xaniassanann {rPois rC+ Str+4 Dex-2}
                  | (You found it on level 26 of a ziggurat)
290899 | Zig:26   | Got a twitching golden ring
290900 | Zig:26   | Identified the ring of Broken Luck {rPois rC+} (You found
                  | it on level 26 of a ziggurat)
290921 | Zig:26   | Got a smoking bardiche
290927 | Zig:26   | Identified the +4 bardiche of Fecasad {vorpal, rN+} (You
                  | found it on level 26 of a ziggurat)
290935 | Zig:26   | Got a masterwork morningstar
290936 | Zig:26   | Identified the +9 morningstar of Equivalence {elec, rPois
                  | rC+ Str+5} (You found it on level 26 of a ziggurat)
290950 | Zig:26   | Got an ichor-stained battleaxe
290951 | Zig:26   | Identified the cursed +0 battleaxe "Afyhebb" {freeze, rElec
                  | rF- MR+} (You found it on level 26 of a ziggurat)
291055 | Zig:27   | Entered Level 27 of a ziggurat
291253 | Zig:27   | Identified the Grimoire of Supportive Flight
291672 | Zig:27   | Got a brightly glowing platinum ring
291680 | Zig:27   | Identified the cursed ring of Spite {EV-4 Dex+5 Stlth+}
                  | (You found it on level 27 of a ziggurat)
291685 | Zig:27   | Identified the +3 morningstar "Hell-Harrower" {vorpal, rF+
                  | rN++ Int+3} (You found it on level 27 of a ziggurat)
291687 | Zig:27   | Got a crystal executioner's axe
291693 | Zig:27   | Identified the cursed +1 executioner's axe "Usiyd" {elec,
                  | rN+ Int+4} (You found it on level 27 of a ziggurat)
291700 | Zig:27   | Got a dazzling long sword
291701 | Zig:27   | Identified the cursed +0 long sword "Bynaham" {flame, rF+}
                  | (You found it on level 27 of a ziggurat)
291708 | Zig:27   | Got a fine lajatang
291709 | Zig:27   | Identified the +7 lajatang of Binekogg {elec, *Corrode
                  | +Rage Str+3} (You found it on level 27 of a ziggurat)
291832 | D:15     | Acquired 971 gold pieces
291833 | D:15     | Acquired the +1 hat of the Undertaker {+Blink Regen+}
291834 | D:15     | Acquired 836 gold pieces
291835 | D:15     | Acquired 1044 gold pieces
291836 | D:15     | Acquired 686 gold pieces
291837 | D:15     | Acquired 800 gold pieces
291838 | D:15     | Acquired 890 gold pieces
291839 | D:15     | Acquired the amulet "Leaphugav" {Regen+ Int+6}
291843 | D:15     | Upgraded the game from 0.26-a0-652-gafc20e3620 to
                  | 0.26-a0-653-g6669bab64c
291857 | D:15     | Bought a scroll of blinking for 120 gold pieces
292006 | D:15     | Learned a level 8 spell: Infestation
292134 | Zot:1    | Entered Level 1 of the Realm of Zot
292524 | D:15     | Learned a level 9 spell: Shatter
292543 | D:15     | Learned a level 8 spell: Discord
292733 | D:15     | Lost mutation: You are resistant to hostile enchantments.
                  | (MR+) [potion of mutation]
292733 | D:15     | Gained mutation: You are partially covered in icy blue
                  | scales. (AC +2) [potion of mutation]
292733 | D:15     | Lost mutation: You are partially covered in icy blue
                  | scales. (AC +2) [potion of mutation]
292733 | D:15     | Gained mutation: Your natural rate of healing is unusually
                  | fast. [potion of mutation]
292734 | D:15     | Lost mutation: Your flesh is heat resistant. (rF+) [potion
                  | of mutation]
292734 | D:15     | Lost mutation: Your natural rate of healing is unusually
                  | fast. [potion of mutation]
292734 | D:15     | Gained mutation: You are robust. (+10% HP) [potion of
                  | mutation]
292734 | D:15     | Gained mutation: One of your tentacles bears a spike.
                  | [potion of mutation]
292734 | D:15     | Gained mutation: You expend magic power (3 MP) to
                  | strengthen your wands. [potion of mutation]
292735 | D:15     | Lost mutation: You are robust. (+10% HP) [potion of
                  | mutation]
292735 | D:15     | Lost mutation: One of your tentacles bears a spike. [potion
                  | of mutation]
292735 | D:15     | Gained mutation: You are clumsy. (Dex -2) [potion of
                  | mutation]
292735 | D:15     | Gained mutation: Your spells are a little harder to cast,
                  | but a little more powerful. [potion of mutation]
292735 | D:15     | Gained mutation: You are partially covered in large bone
                  | plates. (SH +4) [potion of mutation]
292736 | D:15     | Lost mutation: You expend magic power (3 MP) to strengthen
                  | your wands. [potion of mutation]
292736 | D:15     | Lost mutation: You are clumsy. (Dex -2) [potion of
                  | mutation]
292736 | D:15     | Lost mutation: Your spells are a little harder to cast, but
                  | a little more powerful. [potion of mutation]
292736 | D:15     | Gained mutation: You are surrounded by a mild repulsion
                  | field. (EV +2) [potion of mutation]
292736 | D:15     | Lost mutation: You are partially covered in large bone
                  | plates. (SH +4) [potion of mutation]
292736 | D:15     | Gained mutation: Scrolls take you a little longer to read.
                  | [potion of mutation]
292736 | D:15     | Gained mutation: You have a pair of small antennae on your
                  | head. [potion of mutation]
292737 | D:15     | Lost mutation: Scrolls take you a little longer to read.
                  | [potion of mutation]
292737 | D:15     | Lost mutation: You are surrounded by a mild repulsion
                  | field. (EV +2) [potion of mutation]
292737 | D:15     | Lost mutation: You have a pair of small antennae on your
                  | head. [potion of mutation]
292737 | D:15     | Gained mutation: You are robust. (+10% HP) [potion of
                  | mutation]
292737 | D:15     | Lost mutation: You are robust. (+10% HP) [potion of
                  | mutation]
292737 | D:15     | Gained mutation: You are agile. (Dex +2) [potion of
                  | mutation]
292738 | D:15     | Lost mutation: You are agile. (Dex +2) [potion of mutation]
292738 | D:15     | Gained mutation: You are surrounded by a mild repulsion
                  | field. (EV +2) [potion of mutation]
292738 | D:15     | Gained mutation: Your system is resistant to poisons.
                  | (rPois) [potion of mutation]
292739 | D:15     | Lost mutation: Your system is resistant to poisons. (rPois)
                  | [potion of mutation]
292739 | D:15     | Gained mutation: You are partially covered in yellow
                  | scales. (AC +2) [potion of mutation]
292739 | D:15     | Gained mutation: You tend to lose your temper in combat.
                  | [potion of mutation]
292739 | D:15     | Gained mutation: You are resistant to hostile enchantments.
                  | (MR+) [potion of mutation]
292740 | D:15     | Lost mutation: You tend to lose your temper in combat.
                  | [potion of mutation]
292740 | D:15     | Lost mutation: You are surrounded by a mild repulsion
                  | field. (EV +2) [potion of mutation]
292740 | D:15     | Gained mutation: You are occasionally teleported next to
                  | monsters. [potion of mutation]
292740 | D:15     | Gained mutation: You are robust. (+10% HP) [potion of
                  | mutation]
292741 | D:15     | Lost mutation: You are partially covered in yellow scales.
                  | (AC +2) [potion of mutation]
292741 | D:15     | Lost mutation: You are resistant to hostile enchantments.
                  | (MR+) [potion of mutation]
292741 | D:15     | Lost mutation: You are robust. (+10% HP) [potion of
                  | mutation]
292741 | D:15     | Gained mutation: You evolve. [potion of mutation]
292741 | D:15     | Gained mutation: You are clumsy. (Dex -2) [potion of
                  | mutation]
292741 | D:15     | Lost mutation: You are clumsy. (Dex -2) [potion of
                  | mutation]
292742 | D:15     | Lost mutation: You evolve. [potion of mutation]
292742 | D:15     | Lost mutation: You are occasionally teleported next to
                  | monsters. [potion of mutation]
292742 | D:15     | Gained mutation: You are partially covered in molten
                  | scales. (AC +2) [potion of mutation]
292742 | D:15     | Gained mutation: You evolve. [potion of mutation]
292742 | D:15     | Gained mutation: You passively map a small area around you.
                  | [potion of mutation]
292743 | D:15     | Lost mutation: You are partially covered in molten scales.
                  | (AC +2) [potion of mutation]
292743 | D:15     | Lost mutation: You passively map a small area around you.
                  | [potion of mutation]
292743 | D:15     | Lost mutation: You evolve. [potion of mutation]
292743 | D:15     | Gained mutation: Your mind is acute. (Int +2) [potion of
                  | mutation]
292743 | D:15     | Lost mutation: Your mind is acute. (Int +2) [potion of
                  | mutation]
292743 | D:15     | Gained mutation: Your magical capacity is low. (-10% MP)
                  | [potion of mutation]
292743 | D:15     | Gained mutation: Your mind is acute. (Int +2) [potion of
                  | mutation]
292744 | D:15     | Lost mutation: Your magical capacity is low. (-10% MP)
                  | [potion of mutation]
292744 | D:15     | Lost mutation: Your mind is acute. (Int +2) [potion of
                  | mutation]
292744 | D:15     | Gained mutation: You are occasionally teleported next to
                  | monsters. [potion of mutation]
292744 | D:15     | Gained mutation: Your spells are a little easier to cast,
                  | but a little less powerful. [potion of mutation]
292744 | D:15     | Gained mutation: Your magical capacity is low. (-10% MP)
                  | [potion of mutation]
292744 | D:15     | Gained mutation: You have a pair of small antennae on your
                  | head. [potion of mutation]
292750 | D:15     | Lost mutation: You are occasionally teleported next to
                  | monsters. [potion of mutation]
292750 | D:15     | Lost mutation: Your spells are a little easier to cast, but
                  | a little less powerful. [potion of mutation]
292750 | D:15     | Gained mutation: Your body sometimes deteriorates upon
                  | taking damage. [potion of mutation]
292751 | D:15     | Lost mutation: Your body sometimes deteriorates upon taking
                  | damage. [potion of mutation]
292751 | D:15     | Lost mutation: Your magical capacity is low. (-10% MP)
                  | [potion of mutation]
292751 | D:15     | Lost mutation: You have a pair of small antennae on your
                  | head. [potion of mutation]
292757 | D:15     | Gained mutation: One of your tentacles bears a spike.
                  | [potion of mutation]
292757 | D:15     | Gained mutation: You expend magic power (3 MP) to
                  | strengthen your wands. [potion of mutation]
292758 | D:15     | Lost mutation: You expend magic power (3 MP) to strengthen
                  | your wands. [potion of mutation]
292758 | D:15     | Lost mutation: One of your tentacles bears a spike. [potion
                  | of mutation]
292758 | D:15     | Gained mutation: You tend to lose your temper in combat.
                  | [potion of mutation]
292758 | D:15     | Gained mutation: You have an increased reservoir of magic.
                  | (+10% MP) [potion of mutation]
292759 | D:15     | Lost mutation: You tend to lose your temper in combat.
                  | [potion of mutation]
292759 | D:15     | Lost mutation: You have an increased reservoir of magic.
                  | (+10% MP) [potion of mutation]
292759 | D:15     | Gained mutation: Your muscles are strong. (Str +2) [potion
                  | of mutation]
292759 | D:15     | Gained mutation: You are covered in fur. (AC +1) [potion of
                  | mutation]
292760 | D:15     | Lost mutation: Your muscles are strong. (Str +2) [potion of
                  | mutation]
292760 | D:15     | Gained mutation: Your spells are a little easier to cast,
                  | but a little less powerful. [potion of mutation]
292760 | D:15     | Gained mutation: You evolve. [potion of mutation]
292761 | D:15     | Lost mutation: You evolve. [potion of mutation]
292761 | D:15     | Lost mutation: Your spells are a little easier to cast, but
                  | a little less powerful. [potion of mutation]
292761 | D:15     | Lost mutation: You are covered in fur. (AC +1) [potion of
                  | mutation]
292761 | D:15     | Gained mutation: Your natural rate of healing is unusually
                  | fast. [potion of mutation]
292761 | D:15     | Gained mutation: You are agile. (Dex +2) [potion of
                  | mutation]
292761 | D:15     | Gained mutation: You have an increased reservoir of magic.
                  | (+10% MP) [potion of mutation]
292874 | D:15     | Lost mutation: Your natural rate of healing is unusually
                  | fast. [potion of mutation]
292874 | D:15     | Lost mutation: You are agile. (Dex +2) [potion of mutation]
292874 | D:15     | Lost mutation: You have an increased reservoir of magic.
                  | (+10% MP) [potion of mutation]
292874 | D:15     | Gained mutation: You expend magic power (3 MP) to
                  | strengthen your wands. [potion of mutation]
292874 | D:15     | Gained mutation: Scrolls take you a little longer to read.
                  | [potion of mutation]
292874 | D:15     | Gained mutation: You are partially covered in thin metallic
                  | scales. (AC +2) [potion of mutation]
292874 | D:15     | Gained mutation: Your muscles are strong. (Str +2) [potion
                  | of mutation]
292875 | D:15     | Lost mutation: Your muscles are strong. (Str +2) [potion of
                  | mutation]
292875 | D:15     | Lost mutation: Scrolls take you a little longer to read.
                  | [potion of mutation]
292875 | D:15     | Gained mutation: You are partially covered in icy blue
                  | scales. (AC +2) [potion of mutation]
292875 | D:15     | Gained mutation: Your mind is acute. (Int +2) [potion of
                  | mutation]
292899 | D:15     | Lost mutation: Your mind is acute. (Int +2) [potion of
                  | mutation]
292899 | D:15     | Lost mutation: You are partially covered in thin metallic
                  | scales. (AC +2) [potion of mutation]
292899 | D:15     | Lost mutation: You expend magic power (3 MP) to strengthen
                  | your wands. [potion of mutation]
292899 | D:15     | Gained mutation: You are partially covered in yellow
                  | scales. (AC +2) [potion of mutation]
292905 | D:15     | Lost mutation: You are partially covered in icy blue
                  | scales. (AC +2) [potion of mutation]
292905 | D:15     | Gained mutation: You are clumsy. (Dex -2) [potion of
                  | mutation]
292905 | D:15     | Lost mutation: You are clumsy. (Dex -2) [potion of
                  | mutation]
292905 | D:15     | Gained mutation: You have an increased reservoir of magic.
                  | (+10% MP) [potion of mutation]
292906 | D:15     | Lost mutation: You are partially covered in yellow scales.
                  | (AC +2) [potion of mutation]
292906 | D:15     | Lost mutation: You have an increased reservoir of magic.
                  | (+10% MP) [potion of mutation]
292906 | D:15     | Gained mutation: You are partially covered in large bone
                  | plates. (SH +4) [potion of mutation]
292906 | D:15     | Gained mutation: You have an increased reservoir of magic.
                  | (+10% MP) [potion of mutation]
292907 | D:15     | Lost mutation: You have an increased reservoir of magic.
                  | (+10% MP) [potion of mutation]
292907 | D:15     | Lost mutation: You are partially covered in large bone
                  | plates. (SH +4) [potion of mutation]
292907 | D:15     | Gained mutation: You are dopey. (Int -2) [potion of
                  | mutation]
292907 | D:15     | Gained mutation: You are partially covered in thin metallic
                  | scales. (AC +2) [potion of mutation]
292907 | D:15     | Gained mutation: You are mostly covered in thin metallic
                  | scales. (AC +3) [potion of mutation]
292907 | D:15     | Gained mutation: You are resistant to electric shocks.
                  | (rElec) [potion of mutation]
292908 | D:15     | Lost mutation: You are mostly covered in thin metallic
                  | scales. (AC +3) [potion of mutation]
292908 | D:15     | Lost mutation: You are dopey. (Int -2) [potion of mutation]
292908 | D:15     | Gained mutation: Scrolls take you a little longer to read.
                  | [potion of mutation]
292908 | D:15     | Gained mutation: You expend magic power (3 MP) to
                  | strengthen your wands. [potion of mutation]
292914 | D:15     | Lost mutation: Scrolls take you a little longer to read.
                  | [potion of mutation]
292914 | D:15     | Lost mutation: You are partially covered in thin metallic
                  | scales. (AC +2) [potion of mutation]
292914 | D:15     | Lost mutation: You expend magic power (3 MP) to strengthen
                  | your wands. [potion of mutation]
292920 | D:15     | Gained mutation: Scrolls take you a little longer to read.
                  | [potion of mutation]
292920 | D:15     | Gained mutation: One of your tentacles bears a spike.
                  | [potion of mutation]
292921 | D:15     | Lost mutation: Scrolls take you a little longer to read.
                  | [potion of mutation]
292921 | D:15     | Lost mutation: One of your tentacles bears a spike. [potion
                  | of mutation]
292921 | D:15     | Gained mutation: One of your tentacles bears a spike.
                  | [potion of mutation]
292921 | D:15     | Gained mutation: You are clumsy. (Dex -2) [potion of
                  | mutation]
292921 | D:15     | Gained mutation: One of your tentacles bears a nasty spike.
                  | [potion of mutation]
292922 | D:15     | Lost mutation: One of your tentacles bears a nasty spike.
                  | [potion of mutation]
292922 | D:15     | Lost mutation: One of your tentacles bears a spike. [potion
                  | of mutation]
292922 | D:15     | Gained mutation: You possess an exceptional clarity of
                  | mind. [potion of mutation]
292922 | D:15     | Gained mutation: You are dopey. (Int -2) [potion of
                  | mutation]
292922 | D:15     | Gained mutation: Your flesh is heat resistant. (rF+)
                  | [potion of mutation]
292928 | D:15     | Lost mutation: You are clumsy. (Dex -2) [potion of
                  | mutation]
292928 | D:15     | Lost mutation: Your flesh is heat resistant. (rF+) [potion
                  | of mutation]
292928 | D:15     | Lost mutation: You are resistant to electric shocks.
                  | (rElec) [potion of mutation]
292928 | D:15     | Gained mutation: You expend magic power (3 MP) to
                  | strengthen your wands. [potion of mutation]
292929 | D:15     | Lost mutation: You are dopey. (Int -2) [potion of mutation]
292929 | D:15     | Lost mutation: You expend magic power (3 MP) to strengthen
                  | your wands. [potion of mutation]
292929 | D:15     | Lost mutation: You possess an exceptional clarity of mind.
                  | [potion of mutation]
292929 | D:15     | Gained mutation: One of your tentacles bears a spike.
                  | [potion of mutation]
292935 | D:15     | Lost mutation: One of your tentacles bears a spike. [potion
                  | of mutation]
292935 | D:15     | Gained mutation: You are clumsy. (Dex -2) [potion of
                  | mutation]
292935 | D:15     | Gained mutation: Your flesh is heat resistant. (rF+)
                  | [potion of mutation]
292935 | D:15     | Gained mutation: You are partially covered in icy blue
                  | scales. (AC +2) [potion of mutation]
292936 | D:15     | Lost mutation: You are clumsy. (Dex -2) [potion of
                  | mutation]
292936 | D:15     | Lost mutation: Your flesh is heat resistant. (rF+) [potion
                  | of mutation]
292936 | D:15     | Lost mutation: You are partially covered in icy blue
                  | scales. (AC +2) [potion of mutation]
292936 | D:15     | Gained mutation: Your mind is acute. (Int +2) [potion of
                  | mutation]
292936 | D:15     | Gained mutation: Potions are less effective at restoring
                  | your health. [potion of mutation]
292936 | D:15     | Gained mutation: Your flesh is heat resistant. (rF+)
                  | [potion of mutation]
292937 | D:15     | Lost mutation: Potions are less effective at restoring your
                  | health. [potion of mutation]
292937 | D:15     | Lost mutation: Your mind is acute. (Int +2) [potion of
                  | mutation]
292937 | D:15     | Gained mutation: You have a pair of small antennae on your
                  | head. [potion of mutation]
292937 | D:15     | Gained mutation: One of your tentacles bears a spike.
                  | [potion of mutation]
292938 | D:15     | Lost mutation: One of your tentacles bears a spike. [potion
                  | of mutation]
292938 | D:15     | Lost mutation: You have a pair of small antennae on your
                  | head. [potion of mutation]
292938 | D:15     | Gained mutation: You are covered in fur. (AC +1) [potion of
                  | mutation]
292938 | D:15     | Gained mutation: You are frail. (-10% HP) [potion of
                  | mutation]
292938 | D:15     | Gained mutation: Your natural rate of healing is unusually
                  | fast. [potion of mutation]
292938 | D:15     | Gained mutation: You possess an exceptional clarity of
                  | mind. [potion of mutation]
292939 | D:15     | Lost mutation: Your flesh is heat resistant. (rF+) [potion
                  | of mutation]
292939 | D:15     | Lost mutation: You are covered in fur. (AC +1) [potion of
                  | mutation]
292939 | D:15     | Gained mutation: You are very frail. (-20% HP) [potion of
                  | mutation]
292939 | D:15     | Gained mutation: You are occasionally teleported next to
                  | monsters. [potion of mutation]
292939 | D:15     | Gained mutation: You heal very quickly. [potion of
                  | mutation]
292945 | D:15     | Lost mutation: You are occasionally teleported next to
                  | monsters. [potion of mutation]
292945 | D:15     | Lost mutation: You possess an exceptional clarity of mind.
                  | [potion of mutation]
292945 | D:15     | Lost mutation: You are very frail. (-20% HP) [potion of
                  | mutation]
292946 | D:15     | Lost mutation: You heal very quickly. [potion of mutation]
292946 | D:15     | Lost mutation: Your natural rate of healing is unusually
                  | fast. [potion of mutation]
292946 | D:15     | Lost mutation: You are frail. (-10% HP) [potion of
                  | mutation]
292946 | D:15     | Gained mutation: You are covered in fur. (AC +1) [potion of
                  | mutation]
292952 | D:15     | Lost mutation: You are covered in fur. (AC +1) [potion of
                  | mutation]
292952 | D:15     | Gained mutation: You possess an exceptional clarity of
                  | mind. [potion of mutation]
292952 | D:15     | Gained mutation: You evolve. [potion of mutation]
292953 | D:15     | Lost mutation: You evolve. [potion of mutation]
292953 | D:15     | Lost mutation: You possess an exceptional clarity of mind.
                  | [potion of mutation]
292953 | D:15     | Gained mutation: One of your tentacles bears a spike.
                  | [potion of mutation]
292953 | D:15     | Gained mutation: Your system is resistant to poisons.
                  | (rPois) [potion of mutation]
292954 | D:15     | Lost mutation: One of your tentacles bears a spike. [potion
                  | of mutation]
292954 | D:15     | Lost mutation: Your system is resistant to poisons. (rPois)
                  | [potion of mutation]
292954 | D:15     | Gained mutation: You can translocate small distances at
                  | will. [potion of mutation]
292954 | D:15     | Gained mutation: You are resistant to hostile enchantments.
                  | (MR+) [potion of mutation]
292954 | D:15     | Gained mutation: You are robust. (+10% HP) [potion of
                  | mutation]
293275 | D:15     | Lost mutation: You are resistant to hostile enchantments.
                  | (MR+) [potion of mutation]
293275 | D:15     | Lost mutation: You are robust. (+10% HP) [potion of
                  | mutation]
293275 | D:15     | Lost mutation: You can translocate small distances at will.
                  | [potion of mutation]
293275 | D:15     | Gained mutation: Your natural rate of healing is unusually
                  | fast. [potion of mutation]
293275 | D:15     | Gained mutation: One of your tentacles bears a spike.
                  | [potion of mutation]
293276 | D:15     | Lost mutation: One of your tentacles bears a spike. [potion
                  | of mutation]
293276 | D:15     | Lost mutation: Your natural rate of healing is unusually
                  | fast. [potion of mutation]
293276 | D:15     | Gained mutation: Your flesh is cold resistant. (rC+)
                  | [potion of mutation]
293276 | D:15     | Gained mutation: You have a pair of small antennae on your
                  | head. [potion of mutation]
293276 | D:15     | Gained mutation: You are partially covered in icy blue
                  | scales. (AC +2) [potion of mutation]
293277 | D:15     | Lost mutation: Your flesh is cold resistant. (rC+) [potion
                  | of mutation]
293277 | D:15     | Lost mutation: You are partially covered in icy blue
                  | scales. (AC +2) [potion of mutation]
293277 | D:15     | Lost mutation: You have a pair of small antennae on your
                  | head. [potion of mutation]
293277 | D:15     | Gained mutation: You are resistant to hostile enchantments.
                  | (MR+) [potion of mutation]
293277 | D:15     | Gained mutation: You occasionally shout uncontrollably at
                  | your foes. [potion of mutation]
293277 | D:15     | Gained mutation: You are weak. (Str -2) [potion of
                  | mutation]
293277 | D:15     | Gained mutation: Your spells are a little harder to cast,
                  | but a little more powerful. [potion of mutation]
293283 | D:15     | Lost mutation: Your spells are a little harder to cast, but
                  | a little more powerful. [potion of mutation]
293289 | D:15     | Lost mutation: You are resistant to hostile enchantments.
                  | (MR+) [potion of mutation]
293289 | D:15     | Lost mutation: You are weak. (Str -2) [potion of mutation]
293289 | D:15     | Lost mutation: You occasionally shout uncontrollably at
                  | your foes. [potion of mutation]
293289 | D:15     | Gained mutation: One of your tentacles bears a spike.
                  | [potion of mutation]
293289 | D:15     | Gained mutation: Your spells are a little easier to cast,
                  | but a little less powerful. [potion of mutation]
293289 | D:15     | Gained mutation: You possess an exceptional clarity of
                  | mind. [potion of mutation]
293290 | D:15     | Lost mutation: You possess an exceptional clarity of mind.
                  | [potion of mutation]
293290 | D:15     | Lost mutation: Your spells are a little easier to cast, but
                  | a little less powerful. [potion of mutation]
293290 | D:15     | Lost mutation: One of your tentacles bears a spike. [potion
                  | of mutation]
293290 | D:15     | Gained mutation: You occasionally shout uncontrollably at
                  | your foes. [potion of mutation]
293290 | D:15     | Gained mutation: One of your tentacles bears a spike.
                  | [potion of mutation]
293291 | D:15     | Lost mutation: You occasionally shout uncontrollably at
                  | your foes. [potion of mutation]
293291 | D:15     | Lost mutation: One of your tentacles bears a spike. [potion
                  | of mutation]
293291 | D:15     | Gained mutation: You are weak. (Str -2) [potion of
                  | mutation]
293291 | D:15     | Gained mutation: You expend magic power (3 MP) to
                  | strengthen your wands. [potion of mutation]
293291 | D:15     | Gained mutation: You are robust. (+10% HP) [potion of
                  | mutation]
293292 | D:15     | Lost mutation: You are weak. (Str -2) [potion of mutation]
293292 | D:15     | Lost mutation: You expend magic power (3 MP) to strengthen
                  | your wands. [potion of mutation]
293292 | D:15     | Lost mutation: You are robust. (+10% HP) [potion of
                  | mutation]
293292 | D:15     | Gained mutation: You are somewhat resistant to further
                  | mutation. [potion of mutation]
293293 | D:15     | Lost mutation: You are somewhat resistant to further
                  | mutation. [potion of mutation]
293293 | D:15     | Gained mutation: You are partially covered in yellow
                  | scales. (AC +2) [potion of mutation]
293293 | D:15     | Gained mutation: Your body sometimes deteriorates upon
                  | taking damage. [potion of mutation]
293293 | D:15     | Gained mutation: Your spells are a little easier to cast,
                  | but a little less powerful. [potion of mutation]
293293 | D:15     | Gained mutation: Your mind is acute. (Int +2) [potion of
                  | mutation]
293294 | D:15     | Lost mutation: Your body sometimes deteriorates upon taking
                  | damage. [potion of mutation]
293294 | D:15     | Lost mutation: You are partially covered in yellow scales.
                  | (AC +2) [potion of mutation]
293294 | D:15     | Lost mutation: Your mind is acute. (Int +2) [potion of
                  | mutation]
293294 | D:15     | Gained mutation: You are robust. (+10% HP) [potion of
                  | mutation]
293294 | D:15     | Gained mutation: You are agile. (Dex +2) [potion of
                  | mutation]
293294 | D:15     | Gained mutation: You have a pair of small antennae on your
                  | head. [potion of mutation]
293295 | D:15     | Lost mutation: You are agile. (Dex +2) [potion of mutation]
293295 | D:15     | Lost mutation: You have a pair of small antennae on your
                  | head. [potion of mutation]
293295 | D:15     | Gained mutation: You are weak. (Str -2) [potion of
                  | mutation]
293295 | D:15     | Gained mutation: You expend magic power (3 MP) to
                  | strengthen your wands. [potion of mutation]
293295 | D:15     | Gained mutation: Your system is resistant to poisons.
                  | (rPois) [potion of mutation]
293301 | D:15     | Lost mutation: You are weak. (Str -2) [potion of mutation]
293301 | D:15     | Lost mutation: You expend magic power (3 MP) to strengthen
                  | your wands. [potion of mutation]
293301 | D:15     | Lost mutation: You are robust. (+10% HP) [potion of
                  | mutation]
293307 | D:15     | Lost mutation: Your system is resistant to poisons. (rPois)
                  | [potion of mutation]
293307 | D:15     | Lost mutation: Your spells are a little easier to cast, but
                  | a little less powerful. [potion of mutation]
293307 | D:15     | Gained mutation: You expend magic power (3 MP) to
                  | strengthen your wands. [potion of mutation]
293307 | D:15     | Gained mutation: You are partially covered in yellow
                  | scales. (AC +2) [potion of mutation]
293307 | D:15     | Gained mutation: You occasionally shout uncontrollably at
                  | your foes. [potion of mutation]
293307 | D:15     | Gained mutation: You have a pair of small antennae on your
                  | head. [potion of mutation]
293313 | D:15     | Lost mutation: You occasionally shout uncontrollably at
                  | your foes. [potion of mutation]
293313 | D:15     | Lost mutation: You have a pair of small antennae on your
                  | head. [potion of mutation]
293319 | D:15     | Lost mutation: You expend magic power (3 MP) to strengthen
                  | your wands. [potion of mutation]
293319 | D:15     | Lost mutation: You are partially covered in yellow scales.
                  | (AC +2) [potion of mutation]
293319 | D:15     | Gained mutation: Your spells are a little harder to cast,
                  | but a little more powerful. [potion of mutation]
293319 | D:15     | Gained mutation: You are dopey. (Int -2) [potion of
                  | mutation]
293319 | D:15     | Gained mutation: You are very dopey. (Int -4) [potion of
                  | mutation]
293319 | D:15     | Gained mutation: Your flesh is heat resistant. (rF+)
                  | [potion of mutation]
293320 | D:15     | Lost mutation: Your flesh is heat resistant. (rF+) [potion
                  | of mutation]
293320 | D:15     | Lost mutation: You are very dopey. (Int -4) [potion of
                  | mutation]
293320 | D:15     | Lost mutation: Your spells are a little harder to cast, but
                  | a little more powerful. [potion of mutation]
293320 | D:15     | Gained mutation: Your spells are a little harder to cast,
                  | but a little more powerful. [potion of mutation]
293320 | D:15     | Gained mutation: You possess an exceptional clarity of
                  | mind. [potion of mutation]
293321 | D:15     | Lost mutation: You are dopey. (Int -2) [potion of mutation]
293321 | D:15     | Lost mutation: Your spells are a little harder to cast, but
                  | a little more powerful. [potion of mutation]
293321 | D:15     | Gained mutation: One of your tentacles bears a spike.
                  | [potion of mutation]
293321 | D:15     | Gained mutation: Your spells are a little harder to cast,
                  | but a little more powerful. [potion of mutation]
293388 | D:15     | Lost mutation: You possess an exceptional clarity of mind.
                  | [potion of mutation]
293388 | D:15     | Lost mutation: One of your tentacles bears a spike. [potion
                  | of mutation]
293388 | D:15     | Lost mutation: Your spells are a little harder to cast, but
                  | a little more powerful. [potion of mutation]
293388 | D:15     | Gained mutation: Your mind is acute. (Int +2) [potion of
                  | mutation]
293388 | D:15     | Gained mutation: Your mind is very acute. (Int +4) [potion
                  | of mutation]
293388 | D:15     | Gained mutation: You passively map a small area around you.
                  | [potion of mutation]
293389 | D:15     | Lost mutation: Your mind is very acute. (Int +4) [potion of
                  | mutation]
293389 | D:15     | Lost mutation: You passively map a small area around you.
                  | [potion of mutation]
293389 | D:15     | Lost mutation: Your mind is acute. (Int +2) [potion of
                  | mutation]
293389 | D:15     | Gained mutation: Scrolls take you a little longer to read.
                  | [potion of mutation]
293389 | D:15     | Gained mutation: Your magical capacity is low. (-10% MP)
                  | [potion of mutation]
293389 | D:15     | Gained mutation: Your flesh is cold resistant. (rC+)
                  | [potion of mutation]
293390 | D:15     | Lost mutation: Your magical capacity is low. (-10% MP)
                  | [potion of mutation]
293390 | D:15     | Lost mutation: Scrolls take you a little longer to read.
                  | [potion of mutation]
293390 | D:15     | Gained mutation: Your magical capacity is low. (-10% MP)
                  | [potion of mutation]
293390 | D:15     | Gained mutation: Your body sometimes deteriorates upon
                  | taking damage. [potion of mutation]
293390 | D:15     | Gained mutation: You are agile. (Dex +2) [potion of
                  | mutation]
293391 | D:15     | Lost mutation: You are agile. (Dex +2) [potion of mutation]
293391 | D:15     | Gained mutation: Your body often deteriorates upon taking
                  | damage. [potion of mutation]
293391 | D:15     | Gained mutation: You are weak. (Str -2) [potion of
                  | mutation]
293391 | D:15     | Gained mutation: You are partially covered in large bone
                  | plates. (SH +4) [potion of mutation]
293397 | D:15     | Lost mutation: Your body often deteriorates upon taking
                  | damage. [potion of mutation]
293397 | D:15     | Lost mutation: Your flesh is cold resistant. (rC+) [potion
                  | of mutation]
293397 | D:15     | Lost mutation: Your body sometimes deteriorates upon taking
                  | damage. [potion of mutation]
293398 | D:15     | Lost mutation: You are weak. (Str -2) [potion of mutation]
293398 | D:15     | Lost mutation: Your magical capacity is low. (-10% MP)
                  | [potion of mutation]
293398 | D:15     | Gained mutation: You are partially covered in slimy green
                  | scales. (AC +2) [potion of mutation]
293404 | D:15     | Lost mutation: You are partially covered in slimy green
                  | scales. (AC +2) [potion of mutation]
293404 | D:15     | Lost mutation: You are partially covered in large bone
                  | plates. (SH +4) [potion of mutation]
293404 | D:15     | Gained mutation: You are robust. (+10% HP) [potion of
                  | mutation]
293404 | D:15     | Gained mutation: Your skin blends seamlessly with your
                  | surroundings (Stealth++). [potion of mutation]
293404 | D:15     | Gained mutation: You are agile. (Dex +2) [potion of
                  | mutation]
293404 | D:15     | Gained mutation: Your mind is acute. (Int +2) [potion of
                  | mutation]
293405 | D:15     | Lost mutation: Your mind is acute. (Int +2) [potion of
                  | mutation]
293405 | D:15     | Lost mutation: You are robust. (+10% HP) [potion of
                  | mutation]
293405 | D:15     | Lost mutation: You are agile. (Dex +2) [potion of mutation]
293405 | D:15     | Gained mutation: You are somewhat resistant to further
                  | mutation. [potion of mutation]
293405 | D:15     | Gained mutation: You are clumsy. (Dex -2) [potion of
                  | mutation]
293416 | D:15     | Lost mutation: You are clumsy. (Dex -2) [potion of
                  | mutation]
293416 | D:15     | Lost mutation: You are somewhat resistant to further
                  | mutation. [potion of mutation]
293416 | D:15     | Gained mutation: You expend magic power (3 MP) to
                  | strengthen your wands. [potion of mutation]
293416 | D:15     | Gained mutation: You passively map a small area around you.
                  | [potion of mutation]
293416 | D:15     | Gained mutation: You have very sharp teeth. [potion of
                  | mutation]
293416 | D:15     | Gained mutation: Your flesh is heat resistant. (rF+)
                  | [potion of mutation]
293417 | D:15     | Lost mutation: Your flesh is heat resistant. (rF+) [potion
                  | of mutation]
293417 | D:15     | Lost mutation: You expend magic power (3 MP) to strengthen
                  | your wands. [potion of mutation]
293417 | D:15     | Lost mutation: You passively map a small area around you.
                  | [potion of mutation]
293417 | D:15     | Gained mutation: Your flesh is cold resistant. (rC+)
                  | [potion of mutation]
293417 | D:15     | Gained mutation: You have a pair of small antennae on your
                  | head. [potion of mutation]
293423 | D:15     | Lost mutation: Your flesh is cold resistant. (rC+) [potion
                  | of mutation]
293431 | D:15     | Lost mutation: You have a pair of small antennae on your
                  | head. [potion of mutation]
293431 | D:15     | Lost mutation: You have very sharp teeth. [potion of
                  | mutation]
293431 | D:15     | Lost mutation: Your skin blends seamlessly with your
                  | surroundings (Stealth++). [potion of mutation]
293431 | D:15     | Gained mutation: You are frail. (-10% HP) [potion of
                  | mutation]
293431 | D:15     | Gained mutation: You are partially covered in iridescent
                  | scales. (AC +2) [potion of mutation]
293431 | D:15     | Gained mutation: You are occasionally teleported next to
                  | monsters. [potion of mutation]
293431 | D:15     | Gained mutation: You are partially covered in rugged brown
                  | scales. (AC +1, +3% HP) [potion of mutation]
293432 | D:15     | Gained mutation: Your magical capacity is low. (-10% MP)
                  | [potion of mutation]
293432 | D:15     | Gained mutation: Your skin blends seamlessly with your
                  | surroundings (Stealth++). [potion of mutation]
293438 | D:15     | Lost mutation: Your skin blends seamlessly with your
                  | surroundings (Stealth++). [potion of mutation]
293438 | D:15     | Lost mutation: You are occasionally teleported next to
                  | monsters. [potion of mutation]
293438 | D:15     | Gained mutation: You can translocate small distances at
                  | will. [potion of mutation]
293439 | D:15     | Lost mutation: You are frail. (-10% HP) [potion of
                  | mutation]
293439 | D:15     | Lost mutation: You can translocate small distances at will.
                  | [potion of mutation]
293439 | D:15     | Lost mutation: Your magical capacity is low. (-10% MP)
                  | [potion of mutation]
293439 | D:15     | Gained mutation: Your magical capacity is low. (-10% MP)
                  | [potion of mutation]
293445 | D:15     | Lost mutation: You are partially covered in iridescent
                  | scales. (AC +2) [potion of mutation]
293445 | D:15     | Lost mutation: Your magical capacity is low. (-10% MP)
                  | [potion of mutation]
293445 | D:15     | Gained mutation: You possess an exceptional clarity of
                  | mind. [potion of mutation]
293445 | D:15     | Gained mutation: You do not regenerate when monsters are
                  | visible. [potion of mutation]
293445 | D:15     | Gained mutation: You have a pair of small antennae on your
                  | head. [potion of mutation]
293445 | D:15     | Gained mutation: Your muscles are strong. (Str +2) [potion
                  | of mutation]
293451 | D:15     | Lost mutation: You are partially covered in rugged brown
                  | scales. (AC +1, +3% HP) [potion of mutation]
293451 | D:15     | Lost mutation: Your muscles are strong. (Str +2) [potion of
                  | mutation]
293451 | D:15     | Lost mutation: You do not regenerate when monsters are
                  | visible. [potion of mutation]
293451 | D:15     | Lost mutation: You possess an exceptional clarity of mind.
                  | [potion of mutation]
293451 | D:15     | Gained mutation: You have a pair of antennae on your head.
                  | [potion of mutation]
293457 | D:15     | Lost mutation: You have a pair of antennae on your head.
                  | [potion of mutation]
293457 | D:15     | Lost mutation: You have a pair of small antennae on your
                  | head. [potion of mutation]
293457 | D:15     | Gained mutation: You are surrounded by a mild repulsion
                  | field. (EV +2) [potion of mutation]
293457 | D:15     | Gained mutation: You expend magic power (3 MP) to
                  | strengthen your wands. [potion of mutation]
293457 | D:15     | Gained mutation: You evolve. [potion of mutation]
293457 | D:15     | Gained mutation: Your flesh is cold resistant. (rC+)
                  | [potion of mutation]
293463 | D:15     | Lost mutation: You expend magic power (3 MP) to strengthen
                  | your wands. [potion of mutation]
293463 | D:15     | Lost mutation: You evolve. [potion of mutation]
293463 | D:15     | Lost mutation: Your flesh is cold resistant. (rC+) [potion
                  | of mutation]
293463 | D:15     | Lost mutation: You are surrounded by a mild repulsion
                  | field. (EV +2) [potion of mutation]
293469 | D:15     | Gained mutation: You are partially covered in yellow
                  | scales. (AC +2) [potion of mutation]
293469 | D:15     | Gained mutation: You are agile. (Dex +2) [potion of
                  | mutation]
293469 | D:15     | Gained mutation: You are somewhat resistant to further
                  | mutation. [potion of mutation]
293470 | D:15     | Lost mutation: You are agile. (Dex +2) [potion of mutation]
293470 | D:15     | Lost mutation: You are somewhat resistant to further
                  | mutation. [potion of mutation]
293470 | D:15     | Gained mutation: You are dopey. (Int -2) [potion of
                  | mutation]
293470 | D:15     | Gained mutation: You are very dopey. (Int -4) [potion of
                  | mutation]
293470 | D:15     | Gained mutation: You are somewhat resistant to further
                  | mutation. [potion of mutation]
293471 | D:15     | Lost mutation: You are very dopey. (Int -4) [potion of
                  | mutation]
293471 | D:15     | Lost mutation: You are partially covered in yellow scales.
                  | (AC +2) [potion of mutation]
293471 | D:15     | Lost mutation: You are dopey. (Int -2) [potion of mutation]
293471 | D:15     | Gained mutation: You are partially covered in molten
                  | scales. (AC +2) [potion of mutation]
293471 | D:15     | Gained mutation: You are weak. (Str -2) [potion of
                  | mutation]
293472 | D:15     | Lost mutation: You are partially covered in molten scales.
                  | (AC +2) [potion of mutation]
293472 | D:15     | Lost mutation: You are somewhat resistant to further
                  | mutation. [potion of mutation]
293472 | D:15     | Lost mutation: You are weak. (Str -2) [potion of mutation]
293472 | D:15     | Gained mutation: You have a pair of small antennae on your
                  | head. [potion of mutation]
293472 | D:15     | Gained mutation: You are partially covered in yellow
                  | scales. (AC +2) [potion of mutation]
293473 | D:15     | Lost mutation: You have a pair of small antennae on your
                  | head. [potion of mutation]
293473 | D:15     | Lost mutation: You are partially covered in yellow scales.
                  | (AC +2) [potion of mutation]
293473 | D:15     | Gained mutation: One of your tentacles bears a spike.
                  | [potion of mutation]
293473 | D:15     | Gained mutation: You evolve. [potion of mutation]
293473 | D:15     | Gained mutation: You are partially covered in molten
                  | scales. (AC +2) [potion of mutation]
293479 | D:15     | Lost mutation: You evolve. [potion of mutation]
293479 | D:15     | Lost mutation: One of your tentacles bears a spike. [potion
                  | of mutation]
293479 | D:15     | Lost mutation: You are partially covered in molten scales.
                  | (AC +2) [potion of mutation]
293485 | D:15     | Gained mutation: Your spells are a little harder to cast,
                  | but a little more powerful. [potion of mutation]
293485 | D:15     | Gained mutation: Scrolls take you a little longer to read.
                  | [potion of mutation]
293485 | D:15     | Gained mutation: You are resistant to hostile enchantments.
                  | (MR+) [potion of mutation]
293486 | D:15     | Lost mutation: Scrolls take you a little longer to read.
                  | [potion of mutation]
293486 | D:15     | Gained mutation: You tend to lose your temper in combat.
                  | [potion of mutation]
293486 | D:15     | Gained mutation: You are agile. (Dex +2) [potion of
                  | mutation]
293499 | D:15     | Lost mutation: You are resistant to hostile enchantments.
                  | (MR+) [potion of mutation]
293499 | D:15     | Lost mutation: You tend to lose your temper in combat.
                  | [potion of mutation]
293499 | D:15     | Gained mutation: You tend to lose your temper in combat.
                  | [potion of mutation]
293499 | D:15     | Gained mutation: You have very sharp teeth. [potion of
                  | mutation]
293499 | D:15     | Gained mutation: You often lose your temper in combat.
                  | [potion of mutation]
293499 | D:15     | Gained mutation: One of your tentacles bears a spike.
                  | [potion of mutation]
293505 | D:15     | Lost mutation: Your spells are a little harder to cast, but
                  | a little more powerful. [potion of mutation]
293505 | D:15     | Lost mutation: You often lose your temper in combat.
                  | [potion of mutation]
293505 | D:15     | Lost mutation: You are agile. (Dex +2) [potion of mutation]
293505 | D:15     | Lost mutation: One of your tentacles bears a spike. [potion
                  | of mutation]
293505 | D:15     | Gained mutation: Your flesh is heat resistant. (rF+)
                  | [potion of mutation]
293506 | D:15     | Lost mutation: Your flesh is heat resistant. (rF+) [potion
                  | of mutation]
293506 | D:15     | Lost mutation: You tend to lose your temper in combat.
                  | [potion of mutation]
293512 | D:15     | Lost mutation: You have very sharp teeth. [potion of
                  | mutation]
293512 | D:15     | Gained mutation: You do not regenerate when monsters are
                  | visible. [potion of mutation]
293512 | D:15     | Gained mutation: Your spells are a little harder to cast,
                  | but a little more powerful. [potion of mutation]
293513 | D:15     | Lost mutation: Your spells are a little harder to cast, but
                  | a little more powerful. [potion of mutation]
293513 | D:15     | Lost mutation: You do not regenerate when monsters are
                  | visible. [potion of mutation]
293513 | D:15     | Gained mutation: Scrolls take you a little longer to read.
                  | [potion of mutation]
293513 | D:15     | Gained mutation: You evolve. [potion of mutation]
293514 | D:15     | Lost mutation: You evolve. [potion of mutation]
293514 | D:15     | Lost mutation: Scrolls take you a little longer to read.
                  | [potion of mutation]
293514 | D:15     | Gained mutation: Your mind is acute. (Int +2) [potion of
                  | mutation]
293514 | D:15     | Gained mutation: You are weak. (Str -2) [potion of
                  | mutation]
293514 | D:15     | Lost mutation: You are weak. (Str -2) [potion of mutation]
293514 | D:15     | Gained mutation: Your flesh is heat resistant. (rF+)
                  | [potion of mutation]
293515 | D:15     | Lost mutation: Your mind is acute. (Int +2) [potion of
                  | mutation]
293515 | D:15     | Lost mutation: Your flesh is heat resistant. (rF+) [potion
                  | of mutation]
293515 | D:15     | Gained mutation: Your mind is acute. (Int +2) [potion of
                  | mutation]
293515 | D:15     | Gained mutation: Scrolls take you a little longer to read.
                  | [potion of mutation]
293515 | D:15     | Gained mutation: You are resistant to electric shocks.
                  | (rElec) [potion of mutation]
293516 | D:15     | Lost mutation: Scrolls take you a little longer to read.
                  | [potion of mutation]
293516 | D:15     | Lost mutation: Your mind is acute. (Int +2) [potion of
                  | mutation]
293516 | D:15     | Gained mutation: You are partially covered in slimy green
                  | scales. (AC +2) [potion of mutation]
293516 | D:15     | Gained mutation: You are dopey. (Int -2) [potion of
                  | mutation]
293516 | D:15     | Gained mutation: Your magical capacity is low. (-10% MP)
                  | [potion of mutation]
293516 | D:15     | Gained mutation: You evolve. [potion of mutation]
293522 | D:15     | Lost mutation: You are dopey. (Int -2) [potion of mutation]
293522 | D:15     | Lost mutation: You evolve. [potion of mutation]
293522 | D:15     | Gained mutation: You evolve. [potion of mutation]
293523 | D:15     | Lost mutation: You evolve. [potion of mutation]
293523 | D:15     | Lost mutation: Your magical capacity is low. (-10% MP)
                  | [potion of mutation]
293523 | D:15     | Lost mutation: You are resistant to electric shocks.
                  | (rElec) [potion of mutation]
293523 | D:15     | Lost mutation: You are partially covered in slimy green
                  | scales. (AC +2) [potion of mutation]
293523 | D:15     | Gained mutation: One of your tentacles bears a spike.
                  | [potion of mutation]
293529 | D:15     | Lost mutation: One of your tentacles bears a spike. [potion
                  | of mutation]
293529 | D:15     | Gained mutation: Your spells are a little harder to cast,
                  | but a little more powerful. [potion of mutation]
293529 | D:15     | Gained mutation: Your mind is acute. (Int +2) [potion of
                  | mutation]
293529 | D:15     | Gained mutation: You are resistant to hostile enchantments.
                  | (MR+) [potion of mutation]
294042 | Zig:1    | Entered Level 1 of a ziggurat
294117 | Zig:2    | Entered Level 2 of a ziggurat
294122 | Zig:2    | Noticed Deaxzauc the pandemonium lord
294123 | Zig:2    | Killed Deaxzauc the pandemonium lord
294289 | Zig:3    | Entered Level 3 of a ziggurat
294365 | Zig:3    | Identified the Incunabulum of Stones
294554 | Zig:3    | Got a transparent kite shield
294565 | Zig:3    | Identified the -6 kite shield "Mecsoloa" {rCorr} (You found
                  | it on level 3 of a ziggurat)
294614 | Zig:4    | Entered Level 4 of a ziggurat
294623 | Zig:4    | Noticed Seyskav the pandemonium lord
294629 | Zig:4    | Killed Seyskav the pandemonium lord
295007 | Zig:4    | Got a masterwork hand crossbow
295007 | Zig:4    | Identified the +4 hand crossbow of Teuk {elec, rElec Dex+4}
                  | (You found it on level 4 of a ziggurat)
295087 | Zig:5    | Entered Level 5 of a ziggurat
295154 | Zig:5    | Identified the Collected Works on Quantum Feathers
295293 | Zig:6    | Entered Level 6 of a ziggurat
295482 | Zig:6    | Got a vibrating bronze amulet
295599 | Zig:7    | Entered Level 7 of a ziggurat
295893 | Zig:7    | Identified the amulet "Nonihiott" {Reflect *Contam Str+2
                  | Int+4 Dex+4 SH+5} (You found it on level 6 of a ziggurat)
296016 | Zig:8    | Entered Level 8 of a ziggurat
296382 | Zig:9    | Entered Level 9 of a ziggurat
296394 | Zig:9    | Found the +3 hat of Pondering {ponderous, MR+ MP+10 Int+5}
296798 | Zig:10   | Entered Level 10 of a ziggurat
297076 | Zig:10   | Got a smoking short sword
297076 | Zig:10   | Identified the +9 short sword "Waoqust" {flame, Str-3
                  | Int+4} (You found it on level 10 of a ziggurat)
297085 | Zig:10   | Got a scorched falchion
297085 | Zig:10   | Identified the +8 falchion of Kurodo {vorpal, Dex+3} (You
                  | found it on level 10 of a ziggurat)
297130 | Zig:11   | Entered Level 11 of a ziggurat
297148 | Zig:11   | Noticed Utamaky the pandemonium lord
297168 | Zig:11   | Killed Utamaky the pandemonium lord
297568 | Zig:11   | Got a coiled steel ring
297596 | Zig:11   | Got a smoking morningstar
297596 | Zig:11   | Identified the +4 morningstar "Octopus's Peril" {vorpal,
                  | rF+ Str+4 SInv} (You found it on level 11 of a ziggurat)
297600 | Zig:11   | Got a shimmering lajatang
297606 | Zig:11   | Identified the +6 lajatang of Zas Wex {speed, Int+2 SInv}
                  | (You found it on level 11 of a ziggurat)
297654 | Zig:11   | Identified the ring "Axick" {rN+ Str+4 Stlth+} (You found
                  | it on level 11 of a ziggurat)
297694 | Zig:11   | Upgraded the game from 0.26-a0-653-g6669bab64c to
                  | 0.26-a0-658-gbdda728c12
297731 | Zig:12   | Entered Level 12 of a ziggurat
297736 | Zig:12   | Noticed Adweg the pandemonium lord
297736 | Zig:12   | Noticed Zolattistro the pandemonium lord
297736 | Zig:12   | Noticed Boith the pandemonium lord
297736 | Zig:12   | Noticed Hoj Ifre the pandemonium lord
297738 | Zig:12   | Noticed Gesmif the pandemonium lord
297738 | Zig:12   | Noticed Malysk the pandemonium lord
297738 | Zig:12   | Noticed Udyit the pandemonium lord
297738 | Zig:12   | Noticed Iloofut the pandemonium lord
297738 | Zig:12   | Noticed Suth the pandemonium lord
297739 | Zig:12   | Noticed Ronwy the pandemonium lord
297739 | Zig:12   | Noticed Lyujuk the pandemonium lord
297739 | Zig:12   | Noticed Zigon the pandemonium lord
297739 | Zig:12   | Noticed Tepuugae the pandemonium lord
297739 | Zig:12   | Noticed Haqink the pandemonium lord
297739 | Zig:12   | Noticed Foif the pandemonium lord
297742 | Zig:12   | Noticed Geexein the pandemonium lord
297750 | Zig:12   | Killed Adweg the pandemonium lord
297753 | Zig:12   | Noticed Itagad the pandemonium lord
297754 | Zig:12   | Noticed Resiav the pandemonium lord
297757 | Zig:12   | Killed Udyit the pandemonium lord
297764 | Zig:12   | Noticed Raikurugu the pandemonium lord
297765 | Zig:12   | Killed Zolattistro the pandemonium lord
297765 | Zig:12   | Killed Iloofut the pandemonium lord
297766 | Zig:12   | Noticed Syrup the pandemonium lord
297767 | Zig:12   | Killed Tepuugae the pandemonium lord
297767 | Zig:12   | Noticed Emextac the pandemonium lord
297769 | Zig:12   | Noticed Cecvi the pandemonium lord
297773 | Zig:12   | Killed Geexein the pandemonium lord
297774 | Zig:12   | Killed Haqink the pandemonium lord
297777 | Zig:12   | Killed Lyujuk the pandemonium lord
297777 | Zig:12   | Killed Hoj Ifre the pandemonium lord
297777 | Zig:12   | Noticed Egerumn the pandemonium lord
297777 | Zig:12   | Killed Suth the pandemonium lord
297779 | Zig:12   | Killed Zigon the pandemonium lord
297779 | Zig:12   | Noticed Aciobokh the pandemonium lord
297780 | Zig:12   | Noticed Edebloro the pandemonium lord
297781 | Zig:12   | Killed Ronwy the pandemonium lord
297785 | Zig:12   | Killed Malysk the pandemonium lord
297787 | Zig:12   | Killed Resiav the pandemonium lord
297788 | Zig:12   | Killed Raikurugu the pandemonium lord
297789 | Zig:12   | Killed Cecvi the pandemonium lord
297789 | Zig:12   | Killed Dugg the pandemonium lord
297790 | Zig:12   | Killed Emextac the pandemonium lord
297790 | Zig:12   | Noticed Symmisuc the pandemonium lord
297794 | Zig:12   | Killed Foif the pandemonium lord
297795 | Zig:12   | Noticed Kuggif the pandemonium lord
297806 | Zig:12   | Noticed Voachuot the pandemonium lord
297816 | Zig:12   | Killed Syrup the pandemonium lord
297824 | Zig:12   | Killed Symmisuc the pandemonium lord
297828 | Zig:12   | Killed Boith the pandemonium lord
297832 | Zig:12   | Killed Gesmif the pandemonium lord
297834 | Zig:12   | Killed Egerumn the pandemonium lord
297842 | Zig:12   | Killed Itagad the pandemonium lord
297844 | Zig:12   | Killed Edebloro the pandemonium lord
297844 | Zig:12   | Killed Voachuot the pandemonium lord
297846 | Zig:12   | Killed Kuggif the pandemonium lord
297850 | Zig:12   | Killed Aciobokh the pandemonium lord
298115 | Zig:12   | Identified the Collected Works on Mutagenic Dark Secrets
298126 | Zig:12   | Got a glittering copper ring
298245 | Zig:12   | Got a masterwork hand crossbow
298246 | Zig:12   | Identified the cursed +3 hand crossbow of Peril {penet, MR+
                  | Int+5} (You found it on level 12 of a ziggurat)
298329 | Zig:13   | Entered Level 13 of a ziggurat
298452 | Zig:13   | Identified the Guide on Creation and the Mountains
298459 | Zig:13   | Got a serpentine marble ring
298738 | Zig:13   | Got a wavering marble ring
298745 | Zig:13   | Identified the ring "Eshroym" {Wiz Dex+4 Slay-5 Stlth+}
                  | (You found it on level 12 of a ziggurat)
298750 | Zig:13   | Identified the ring of the Evening {rElec rF+ rC+ rN++
                  | Int-2 Stlth+} (You found it on level 13 of a ziggurat)
298752 | Zig:13   | Identified the ring of Vuv Bau {rPois MP+9 Str+2 Int+6}
                  | (You found it on level 13 of a ziggurat)
298756 | Zig:13   | Got a distressingly furry hat
298767 | Zig:13   | Identified the +0 hat of the Equator {rF- rCorr Str-2
                  | Dex+8} (You found it on level 13 of a ziggurat)
298867 | Zig:14   | Entered Level 14 of a ziggurat
298905 | Zig:14   | HP: 2/224 [Hell Sentinel (35)]
298905 | Zig:14   | Slain by an entropy weaver

Illustrated notes

..........##..## #.##...##.#.
..........#.### #..##.#.....
...........## #...##....##
............# ####..........#
............## ##.............#
.............# ###..............#
....(.#.#..#####.#.#...........##
.....###...##.##..##..........##
..##.##.##.#....8..####......##
#....#####........## ######## #
.....## ####..#.## # ......#
#.#### ## ..##### ### #. .## #.
## ##


Turn 137673 on Depths:2: t

Levels and vault maps discovered:
D:1:      dpeg_arrival_prison, layout_basic
D:2:      layout_loops_ring, guppyfry_early_orc_mine
D:3:      layout_basic, lemuel_round_altar, chequers_ecumenical_altar_simple
D:4:      layout_cave_pools, eat_drink_and_be_merry_uskayaw,
          kennysheep_generic_room_16, uniq_blork_the_orc
D:5:      layout_cave_pools, lemuel_doored_altar, serial_undead,
          serial_undead_d, serial_undead_e, serial_undead_d, serial_undead_c,
          serial_undead_c, serial_undead_c, serial_undead_d, serial_shops,
          shop_statue, basic_altar, chequers_hall_statues_wall_a
D:6:      layout_loops_ring, marbit_many_paths, temple_pool_b, enter_ossuary_5,
          uniq_grinder
D:7:      layout_basic, kennysheep_little_box, serial_shops, shop_fountains,
          basic_altar, uniq_harold, uniq_pikel, uniq_menkaure
D:8:      layout_loops_ring, gammafunk_temple_overflow_wave
D:9:      layout_grid_maze, kennysheep_mini_moat, grunt_gozag_breadcrumbs,
          uniq_erolcha
D:10:     layout_loops_cross, erik_lair_orcish_takeover
D:11:     layout_loops_cross, hiddenorc2_lemuel, hangedman_weighted_door
D:12:     layout_irregular_city, okawaru_ov_weapons_minmay
D:13:     minmay_smoke_and_mirrors, layout_long_grid, david_vaults_2,
          serial_shops, nicolae_shop_competitors_out_of_business, uniq_snorg
D:14:     layout_loops_ring, einodemon_barbed_minivault
D:15:     hangedman_depths_entry_try_elsewhere_first, layout_long_grid,
          chequers_big_river, kennysheep_doodads, uniq_kirke
Temple:   nicolae_temple_great_sept
Lair:1:   layout_misc_corridors, fungi_pond_lemuel
Lair:2:   layout_roguey, grunt_megastairs_1, minmay_lair_oklob_chamber,
          uniq_fannar
Lair:3:   layout_cave_pods, minmay_swamp_entry_worms, grunt_megastairs_3
Lair:4:   layout_cave_pods, minmay_snake_entry_guardpost_small
Lair:5:   layout_small_grid, uniq_rupert
Lair:6:   minmay_lair_end_enchanted_forest, layout_regular_city,
          nicolae_slime_entry_slimehenge, portal_ice_cave_demonic_guard,
          cheibrodos_lair_lostbears, lemuel_fruit_tree
Swamp:1:  layout_basic_swamp, evilmike_swamp_ruin_rubble_2,
          infiniplex_staircase_pool_2, uniq_nikola, uniq_roxanne
Swamp:2:  layout_basic_swamp, nicolae_swamp_trees_clearing, swamp_pool1
Swamp:3:  layout_falls_marsh, serial_swamp_ruin, evilmike_swamp_ruin_rubble_1,
          hangedman_swamp_ruin_hall
Swamp:4:  byrel_swamp_growth_death_and_undeath, layout_basic_swamp, swamp_pool3,
          uniq_bai_suzhen
Snake:1:  layout_grid_maze, serial_shops, shop_scrolls, basic_altar,
          serial_bayou_shore_a, grunt_megastairs_2
Snake:2:  layout_gridlike, serial_shops, nicolae_shop_window_shopping
Snake:3:  layout_rooms, basic_altar, ebering_ghost_gozag, serial_shops, shop
Snake:4:  snake_hunt, layout_cave_town, ebering_ghost_disaster_area,
          grunt_ministairs_15
Slime:1:  layout_caves
Slime:2:  layout_caves, cheibrodos_slime_lost_civilization_5
Slime:3:  layout_caves
Slime:4:  layout_caves
Slime:5
Orc:1:    layout_diamond_mine
Orc:2:    st_orc_pillars, layout_caves
Elf:1:    minmay_elf_arrival_circle, layout_gridlike, hangedman_corner_corridor,
          grunt_ministairs_15, hangedman_feature_mirror, minmay_shop_star,
          uniq_donald, uniq_azrael
Elf:2:    layout_gridlike, minivault_16, evilmike_spriggan_trog_shrine
Elf:3:    grunt_elf_hall_branching, layout_loops_cross, serial_glass,
          glass_columns_b, glass_columns_c, serial_sigils_hangedman_scar
Vaults:1: st_squares, v_rooms_6, vaults_room_corners, hangedman_vaults_cutoff,
          dpeg_vaults_monster_box, layout_vaults_quadrants, serial_shops, shop,
          portal_desolation_entry_garden
Vaults:2: hangedman_vaults_pinch, v_pattern_5, vaults_room_corners,
          nicolae_vaults_twisting_passages, nicolae_vaults_mini_display_case,
          grunt_vaults_bifocal, minmay_crypt_entry_simple_plaza,
          vaults_room_fours, vaults_room_hangedman_quadrants, v_alt_pattern_3,
          vaults_dpeg_ring, layout_vaults_omnibox
Vaults:3: nicolae_vaults_big_ls, vaults_room_mumra_shop_pool,
          hangedman_vaults_cutoff, nicolae_vaults_circle_grid_a,
          nicolae_vaults_windows_and_doors_thing, v_misc_27,
          vaults_room_fancy_cross, vaults_room_door_ring,
          nicolae_vaults_rhombus_6, nicolae_vaults_three_branches,
          st_smaller_cells, nicolae_vaults_diagonal_hallway_9,
          nicolae_vaults_border_crossing, layout_vaults_omnicross
Vaults:4: gammafunk_vaults_ghost_spectres, v_alt_pattern_2,
          nicolae_vaults_inception_network, hangedman_vaults_stitches, v_misc_1,
          v_misc_25, v_alt_pattern_4, vaults_standard_mumra_enter_the_diamond,
          ontoclasm_vaults_tryst, v_misc_12, nicolae_vaults_little_squares_4,
          v_misc_19, nicolae_vaults_little_squares_4, grunt_vaults_hallway_long,
          v_misc_18, grunt_vaults_hallway_short, vaults_dpeg_diagonal,
          vaults_mumra_chevron_long, vaults_room_pools,
          vaults_room_stairs_pillars, hangedman_vaults_stretched_pinwheel,
          layout_vaults_maze, serial_shops,
          nicolae_shop_temple_entry_statues_fountains, shop,
          nicolae_shop_overgrown_old_shop
Vaults:5: uniq_sojobo, uniq_frederick
Crypt:1:  layout_catacombs, ebering_ghost_gozag, grunt_megastairs_5
Crypt:2:  layout_chaotic_city, weyrava_ghost_lake, uniq_margery
Crypt:3:  grunt_crypt_end_deaths_head, uniq_khufu
Tomb:1:   uniq_boris
Tomb:2
Tomb:3
Depths:1: evilmike_wizard_prison, layout_twisted_cross, hellmouth_1,
          minmay_misc_feat_secret_circle, serial_shops, shop,
          nicolae_shop_crystal, shop_coins, kennysheep_inner_square
Depths:2: minmay_crescents, layout_cave_shapes, hangedman_tar_grid_catacomb,
          pan_entry, infiniplex_staircase_zigzag_3, serial_bayou_shore_b
Depths:3: minmay_tri_box, layout_cave_pools, minmay_misc_feat_diagonals,
          hell_entry, rand_demon_pan_entry_9, gammafunk_ghost_necromancy,
          serial_column_ruins, column_ruins_square_small,
          column_ruins_square_large, column_ruins_open_small,
          column_ruins_grid_1, column_ruins_columns_plus,
          column_ruins_corridor_straight, column_ruins_grid_3, drop_trap,
          minmay_door_square, kennysheep_generic_room_8
Depths:4: minmay_the_grid_octo_tiled_octocenter
          [minmay_the_grid_octo_thin_diamonds, minmay_the_grid_octo_toaster,
          minmay_the_grid_octo_fan_narrow, minmay_the_grid_octo_focus,
          minmay_the_grid_octo_prize_star, minmay_the_grid_square_5x5_meh,
          minmay_the_grid_square_5x5_spiral_small,
          minmay_the_grid_square_5x5_shrine1,
          minmay_the_grid_square_5x5_n_small], layout_basic, enter_ziggurat_d,
          grunt_mini_vestibule, abyss_entry, roderic_roman_lattice
Depths:5: evilmike_zot_entry_diamond, layout_cave_shapes, eino_curves_02,
          hell_entry, dk_noncrumbling_3, minivault_16, minmay_hedge_maze
Hell
Dis:1:    layout_subdivisions
Dis:2:    layout_gridville
Dis:3:    layout_chaotic_city, evilmike_ambush [evilmike_ambush_outer_basic,
          evilmike_ambush_inner_cross]
Dis:4:    layout_regular_city
Dis:5:    layout_chaotic_city, nicolae_dis_lava_storage_tank, evilmike_ambush
          [evilmike_ambush_outer_pillars, evilmike_ambush_inner_pond]
Dis:6:    layout_overlapping_boxes, hangedman_dis_decor_blocks_crown
Dis:7:    iron_city_of_dis [dis_grunt, dis_wall_6], layout_chaotic_city,
          not_door_vault_due
Geh:1:    layout_gehenna_lava_caves
Geh:2:    layout_gehenna_pools_box
Geh:3:    layout_gehenna_pools_box
Geh:4:    layout_gehenna_pools_basic
Geh:5:    layout_gehenna_lava_caves, gehenna_fire_generator
Geh:6:    layout_gehenna_pools_box, hangedman_elemental_grid_stream
Geh:7:    geh_hangedman
Coc:1:    layout_cocytus_water_paths
Coc:2:    layout_ice_bergs
Coc:3:    layout_cocytus_delve
Coc:4:    grunt_deathspiral_small, layout_ice_bergs
Coc:5:    layout_ice_bergs
Coc:6:    layout_cocytus_delve
Coc:7:    coc_hangedman
Tar:1:    layout_grid_maze
Tar:2:    layout_honeycomb
Tar:3:    layout_cathedral_of_symmetry
Tar:4:    layout_catacombs, nicolae_tar_cuneiform_to_be
Tar:5:    layout_grid_maze
Tar:6:    layout_grid_maze
Tar:7:    tar_grunt_cathedral
Zot:1:    layout_cathedral_of_symmetry
Zig:14:   ziggurat_pillar_abc, ziggurat_pillar_abc, ziggurat_pillar_abc,
          ziggurat_pillar_abc, ziggurat_pillar_abc, ziggurat_pillar_abc,
          ziggurat_pillar_abc, ziggurat_pillar_abc, ziggurat_pillar_centre_c,
          ziggurat_pillar_centre_c, ziggurat_pillar_centre_c,
          ziggurat_pillar_centre_c, ziggurat_pillar_abc, ziggurat_pillar_abc,
          ziggurat_pillar_abc, ziggurat_pillar_abc

Skill      XL: |  1  2  3  4  5  6  7  8  9 10 11 12 13 14 15 16 17 18 19 20 21 22 23 24 25 26 27 |
---------------+----------------------------------------------------------------------------------+-----
Spellcasting   | 3 4 5 7 8 9 10 12 14 15 16 18 19 20 21 22 27 | 27.0
Conjurations   | 5 6 7 8 9 10 12 13 27 | 27.0
Hexes          | 1 2 3 5 6 8 9 10 27 | 27.0
Translocations | 1 3 4 6 7 9 10 27 | 27.0
Shields        | 1 4 27 | 27.0
Fighting       | 4 5 8 14 27 | 27.0
Ice Magic      | 5 8 11 13 27 | 27.0
Dodging        | 4 6 27 | 27.0
Transmutations | 5 9 10 11 27 | 27.0
Earth Magic    | 5 9 10 13 15 17 18 19 27 | 27.0
Air Magic      | 2 10 14 16 27 | 27.0
Necromancy     | 7 11 27 | 27.0
Evocations     | 27 | 27.0
Stealth        | 27 | 27.0
Fire Magic     | 27 | 27.0
Throwing       | 27 | 27.0
Staves         | 27 | 27.0
Unarmed Combat | 27 | 27.0
Bows           | 27 | 27.0
Crossbows      | 27 | 27.0
Polearms       | 27 | 27.0
Axes           | 27 | 27.0
Short Blades   | 27 | 27.0
Long Blades    | 27 | 27.0
Maces & Flails | 27 | 27.0
Slings         | 27 | 27.0
Invocations    | 27 | 27.0
Poison Magic   | 27 | 27.0
Summonings     | 27 | 27.0

Action                   |  1- 3 |  4- 6 |  7- 9 | 10-12 | 13-15 | 16-18 | 19-21 | 22-24 | 25-27 || total
-------------------------+-------+-------+-------+-------+-------+-------+-------+-------+-------++-------
Melee: Unarmed           |    17 |     8 |       |       |       |       |       |       |       ||    25
       Constrict         |     4 |     3 |    18 |     7 |    20 |    31 |     8 |    20 |   280 ||   391
       Short sword       |       |       |    47 |       |       |       |       |       |       ||    47
       Tentacles         |       |       |     9 |     4 |    19 |    53 |    15 |    48 |   653 ||   801
       Trident           |       |       |    18 |    57 |   117 |   385 |       |       |       ||   577
       Staff             |       |       |       |       |       |       |    54 |    94 |  1722 ||  1870
       Punch             |       |       |       |       |       |       |       |       |    73 ||    73
       Lance             |       |       |       |       |       |       |       |       |    48 ||    48
Throw: Javelin           |       |       |       |       |       |       |       |       |    32 ||    32
       Boomerang         |       |       |       |       |       |       |       |       |     3 ||     3
 Cast: Magic Dart        |    44 |    52 |    23 |     3 |    11 |     4 |       |       |       ||   137
       Searing Ray       |     6 |    24 |    34 |    43 |    44 |    12 |     2 |       |       ||   165
       Fulminant Prism   |       |    11 |    47 |   179 |   396 |   216 |     6 |       |     1 ||   856
       Iskenderun's Myst |       |     2 |     6 |    28 |    89 |    85 |    16 |     4 |     2 ||   232
       Ozocubu's Armour  |       |       |       |       |    32 |    37 |       |       |    35 ||   104
       Mephitic Cloud    |       |       |       |       |    26 |    44 |       |       |       ||    70
       Summon Ice Beast  |       |       |       |       |    12 |    22 |       |       |       ||    34
       Blink             |       |       |       |       |     1 |       |       |       |     2 ||     3
       Iron Shot         |       |       |       |       |       |    83 |    39 |    80 |    44 ||   246
       Statue Form       |       |       |       |       |       |   117 |   144 |   128 |   680 ||  1069
       Freezing Cloud    |       |       |       |       |       |    19 |       |       |       ||    19
       Ozocubu's Refrige |       |       |       |       |       |    92 |   310 |   132 |  1366 ||  1900
       Shatter           |       |       |       |       |       |       |       |   122 |   943 ||  1065
       Tornado           |       |       |       |       |       |       |       |       |   487 ||   487
       Necromutation     |       |       |       |       |       |       |       |       |  1763 ||  1763
       Absolute Zero     |       |       |       |       |       |       |       |       |  1116 ||  1116
       Ignition          |       |       |       |       |       |       |       |       |   540 ||   540
       Discord           |       |       |       |       |       |       |       |       |   306 ||   306
       Fire Storm        |       |       |       |       |       |       |       |       |   116 ||   116
       Disjunction       |       |       |       |       |       |       |       |       |    50 ||    50
       Passage of Golubr |       |       |       |       |       |       |       |       |    23 ||    23
       Infestation       |       |       |       |       |       |       |       |       |     2 ||     2
       Portal Projectile |       |       |       |       |       |       |       |       |     1 ||     1
Invok: Call Merchant     |       |       |       |     3 |     2 |     1 |     1 |     2 |    38 ||    47
       Potion Petition   |       |       |       |       |       |     1 |       |       |   214 ||   215
 Abil: Evoke Invisibilit |       |       |       |       |       |       |       |       |   167 ||   167
       End Transformatio |       |       |       |       |       |       |       |       |    86 ||    86
       Evoke Blink       |       |       |       |       |       |       |       |       |     3 ||     3
Evoke: Wand              |       |       |     9 |       |     3 |     5 |       |       |    22 ||    39
       Phantom mirror    |       |       |       |       |       |     2 |       |       |     2 ||     4
       Box of beasts     |       |       |       |       |       |       |       |       |     9 ||     9
       Condenser vane    |       |       |       |       |       |       |       |       |    15 ||    15
       Figurine of a zig |       |       |       |       |       |       |       |       |     9 ||     9
       Sceptre of Asmode |       |       |       |       |       |       |       |       |     8 ||     8
       Tin of tremorston |       |       |       |       |       |       |       |       |     5 ||     5
       Staff of Dispater |       |       |       |       |       |       |       |       |     3 ||     3
       Phial of floods   |       |       |       |       |       |       |       |       |     1 ||     1
  Use: Scroll            |       |       |    13 |     7 |    16 |    25 |     7 |     6 |   353 ||   427
       Potion            |       |       |     1 |       |       |     7 |       |       |   200 ||   208
 Stab: Sleeping          |     1 |       |     3 |     1 |       |       |       |       |    10 ||    15
       Distracted        |       |       |     1 |     1 |       |     1 |     3 |       |    66 ||    72
       Paralysed         |       |       |       |       |     2 |       |       |       |       ||     2
       Confused          |       |       |       |       |     2 |     8 |       |       |       ||    10
       Invisible         |       |       |       |       |       |       |       |       |    19 ||    19
Armor: Skin              |       |     1 |    15 |    29 |    35 |   681 |   102 |   155 |  1678 ||  2696
Dodge: Dodged            |    14 |    25 |    99 |    65 |   117 |   819 |   139 |   227 |  4728 ||  6233
Block: Buckler           |       |       |       |       |    31 |   331 |    99 |   186 |  2182 ||  2829
       Reflection        |       |       |       |       |       |       |    14 |    23 |   156 ||   193
       Tower shield      |       |       |       |       |       |       |       |       |  2569 ||  2569

Table legend: (Time is in decaauts)
 A = Elapsed time spent in this place.
 B = Non-inter-level travel time spent in this place.
 C = Inter-level travel time spent in this place.
 D = Time resting spent in this place.
 E = Time spent auto-exploring this place.
 F = Levels seen in this place.
 G = Mean time per level.
                   A        B        C        D        E       F      G
               +--------+--------+--------+--------+--------+-----+--------+
         Total | 326883 | 311199 |  15684 |  87978 | 100912 | 374 |  874.0 |
       Dungeon |  34201 |  30589 |   3612 |  10716 |  12659 |  15 | 2280.1 |
        Temple |     31 |     31 |      0 |      0 |      0 |   1 |   31.0 |
          Lair |  16867 |  14342 |   2525 |   7362 |   4723 |   6 | 2811.2 |
         Swamp |  20220 |  19515 |    705 |  12494 |   4019 |   4 | 5055.0 |
     Snake Pit |   9037 |   8313 |    724 |   2896 |   3609 |   4 | 2259.2 |
    Slime Pits |   6095 |   5635 |    460 |   1691 |   2375 |   5 | 1219.0 |
  Orcish Mines |   6021 |   5187 |    834 |   3453 |    809 |   2 | 3010.5 |
   Elven Halls |  11764 |  10965 |    799 |   4910 |   3439 |   3 | 3921.3 |
        Vaults |  14949 |  13154 |   1795 |   2286 |   7479 |   5 | 2989.8 |
         Crypt |   9626 |   9051 |    575 |   3899 |   3109 |   3 | 3208.7 |
          Tomb |   5405 |   4976 |    429 |   1002 |   2299 |   3 | 1801.7 |
        Depths |  15597 |  12705 |   2892 |   3593 |   5558 |   5 | 3119.4 |
          Hell |   1454 |   1264 |    190 |    500 |    471 |   1 | 1454.0 |
           Dis |   6216 |   6140 |     76 |    364 |     75 |   7 |  888.0 |
       Gehenna |   5723 |   5723 |      0 |     34 |    722 |   7 |  817.6 |
       Cocytus |   6902 |   6902 |      0 |    420 |    481 |   7 |  986.0 |
      Tartarus |   5164 |   5100 |     64 |     50 |   1344 |   7 |  737.7 |
           Zot |    294 |    294 |      0 |     60 |    169 |   1 |  294.0 |
         Abyss |   4989 |   4989 |      0 |    105 |    489 |  10 |  498.9 |
   Pandemonium |  34792 |  34792 |      0 |   3766 |  19671 |  19 | 1831.2 |
      Ziggurat | 107229 | 107229 |      0 |  26496 |  27102 | 256 |  418.9 |
       Ossuary |    403 |    403 |      0 |    229 |     91 |   1 |  403.0 |
      Ice Cave |   1508 |   1508 |      0 |   1086 |     19 |   1 | 1508.0 |
    Desolation |   2385 |   2385 |      0 |    560 |    196 |   1 | 2385.0 |
               +--------+--------+--------+--------+--------+-----+--------+

Top non-repeatable levels by time:
  Zig:25: 8095 daAuts
    D:15: 7737 daAuts
 Swamp:4: 7528 daAuts
  Zig:23: 6524 daAuts
  Zig:24: 6427 daAuts
  Zig:22: 6055 daAuts
  Zig:20: 6013 daAuts
  Zig:26: 5700 daAuts
  Zig:21: 5387 daAuts
  Zig:27: 5371 daAuts
   Orc:2: 4999 daAuts
 Crypt:3: 4983 daAuts
Depths:2: 4782 daAuts
   Elf:2: 4739 daAuts
  Zig:19: 4718 daAuts
